 Dungeon Crawl Stone Soup version 0.17-a0-791-g233d389 (console) character file.

66120 qw the Severer (level 14, 135/135 HPs)
             Began as a Deep Dwarf Berserker on Apr 27, 2015.
             Was an Elder of Trog.
             Quit the game on level 1 of the Orcish Mines.
             The game lasted 01:26:48 (26673 turns).

qw the Severer (Deep Dwarf Berserker)              Turns: 26673, Time: 01:26:48

Health: 135/135    AC: 28    Str: 21    XL:     14   Next: 78%
Magic:  5/5        EV:  8    Int:  9    God:    Trog [****..]
Gold:   0          SH:  0    Dex: 16    Spells: 0 memorised, 13 levels left

rFire  + . .     SeeInvis .     w - +5 battleaxe (vamp)
rCold  + . .     Clarity  .     y - +3 plate armour {rF+}
rNeg   + . .     SustAb   .     (no shield)
rPois  +         Gourm    .     h - +0 helmet
rElec  .         Spirit   .     j - +2 cloak {rPois}
rCorr  .         Warding  .     c - +1 pair of gloves
rMut   .         Stasis   .     i - +1 pair of boots
MR     ++...                    (no amulet)
Stlth  ..........               (no ring)
                                m - ring of protection from cold

@: non-regenerating, very resistant to hostile enchantments, extremely
unstealthy
A: damage resistance, recharge devices, hooves 1, negative energy resistance 1,
sense surroundings 2, slow healing 3
a: Device Recharging, Burn Spellbooks, Berserk, Trog's Hand, Brothers in Arms,
Renounce Religion


You were on level 1 of the Orcish Mines.
You worshipped Trog.
Trog was greatly pleased with you.
You were hungry.

You visited 3 branches of the dungeon, and saw 23 of its levels.
You also visited: Ossuary.


Innate Abilities, Weirdness & Mutations

You are resistant to damage.
You can recharge devices by infusing magical energy.
You resist negative energy.
You passively map the area around you.
You do not heal naturally.
You have large cloven feet.


   Skills:
 + Level 11.0 Fighting
 - Level 20.6 Axes
 - Level 11.1 Armour
 - Level 2.1 Dodging
 - Level 9.3 Evocations


You had 13 spell levels left.
You didn't know any spells.

Inventory:

Hand weapons
 w - a +5 vampiric battleaxe (weapon)
Missiles
 q - 7 tomahawks (quivered)
 u - 8 poisoned tomahawks
Armour
 c - a +1 pair of gloves (worn)
 h - a +0 helmet (worn)
 i - a +1 pair of boots (worn)
 j - a +2 cloak of poison resistance (worn)
 y - a +3 plate armour of fire resistance (worn)
Jewellery
 m - a ring of protection from cold (left hand)
 t - an uncursed ring of ice
Magical devices
 o - a wand of heal wounds (6)
 v - a wand of heal wounds (4)
Scrolls
 a - 13 scrolls of identify
 f - 7 scrolls of remove curse
Potions
 g - 7 potions of curing
 k - 6 potions of cure mutation
 l - 2 potions of cancellation
 n - 5 potions of haste
 s - 5 potions of restore abilities
Comestibles
 e - 3 fruits
 p - 10 meat rations
 r - a royal jelly
 z - 14 bread rations

Dungeon Overview and Level Annotations

Branches:
Dungeon (12/15)            Temple (0/1) D:5            Lair (8/8) D:11
  Swamp (0/5) Lair:6        Snake (0/5) Lair:6        Slime (0/6) Lair:6
    Orc (3/4) D:12
    Elf: Orc:3-4

Altars:
Ashenzari
Elyvilon
Kikubaaqudgha
Makhleb
Ru
Trog
Yredelemnul
The Shining One
Beogh
Jiyva

Shops:
Orc:1 [   Orc:2 %


Message History

Sorry, I don't know how to get there.
Done exploring.
(D) Dungeon (T) Temple (L) Lair (S) Swamp (P) Snake Pit (M) Slime Pits (O) Orcish Mines
Where to? (Enter - D:12, ? - help)
What level of the Dungeon? (default 12, ? - help) Sorry, I don't know how to get there.
26672 ||| Stepping randomly (stuck).
(D) Dungeon (T) Temple (L) Lair (S) Swamp (P) Snake Pit (M) Slime Pits (O) Orcish Mines
Where to? (Enter - D:12, ? - help)
What level of the Dungeon? (default 12, ? - help) Sorry, I don't know how to get there.
Done exploring.
(D) Dungeon (T) Temple (L) Lair (S) Swamp (P) Snake Pit (M) Slime Pits (O) Orcish Mines
Where to? (Enter - D:12, ? - help)
What level of the Dungeon? (default 12, ? - help) Sorry, I don't know how to get there.
Are you sure you want to abandon this character and quit the game? (Confirm with "yes".)

#..## ###
##..###.##
##..[>#...#
#...)..\.##
##.))....##
##.)).###..####
#...######....#
##.....##.....##
#.##@..##.....#
#####.....$####
##.......#
#..¤¤¤.###
##8¤¤.## ##¤¤¤#
##.## ###


There were no monsters in sight!

Vanquished Creatures
  Erolcha (Orc:1)
  Fannar (Orc:1)
  5 hydras
  4 death yaks (Lair:8)
  Urug (D:10)
  An unseen horror (D:10)
  A lindwurm (Lair:4)
  4 harpies (D:12)
  A griffon (Lair:6)
  3 hill giants
  2 elephants (Lair:8)
  A cyclops (D:10)
  A queen ant (Lair:4)
  3 black mambas
  3 torpor snails
  16 spiny frogs
  7 komodo dragons
  3 fire drakes
  4 trolls
  A baby alligator (Lair:6)
  2 polar bears
  12 blink frogs
  A trapdoor spider zombie (D:10)
  4 slime creatures (D:12)
  4 spriggans (Lair:6)
  2 boulder beetles (Lair:8)
  A human (D:8)
  44 yaks
  3 deep elf magi
  A hog (D:8)
  A fire elemental (Lair:8)
  8 hippogriffs
  5 basilisks
  4 wyverns
  A hungry ghost (D:12)
  A mottled dragon (D:12)
  A warg (Orc:1)
  3 steam dragons
  29 wolves
  14 water moccasins
  20 soldier ants (Lair:4)
  3 ice beasts
  A swamp drake (Lair:8)
  3 black bears
  17 porcupines
  3 necrophages (D:8)
  6 sky beasts
  10 ogres
  5 orc warriors
  9 centaurs
  2 eyes of draining
  3 boring beetles (Lair:8)
  2 phantoms
  14 crocodiles
  2 wyvern zombies
  18 giant frogs
  4 big kobolds
  A gnoll sergeant (D:9)
  6 scorpions
  14 wights
  3 killer bees (D:11)
  6 bog bodies (Ossuary)
  3 giant frog zombies
  2 centaur zombies
  5 crimson imps
  2 jellies
  A quasit (D:5)
  A wasp zombie (Ossuary)
  A centaur skeleton (D:7)
  A giant frog skeleton (D:7)
  6 orc priests
  3 hounds
  A human zombie (D:5)
  17 orc wizards
  Terence (D:2)
  7 iguanas
  Natasha (thrice) (D:3)
  30 worker ants
  48 sheep
  3 killer bee zombies
  2 hound zombies
  7 mummies (Ossuary)
  3 worker ant zombies (Ossuary)
  13 gnolls
  5 shadow imps
  6 adders
  12 white imps (Lair:4)
  39 river rats
  2 oozes (D:2)
  2 worms
  93 orcs
  3 ball pythons
  6 bat zombies
  5 giant cockroaches
  17 hobgoblins
  8 jackals
  31 kobolds
  19 bats
  4 giant geckos
  3 giant gecko zombies
  8 giant newts
  11 goblins
  2 jackal zombies (Ossuary)
  7 quokkas
  18 rats
  9 fungi
  6 plants
832 creatures vanquished.

Vanquished Creatures (collateral kills)
  A fire dragon (Lair:8)
  4 hydras
  9 death yaks
  Sonja (Orc:3)
  A lindwurm (Lair:8)
  An oklob plant (Lair:8)
  An elephant (Lair:8)
  A black mamba (Lair:8)
  A komodo dragon (Lair:8)
  A fire drake (Lair:8)
  A yak (Lair:8)
  2 basilisks (Lair:8)
  2 orc warriors (Orc:3)
  An ogre (Orc:3)
  A crocodile (Lair:8)
  An orc priest (Orc:3)
  A river rat (Lair:3)
  8 orcs
  A fungus (Lair:6)
39 creatures vanquished.

Vanquished Creatures (others)
  A spiny frog (Lair:8)
  A fire drake (Lair:8)
  A troll (Lair:2)
  2 two-headed ogres (Orc:3)
  2 ogres
  8 fungi
  6 plants
21 creatures vanquished.

Grand Total: 892 creatures vanquished

Notes
Turn   | Place    | Note
--------------------------------------------------------------
     0 | D:1      | qw, the Deep Dwarf Berserker, began the quest for the Orb.
     0 | D:1      | Reached XP level 1. HP: 20/20 MP: 1/1
     0 | D:1      | 0 ||| counter = 3
   163 | D:1      | Reached skill level 1 in Evocations
   199 | D:1      | Reached XP level 2. HP: 20/27 MP: 3/3
   563 | D:1      | 563 ||| ZAPPING wand of heal wounds (5).
   564 | D:1      | Reached skill level 4 in Axes
   633 | D:1      | 633 ||| UPGRADING to leather armour.
   643 | D:1      | 643 ||| DROPPING +0 animal skin.
   644 | D:1      | 644 ||| UPGRADING to scale mail.
   654 | D:1      | 654 ||| DROPPING +0 leather armour.
   655 | D:1      | 655 ||| READING scroll labeled RUNEOV PEMO.
   659 | D:1      | 659 ||| READING 4 scrolls labeled RALOLO TOIDEKK.
   660 | D:1      | 660 ||| UPGRADING to thin filigree amulet.
   661 | D:1      | 661 ||| REMOVING amulet of guardian spirit.
   662 | D:1      | 662 ||| DROPPING amulet of guardian spirit.
   663 | D:1      | 663 ||| UPGRADING to pearl ring.
   664 | D:1      | 664 ||| READING 3 scrolls of remove curse.
   665 | D:1      | 665 ||| REMOVING -3 ring of dexterity.
   666 | D:1      | 666 ||| DROPPING -3 ring of dexterity.
   667 | D:1      | 667 ||| UPGRADING to emerald ring.
   668 | D:1      | 668 ||| REMOVING ring of teleport control.
   669 | D:1      | 669 ||| DROPPING ring of teleport control.
   670 | D:1      | 670 ||| READING scroll labeled BIEXUS FOSA.
   671 | D:1      | 671 ||| READING 2 scrolls labeled LOZIAB ZOLI.
   672 | D:1      | 672 ||| READING scroll of enchant weapon.
   672 | D:1      | 672 ||| ENCHANTING +1 hand axe.
   673 | D:1      | 673 ||| READING scroll labeled XAADUO VAASOO.
   674 | D:1      | 674 ||| READING scroll labeled BOB CANYFAKOG.
   706 | D:2      | Reached XP level 3. HP: 33/33 MP: 4/4
   732 | D:2      | Noticed Terence
   744 | D:2      | 744 ||| ZAPPING wand of heal wounds (4).
   748 | D:2      | 748 ||| ZAPPING wand of heal wounds (3).
   749 | D:2      | HP: 6/33 [Terence/short sword of electrocution (17)]
   750 | D:2      | 750 ||| ZAPPING wand of heal wounds (2).
   751 | D:2      | 751 ||| MP-RECHARGING wand of heal wounds (1).
   762 | D:2      | Killed Terence
   763 | D:2      | Acquired Trog's second power
   819 | D:2      | Reached skill level 3 in Evocations
   915 | D:2      | Reached XP level 4. HP: 16/40 MP: 5/5
   916 | D:2      | 916 ||| ZAPPING wand of heal wounds (7).
  1485 | D:2      | 1485 ||| UPGRADING to chain mail.
  1495 | D:2      | 1495 ||| DROPPING +0 scale mail.
  1496 | D:2      | 1496 ||| READING scroll labeled ALAUCU GOTA.
  1497 | D:2      | 1497 ||| READING scroll labeled JYSCHO ATROYSK.
  1498 | D:2      | 1498 ||| DRINKING 2 coppery potions.
  1557 | D:3      | Noticed Natasha
  1559 | D:3      | 1559 ||| INVOKING Berserk.
  1562 | D:3      | Killed Natasha
  1602 | D:3      | 1602 ||| EATING 2 beef jerkies.
  1767 | D:3      | Reached skill level 5 in Axes
  1833 | D:3      | Noticed Natasha
  1836 | D:3      | 1836 ||| INVOKING Berserk.
  1839 | D:3      | Killed Natasha
  1868 | D:3      | Noticed Natasha
  1872 | D:3      | 1872 ||| INVOKING Berserk.
  1877 | D:3      | Killed Natasha
  1921 | D:3      | 1921 ||| EATING beef jerky.
  2137 | D:3      | 2137 ||| READING scroll labeled ZUNTIPRYKHL OZUAG.
  2138 | D:3      | 2138 ||| READING scroll labeled TULIASUARGH.
  2139 | D:3      | 2139 ||| READING scroll labeled FAMUIPS TUITRU.
  2151 | D:4      | 2151 ||| STAIRDANCE
  2162 | D:3      | Reached XP level 5. HP: 24/46 MP: 7/7
  2250 | D:4      | 2250 ||| ZAPPING wand of heal wounds (6).
  2514 | D:4      | 2514 ||| ZAPPING wand of heal wounds (5).
  2542 | D:4      | 2542 ||| ZAPPING wand of heal wounds (4).
  2560 | D:4      | 2560 ||| MP-RECHARGING wand of heal wounds (3).
  2821 | D:4      | 2821 ||| UPGRADING to plate armour.
  2831 | D:4      | 2831 ||| DROPPING +0 chain mail.
  2835 | D:4      | 2835 ||| READING scroll of enchant armour.
  2835 | D:4      | 2835 ||| ENCHANTING +0 plate armour.
  2836 | D:4      | 2836 ||| UPGRADING to small wooden ring.
  2837 | D:4      | 2837 ||| REMOVING +2 ring of intelligence.
  2838 | D:4      | 2838 ||| DROPPING +2 ring of intelligence.
  2839 | D:4      | 2839 ||| DRINKING 2 amethyst potions.
  2873 | D:5      | Entered Level 5 of the Dungeon
  2875 | D:5      | Found a staircase to the Ecumenical Temple.
  2933 | D:5      | Reached skill level 3 in Fighting
  2933 | D:5      | Reached skill level 6 in Axes
  2936 | D:5      | Found a sand-covered staircase.
  2937 | D:5      | 2937 ||| Found Ossuary.
  2945 | Ossuary  | Entered an ossuary
  2946 | Ossuary  | 2946 ||| Entered Ossuary.
  2961 | Ossuary  | Reached XP level 6. HP: 27/56 MP: 7/7
  2967 | Ossuary  | 2967 ||| ZAPPING wand of heal wounds (6).
  2969 | Ossuary  | 2969 ||| READING 5 scrolls of remove curse.
  2972 | Ossuary  | 2972 ||| INVOKING Berserk.
  2986 | Ossuary  | Reached skill level 3 in Armour
  2987 | Ossuary  | 2987 ||| ZAPPING wand of heal wounds (5).
  2988 | Ossuary  | HP: 12/56 [decayed bog body (16)]
  2989 | Ossuary  | 2989 ||| ZAPPING wand of heal wounds (4).
  2992 | Ossuary  | 2992 ||| ZAPPING wand of heal wounds (3).
  2993 | Ossuary  | 2993 ||| ZAPPING wand of heal wounds (2).
  2994 | Ossuary  | 2994 ||| MP-RECHARGING wand of heal wounds (1).
  3021 | Ossuary  | 3021 ||| ZAPPING wand of heal wounds (7).
  3035 | Ossuary  | 3035 ||| READING 4 scrolls of remove curse.
  3054 | Ossuary  | Reached skill level 7 in Axes
  3080 | Ossuary  | 3080 ||| INVOKING Berserk.
  3085 | Ossuary  | Reached XP level 7. HP: 43/63 MP: 7/7
  3093 | Ossuary  | 3093 ||| ZAPPING wand of heal wounds (6).
  3094 | Ossuary  | 3094 ||| EATING 5 fruits.
  3125 | Ossuary  | 3125 ||| READING 3 scrolls of remove curse.
  3143 | Ossuary  | 3143 ||| INVOKING Berserk.
  3176 | Ossuary  | 3176 ||| EATING 4 fruits.
  3208 | Ossuary  | 3208 ||| EATING 3 fruits.
  3209 | Ossuary  | 3209 ||| READING 2 scrolls of remove curse.
  3214 | Ossuary  | 3214 ||| Stepping ~*~*~tactically~*~*~ (water).
  3250 | Ossuary  | 3250 ||| ZAPPING wand of heal wounds (5).
  3255 | Ossuary  | 3255 ||| READING scroll of remove curse.
  3274 | Ossuary  | 3274 ||| READING scroll of enchant weapon.
  3274 | Ossuary  | 3274 ||| ENCHANTING +2 hand axe.
  3287 | Ossuary  | 3287 ||| Stepping ~*~*~tactically~*~*~ (water).
  3288 | Ossuary  | 3288 ||| INVOKING Berserk.
  3299 | Ossuary  | 3299 ||| EATING 2 fruits.
  3338 | Ossuary  | 3338 ||| EATING fruit.
  3359 | Ossuary  | Reached skill level 8 in Axes
  3360 | Ossuary  | 3360 ||| ZAPPING wand of heal wounds (4).
  3361 | Ossuary  | 3361 ||| MP-RECHARGING wand of heal wounds (3).
  3406 | Ossuary  | 3406 ||| READING scroll of enchant armour.
  3406 | Ossuary  | 3406 ||| ENCHANTING +1 plate armour.
  3492 | Ossuary  | 3492 ||| READING scroll labeled DUNILU NUATS.
  3493 | Ossuary  | 3493 ||| DRINKING 3 smoky golden potions.
  3494 | Ossuary  | 3494 ||| DRINKING 2 fuming coppery potions.
  3495 | Ossuary  | 3495 ||| DRINKING 2 yellow potions.
  3496 | Ossuary  | 3496 ||| DRINKING 4 cyan potions.
  3497 | Ossuary  | 3497 ||| READING 3 scrolls of identify.
  3497 | Ossuary  | 3497 ||| IDENTIFYING blackened pearl ring
  3498 | Ossuary  | 3498 ||| READING 2 scrolls of identify.
  3498 | Ossuary  | 3498 ||| IDENTIFYING sapphire potion
  3506 | Ossuary  | 3506 ||| EATING 3 bread rations.
  3538 | D:5      | Noticed an ogre
  3543 | D:5      | 3543 ||| INVOKING Berserk.
  3550 | D:5      | Killed an ogre
  3838 | D:5      | 3838 ||| READING scroll of enchant weapon.
  3838 | D:5      | 3838 ||| ENCHANTING cursed +3 hand axe.
  3895 | D:5      | Reached XP level 8. HP: 65/73 MP: 7/7
  3899 | D:5      | Noticed an ogre
  3900 | D:5      | 3900 ||| INVOKING Berserk.
  3901 | D:5      | Noticed a sky beast
  3904 | D:5      | Killed an ogre
  3904 | D:5      | Reached skill level 9 in Axes
  3914 | D:5      | Killed a sky beast
  4179 | D:5      | Acquired Trog's third power
  4434 | D:6      | 4434 ||| INVOKING Berserk.
  4463 | D:6      | Reached skill level 10 in Axes
  4535 | D:6      | 4535 ||| UPGRADING to battleaxe.
  4536 | D:6      | 4536 ||| DROPPING +4 hand axe.
  4629 | D:6      | 4629 ||| DRINKING 2 potions of heal wounds.
  5095 | D:6      | Gained mutation: You passively map the area around you. [Deep Dwarf growth]
  5095 | D:6      | Reached XP level 9. HP: 58/81 MP: 8/8
  5125 | D:6      | 5125 ||| READING 3 scrolls of identify.
  5125 | D:6      | 5125 ||| IDENTIFYING murky red potion
  5126 | D:6      | 5126 ||| READING 2 scrolls of identify.
  5126 | D:6      | 5126 ||| IDENTIFYING fuming inky potion
  5168 | D:7      | 5168 ||| STAIRDANCE
  5229 | D:7      | Reached skill level 11 in Axes
  5257 | D:7      | 5257 ||| INVOKING Berserk.
  5511 | D:7      | 5511 ||| DRINKING potion of heal wounds.
  5768 | D:7      | Found an ancient bone altar of Kikubaaqudgha.
  5888 | D:7      | 5888 ||| ZAPPING wand of heal wounds (7).
  5952 | D:7      | Reached skill level 6 in Fighting
  6044 | D:7      | Reached skill level 12 in Axes
  6051 | D:7      | 6051 ||| DRINKING 3 blue potions.
  6204 | D:8      | 6204 ||| INVOKING Berserk.
  6307 | D:8      | Received a gift from Trog
  6397 | D:8      | 6397 ||| INVOKING Burn Spellbooks.
  6467 | D:8      | 6467 ||| INVOKING Berserk.
  6481 | D:8      | 6481 ||| ZAPPING wand of heal wounds (6).
  6599 | D:8      | Found a bloodstained altar of Trog.
  6604 | D:8      | Found a white marble altar of Elyvilon.
  6607 | D:8      | Found a shattered altar of Ashenzari.
  6610 | D:8      | Found a burning altar of Makhleb.
  6746 | D:8      | Reached XP level 10. HP: 60/92 MP: 9/9
  6747 | D:8      | 6747 ||| ZAPPING wand of heal wounds (5).
  6789 | D:8      | Reached skill level 13 in Axes
  6837 | D:8      | Found a glowing golden altar of the Shining One.
  6848 | D:8      | Found a basalt altar of Yredelemnul.
  7054 | D:8      | Noticed an angel
  7056 | D:8      | 7056 ||| UPGRADING to pair of boots.
  7061 | D:8      | 7061 ||| READING 2 scrolls of identify.
  7061 | D:8      | 7061 ||| IDENTIFYING gilded ring
  7062 | D:8      | 7062 ||| DROPPING cursed ring of loudness.
  7313 | D:9      | 7313 ||| ZAPPING wand of heal wounds (4).
  7315 | D:9      | 7315 ||| READING scroll of recharging.
  7315 | D:9      | 7315 ||| RECHARGING wand of heal wounds (3).
  7493 | D:9      | 7493 ||| INVOKING Berserk.
  7507 | D:9      | 7507 ||| READING 2 scrolls of teleportation.
  7693 | D:9      | 7693 ||| ZAPPING wand of heal wounds (7).
  7911 | D:9      | Reached skill level 14 in Axes
  8128 | D:9      | Noticed a hill giant
  8132 | D:9      | 8132 ||| INVOKING Berserk.
  8134 | D:9      | Killed a hill giant
  8171 | D:9      | 8171 ||| EATING 3 beef jerkies.
  8213 | D:9      | 8213 ||| READING scroll labeled EFAONWU YCES.
  8239 | D:9      | 8239 ||| DRINKING 2 fizzy cyan potions.
  8243 | D:9      | 8243 ||| READING 2 scrolls of identify.
  8243 | D:9      | 8243 ||| IDENTIFYING purple potion
  8263 | D:10     | Entered Level 10 of the Dungeon
  8293 | D:10     | Noticed a cyclops
  8299 | D:10     | 8299 ||| INVOKING Berserk.
  8304 | D:10     | Killed a cyclops
  8304 | D:10     | Received a gift from Trog
  8363 | D:10     | 8363 ||| UPGRADING to glowing executioner's axe {god gift}.
  8364 | D:10     | 8364 ||| DROPPING +0 battleaxe.
  8514 | D:10     | 8514 ||| INVOKING Berserk.
  8623 | D:10     | 8623 ||| ZAPPING wand of heal wounds (6).
  8631 | D:10     | Killed an unseen horror
  8632 | D:10     | 8632 ||| ZAPPING wand of heal wounds (5).
  8687 | D:10     | Reached XP level 11. HP: 94/102 MP: 3/10
  8702 | D:10     | 8702 ||| EATING 2 beef jerkies.
  8715 | D:10     | Noticed Urug
  8718 | D:10     | 8718 ||| INVOKING Berserk.
  8720 | D:10     | Reached skill level 15 in Axes
  8722 | D:10     | Killed Urug
  8726 | D:10     | 8726 ||| ZAPPING wand of heal wounds (4).
  8727 | D:10     | 8727 ||| MP-RECHARGING wand of heal wounds (3).
  8803 | D:10     | 8803 ||| READING scroll of enchant weapon.
  8803 | D:10     | 8803 ||| ENCHANTING +6 antimagic executioner's axe.
  8857 | D:10     | 8857 ||| ZAPPING wand of heal wounds (7).
  9078 | D:10     | 9078 ||| READING scroll labeled CUDGHO JUSUC.
  9079 | D:10     | 9079 ||| READING 2 scrolls of identify.
  9079 | D:10     | 9079 ||| IDENTIFYING smoky blue potion
  9096 | D:11     | 9096 ||| Stepping ~*~*~tactically~*~*~ (cloud).
  9105 | D:11     | 9105 ||| ZAPPING wand of heal wounds (6).
  9106 | D:11     | 9106 ||| INVOKING Burn Spellbooks.
  9200 | D:11     | 9200 ||| ZAPPING wand of heal wounds (5).
  9225 | D:11     | Found a staircase to the Lair.
  9235 | D:11     | 9235 ||| INVOKING Berserk.
  9302 | D:11     | 9302 ||| READING scroll of enchant weapon.
  9302 | D:11     | 9302 ||| ENCHANTING +7 antimagic executioner's axe.
  9415 | D:11     | Noticed a hill giant
  9422 | D:11     | 9422 ||| INVOKING Berserk.
  9424 | D:11     | Killed a hill giant
  9644 | D:11     | 9644 ||| UPGRADING to dented fluorescent amulet.
  9645 | D:11     | 9645 ||| REMOVING amulet of rage.
  9689 | D:11     | 9689 ||| DROPPING amulet of rage.
  9690 | D:11     | 9690 ||| UPGRADING to runed lapis lazuli amulet.
  9691 | D:11     | 9691 ||| REMOVING amulet of stasis.
  9692 | D:11     | 9692 ||| DROPPING amulet of stasis.
  9693 | D:11     | 9693 ||| READING 2 scrolls of identify.
  9693 | D:11     | 9693 ||| IDENTIFYING sedimented cyan potion
  9727 | Lair:1   | Entered Level 1 of the Lair of Beasts
  9728 | Lair:1   | 9728 ||| Entered L.
  9833 | Lair:1   | 9833 ||| ZAPPING wand of heal wounds (4).
  9834 | Lair:1   | 9834 ||| MP-RECHARGING wand of heal wounds (3).
  9972 | Lair:1   | 9972 ||| INVOKING Burn Spellbooks.
 10032 | Lair:1   | 10032 ||| INVOKING Berserk.
 10036 | Lair:1   | Reached skill level 16 in Axes
 10064 | Lair:1   | 10064 ||| ZAPPING wand of heal wounds (6).
 10091 | Lair:1   | 10091 ||| READING scroll of enchant armour.
 10091 | Lair:1   | 10091 ||| ENCHANTING +0 pair of boots.
 10162 | Lair:1   | Received a gift from Trog
 10170 | Lair:1   | 10170 ||| UPGRADING to runed battleaxe {god gift}.
 10171 | Lair:1   | 10171 ||| UPGRADING to +8 antimagic executioner's axe.
 10172 | Lair:1   | 10172 ||| DROPPING +4 battleaxe of chopping.
 10458 | Lair:1   | Noticed a six-headed hydra
 10458 | Lair:1   | 10458 ||| INVOKING Brothers in Arms.
 10459 | Lair:1   | 10459 ||| INVOKING Berserk.
 10464 | Lair:1   | Killed a nine-headed hydra
 10475 | Lair:1   | 10475 ||| ZAPPING wand of heal wounds (5).
 10597 | Lair:1   | 10597 ||| EATING beef jerky.
 10688 | Lair:1   | 10688 ||| READING scroll labeled COQITUSUTY.
 10689 | Lair:1   | 10689 ||| READING 2 scrolls of identify.
 10689 | Lair:1   | 10689 ||| IDENTIFYING smoky inky potion
 10728 | Lair:2   | 10728 ||| STAIRDANCE
 10740 | Lair:2   | 10740 ||| INVOKING Berserk.
 10751 | Lair:2   | 10751 ||| ZAPPING wand of heal wounds (4).
 10752 | Lair:2   | 10752 ||| MP-RECHARGING wand of heal wounds (3).
 10782 | Lair:2   | 10782 ||| EATING 7 slices of pizza.
 10839 | Lair:2   | 10839 ||| ZAPPING wand of heal wounds (7).
 11134 | Lair:2   | Reached skill level 17 in Axes
 11145 | Lair:2   | 11145 ||| ZAPPING wand of heal wounds (6).
 11333 | Lair:2   | 11333 ||| INVOKING Berserk.
 11338 | Lair:2   | Reached XP level 12. HP: 112/112 MP: 2/8
 11345 | Lair:2   | 11345 ||| ZAPPING wand of heal wounds (5).
 11637 | Lair:2   | Noticed an eight-headed hydra
 11637 | Lair:2   | 11637 ||| INVOKING Brothers in Arms.
 11642 | Lair:2   | 11642 ||| INVOKING Berserk.
 11649 | Lair:2   | Killed a 11-headed hydra
 11652 | Lair:2   | 11652 ||| ZAPPING wand of heal wounds (4).
 11653 | Lair:2   | 11653 ||| MP-RECHARGING wand of heal wounds (3).
 11839 | Lair:2   | 11839 ||| UPGRADING to garnet ring.
 11840 | Lair:2   | 11840 ||| REMOVING ring of magical power.
 11841 | Lair:2   | 11841 ||| DROPPING ring of magical power.
 11842 | Lair:2   | 11842 ||| READING 2 scrolls of identify.
 11842 | Lair:2   | 11842 ||| IDENTIFYING viscous orange potion
 11843 | Lair:2   | 11843 ||| DRINKING potion of beneficial mutation.
 11843 | Lair:2   | Gained mutation: You have large cloven feet. [potion of beneficial mutation]
 11921 | Lair:3   | 11921 ||| ZAPPING wand of heal wounds (9).
 12011 | Lair:3   | Noticed a seven-headed hydra
 12011 | Lair:3   | 12011 ||| INVOKING Brothers in Arms.
 12014 | Lair:3   | 12014 ||| INVOKING Berserk.
 12015 | Lair:3   | Killed an eight-headed hydra
 12041 | Lair:3   | 12041 ||| ZAPPING wand of heal wounds (8).
 12042 | Lair:3   | 12042 ||| ZAPPING wand of heal wounds (7).
 12232 | Lair:3   | Found a shattered altar of Ashenzari.
 12534 | Lair:3   | 12534 ||| UPGRADING to pair of gloves.
 12539 | Lair:3   | 12539 ||| UPGRADING to helmet.
 12544 | Lair:3   | 12544 ||| READING 2 scrolls of identify.
 12544 | Lair:3   | 12544 ||| IDENTIFYING wand of heal wounds
 12569 | Lair:4   | 12569 ||| ZAPPING wand of heal wounds (4).
 12571 | Lair:4   | 12571 ||| ZAPPING wand of heal wounds (3).
 12572 | Lair:4   | 12572 ||| ZAPPING wand of heal wounds (2).
 12573 | Lair:4   | 12573 ||| MP-RECHARGING wand of heal wounds (1).
 12627 | Lair:4   | Found a frozen archway.
 12642 | Lair:4   | Reached skill level 6 in Armour
 12664 | Lair:4   | Reached skill level 9 in Fighting
 12673 | Lair:4   | 12673 ||| INVOKING Berserk.
 12686 | Lair:4   | Reached skill level 18 in Axes
 12687 | Lair:4   | 12687 ||| ZAPPING wand of heal wounds (6).
 12689 | Lair:4   | 12689 ||| READING 3 scrolls of teleportation.
 12692 | Lair:4   | 12692 ||| READING 2 scrolls of teleportation.
 12864 | Lair:4   | 12864 ||| ZAPPING wand of heal wounds (5).
 12949 | Lair:4   | 12949 ||| INVOKING Berserk.
 13362 | Lair:4   | Received a gift from Trog
 13381 | Lair:4   | 13381 ||| ZAPPING wand of heal wounds (4).
 13382 | Lair:4   | 13382 ||| MP-RECHARGING wand of heal wounds (3).
 13411 | Lair:4   | 13411 ||| UPGRADING to glowing battleaxe {god gift}.
 13412 | Lair:4   | 13412 ||| UPGRADING to +8 antimagic executioner's axe.
 13413 | Lair:4   | 13413 ||| DROPPING +4 battleaxe of freezing.
 13559 | Lair:4   | 13559 ||| ZAPPING wand of heal wounds (5).
 13589 | Lair:4   | 13589 ||| ZAPPING wand of heal wounds (4).
 13596 | Lair:4   | 13596 ||| ZAPPING wand of heal wounds (3).
 13602 | Lair:4   | 13602 ||| ZAPPING wand of heal wounds (2).
 13603 | Lair:4   | 13603 ||| MP-RECHARGING wand of heal wounds (1).
 13815 | Lair:4   | 13815 ||| ZAPPING wand of heal wounds (6).
 14093 | Lair:4   | 14093 ||| EATING 14 fruits.
 14321 | Lair:5   | 14321 ||| STAIRDANCE
 14336 | Lair:5   | 14336 ||| STAIRDANCE
 14381 | Lair:5   | 14381 ||| INVOKING Burn Spellbooks.
 14747 | Lair:5   | Reached XP level 13. HP: 92/121 MP: 2/6
 14783 | Lair:5   | Reached skill level 19 in Axes
 14784 | Lair:5   | 14784 ||| ZAPPING wand of heal wounds (5).
 15053 | Lair:5   | 15053 ||| ZAPPING wand of heal wounds (4).
 15054 | Lair:5   | 15054 ||| MP-RECHARGING wand of heal wounds (3).
 15281 | Lair:6   | 15281 ||| INVOKING Berserk.
 15282 | Lair:6   | Received a gift from Trog
 15307 | Lair:6   | 15307 ||| INVOKING Trog's Hand.
 15469 | Lair:6   | 15469 ||| ZAPPING wand of heal wounds (5).
 15470 | Lair:6   | 15470 ||| ZAPPING wand of heal wounds (4).
 15471 | Lair:6   | 15471 ||| MP-RECHARGING wand of heal wounds (3).
 15532 | Lair:6   | Found a staircase to the Snake Pit.
 15564 | Lair:6   | Reached skill level 6 in Evocations
 15566 | Lair:6   | 15566 ||| ZAPPING wand of heal wounds (7).
 15594 | Lair:6   | 15594 ||| READING scroll of enchant armour.
 15594 | Lair:6   | 15594 ||| ENCHANTING +0 pair of gloves.
 15721 | Lair:6   | 15721 ||| INVOKING Brothers in Arms.
 15726 | Lair:6   | 15726 ||| INVOKING Berserk.
 15739 | Lair:6   | 15739 ||| ZAPPING wand of heal wounds (6).
 15754 | Lair:6   | 15754 ||| ZAPPING wand of heal wounds (5).
 15783 | Lair:6   | 15783 ||| READING scroll of enchant weapon.
 15783 | Lair:6   | 15783 ||| ENCHANTING +8 antimagic executioner's axe.
 15786 | Lair:6   | Found a staircase to the Swamp.
 15789 | Lair:6   | Found a viscous altar of Jiyva.
 15789 | Lair:6   | Found a staircase to the Slime Pits.
 15964 | Lair:6   | 15964 ||| INVOKING Brothers in Arms.
 15965 | Lair:6   | 15965 ||| INVOKING Berserk.
 15975 | Lair:6   | 15975 ||| ZAPPING wand of heal wounds (4).
 15976 | Lair:6   | 15976 ||| READING scroll of recharging.
 15976 | Lair:6   | 15976 ||| RECHARGING wand of heal wounds (3).
 15977 | Lair:6   | 15977 ||| EATING 6 slices of pizza.
 16140 | Lair:6   | Found a shattered altar of Ashenzari.
 16174 | Lair:6   | 16174 ||| ZAPPING wand of heal wounds (4).
 16175 | Lair:6   | 16175 ||| MP-RECHARGING wand of heal wounds (3).
 16241 | Lair:6   | 16241 ||| UPGRADING to runed plate armour.
 16251 | Lair:6   | 16251 ||| DROPPING +2 plate armour.
 16252 | Lair:6   | 16252 ||| READING scroll labeled WIK XUMIDGHI.
 16252 | Lair:6   | Identified a scroll of acquirement
 16254 | Lair:6   | 16254 ||| UPGRADING to glowing cloak.
 16473 | Lair:7   | 16473 ||| ZAPPING wand of heal wounds (9).
 16560 | Lair:7   | 16560 ||| INVOKING Burn Spellbooks.
 16583 | Lair:7   | Reached skill level 20 in Axes
 16592 | Lair:7   | Received a gift from Trog
 16597 | Lair:7   | 16597 ||| ZAPPING wand of heal wounds (8).
 16609 | Lair:7   | 16609 ||| UPGRADING to glowing battleaxe {god gift}.
 16610 | Lair:7   | 16610 ||| UPGRADING to +9 antimagic executioner's axe.
 16611 | Lair:7   | 16611 ||| DROPPING +3 antimagic battleaxe.
 16656 | Lair:7   | 16656 ||| ZAPPING wand of heal wounds (7).
 16929 | Lair:7   | 16929 ||| INVOKING Brothers in Arms.
 16931 | Lair:7   | 16931 ||| INVOKING Brothers in Arms.
 16932 | Lair:7   | 16932 ||| INVOKING Berserk.
 17106 | Lair:7   | 17106 ||| ZAPPING wand of heal wounds (6).
 17268 | Lair:7   | 17268 ||| ZAPPING wand of heal wounds (5).
 17385 | Lair:7   | 17385 ||| UPGRADING to brass ring.
 17386 | Lair:7   | 17386 ||| REMOVING ring of sustain abilities.
 17387 | Lair:7   | 17387 ||| DROPPING ring of sustain abilities.
 17433 | Lair:8   | Entered Level 8 of the Lair of Beasts
 17440 | Lair:8   | 17440 ||| STAIRDANCE
 17449 | Lair:7   | 17449 ||| ZAPPING wand of heal wounds (4).
 17450 | Lair:7   | 17450 ||| MP-RECHARGING wand of heal wounds (3).
 17453 | Lair:8   | 17453 ||| STAIRDANCE
 17473 | Lair:8   | 17473 ||| STAIRDANCE
 17482 | Lair:8   | 17482 ||| STAIRDANCE
 17536 | Lair:8   | Found a sacrificial altar of Ru.
 17537 | Lair:8   | 17537 ||| INVOKING Brothers in Arms.
 17543 | Lair:8   | 17543 ||| INVOKING Berserk.
 17554 | Lair:8   | 17554 ||| ZAPPING wand of heal wounds (7).
 17558 | Lair:8   | Reached skill level 9 in Evocations
 17558 | Lair:8   | Gained mutation: You resist negative energy. [Deep Dwarf growth]
 17558 | Lair:8   | Reached XP level 14. HP: 124/132 MP: 1/5
 17699 | Lair:8   | 17699 ||| INVOKING Burn Spellbooks.
 17792 | Lair:8   | 17792 ||| ZAPPING wand of heal wounds (6).
 17823 | Lair:8   | 17823 ||| ZAPPING wand of heal wounds (5).
 17844 | Lair:8   | 17844 ||| INVOKING Berserk.
 17852 | Lair:8   | Received a gift from Trog
 17861 | Lair:8   | 17861 ||| ZAPPING wand of heal wounds (4).
 17862 | Lair:8   | 17862 ||| MP-RECHARGING wand of heal wounds (3).
 17910 | Lair:8   | 17910 ||| INVOKING Brothers in Arms.
 17911 | Lair:8   | 17911 ||| INVOKING Berserk.
 17941 | Lair:8   | 17941 ||| READING 2 scrolls of teleportation.
 17945 | Lair:8   | 17945 ||| ZAPPING wand of heal wounds (6).
 18048 | Lair:8   | 18048 ||| INVOKING Berserk.
 18058 | Lair:8   | 18058 ||| ZAPPING wand of heal wounds (5).
 18119 | Lair:8   | 18119 ||| UPGRADING to glowing battleaxe.
 18119 | Lair:8   | 18119 ||| Eating in order to wield vampiric weapon.
 18119 | Lair:8   | 18119 ||| EATING 17 fruits.
 18120 | Lair:8   | 18120 ||| Eating in order to wield vampiric weapon.
 18120 | Lair:8   | 18120 ||| EATING 5 slices of pizza.
 18121 | Lair:8   | 18121 ||| Eating in order to wield vampiric weapon.
 18121 | Lair:8   | 18121 ||| EATING 16 fruits.
 18122 | Lair:8   | 18122 ||| Eating in order to wield vampiric weapon.
 18122 | Lair:8   | 18122 ||| EATING 4 slices of pizza.
 18123 | Lair:8   | 18123 ||| UPGRADING to vampiric battleaxe.
 18124 | Lair:8   | 18124 ||| DROPPING +9 antimagic executioner's axe.
 18125 | Lair:8   | 18125 ||| READING scroll of enchant weapon.
 18125 | Lair:8   | 18125 ||| ENCHANTING +4 vampiric battleaxe.
 18354 | Lair:8   | 18354 ||| INVOKING Brothers in Arms.
 18505 | Lair:8   | 18505 ||| Stepping ~*~*~tactically~*~*~ (water).
 18509 | Lair:8   | 18509 ||| INVOKING Brothers in Arms.
 18511 | Lair:8   | 18511 ||| Stepping ~*~*~tactically~*~*~ (water).
 18512 | Lair:8   | 18512 ||| INVOKING Berserk.
 18578 | Lair:8   | 18578 ||| INVOKING Brothers in Arms.
 18581 | Lair:8   | 18581 ||| INVOKING Berserk.
 18609 | Lair:8   | 18609 ||| Stepping ~*~*~tactically~*~*~ (water).
 18819 | Lair:8   | 18819 ||| INVOKING Brothers in Arms.
 18822 | Lair:8   | 18822 ||| INVOKING Berserk.
 18827 | Lair:8   | Reached skill level 9 in Armour
 18854 | Lair:8   | 18854 ||| INVOKING Brothers in Arms.
 18858 | Lair:8   | 18858 ||| READING scroll of teleportation.
 18864 | Lair:8   | 18864 ||| EATING 15 fruits.
 19125 | Lair:8   | 19125 ||| UPGRADING to scratched bronze ring.
 19126 | Lair:8   | 19126 ||| REMOVING ring of wizardry.
 19127 | Lair:8   | 19127 ||| DROPPING ring of wizardry.
 19128 | Lair:8   | 19128 ||| READING 12 scrolls of identify.
 19128 | Lair:8   | 19128 ||| IDENTIFYING fizzy purple potion
 19463 | D:12     | Found a staircase to the Orcish Mines.
 19502 | D:12     | 19502 ||| READING scroll of enchant armour.
 19502 | D:12     | 19502 ||| ENCHANTING +2 plate armour of fire resistance.
 20457 | D:12     | 20457 ||| UPGRADING to onyx ring.
 20458 | D:12     | 20458 ||| READING scroll labeled ZATEFO VIMESOGH.
 20473 | Orc:1    | Entered Level 1 of the Orcish Mines
 20474 | Orc:1    | 20474 ||| Entered O.
 20476 | Orc:1    | Noticed Fannar
 20495 | Orc:1    | Killed Fannar
 20528 | Orc:1    | Noticed Erolcha
 20529 | Orc:1    | 20529 ||| INVOKING Trog's Hand.
 20530 | Orc:1    | 20530 ||| INVOKING Brothers in Arms.
 20532 | Orc:1    | 20532 ||| INVOKING Berserk.
 20542 | Orc:1    | Killed Erolcha
 20892 | Orc:2    | Found Rittut's Food Shop.
 20923 | Orc:3    | Noticed Sonja
 20923 | Orc:3    | 20923 ||| INVOKING Brothers in Arms.
 20929 | Orc:3    | 20929 ||| INVOKING Berserk.
 20937 | Orc:3    | 20937 ||| INVOKING Brothers in Arms.
 20949 | Orc:3    | Found a roughly hewn altar of Beogh.
 20954 | Orc:3    | 20954 ||| STAIRDANCE
 21186 | Orc:3    | 21186 ||| INVOKING Brothers in Arms.
 21188 | Orc:3    | 21188 ||| INVOKING Berserk.
 21191 | Orc:3    | Killed Sonja
 21191 | Orc:3    | Received a gift from Trog
 21569 | Orc:1    | Found Lanil's Antique Armour Boutique.
 21618 | Orc:1    | 21618 ||| Stepping randomly (stuck).
 21619 | Orc:1    | 21619 ||| Stepping randomly (stuck).
 21620 | Orc:1    | 21620 ||| Stepping randomly (stuck).
 21621 | Orc:1    | 21621 ||| Stepping randomly (stuck).
 21622 | Orc:1    | 21622 ||| Stepping randomly (stuck).
 21623 | Orc:1    | 21623 ||| Stepping randomly (stuck).
 21624 | Orc:1    | 21624 ||| Stepping randomly (stuck).
 21625 | Orc:1    | 21625 ||| Stepping randomly (stuck).
 21626 | Orc:1    | 21626 ||| Stepping randomly (stuck).
 21627 | Orc:1    | 21627 ||| Stepping randomly (stuck).
 21628 | Orc:1    | 21628 ||| Stepping randomly (stuck).
 21629 | Orc:1    | 21629 ||| Stepping randomly (stuck).
 21630 | Orc:1    | 21630 ||| Stepping randomly (stuck).
 21631 | Orc:1    | 21631 ||| Stepping randomly (stuck).
 21632 | Orc:1    | 21632 ||| Stepping randomly (stuck).
 21633 | Orc:1    | 21633 ||| Stepping randomly (stuck).
 21634 | Orc:1    | 21634 ||| Stepping randomly (stuck).
 21635 | Orc:1    | 21635 ||| Stepping randomly (stuck).
 21636 | Orc:1    | 21636 ||| Stepping randomly (stuck).
 21637 | Orc:1    | 21637 ||| Stepping randomly (stuck).
 21638 | Orc:1    | 21638 ||| Stepping randomly (stuck).
 21639 | Orc:1    | 21639 ||| Stepping randomly (stuck).
 21640 | Orc:1    | 21640 ||| Stepping randomly (stuck).
 21641 | Orc:1    | 21641 ||| Stepping randomly (stuck).
 21642 | Orc:1    | 21642 ||| Stepping randomly (stuck).
 21643 | Orc:1    | 21643 ||| Stepping randomly (stuck).
 21644 | Orc:1    | 21644 ||| Stepping randomly (stuck).
 21645 | Orc:1    | 21645 ||| Stepping randomly (stuck).
 21646 | Orc:1    | 21646 ||| Stepping randomly (stuck).
 21647 | Orc:1    | 21647 ||| Stepping randomly (stuck).
 21648 | Orc:1    | 21648 ||| Stepping randomly (stuck).
 21649 | Orc:1    | 21649 ||| Stepping randomly (stuck).
 21650 | Orc:1    | 21650 ||| Stepping randomly (stuck).
 21651 | Orc:1    | 21651 ||| Stepping randomly (stuck).
 21652 | Orc:1    | 21652 ||| Stepping randomly (stuck).
 21653 | Orc:1    | 21653 ||| Stepping randomly (stuck).
 21654 | Orc:1    | 21654 ||| Stepping randomly (stuck).
 21655 | Orc:1    | 21655 ||| Stepping randomly (stuck).
 21656 | Orc:1    | 21656 ||| Stepping randomly (stuck).
 21657 | Orc:1    | 21657 ||| Stepping randomly (stuck).
 21658 | Orc:1    | 21658 ||| Stepping randomly (stuck).
 21659 | Orc:1    | 21659 ||| Stepping randomly (stuck).
 21660 | Orc:1    | 21660 ||| Stepping randomly (stuck).
 21661 | Orc:1    | 21661 ||| Stepping randomly (stuck).
 21662 | Orc:1    | 21662 ||| Stepping randomly (stuck).
 21663 | Orc:1    | 21663 ||| Stepping randomly (stuck).
 21664 | Orc:1    | 21664 ||| Stepping randomly (stuck).
 21665 | Orc:1    | 21665 ||| Stepping randomly (stuck).
 21666 | Orc:1    | 21666 ||| Stepping randomly (stuck).
 21667 | Orc:1    | 21667 ||| Stepping randomly (stuck).
 21668 | Orc:1    | 21668 ||| Stepping randomly (stuck).
 21669 | Orc:1    | 21669 ||| Stepping randomly (stuck).
 21670 | Orc:1    | 21670 ||| Stepping randomly (stuck).
 21671 | Orc:1    | 21671 ||| Stepping randomly (stuck).
 21672 | Orc:1    | 21672 ||| Stepping randomly (stuck).
 21673 | Orc:1    | 21673 ||| Stepping randomly (stuck).
 21674 | Orc:1    | 21674 ||| Stepping randomly (stuck).
 21675 | Orc:1    | 21675 ||| Stepping randomly (stuck).
 21676 | Orc:1    | 21676 ||| Stepping randomly (stuck).
 21677 | Orc:1    | 21677 ||| Stepping randomly (stuck).
 21678 | Orc:1    | 21678 ||| Stepping randomly (stuck).
 21679 | Orc:1    | 21679 ||| Stepping randomly (stuck).
 21680 | Orc:1    | 21680 ||| Stepping randomly (stuck).
 21681 | Orc:1    | 21681 ||| Stepping randomly (stuck).
 21682 | Orc:1    | 21682 ||| Stepping randomly (stuck).
 21683 | Orc:1    | 21683 ||| Stepping randomly (stuck).
 21684 | Orc:1    | 21684 ||| Stepping randomly (stuck).
 21685 | Orc:1    | 21685 ||| Stepping randomly (stuck).
 21686 | Orc:1    | 21686 ||| Stepping randomly (stuck).
 21687 | Orc:1    | 21687 ||| Stepping randomly (stuck).
 21688 | Orc:1    | 21688 ||| Stepping randomly (stuck).
 21689 | Orc:1    | 21689 ||| Stepping randomly (stuck).
 21690 | Orc:1    | 21690 ||| Stepping randomly (stuck).
 21691 | Orc:1    | 21691 ||| Stepping randomly (stuck).
 21692 | Orc:1    | 21692 ||| Stepping randomly (stuck).
 21693 | Orc:1    | 21693 ||| Stepping randomly (stuck).
 21694 | Orc:1    | 21694 ||| Stepping randomly (stuck).
 21695 | Orc:1    | 21695 ||| Stepping randomly (stuck).
 21696 | Orc:1    | 21696 ||| Stepping randomly (stuck).
 21697 | Orc:1    | 21697 ||| Stepping randomly (stuck).
 21698 | Orc:1    | 21698 ||| Stepping randomly (stuck).
 21699 | Orc:1    | 21699 ||| Stepping randomly (stuck).
 21700 | Orc:1    | 21700 ||| Stepping randomly (stuck).
 21701 | Orc:1    | 21701 ||| Stepping randomly (stuck).
 21702 | Orc:1    | 21702 ||| Stepping randomly (stuck).
 21703 | Orc:1    | 21703 ||| Stepping randomly (stuck).
 21704 | Orc:1    | 21704 ||| Stepping randomly (stuck).
 21705 | Orc:1    | 21705 ||| Stepping randomly (stuck).
 21706 | Orc:1    | 21706 ||| Stepping randomly (stuck).
 21707 | Orc:1    | 21707 ||| Stepping randomly (stuck).
 21708 | Orc:1    | 21708 ||| Stepping randomly (stuck).
 21709 | Orc:1    | 21709 ||| Stepping randomly (stuck).
 21710 | Orc:1    | 21710 ||| Stepping randomly (stuck).
 21711 | Orc:1    | 21711 ||| Stepping randomly (stuck).
 21712 | Orc:1    | 21712 ||| Stepping randomly (stuck).
 21713 | Orc:1    | 21713 ||| Stepping randomly (stuck).
 21714 | Orc:1    | 21714 ||| Stepping randomly (stuck).
 21715 | Orc:1    | 21715 ||| Stepping randomly (stuck).
 21716 | Orc:1    | 21716 ||| Stepping randomly (stuck).
 21717 | Orc:1    | 21717 ||| Stepping randomly (stuck).
 21718 | Orc:1    | 21718 ||| Stepping randomly (stuck).
 21719 | Orc:1    | 21719 ||| Stepping randomly (stuck).
 21720 | Orc:1    | 21720 ||| Stepping randomly (stuck).
 21721 | Orc:1    | 21721 ||| Stepping randomly (stuck).
 21722 | Orc:1    | 21722 ||| Stepping randomly (stuck).
 21723 | Orc:1    | 21723 ||| Stepping randomly (stuck).
 21724 | Orc:1    | 21724 ||| Stepping randomly (stuck).
 21725 | Orc:1    | 21725 ||| Stepping randomly (stuck).
 21726 | Orc:1    | 21726 ||| Stepping randomly (stuck).
 21727 | Orc:1    | 21727 ||| Stepping randomly (stuck).
 21728 | Orc:1    | 21728 ||| Stepping randomly (stuck).
 21729 | Orc:1    | 21729 ||| Stepping randomly (stuck).
 21730 | Orc:1    | 21730 ||| Stepping randomly (stuck).
 21731 | Orc:1    | 21731 ||| Stepping randomly (stuck).
 21732 | Orc:1    | 21732 ||| Stepping randomly (stuck).
 21733 | Orc:1    | 21733 ||| Stepping randomly (stuck).
 21734 | Orc:1    | 21734 ||| Stepping randomly (stuck).
 21735 | Orc:1    | 21735 ||| Stepping randomly (stuck).
 21736 | Orc:1    | 21736 ||| Stepping randomly (stuck).
 21737 | Orc:1    | 21737 ||| Stepping randomly (stuck).
 21738 | Orc:1    | 21738 ||| Stepping randomly (stuck).
 21739 | Orc:1    | 21739 ||| Stepping randomly (stuck).
 21740 | Orc:1    | 21740 ||| Stepping randomly (stuck).
 21741 | Orc:1    | 21741 ||| Stepping randomly (stuck).
 21742 | Orc:1    | 21742 ||| Stepping randomly (stuck).
 21743 | Orc:1    | 21743 ||| Stepping randomly (stuck).
 21744 | Orc:1    | 21744 ||| Stepping randomly (stuck).
 21745 | Orc:1    | 21745 ||| Stepping randomly (stuck).
 21746 | Orc:1    | 21746 ||| Stepping randomly (stuck).
 21747 | Orc:1    | 21747 ||| Stepping randomly (stuck).
 21748 | Orc:1    | 21748 ||| Stepping randomly (stuck).
 21749 | Orc:1    | 21749 ||| Stepping randomly (stuck).
 21750 | Orc:1    | 21750 ||| Stepping randomly (stuck).
 21751 | Orc:1    | 21751 ||| Stepping randomly (stuck).
 21752 | Orc:1    | 21752 ||| Stepping randomly (stuck).
 21753 | Orc:1    | 21753 ||| Stepping randomly (stuck).
 21754 | Orc:1    | 21754 ||| Stepping randomly (stuck).
 21755 | Orc:1    | 21755 ||| Stepping randomly (stuck).
 21756 | Orc:1    | 21756 ||| Stepping randomly (stuck).
 21757 | Orc:1    | 21757 ||| Stepping randomly (stuck).
 21758 | Orc:1    | 21758 ||| Stepping randomly (stuck).
 21759 | Orc:1    | 21759 ||| Stepping randomly (stuck).
 21760 | Orc:1    | 21760 ||| Stepping randomly (stuck).
 21761 | Orc:1    | 21761 ||| Stepping randomly (stuck).
 21762 | Orc:1    | 21762 ||| Stepping randomly (stuck).
 21763 | Orc:1    | 21763 ||| Stepping randomly (stuck).
 21764 | Orc:1    | 21764 ||| Stepping randomly (stuck).
 21765 | Orc:1    | 21765 ||| Stepping randomly (stuck).
 21766 | Orc:1    | 21766 ||| Stepping randomly (stuck).
 21767 | Orc:1    | 21767 ||| Stepping randomly (stuck).
 21768 | Orc:1    | 21768 ||| Stepping randomly (stuck).
 21769 | Orc:1    | 21769 ||| Stepping randomly (stuck).
 21770 | Orc:1    | 21770 ||| Stepping randomly (stuck).
 21771 | Orc:1    | 21771 ||| Stepping randomly (stuck).
 21772 | Orc:1    | 21772 ||| Stepping randomly (stuck).
 21773 | Orc:1    | 21773 ||| Stepping randomly (stuck).
 21774 | Orc:1    | 21774 ||| Stepping randomly (stuck).
 21775 | Orc:1    | 21775 ||| Stepping randomly (stuck).
 21776 | Orc:1    | 21776 ||| Stepping randomly (stuck).
 21777 | Orc:1    | 21777 ||| Stepping randomly (stuck).
 21778 | Orc:1    | 21778 ||| Stepping randomly (stuck).
 21779 | Orc:1    | 21779 ||| Stepping randomly (stuck).
 21780 | Orc:1    | 21780 ||| Stepping randomly (stuck).
 21781 | Orc:1    | 21781 ||| Stepping randomly (stuck).
 21782 | Orc:1    | 21782 ||| Stepping randomly (stuck).
 21783 | Orc:1    | 21783 ||| Stepping randomly (stuck).
 21784 | Orc:1    | 21784 ||| Stepping randomly (stuck).
 21785 | Orc:1    | 21785 ||| Stepping randomly (stuck).
 21786 | Orc:1    | 21786 ||| Stepping randomly (stuck).
 21787 | Orc:1    | 21787 ||| Stepping randomly (stuck).
 21788 | Orc:1    | 21788 ||| Stepping randomly (stuck).
 21789 | Orc:1    | 21789 ||| Stepping randomly (stuck).
 21790 | Orc:1    | 21790 ||| Stepping randomly (stuck).
 21791 | Orc:1    | 21791 ||| Stepping randomly (stuck).
 21792 | Orc:1    | 21792 ||| Stepping randomly (stuck).
 21793 | Orc:1    | 21793 ||| Stepping randomly (stuck).
 21794 | Orc:1    | 21794 ||| Stepping randomly (stuck).
 21795 | Orc:1    | 21795 ||| Stepping randomly (stuck).
 21796 | Orc:1    | 21796 ||| Stepping randomly (stuck).
 21797 | Orc:1    | 21797 ||| Stepping randomly (stuck).
 21798 | Orc:1    | 21798 ||| Stepping randomly (stuck).
 21799 | Orc:1    | 21799 ||| Stepping randomly (stuck).
 21800 | Orc:1    | 21800 ||| Stepping randomly (stuck).
 21801 | Orc:1    | 21801 ||| Stepping randomly (stuck).
 21802 | Orc:1    | 21802 ||| EATING 3 slices of pizza.
 21803 | Orc:1    | 21803 ||| Stepping randomly (stuck).
 21804 | Orc:1    | 21804 ||| Stepping randomly (stuck).
 21805 | Orc:1    | 21805 ||| Stepping randomly (stuck).
 21806 | Orc:1    | 21806 ||| Stepping randomly (stuck).
 21807 | Orc:1    | 21807 ||| Stepping randomly (stuck).
 21808 | Orc:1    | 21808 ||| Stepping randomly (stuck).
 21809 | Orc:1    | 21809 ||| Stepping randomly (stuck).
 21810 | Orc:1    | 21810 ||| Stepping randomly (stuck).
 21811 | Orc:1    | 21811 ||| Stepping randomly (stuck).
 21812 | Orc:1    | 21812 ||| Stepping randomly (stuck).
 21813 | Orc:1    | 21813 ||| Stepping randomly (stuck).
 21814 | Orc:1    | 21814 ||| Stepping randomly (stuck).
 21815 | Orc:1    | 21815 ||| Stepping randomly (stuck).
 21816 | Orc:1    | 21816 ||| Stepping randomly (stuck).
 21817 | Orc:1    | 21817 ||| Stepping randomly (stuck).
 21818 | Orc:1    | 21818 ||| Stepping randomly (stuck).
 21819 | Orc:1    | 21819 ||| Stepping randomly (stuck).
 21820 | Orc:1    | 21820 ||| Stepping randomly (stuck).
 21821 | Orc:1    | 21821 ||| Stepping randomly (stuck).
 21822 | Orc:1    | 21822 ||| Stepping randomly (stuck).
 21823 | Orc:1    | 21823 ||| Stepping randomly (stuck).
 21824 | Orc:1    | 21824 ||| Stepping randomly (stuck).
 21825 | Orc:1    | 21825 ||| Stepping randomly (stuck).
 21826 | Orc:1    | 21826 ||| Stepping randomly (stuck).
 21827 | Orc:1    | 21827 ||| Stepping randomly (stuck).
 21828 | Orc:1    | 21828 ||| Stepping randomly (stuck).
 21829 | Orc:1    | 21829 ||| Stepping randomly (stuck).
 21830 | Orc:1    | 21830 ||| Stepping randomly (stuck).
 21831 | Orc:1    | 21831 ||| Stepping randomly (stuck).
 21832 | Orc:1    | 21832 ||| Stepping randomly (stuck).
 21833 | Orc:1    | 21833 ||| Stepping randomly (stuck).
 21834 | Orc:1    | 21834 ||| Stepping randomly (stuck).
 21835 | Orc:1    | 21835 ||| Stepping randomly (stuck).
 21836 | Orc:1    | 21836 ||| Stepping randomly (stuck).
 21837 | Orc:1    | 21837 ||| Stepping randomly (stuck).
 21838 | Orc:1    | 21838 ||| Stepping randomly (stuck).
 21839 | Orc:1    | 21839 ||| Stepping randomly (stuck).
 21840 | Orc:1    | 21840 ||| Stepping randomly (stuck).
 21841 | Orc:1    | 21841 ||| Stepping randomly (stuck).
 21842 | Orc:1    | 21842 ||| Stepping randomly (stuck).
 21843 | Orc:1    | 21843 ||| Stepping randomly (stuck).
 21844 | Orc:1    | 21844 ||| Stepping randomly (stuck).
 21845 | Orc:1    | 21845 ||| Stepping randomly (stuck).
 21846 | Orc:1    | 21846 ||| Stepping randomly (stuck).
 21847 | Orc:1    | 21847 ||| Stepping randomly (stuck).
 21848 | Orc:1    | 21848 ||| Stepping randomly (stuck).
 21849 | Orc:1    | 21849 ||| Stepping randomly (stuck).
 21850 | Orc:1    | 21850 ||| Stepping randomly (stuck).
 21851 | Orc:1    | 21851 ||| Stepping randomly (stuck).
 21852 | Orc:1    | 21852 ||| Stepping randomly (stuck).
 21853 | Orc:1    | 21853 ||| Stepping randomly (stuck).
 21854 | Orc:1    | 21854 ||| Stepping randomly (stuck).
 21855 | Orc:1    | 21855 ||| Stepping randomly (stuck).
 21856 | Orc:1    | 21856 ||| Stepping randomly (stuck).
 21857 | Orc:1    | 21857 ||| Stepping randomly (stuck).
 21858 | Orc:1    | 21858 ||| Stepping randomly (stuck).
 21859 | Orc:1    | 21859 ||| Stepping randomly (stuck).
 21860 | Orc:1    | 21860 ||| Stepping randomly (stuck).
 21861 | Orc:1    | 21861 ||| Stepping randomly (stuck).
 21862 | Orc:1    | 21862 ||| Stepping randomly (stuck).
 21863 | Orc:1    | 21863 ||| Stepping randomly (stuck).
 21864 | Orc:1    | 21864 ||| Stepping randomly (stuck).
 21865 | Orc:1    | 21865 ||| Stepping randomly (stuck).
 21866 | Orc:1    | 21866 ||| Stepping randomly (stuck).
 21867 | Orc:1    | 21867 ||| Stepping randomly (stuck).
 21868 | Orc:1    | 21868 ||| Stepping randomly (stuck).
 21869 | Orc:1    | 21869 ||| Stepping randomly (stuck).
 21870 | Orc:1    | 21870 ||| Stepping randomly (stuck).
 21871 | Orc:1    | 21871 ||| Stepping randomly (stuck).
 21872 | Orc:1    | 21872 ||| Stepping randomly (stuck).
 21873 | Orc:1    | 21873 ||| Stepping randomly (stuck).
 21874 | Orc:1    | 21874 ||| Stepping randomly (stuck).
 21875 | Orc:1    | 21875 ||| Stepping randomly (stuck).
 21876 | Orc:1    | 21876 ||| Stepping randomly (stuck).
 21877 | Orc:1    | 21877 ||| Stepping randomly (stuck).
 21878 | Orc:1    | 21878 ||| Stepping randomly (stuck).
 21879 | Orc:1    | 21879 ||| Stepping randomly (stuck).
 21880 | Orc:1    | 21880 ||| Stepping randomly (stuck).
 21881 | Orc:1    | 21881 ||| Stepping randomly (stuck).
 21882 | Orc:1    | 21882 ||| Stepping randomly (stuck).
 21883 | Orc:1    | 21883 ||| Stepping randomly (stuck).
 21884 | Orc:1    | 21884 ||| Stepping randomly (stuck).
 21885 | Orc:1    | 21885 ||| Stepping randomly (stuck).
 21886 | Orc:1    | 21886 ||| Stepping randomly (stuck).
 21887 | Orc:1    | 21887 ||| Stepping randomly (stuck).
 21888 | Orc:1    | 21888 ||| Stepping randomly (stuck).
 21889 | Orc:1    | 21889 ||| Stepping randomly (stuck).
 21890 | Orc:1    | 21890 ||| Stepping randomly (stuck).
 21891 | Orc:1    | 21891 ||| Stepping randomly (stuck).
 21892 | Orc:1    | 21892 ||| Stepping randomly (stuck).
 21893 | Orc:1    | 21893 ||| Stepping randomly (stuck).
 21894 | Orc:1    | 21894 ||| Stepping randomly (stuck).
 21895 | Orc:1    | 21895 ||| Stepping randomly (stuck).
 21896 | Orc:1    | 21896 ||| Stepping randomly (stuck).
 21897 | Orc:1    | 21897 ||| Stepping randomly (stuck).
 21898 | Orc:1    | 21898 ||| Stepping randomly (stuck).
 21899 | Orc:1    | 21899 ||| Stepping randomly (stuck).
 21900 | Orc:1    | 21900 ||| Stepping randomly (stuck).
 21901 | Orc:1    | 21901 ||| Stepping randomly (stuck).
 21902 | Orc:1    | 21902 ||| Stepping randomly (stuck).
 21903 | Orc:1    | 21903 ||| Stepping randomly (stuck).
 21904 | Orc:1    | 21904 ||| Stepping randomly (stuck).
 21905 | Orc:1    | 21905 ||| Stepping randomly (stuck).
 21906 | Orc:1    | 21906 ||| Stepping randomly (stuck).
 21907 | Orc:1    | 21907 ||| Stepping randomly (stuck).
 21908 | Orc:1    | 21908 ||| Stepping randomly (stuck).
 21909 | Orc:1    | 21909 ||| Stepping randomly (stuck).
 21910 | Orc:1    | 21910 ||| Stepping randomly (stuck).
 21911 | Orc:1    | 21911 ||| Stepping randomly (stuck).
 21912 | Orc:1    | 21912 ||| Stepping randomly (stuck).
 21913 | Orc:1    | 21913 ||| Stepping randomly (stuck).
 21914 | Orc:1    | 21914 ||| Stepping randomly (stuck).
 21915 | Orc:1    | 21915 ||| Stepping randomly (stuck).
 21916 | Orc:1    | 21916 ||| Stepping randomly (stuck).
 21917 | Orc:1    | 21917 ||| Stepping randomly (stuck).
 21918 | Orc:1    | 21918 ||| Stepping randomly (stuck).
 21919 | Orc:1    | 21919 ||| Stepping randomly (stuck).
 21920 | Orc:1    | 21920 ||| Stepping randomly (stuck).
 21921 | Orc:1    | 21921 ||| Stepping randomly (stuck).
 21922 | Orc:1    | 21922 ||| Stepping randomly (stuck).
 21923 | Orc:1    | 21923 ||| Stepping randomly (stuck).
 21924 | Orc:1    | 21924 ||| Stepping randomly (stuck).
 21925 | Orc:1    | 21925 ||| Stepping randomly (stuck).
 21926 | Orc:1    | 21926 ||| Stepping randomly (stuck).
 21927 | Orc:1    | 21927 ||| Stepping randomly (stuck).
 21928 | Orc:1    | 21928 ||| Stepping randomly (stuck).
 21929 | Orc:1    | 21929 ||| Stepping randomly (stuck).
 21930 | Orc:1    | 21930 ||| Stepping randomly (stuck).
 21931 | Orc:1    | 21931 ||| Stepping randomly (stuck).
 21932 | Orc:1    | 21932 ||| Stepping randomly (stuck).
 21933 | Orc:1    | 21933 ||| Stepping randomly (stuck).
 21934 | Orc:1    | 21934 ||| Stepping randomly (stuck).
 21935 | Orc:1    | 21935 ||| Stepping randomly (stuck).
 21936 | Orc:1    | 21936 ||| Stepping randomly (stuck).
 21937 | Orc:1    | 21937 ||| Stepping randomly (stuck).
 21938 | Orc:1    | 21938 ||| Stepping randomly (stuck).
 21939 | Orc:1    | 21939 ||| Stepping randomly (stuck).
 21940 | Orc:1    | 21940 ||| Stepping randomly (stuck).
 21941 | Orc:1    | 21941 ||| Stepping randomly (stuck).
 21942 | Orc:1    | 21942 ||| Stepping randomly (stuck).
 21943 | Orc:1    | 21943 ||| Stepping randomly (stuck).
 21944 | Orc:1    | 21944 ||| Stepping randomly (stuck).
 21945 | Orc:1    | 21945 ||| Stepping randomly (stuck).
 21946 | Orc:1    | 21946 ||| Stepping randomly (stuck).
 21947 | Orc:1    | 21947 ||| Stepping randomly (stuck).
 21948 | Orc:1    | 21948 ||| Stepping randomly (stuck).
 21949 | Orc:1    | 21949 ||| Stepping randomly (stuck).
 21950 | Orc:1    | 21950 ||| Stepping randomly (stuck).
 21951 | Orc:1    | 21951 ||| Stepping randomly (stuck).
 21952 | Orc:1    | 21952 ||| Stepping randomly (stuck).
 21953 | Orc:1    | 21953 ||| Stepping randomly (stuck).
 21954 | Orc:1    | 21954 ||| Stepping randomly (stuck).
 21955 | Orc:1    | 21955 ||| Stepping randomly (stuck).
 21956 | Orc:1    | 21956 ||| Stepping randomly (stuck).
 21957 | Orc:1    | 21957 ||| Stepping randomly (stuck).
 21958 | Orc:1    | 21958 ||| Stepping randomly (stuck).
 21959 | Orc:1    | 21959 ||| Stepping randomly (stuck).
 21960 | Orc:1    | 21960 ||| Stepping randomly (stuck).
 21961 | Orc:1    | 21961 ||| Stepping randomly (stuck).
 21962 | Orc:1    | 21962 ||| Stepping randomly (stuck).
 21963 | Orc:1    | 21963 ||| Stepping randomly (stuck).
 21964 | Orc:1    | 21964 ||| Stepping randomly (stuck).
 21965 | Orc:1    | 21965 ||| Stepping randomly (stuck).
 21966 | Orc:1    | 21966 ||| Stepping randomly (stuck).
 21967 | Orc:1    | 21967 ||| Stepping randomly (stuck).
 21968 | Orc:1    | 21968 ||| Stepping randomly (stuck).
 21969 | Orc:1    | 21969 ||| Stepping randomly (stuck).
 21970 | Orc:1    | 21970 ||| Stepping randomly (stuck).
 21971 | Orc:1    | 21971 ||| Stepping randomly (stuck).
 21972 | Orc:1    | 21972 ||| Stepping randomly (stuck).
 21973 | Orc:1    | 21973 ||| Stepping randomly (stuck).
 21974 | Orc:1    | 21974 ||| Stepping randomly (stuck).
 21975 | Orc:1    | 21975 ||| Stepping randomly (stuck).
 21976 | Orc:1    | 21976 ||| Stepping randomly (stuck).
 21977 | Orc:1    | 21977 ||| Stepping randomly (stuck).
 21978 | Orc:1    | 21978 ||| Stepping randomly (stuck).
 21979 | Orc:1    | 21979 ||| Stepping randomly (stuck).
 21980 | Orc:1    | 21980 ||| Stepping randomly (stuck).
 21981 | Orc:1    | 21981 ||| Stepping randomly (stuck).
 21982 | Orc:1    | 21982 ||| Stepping randomly (stuck).
 21983 | Orc:1    | 21983 ||| Stepping randomly (stuck).
 21984 | Orc:1    | 21984 ||| Stepping randomly (stuck).
 21985 | Orc:1    | 21985 ||| Stepping randomly (stuck).
 21986 | Orc:1    | 21986 ||| Stepping randomly (stuck).
 21987 | Orc:1    | 21987 ||| Stepping randomly (stuck).
 21988 | Orc:1    | 21988 ||| Stepping randomly (stuck).
 21989 | Orc:1    | 21989 ||| Stepping randomly (stuck).
 21990 | Orc:1    | 21990 ||| Stepping randomly (stuck).
 21991 | Orc:1    | 21991 ||| Stepping randomly (stuck).
 21992 | Orc:1    | 21992 ||| Stepping randomly (stuck).
 21993 | Orc:1    | 21993 ||| Stepping randomly (stuck).
 21994 | Orc:1    | 21994 ||| Stepping randomly (stuck).
 21995 | Orc:1    | 21995 ||| Stepping randomly (stuck).
 21996 | Orc:1    | 21996 ||| Stepping randomly (stuck).
 21997 | Orc:1    | 21997 ||| Stepping randomly (stuck).
 21998 | Orc:1    | 21998 ||| Stepping randomly (stuck).
 21999 | Orc:1    | 21999 ||| Stepping randomly (stuck).
 22000 | Orc:1    | 22000 ||| Stepping randomly (stuck).
 22001 | Orc:1    | 22001 ||| Stepping randomly (stuck).
 22002 | Orc:1    | 22002 ||| Stepping randomly (stuck).
 22003 | Orc:1    | 22003 ||| Stepping randomly (stuck).
 22004 | Orc:1    | 22004 ||| Stepping randomly (stuck).
 22005 | Orc:1    | 22005 ||| Stepping randomly (stuck).
 22006 | Orc:1    | 22006 ||| Stepping randomly (stuck).
 22007 | Orc:1    | 22007 ||| Stepping randomly (stuck).
 22008 | Orc:1    | 22008 ||| Stepping randomly (stuck).
 22009 | Orc:1    | 22009 ||| Stepping randomly (stuck).
 22010 | Orc:1    | 22010 ||| Stepping randomly (stuck).
 22011 | Orc:1    | 22011 ||| Stepping randomly (stuck).
 22012 | Orc:1    | 22012 ||| Stepping randomly (stuck).
 22013 | Orc:1    | 22013 ||| Stepping randomly (stuck).
 22014 | Orc:1    | 22014 ||| Stepping randomly (stuck).
 22015 | Orc:1    | 22015 ||| Stepping randomly (stuck).
 22016 | Orc:1    | 22016 ||| Stepping randomly (stuck).
 22017 | Orc:1    | 22017 ||| Stepping randomly (stuck).
 22018 | Orc:1    | 22018 ||| Stepping randomly (stuck).
 22019 | Orc:1    | 22019 ||| Stepping randomly (stuck).
 22020 | Orc:1    | 22020 ||| Stepping randomly (stuck).
 22021 | Orc:1    | 22021 ||| Stepping randomly (stuck).
 22022 | Orc:1    | 22022 ||| Stepping randomly (stuck).
 22023 | Orc:1    | 22023 ||| Stepping randomly (stuck).
 22024 | Orc:1    | 22024 ||| Stepping randomly (stuck).
 22025 | Orc:1    | 22025 ||| Stepping randomly (stuck).
 22026 | Orc:1    | 22026 ||| Stepping randomly (stuck).
 22027 | Orc:1    | 22027 ||| Stepping randomly (stuck).
 22028 | Orc:1    | 22028 ||| Stepping randomly (stuck).
 22029 | Orc:1    | 22029 ||| Stepping randomly (stuck).
 22030 | Orc:1    | 22030 ||| Stepping randomly (stuck).
 22031 | Orc:1    | 22031 ||| Stepping randomly (stuck).
 22032 | Orc:1    | 22032 ||| Stepping randomly (stuck).
 22033 | Orc:1    | 22033 ||| Stepping randomly (stuck).
 22034 | Orc:1    | 22034 ||| Stepping randomly (stuck).
 22035 | Orc:1    | 22035 ||| Stepping randomly (stuck).
 22036 | Orc:1    | 22036 ||| Stepping randomly (stuck).
 22037 | Orc:1    | 22037 ||| Stepping randomly (stuck).
 22038 | Orc:1    | 22038 ||| Stepping randomly (stuck).
 22039 | Orc:1    | 22039 ||| Stepping randomly (stuck).
 22040 | Orc:1    | 22040 ||| Stepping randomly (stuck).
 22041 | Orc:1    | 22041 ||| Stepping randomly (stuck).
 22042 | Orc:1    | 22042 ||| Stepping randomly (stuck).
 22043 | Orc:1    | 22043 ||| Stepping randomly (stuck).
 22044 | Orc:1    | 22044 ||| Stepping randomly (stuck).
 22045 | Orc:1    | 22045 ||| Stepping randomly (stuck).
 22046 | Orc:1    | 22046 ||| Stepping randomly (stuck).
 22047 | Orc:1    | 22047 ||| Stepping randomly (stuck).
 22048 | Orc:1    | 22048 ||| Stepping randomly (stuck).
 22049 | Orc:1    | 22049 ||| Stepping randomly (stuck).
 22050 | Orc:1    | 22050 ||| Stepping randomly (stuck).
 22051 | Orc:1    | 22051 ||| Stepping randomly (stuck).
 22052 | Orc:1    | 22052 ||| Stepping randomly (stuck).
 22053 | Orc:1    | 22053 ||| Stepping randomly (stuck).
 22054 | Orc:1    | 22054 ||| Stepping randomly (stuck).
 22055 | Orc:1    | 22055 ||| Stepping randomly (stuck).
 22056 | Orc:1    | 22056 ||| Stepping randomly (stuck).
 22057 | Orc:1    | 22057 ||| Stepping randomly (stuck).
 22058 | Orc:1    | 22058 ||| Stepping randomly (stuck).
 22059 | Orc:1    | 22059 ||| Stepping randomly (stuck).
 22060 | Orc:1    | 22060 ||| Stepping randomly (stuck).
 22061 | Orc:1    | 22061 ||| Stepping randomly (stuck).
 22062 | Orc:1    | 22062 ||| Stepping randomly (stuck).
 22063 | Orc:1    | 22063 ||| Stepping randomly (stuck).
 22064 | Orc:1    | 22064 ||| Stepping randomly (stuck).
 22065 | Orc:1    | 22065 ||| Stepping randomly (stuck).
 22066 | Orc:1    | 22066 ||| Stepping randomly (stuck).
 22067 | Orc:1    | 22067 ||| Stepping randomly (stuck).
 22068 | Orc:1    | 22068 ||| Stepping randomly (stuck).
 22069 | Orc:1    | 22069 ||| Stepping randomly (stuck).
 22070 | Orc:1    | 22070 ||| Stepping randomly (stuck).
 22071 | Orc:1    | 22071 ||| Stepping randomly (stuck).
 22072 | Orc:1    | 22072 ||| Stepping randomly (stuck).
 22073 | Orc:1    | 22073 ||| Stepping randomly (stuck).
 22074 | Orc:1    | 22074 ||| Stepping randomly (stuck).
 22075 | Orc:1    | 22075 ||| Stepping randomly (stuck).
 22076 | Orc:1    | 22076 ||| Stepping randomly (stuck).
 22077 | Orc:1    | 22077 ||| Stepping randomly (stuck).
 22078 | Orc:1    | 22078 ||| Stepping randomly (stuck).
 22079 | Orc:1    | 22079 ||| Stepping randomly (stuck).
 22080 | Orc:1    | 22080 ||| Stepping randomly (stuck).
 22081 | Orc:1    | 22081 ||| Stepping randomly (stuck).
 22082 | Orc:1    | 22082 ||| Stepping randomly (stuck).
 22083 | Orc:1    | 22083 ||| Stepping randomly (stuck).
 22084 | Orc:1    | 22084 ||| Stepping randomly (stuck).
 22085 | Orc:1    | 22085 ||| Stepping randomly (stuck).
 22086 | Orc:1    | 22086 ||| Stepping randomly (stuck).
 22087 | Orc:1    | 22087 ||| Stepping randomly (stuck).
 22088 | Orc:1    | 22088 ||| Stepping randomly (stuck).
 22089 | Orc:1    | 22089 ||| Stepping randomly (stuck).
 22090 | Orc:1    | 22090 ||| Stepping randomly (stuck).
 22091 | Orc:1    | 22091 ||| Stepping randomly (stuck).
 22092 | Orc:1    | 22092 ||| Stepping randomly (stuck).
 22093 | Orc:1    | 22093 ||| Stepping randomly (stuck).
 22094 | Orc:1    | 22094 ||| Stepping randomly (stuck).
 22095 | Orc:1    | 22095 ||| Stepping randomly (stuck).
 22096 | Orc:1    | 22096 ||| Stepping randomly (stuck).
 22097 | Orc:1    | 22097 ||| Stepping randomly (stuck).
 22098 | Orc:1    | 22098 ||| Stepping randomly (stuck).
 22099 | Orc:1    | 22099 ||| Stepping randomly (stuck).
 22100 | Orc:1    | 22100 ||| Stepping randomly (stuck).
 22101 | Orc:1    | 22101 ||| Stepping randomly (stuck).
 22102 | Orc:1    | 22102 ||| Stepping randomly (stuck).
 22103 | Orc:1    | 22103 ||| Stepping randomly (stuck).
 22104 | Orc:1    | 22104 ||| Stepping randomly (stuck).
 22105 | Orc:1    | 22105 ||| Stepping randomly (stuck).
 22106 | Orc:1    | 22106 ||| Stepping randomly (stuck).
 22107 | Orc:1    | 22107 ||| Stepping randomly (stuck).
 22108 | Orc:1    | 22108 ||| Stepping randomly (stuck).
 22109 | Orc:1    | 22109 ||| Stepping randomly (stuck).
 22110 | Orc:1    | 22110 ||| Stepping randomly (stuck).
 22111 | Orc:1    | 22111 ||| Stepping randomly (stuck).
 22112 | Orc:1    | 22112 ||| Stepping randomly (stuck).
 22113 | Orc:1    | 22113 ||| Stepping randomly (stuck).
 22114 | Orc:1    | 22114 ||| Stepping randomly (stuck).
 22115 | Orc:1    | 22115 ||| Stepping randomly (stuck).
 22116 | Orc:1    | 22116 ||| Stepping randomly (stuck).
 22117 | Orc:1    | 22117 ||| Stepping randomly (stuck).
 22118 | Orc:1    | 22118 ||| Stepping randomly (stuck).
 22119 | Orc:1    | 22119 ||| Stepping randomly (stuck).
 22120 | Orc:1    | 22120 ||| Stepping randomly (stuck).
 22121 | Orc:1    | 22121 ||| Stepping randomly (stuck).
 22122 | Orc:1    | 22122 ||| Stepping randomly (stuck).
 22123 | Orc:1    | 22123 ||| Stepping randomly (stuck).
 22124 | Orc:1    | 22124 ||| Stepping randomly (stuck).
 22125 | Orc:1    | 22125 ||| Stepping randomly (stuck).
 22126 | Orc:1    | 22126 ||| Stepping randomly (stuck).
 22127 | Orc:1    | 22127 ||| Stepping randomly (stuck).
 22128 | Orc:1    | 22128 ||| Stepping randomly (stuck).
 22129 | Orc:1    | 22129 ||| Stepping randomly (stuck).
 22130 | Orc:1    | 22130 ||| Stepping randomly (stuck).
 22131 | Orc:1    | 22131 ||| Stepping randomly (stuck).
 22132 | Orc:1    | 22132 ||| Stepping randomly (stuck).
 22133 | Orc:1    | 22133 ||| Stepping randomly (stuck).
 22134 | Orc:1    | 22134 ||| Stepping randomly (stuck).
 22135 | Orc:1    | 22135 ||| Stepping randomly (stuck).
 22136 | Orc:1    | 22136 ||| Stepping randomly (stuck).
 22137 | Orc:1    | 22137 ||| Stepping randomly (stuck).
 22138 | Orc:1    | 22138 ||| Stepping randomly (stuck).
 22139 | Orc:1    | 22139 ||| Stepping randomly (stuck).
 22140 | Orc:1    | 22140 ||| Stepping randomly (stuck).
 22141 | Orc:1    | 22141 ||| Stepping randomly (stuck).
 22142 | Orc:1    | 22142 ||| Stepping randomly (stuck).
 22143 | Orc:1    | 22143 ||| Stepping randomly (stuck).
 22144 | Orc:1    | 22144 ||| Stepping randomly (stuck).
 22145 | Orc:1    | 22145 ||| Stepping randomly (stuck).
 22146 | Orc:1    | 22146 ||| Stepping randomly (stuck).
 22147 | Orc:1    | 22147 ||| Stepping randomly (stuck).
 22148 | Orc:1    | 22148 ||| Stepping randomly (stuck).
 22149 | Orc:1    | 22149 ||| Stepping randomly (stuck).
 22150 | Orc:1    | 22150 ||| Stepping randomly (stuck).
 22151 | Orc:1    | 22151 ||| Stepping randomly (stuck).
 22152 | Orc:1    | 22152 ||| Stepping randomly (stuck).
 22153 | Orc:1    | 22153 ||| Stepping randomly (stuck).
 22154 | Orc:1    | 22154 ||| Stepping randomly (stuck).
 22155 | Orc:1    | 22155 ||| Stepping randomly (stuck).
 22156 | Orc:1    | 22156 ||| Stepping randomly (stuck).
 22157 | Orc:1    | 22157 ||| Stepping randomly (stuck).
 22158 | Orc:1    | 22158 ||| Stepping randomly (stuck).
 22159 | Orc:1    | 22159 ||| Stepping randomly (stuck).
 22160 | Orc:1    | 22160 ||| Stepping randomly (stuck).
 22161 | Orc:1    | 22161 ||| Stepping randomly (stuck).
 22162 | Orc:1    | 22162 ||| Stepping randomly (stuck).
 22163 | Orc:1    | 22163 ||| Stepping randomly (stuck).
 22164 | Orc:1    | 22164 ||| Stepping randomly (stuck).
 22165 | Orc:1    | 22165 ||| Stepping randomly (stuck).
 22166 | Orc:1    | 22166 ||| Stepping randomly (stuck).
 22167 | Orc:1    | 22167 ||| Stepping randomly (stuck).
 22168 | Orc:1    | 22168 ||| Stepping randomly (stuck).
 22169 | Orc:1    | 22169 ||| Stepping randomly (stuck).
 22170 | Orc:1    | 22170 ||| Stepping randomly (stuck).
 22171 | Orc:1    | 22171 ||| Stepping randomly (stuck).
 22172 | Orc:1    | 22172 ||| Stepping randomly (stuck).
 22173 | Orc:1    | 22173 ||| Stepping randomly (stuck).
 22174 | Orc:1    | 22174 ||| Stepping randomly (stuck).
 22175 | Orc:1    | 22175 ||| Stepping randomly (stuck).
 22176 | Orc:1    | 22176 ||| Stepping randomly (stuck).
 22177 | Orc:1    | 22177 ||| Stepping randomly (stuck).
 22178 | Orc:1    | 22178 ||| Stepping randomly (stuck).
 22179 | Orc:1    | 22179 ||| Stepping randomly (stuck).
 22180 | Orc:1    | 22180 ||| Stepping randomly (stuck).
 22181 | Orc:1    | 22181 ||| Stepping randomly (stuck).
 22182 | Orc:1    | 22182 ||| Stepping randomly (stuck).
 22183 | Orc:1    | 22183 ||| Stepping randomly (stuck).
 22184 | Orc:1    | 22184 ||| Stepping randomly (stuck).
 22185 | Orc:1    | 22185 ||| Stepping randomly (stuck).
 22186 | Orc:1    | 22186 ||| Stepping randomly (stuck).
 22187 | Orc:1    | 22187 ||| Stepping randomly (stuck).
 22188 | Orc:1    | 22188 ||| Stepping randomly (stuck).
 22189 | Orc:1    | 22189 ||| Stepping randomly (stuck).
 22190 | Orc:1    | 22190 ||| Stepping randomly (stuck).
 22191 | Orc:1    | 22191 ||| Stepping randomly (stuck).
 22192 | Orc:1    | 22192 ||| Stepping randomly (stuck).
 22193 | Orc:1    | 22193 ||| Stepping randomly (stuck).
 22194 | Orc:1    | 22194 ||| Stepping randomly (stuck).
 22195 | Orc:1    | 22195 ||| Stepping randomly (stuck).
 22196 | Orc:1    | 22196 ||| Stepping randomly (stuck).
 22197 | Orc:1    | 22197 ||| Stepping randomly (stuck).
 22198 | Orc:1    | 22198 ||| Stepping randomly (stuck).
 22199 | Orc:1    | 22199 ||| Stepping randomly (stuck).
 22200 | Orc:1    | 22200 ||| Stepping randomly (stuck).
 22201 | Orc:1    | 22201 ||| Stepping randomly (stuck).
 22202 | Orc:1    | 22202 ||| Stepping randomly (stuck).
 22203 | Orc:1    | 22203 ||| Stepping randomly (stuck).
 22204 | Orc:1    | 22204 ||| Stepping randomly (stuck).
 22205 | Orc:1    | 22205 ||| Stepping randomly (stuck).
 22206 | Orc:1    | 22206 ||| Stepping randomly (stuck).
 22207 | Orc:1    | 22207 ||| Stepping randomly (stuck).
 22208 | Orc:1    | 22208 ||| Stepping randomly (stuck).
 22209 | Orc:1    | 22209 ||| Stepping randomly (stuck).
 22210 | Orc:1    | 22210 ||| Stepping randomly (stuck).
 22211 | Orc:1    | 22211 ||| Stepping randomly (stuck).
 22212 | Orc:1    | 22212 ||| Stepping randomly (stuck).
 22213 | Orc:1    | 22213 ||| Stepping randomly (stuck).
 22214 | Orc:1    | 22214 ||| Stepping randomly (stuck).
 22215 | Orc:1    | 22215 ||| Stepping randomly (stuck).
 22216 | Orc:1    | 22216 ||| Stepping randomly (stuck).
 22217 | Orc:1    | 22217 ||| Stepping randomly (stuck).
 22218 | Orc:1    | 22218 ||| Stepping randomly (stuck).
 22219 | Orc:1    | 22219 ||| Stepping randomly (stuck).
 22220 | Orc:1    | 22220 ||| Stepping randomly (stuck).
 22221 | Orc:1    | 22221 ||| Stepping randomly (stuck).
 22222 | Orc:1    | 22222 ||| Stepping randomly (stuck).
 22223 | Orc:1    | 22223 ||| Stepping randomly (stuck).
 22224 | Orc:1    | 22224 ||| Stepping randomly (stuck).
 22225 | Orc:1    | 22225 ||| Stepping randomly (stuck).
 22226 | Orc:1    | 22226 ||| Stepping randomly (stuck).
 22227 | Orc:1    | 22227 ||| Stepping randomly (stuck).
 22228 | Orc:1    | 22228 ||| Stepping randomly (stuck).
 22229 | Orc:1    | 22229 ||| Stepping randomly (stuck).
 22230 | Orc:1    | 22230 ||| Stepping randomly (stuck).
 22231 | Orc:1    | 22231 ||| Stepping randomly (stuck).
 22232 | Orc:1    | 22232 ||| Stepping randomly (stuck).
 22233 | Orc:1    | 22233 ||| Stepping randomly (stuck).
 22234 | Orc:1    | 22234 ||| Stepping randomly (stuck).
 22235 | Orc:1    | 22235 ||| Stepping randomly (stuck).
 22236 | Orc:1    | 22236 ||| Stepping randomly (stuck).
 22237 | Orc:1    | 22237 ||| Stepping randomly (stuck).
 22238 | Orc:1    | 22238 ||| Stepping randomly (stuck).
 22239 | Orc:1    | 22239 ||| Stepping randomly (stuck).
 22240 | Orc:1    | 22240 ||| Stepping randomly (stuck).
 22241 | Orc:1    | 22241 ||| Stepping randomly (stuck).
 22242 | Orc:1    | 22242 ||| Stepping randomly (stuck).
 22243 | Orc:1    | 22243 ||| Stepping randomly (stuck).
 22244 | Orc:1    | 22244 ||| Stepping randomly (stuck).
 22245 | Orc:1    | 22245 ||| Stepping randomly (stuck).
 22246 | Orc:1    | 22246 ||| Stepping randomly (stuck).
 22247 | Orc:1    | 22247 ||| Stepping randomly (stuck).
 22248 | Orc:1    | 22248 ||| Stepping randomly (stuck).
 22249 | Orc:1    | 22249 ||| Stepping randomly (stuck).
 22250 | Orc:1    | 22250 ||| Stepping randomly (stuck).
 22251 | Orc:1    | 22251 ||| Stepping randomly (stuck).
 22252 | Orc:1    | 22252 ||| Stepping randomly (stuck).
 22253 | Orc:1    | 22253 ||| Stepping randomly (stuck).
 22254 | Orc:1    | 22254 ||| Stepping randomly (stuck).
 22255 | Orc:1    | 22255 ||| Stepping randomly (stuck).
 22256 | Orc:1    | 22256 ||| Stepping randomly (stuck).
 22257 | Orc:1    | 22257 ||| Stepping randomly (stuck).
 22258 | Orc:1    | 22258 ||| Stepping randomly (stuck).
 22259 | Orc:1    | 22259 ||| Stepping randomly (stuck).
 22260 | Orc:1    | 22260 ||| Stepping randomly (stuck).
 22261 | Orc:1    | 22261 ||| Stepping randomly (stuck).
 22262 | Orc:1    | 22262 ||| Stepping randomly (stuck).
 22263 | Orc:1    | 22263 ||| Stepping randomly (stuck).
 22264 | Orc:1    | 22264 ||| Stepping randomly (stuck).
 22265 | Orc:1    | 22265 ||| Stepping randomly (stuck).
 22266 | Orc:1    | 22266 ||| Stepping randomly (stuck).
 22267 | Orc:1    | 22267 ||| Stepping randomly (stuck).
 22268 | Orc:1    | 22268 ||| Stepping randomly (stuck).
 22269 | Orc:1    | 22269 ||| Stepping randomly (stuck).
 22270 | Orc:1    | 22270 ||| Stepping randomly (stuck).
 22271 | Orc:1    | 22271 ||| Stepping randomly (stuck).
 22272 | Orc:1    | 22272 ||| Stepping randomly (stuck).
 22273 | Orc:1    | 22273 ||| Stepping randomly (stuck).
 22274 | Orc:1    | 22274 ||| Stepping randomly (stuck).
 22275 | Orc:1    | 22275 ||| Stepping randomly (stuck).
 22276 | Orc:1    | 22276 ||| Stepping randomly (stuck).
 22277 | Orc:1    | 22277 ||| Stepping randomly (stuck).
 22278 | Orc:1    | 22278 ||| Stepping randomly (stuck).
 22279 | Orc:1    | 22279 ||| Stepping randomly (stuck).
 22280 | Orc:1    | 22280 ||| Stepping randomly (stuck).
 22281 | Orc:1    | 22281 ||| Stepping randomly (stuck).
 22282 | Orc:1    | 22282 ||| Stepping randomly (stuck).
 22283 | Orc:1    | 22283 ||| Stepping randomly (stuck).
 22284 | Orc:1    | 22284 ||| Stepping randomly (stuck).
 22285 | Orc:1    | 22285 ||| Stepping randomly (stuck).
 22286 | Orc:1    | 22286 ||| Stepping randomly (stuck).
 22287 | Orc:1    | 22287 ||| Stepping randomly (stuck).
 22288 | Orc:1    | 22288 ||| Stepping randomly (stuck).
 22289 | Orc:1    | 22289 ||| Stepping randomly (stuck).
 22290 | Orc:1    | 22290 ||| Stepping randomly (stuck).
 22291 | Orc:1    | 22291 ||| Stepping randomly (stuck).
 22292 | Orc:1    | 22292 ||| Stepping randomly (stuck).
 22293 | Orc:1    | 22293 ||| Stepping randomly (stuck).
 22294 | Orc:1    | 22294 ||| Stepping randomly (stuck).
 22295 | Orc:1    | 22295 ||| Stepping randomly (stuck).
 22296 | Orc:1    | 22296 ||| Stepping randomly (stuck).
 22297 | Orc:1    | 22297 ||| Stepping randomly (stuck).
 22298 | Orc:1    | 22298 ||| Stepping randomly (stuck).
 22299 | Orc:1    | 22299 ||| Stepping randomly (stuck).
 22300 | Orc:1    | 22300 ||| Stepping randomly (stuck).
 22301 | Orc:1    | 22301 ||| Stepping randomly (stuck).
 22302 | Orc:1    | 22302 ||| EATING 14 fruits.
 22303 | Orc:1    | 22303 ||| Stepping randomly (stuck).
 22304 | Orc:1    | 22304 ||| Stepping randomly (stuck).
 22305 | Orc:1    | 22305 ||| Stepping randomly (stuck).
 22306 | Orc:1    | 22306 ||| Stepping randomly (stuck).
 22307 | Orc:1    | 22307 ||| Stepping randomly (stuck).
 22308 | Orc:1    | 22308 ||| Stepping randomly (stuck).
 22309 | Orc:1    | 22309 ||| Stepping randomly (stuck).
 22310 | Orc:1    | 22310 ||| Stepping randomly (stuck).
 22311 | Orc:1    | 22311 ||| Stepping randomly (stuck).
 22312 | Orc:1    | 22312 ||| Stepping randomly (stuck).
 22313 | Orc:1    | 22313 ||| Stepping randomly (stuck).
 22314 | Orc:1    | 22314 ||| Stepping randomly (stuck).
 22315 | Orc:1    | 22315 ||| Stepping randomly (stuck).
 22316 | Orc:1    | 22316 ||| Stepping randomly (stuck).
 22317 | Orc:1    | 22317 ||| Stepping randomly (stuck).
 22318 | Orc:1    | 22318 ||| Stepping randomly (stuck).
 22319 | Orc:1    | 22319 ||| Stepping randomly (stuck).
 22320 | Orc:1    | 22320 ||| Stepping randomly (stuck).
 22321 | Orc:1    | 22321 ||| Stepping randomly (stuck).
 22322 | Orc:1    | 22322 ||| Stepping randomly (stuck).
 22323 | Orc:1    | 22323 ||| Stepping randomly (stuck).
 22324 | Orc:1    | 22324 ||| Stepping randomly (stuck).
 22325 | Orc:1    | 22325 ||| Stepping randomly (stuck).
 22326 | Orc:1    | 22326 ||| Stepping randomly (stuck).
 22327 | Orc:1    | 22327 ||| Stepping randomly (stuck).
 22328 | Orc:1    | 22328 ||| Stepping randomly (stuck).
 22329 | Orc:1    | 22329 ||| Stepping randomly (stuck).
 22330 | Orc:1    | 22330 ||| Stepping randomly (stuck).
 22331 | Orc:1    | 22331 ||| Stepping randomly (stuck).
 22332 | Orc:1    | 22332 ||| Stepping randomly (stuck).
 22333 | Orc:1    | 22333 ||| Stepping randomly (stuck).
 22334 | Orc:1    | 22334 ||| Stepping randomly (stuck).
 22335 | Orc:1    | 22335 ||| Stepping randomly (stuck).
 22336 | Orc:1    | 22336 ||| Stepping randomly (stuck).
 22337 | Orc:1    | 22337 ||| Stepping randomly (stuck).
 22338 | Orc:1    | 22338 ||| Stepping randomly (stuck).
 22339 | Orc:1    | 22339 ||| Stepping randomly (stuck).
 22340 | Orc:1    | 22340 ||| Stepping randomly (stuck).
 22341 | Orc:1    | 22341 ||| Stepping randomly (stuck).
 22342 | Orc:1    | 22342 ||| Stepping randomly (stuck).
 22343 | Orc:1    | 22343 ||| Stepping randomly (stuck).
 22344 | Orc:1    | 22344 ||| Stepping randomly (stuck).
 22345 | Orc:1    | 22345 ||| Stepping randomly (stuck).
 22346 | Orc:1    | 22346 ||| Stepping randomly (stuck).
 22347 | Orc:1    | 22347 ||| Stepping randomly (stuck).
 22348 | Orc:1    | 22348 ||| Stepping randomly (stuck).
 22349 | Orc:1    | 22349 ||| Stepping randomly (stuck).
 22350 | Orc:1    | 22350 ||| Stepping randomly (stuck).
 22351 | Orc:1    | 22351 ||| Stepping randomly (stuck).
 22352 | Orc:1    | 22352 ||| Stepping randomly (stuck).
 22353 | Orc:1    | 22353 ||| Stepping randomly (stuck).
 22354 | Orc:1    | 22354 ||| Stepping randomly (stuck).
 22355 | Orc:1    | 22355 ||| Stepping randomly (stuck).
 22356 | Orc:1    | 22356 ||| Stepping randomly (stuck).
 22357 | Orc:1    | 22357 ||| Stepping randomly (stuck).
 22358 | Orc:1    | 22358 ||| Stepping randomly (stuck).
 22359 | Orc:1    | 22359 ||| Stepping randomly (stuck).
 22360 | Orc:1    | 22360 ||| Stepping randomly (stuck).
 22361 | Orc:1    | 22361 ||| Stepping randomly (stuck).
 22362 | Orc:1    | 22362 ||| Stepping randomly (stuck).
 22363 | Orc:1    | 22363 ||| Stepping randomly (stuck).
 22364 | Orc:1    | 22364 ||| Stepping randomly (stuck).
 22365 | Orc:1    | 22365 ||| Stepping randomly (stuck).
 22366 | Orc:1    | 22366 ||| Stepping randomly (stuck).
 22367 | Orc:1    | 22367 ||| Stepping randomly (stuck).
 22368 | Orc:1    | 22368 ||| Stepping randomly (stuck).
 22369 | Orc:1    | 22369 ||| Stepping randomly (stuck).
 22370 | Orc:1    | 22370 ||| Stepping randomly (stuck).
 22371 | Orc:1    | 22371 ||| Stepping randomly (stuck).
 22372 | Orc:1    | 22372 ||| Stepping randomly (stuck).
 22373 | Orc:1    | 22373 ||| Stepping randomly (stuck).
 22374 | Orc:1    | 22374 ||| Stepping randomly (stuck).
 22375 | Orc:1    | 22375 ||| Stepping randomly (stuck).
 22376 | Orc:1    | 22376 ||| Stepping randomly (stuck).
 22377 | Orc:1    | 22377 ||| Stepping randomly (stuck).
 22378 | Orc:1    | 22378 ||| Stepping randomly (stuck).
 22379 | Orc:1    | 22379 ||| Stepping randomly (stuck).
 22380 | Orc:1    | 22380 ||| Stepping randomly (stuck).
 22381 | Orc:1    | 22381 ||| Stepping randomly (stuck).
 22382 | Orc:1    | 22382 ||| Stepping randomly (stuck).
 22383 | Orc:1    | 22383 ||| Stepping randomly (stuck).
 22384 | Orc:1    | 22384 ||| Stepping randomly (stuck).
 22385 | Orc:1    | 22385 ||| Stepping randomly (stuck).
 22386 | Orc:1    | 22386 ||| Stepping randomly (stuck).
 22387 | Orc:1    | 22387 ||| Stepping randomly (stuck).
 22388 | Orc:1    | 22388 ||| Stepping randomly (stuck).
 22389 | Orc:1    | 22389 ||| Stepping randomly (stuck).
 22390 | Orc:1    | 22390 ||| Stepping randomly (stuck).
 22391 | Orc:1    | 22391 ||| Stepping randomly (stuck).
 22392 | Orc:1    | 22392 ||| Stepping randomly (stuck).
 22393 | Orc:1    | 22393 ||| Stepping randomly (stuck).
 22394 | Orc:1    | 22394 ||| Stepping randomly (stuck).
 22395 | Orc:1    | 22395 ||| Stepping randomly (stuck).
 22396 | Orc:1    | 22396 ||| Stepping randomly (stuck).
 22397 | Orc:1    | 22397 ||| Stepping randomly (stuck).
 22398 | Orc:1    | 22398 ||| Stepping randomly (stuck).
 22399 | Orc:1    | 22399 ||| Stepping randomly (stuck).
 22400 | Orc:1    | 22400 ||| Stepping randomly (stuck).
 22401 | Orc:1    | 22401 ||| Stepping randomly (stuck).
 22402 | Orc:1    | 22402 ||| Stepping randomly (stuck).
 22403 | Orc:1    | 22403 ||| Stepping randomly (stuck).
 22404 | Orc:1    | 22404 ||| Stepping randomly (stuck).
 22405 | Orc:1    | 22405 ||| Stepping randomly (stuck).
 22406 | Orc:1    | 22406 ||| Stepping randomly (stuck).
 22407 | Orc:1    | 22407 ||| Stepping randomly (stuck).
 22408 | Orc:1    | 22408 ||| Stepping randomly (stuck).
 22409 | Orc:1    | 22409 ||| Stepping randomly (stuck).
 22410 | Orc:1    | 22410 ||| Stepping randomly (stuck).
 22411 | Orc:1    | 22411 ||| Stepping randomly (stuck).
 22412 | Orc:1    | 22412 ||| Stepping randomly (stuck).
 22413 | Orc:1    | 22413 ||| Stepping randomly (stuck).
 22414 | Orc:1    | 22414 ||| Stepping randomly (stuck).
 22415 | Orc:1    | 22415 ||| Stepping randomly (stuck).
 22416 | Orc:1    | 22416 ||| Stepping randomly (stuck).
 22417 | Orc:1    | 22417 ||| Stepping randomly (stuck).
 22418 | Orc:1    | 22418 ||| Stepping randomly (stuck).
 22419 | Orc:1    | 22419 ||| Stepping randomly (stuck).
 22420 | Orc:1    | 22420 ||| Stepping randomly (stuck).
 22421 | Orc:1    | 22421 ||| Stepping randomly (stuck).
 22422 | Orc:1    | 22422 ||| Stepping randomly (stuck).
 22423 | Orc:1    | 22423 ||| Stepping randomly (stuck).
 22424 | Orc:1    | 22424 ||| Stepping randomly (stuck).
 22425 | Orc:1    | 22425 ||| Stepping randomly (stuck).
 22426 | Orc:1    | 22426 ||| Stepping randomly (stuck).
 22427 | Orc:1    | 22427 ||| Stepping randomly (stuck).
 22428 | Orc:1    | 22428 ||| Stepping randomly (stuck).
 22429 | Orc:1    | 22429 ||| Stepping randomly (stuck).
 22430 | Orc:1    | 22430 ||| Stepping randomly (stuck).
 22431 | Orc:1    | 22431 ||| Stepping randomly (stuck).
 22432 | Orc:1    | 22432 ||| Stepping randomly (stuck).
 22433 | Orc:1    | 22433 ||| Stepping randomly (stuck).
 22434 | Orc:1    | 22434 ||| Stepping randomly (stuck).
 22435 | Orc:1    | 22435 ||| Stepping randomly (stuck).
 22436 | Orc:1    | 22436 ||| Stepping randomly (stuck).
 22437 | Orc:1    | 22437 ||| Stepping randomly (stuck).
 22438 | Orc:1    | 22438 ||| Stepping randomly (stuck).
 22439 | Orc:1    | 22439 ||| Stepping randomly (stuck).
 22440 | Orc:1    | 22440 ||| Stepping randomly (stuck).
 22441 | Orc:1    | 22441 ||| Stepping randomly (stuck).
 22442 | Orc:1    | 22442 ||| Stepping randomly (stuck).
 22443 | Orc:1    | 22443 ||| Stepping randomly (stuck).
 22444 | Orc:1    | 22444 ||| Stepping randomly (stuck).
 22445 | Orc:1    | 22445 ||| Stepping randomly (stuck).
 22446 | Orc:1    | 22446 ||| Stepping randomly (stuck).
 22447 | Orc:1    | 22447 ||| Stepping randomly (stuck).
 22448 | Orc:1    | 22448 ||| Stepping randomly (stuck).
 22449 | Orc:1    | 22449 ||| Stepping randomly (stuck).
 22450 | Orc:1    | 22450 ||| Stepping randomly (stuck).
 22451 | Orc:1    | 22451 ||| Stepping randomly (stuck).
 22452 | Orc:1    | 22452 ||| Stepping randomly (stuck).
 22453 | Orc:1    | 22453 ||| Stepping randomly (stuck).
 22454 | Orc:1    | 22454 ||| Stepping randomly (stuck).
 22455 | Orc:1    | 22455 ||| Stepping randomly (stuck).
 22456 | Orc:1    | 22456 ||| Stepping randomly (stuck).
 22457 | Orc:1    | 22457 ||| Stepping randomly (stuck).
 22458 | Orc:1    | 22458 ||| Stepping randomly (stuck).
 22459 | Orc:1    | 22459 ||| Stepping randomly (stuck).
 22460 | Orc:1    | 22460 ||| Stepping randomly (stuck).
 22461 | Orc:1    | 22461 ||| Stepping randomly (stuck).
 22462 | Orc:1    | 22462 ||| Stepping randomly (stuck).
 22463 | Orc:1    | 22463 ||| Stepping randomly (stuck).
 22464 | Orc:1    | 22464 ||| Stepping randomly (stuck).
 22465 | Orc:1    | 22465 ||| Stepping randomly (stuck).
 22466 | Orc:1    | 22466 ||| Stepping randomly (stuck).
 22467 | Orc:1    | 22467 ||| Stepping randomly (stuck).
 22468 | Orc:1    | 22468 ||| Stepping randomly (stuck).
 22469 | Orc:1    | 22469 ||| Stepping randomly (stuck).
 22470 | Orc:1    | 22470 ||| Stepping randomly (stuck).
 22471 | Orc:1    | 22471 ||| Stepping randomly (stuck).
 22472 | Orc:1    | 22472 ||| Stepping randomly (stuck).
 22473 | Orc:1    | 22473 ||| Stepping randomly (stuck).
 22474 | Orc:1    | 22474 ||| Stepping randomly (stuck).
 22475 | Orc:1    | 22475 ||| Stepping randomly (stuck).
 22476 | Orc:1    | 22476 ||| Stepping randomly (stuck).
 22477 | Orc:1    | 22477 ||| Stepping randomly (stuck).
 22478 | Orc:1    | 22478 ||| Stepping randomly (stuck).
 22479 | Orc:1    | 22479 ||| Stepping randomly (stuck).
 22480 | Orc:1    | 22480 ||| Stepping randomly (stuck).
 22481 | Orc:1    | 22481 ||| Stepping randomly (stuck).
 22482 | Orc:1    | 22482 ||| Stepping randomly (stuck).
 22483 | Orc:1    | 22483 ||| Stepping randomly (stuck).
 22484 | Orc:1    | 22484 ||| Stepping randomly (stuck).
 22485 | Orc:1    | 22485 ||| Stepping randomly (stuck).
 22486 | Orc:1    | 22486 ||| Stepping randomly (stuck).
 22487 | Orc:1    | 22487 ||| Stepping randomly (stuck).
 22488 | Orc:1    | 22488 ||| Stepping randomly (stuck).
 22489 | Orc:1    | 22489 ||| Stepping randomly (stuck).
 22490 | Orc:1    | 22490 ||| Stepping randomly (stuck).
 22491 | Orc:1    | 22491 ||| Stepping randomly (stuck).
 22492 | Orc:1    | 22492 ||| Stepping randomly (stuck).
 22493 | Orc:1    | 22493 ||| Stepping randomly (stuck).
 22494 | Orc:1    | 22494 ||| Stepping randomly (stuck).
 22495 | Orc:1    | 22495 ||| Stepping randomly (stuck).
 22496 | Orc:1    | 22496 ||| Stepping randomly (stuck).
 22497 | Orc:1    | 22497 ||| Stepping randomly (stuck).
 22498 | Orc:1    | 22498 ||| Stepping randomly (stuck).
 22499 | Orc:1    | 22499 ||| Stepping randomly (stuck).
 22500 | Orc:1    | 22500 ||| Stepping randomly (stuck).
 22501 | Orc:1    | 22501 ||| Stepping randomly (stuck).
 22502 | Orc:1    | 22502 ||| Stepping randomly (stuck).
 22503 | Orc:1    | 22503 ||| Stepping randomly (stuck).
 22504 | Orc:1    | 22504 ||| Stepping randomly (stuck).
 22505 | Orc:1    | 22505 ||| Stepping randomly (stuck).
 22506 | Orc:1    | 22506 ||| Stepping randomly (stuck).
 22507 | Orc:1    | 22507 ||| Stepping randomly (stuck).
 22508 | Orc:1    | 22508 ||| Stepping randomly (stuck).
 22509 | Orc:1    | 22509 ||| Stepping randomly (stuck).
 22510 | Orc:1    | 22510 ||| Stepping randomly (stuck).
 22511 | Orc:1    | 22511 ||| Stepping randomly (stuck).
 22512 | Orc:1    | 22512 ||| Stepping randomly (stuck).
 22513 | Orc:1    | 22513 ||| Stepping randomly (stuck).
 22514 | Orc:1    | 22514 ||| Stepping randomly (stuck).
 22515 | Orc:1    | 22515 ||| Stepping randomly (stuck).
 22516 | Orc:1    | 22516 ||| Stepping randomly (stuck).
 22517 | Orc:1    | 22517 ||| Stepping randomly (stuck).
 22518 | Orc:1    | 22518 ||| Stepping randomly (stuck).
 22519 | Orc:1    | 22519 ||| Stepping randomly (stuck).
 22520 | Orc:1    | 22520 ||| Stepping randomly (stuck).
 22521 | Orc:1    | 22521 ||| Stepping randomly (stuck).
 22522 | Orc:1    | 22522 ||| Stepping randomly (stuck).
 22523 | Orc:1    | 22523 ||| Stepping randomly (stuck).
 22524 | Orc:1    | 22524 ||| Stepping randomly (stuck).
 22525 | Orc:1    | 22525 ||| Stepping randomly (stuck).
 22526 | Orc:1    | 22526 ||| Stepping randomly (stuck).
 22527 | Orc:1    | 22527 ||| Stepping randomly (stuck).
 22528 | Orc:1    | 22528 ||| Stepping randomly (stuck).
 22529 | Orc:1    | 22529 ||| Stepping randomly (stuck).
 22530 | Orc:1    | 22530 ||| Stepping randomly (stuck).
 22531 | Orc:1    | 22531 ||| Stepping randomly (stuck).
 22532 | Orc:1    | 22532 ||| Stepping randomly (stuck).
 22533 | Orc:1    | 22533 ||| Stepping randomly (stuck).
 22534 | Orc:1    | 22534 ||| Stepping randomly (stuck).
 22535 | Orc:1    | 22535 ||| Stepping randomly (stuck).
 22536 | Orc:1    | 22536 ||| Stepping randomly (stuck).
 22537 | Orc:1    | 22537 ||| Stepping randomly (stuck).
 22538 | Orc:1    | 22538 ||| Stepping randomly (stuck).
 22539 | Orc:1    | 22539 ||| Stepping randomly (stuck).
 22540 | Orc:1    | 22540 ||| Stepping randomly (stuck).
 22541 | Orc:1    | 22541 ||| Stepping randomly (stuck).
 22542 | Orc:1    | 22542 ||| Stepping randomly (stuck).
 22543 | Orc:1    | 22543 ||| Stepping randomly (stuck).
 22544 | Orc:1    | 22544 ||| Stepping randomly (stuck).
 22545 | Orc:1    | 22545 ||| Stepping randomly (stuck).
 22546 | Orc:1    | 22546 ||| Stepping randomly (stuck).
 22547 | Orc:1    | 22547 ||| Stepping randomly (stuck).
 22548 | Orc:1    | 22548 ||| Stepping randomly (stuck).
 22549 | Orc:1    | 22549 ||| Stepping randomly (stuck).
 22550 | Orc:1    | 22550 ||| Stepping randomly (stuck).
 22551 | Orc:1    | 22551 ||| Stepping randomly (stuck).
 22552 | Orc:1    | 22552 ||| Stepping randomly (stuck).
 22553 | Orc:1    | 22553 ||| Stepping randomly (stuck).
 22554 | Orc:1    | 22554 ||| Stepping randomly (stuck).
 22555 | Orc:1    | 22555 ||| Stepping randomly (stuck).
 22556 | Orc:1    | 22556 ||| Stepping randomly (stuck).
 22557 | Orc:1    | 22557 ||| Stepping randomly (stuck).
 22558 | Orc:1    | 22558 ||| Stepping randomly (stuck).
 22559 | Orc:1    | 22559 ||| Stepping randomly (stuck).
 22560 | Orc:1    | 22560 ||| Stepping randomly (stuck).
 22561 | Orc:1    | 22561 ||| Stepping randomly (stuck).
 22562 | Orc:1    | 22562 ||| Stepping randomly (stuck).
 22563 | Orc:1    | 22563 ||| Stepping randomly (stuck).
 22564 | Orc:1    | 22564 ||| Stepping randomly (stuck).
 22565 | Orc:1    | 22565 ||| Stepping randomly (stuck).
 22566 | Orc:1    | 22566 ||| Stepping randomly (stuck).
 22567 | Orc:1    | 22567 ||| Stepping randomly (stuck).
 22568 | Orc:1    | 22568 ||| Stepping randomly (stuck).
 22569 | Orc:1    | 22569 ||| Stepping randomly (stuck).
 22570 | Orc:1    | 22570 ||| Stepping randomly (stuck).
 22571 | Orc:1    | 22571 ||| Stepping randomly (stuck).
 22572 | Orc:1    | 22572 ||| Stepping randomly (stuck).
 22573 | Orc:1    | 22573 ||| Stepping randomly (stuck).
 22574 | Orc:1    | 22574 ||| Stepping randomly (stuck).
 22575 | Orc:1    | 22575 ||| Stepping randomly (stuck).
 22576 | Orc:1    | 22576 ||| Stepping randomly (stuck).
 22577 | Orc:1    | 22577 ||| Stepping randomly (stuck).
 22578 | Orc:1    | 22578 ||| Stepping randomly (stuck).
 22579 | Orc:1    | 22579 ||| Stepping randomly (stuck).
 22580 | Orc:1    | 22580 ||| Stepping randomly (stuck).
 22581 | Orc:1    | 22581 ||| Stepping randomly (stuck).
 22582 | Orc:1    | 22582 ||| Stepping randomly (stuck).
 22583 | Orc:1    | 22583 ||| Stepping randomly (stuck).
 22584 | Orc:1    | 22584 ||| Stepping randomly (stuck).
 22585 | Orc:1    | 22585 ||| EATING 2 slices of pizza.
 22586 | Orc:1    | 22586 ||| Stepping randomly (stuck).
 22587 | Orc:1    | 22587 ||| Stepping randomly (stuck).
 22588 | Orc:1    | 22588 ||| Stepping randomly (stuck).
 22589 | Orc:1    | 22589 ||| Stepping randomly (stuck).
 22590 | Orc:1    | 22590 ||| Stepping randomly (stuck).
 22591 | Orc:1    | 22591 ||| Stepping randomly (stuck).
 22592 | Orc:1    | 22592 ||| Stepping randomly (stuck).
 22593 | Orc:1    | 22593 ||| Stepping randomly (stuck).
 22594 | Orc:1    | 22594 ||| Stepping randomly (stuck).
 22595 | Orc:1    | 22595 ||| Stepping randomly (stuck).
 22596 | Orc:1    | 22596 ||| Stepping randomly (stuck).
 22597 | Orc:1    | 22597 ||| Stepping randomly (stuck).
 22598 | Orc:1    | 22598 ||| Stepping randomly (stuck).
 22599 | Orc:1    | 22599 ||| Stepping randomly (stuck).
 22600 | Orc:1    | 22600 ||| Stepping randomly (stuck).
 22601 | Orc:1    | 22601 ||| Stepping randomly (stuck).
 22602 | Orc:1    | 22602 ||| Stepping randomly (stuck).
 22603 | Orc:1    | 22603 ||| Stepping randomly (stuck).
 22604 | Orc:1    | 22604 ||| Stepping randomly (stuck).
 22605 | Orc:1    | 22605 ||| Stepping randomly (stuck).
 22606 | Orc:1    | 22606 ||| Stepping randomly (stuck).
 22607 | Orc:1    | 22607 ||| Stepping randomly (stuck).
 22608 | Orc:1    | 22608 ||| Stepping randomly (stuck).
 22609 | Orc:1    | 22609 ||| Stepping randomly (stuck).
 22610 | Orc:1    | 22610 ||| Stepping randomly (stuck).
 22611 | Orc:1    | 22611 ||| Stepping randomly (stuck).
 22612 | Orc:1    | 22612 ||| Stepping randomly (stuck).
 22613 | Orc:1    | 22613 ||| Stepping randomly (stuck).
 22614 | Orc:1    | 22614 ||| Stepping randomly (stuck).
 22615 | Orc:1    | 22615 ||| Stepping randomly (stuck).
 22616 | Orc:1    | 22616 ||| Stepping randomly (stuck).
 22617 | Orc:1    | 22617 ||| Stepping randomly (stuck).
 22618 | Orc:1    | 22618 ||| Stepping randomly (stuck).
 22619 | Orc:1    | 22619 ||| Stepping randomly (stuck).
 22620 | Orc:1    | 22620 ||| Stepping randomly (stuck).
 22621 | Orc:1    | 22621 ||| Stepping randomly (stuck).
 22622 | Orc:1    | 22622 ||| Stepping randomly (stuck).
 22623 | Orc:1    | 22623 ||| Stepping randomly (stuck).
 22624 | Orc:1    | 22624 ||| Stepping randomly (stuck).
 22625 | Orc:1    | 22625 ||| Stepping randomly (stuck).
 22626 | Orc:1    | 22626 ||| Stepping randomly (stuck).
 22627 | Orc:1    | 22627 ||| Stepping randomly (stuck).
 22628 | Orc:1    | 22628 ||| Stepping randomly (stuck).
 22629 | Orc:1    | 22629 ||| Stepping randomly (stuck).
 22630 | Orc:1    | 22630 ||| Stepping randomly (stuck).
 22631 | Orc:1    | 22631 ||| Stepping randomly (stuck).
 22632 | Orc:1    | 22632 ||| Stepping randomly (stuck).
 22633 | Orc:1    | 22633 ||| Stepping randomly (stuck).
 22634 | Orc:1    | 22634 ||| Stepping randomly (stuck).
 22635 | Orc:1    | 22635 ||| Stepping randomly (stuck).
 22636 | Orc:1    | 22636 ||| Stepping randomly (stuck).
 22637 | Orc:1    | 22637 ||| Stepping randomly (stuck).
 22638 | Orc:1    | 22638 ||| Stepping randomly (stuck).
 22639 | Orc:1    | 22639 ||| Stepping randomly (stuck).
 22640 | Orc:1    | 22640 ||| Stepping randomly (stuck).
 22641 | Orc:1    | 22641 ||| Stepping randomly (stuck).
 22642 | Orc:1    | 22642 ||| Stepping randomly (stuck).
 22643 | Orc:1    | 22643 ||| Stepping randomly (stuck).
 22644 | Orc:1    | 22644 ||| Stepping randomly (stuck).
 22645 | Orc:1    | 22645 ||| Stepping randomly (stuck).
 22646 | Orc:1    | 22646 ||| Stepping randomly (stuck).
 22647 | Orc:1    | 22647 ||| Stepping randomly (stuck).
 22648 | Orc:1    | 22648 ||| Stepping randomly (stuck).
 22649 | Orc:1    | 22649 ||| Stepping randomly (stuck).
 22650 | Orc:1    | 22650 ||| Stepping randomly (stuck).
 22651 | Orc:1    | 22651 ||| Stepping randomly (stuck).
 22652 | Orc:1    | 22652 ||| Stepping randomly (stuck).
 22653 | Orc:1    | 22653 ||| Stepping randomly (stuck).
 22654 | Orc:1    | 22654 ||| Stepping randomly (stuck).
 22655 | Orc:1    | 22655 ||| Stepping randomly (stuck).
 22656 | Orc:1    | 22656 ||| Stepping randomly (stuck).
 22657 | Orc:1    | 22657 ||| Stepping randomly (stuck).
 22658 | Orc:1    | 22658 ||| Stepping randomly (stuck).
 22659 | Orc:1    | 22659 ||| Stepping randomly (stuck).
 22660 | Orc:1    | 22660 ||| Stepping randomly (stuck).
 22661 | Orc:1    | 22661 ||| Stepping randomly (stuck).
 22662 | Orc:1    | 22662 ||| Stepping randomly (stuck).
 22663 | Orc:1    | 22663 ||| Stepping randomly (stuck).
 22664 | Orc:1    | 22664 ||| Stepping randomly (stuck).
 22665 | Orc:1    | 22665 ||| Stepping randomly (stuck).
 22666 | Orc:1    | 22666 ||| Stepping randomly (stuck).
 22667 | Orc:1    | 22667 ||| Stepping randomly (stuck).
 22668 | Orc:1    | 22668 ||| Stepping randomly (stuck).
 22669 | Orc:1    | 22669 ||| Stepping randomly (stuck).
 22670 | Orc:1    | 22670 ||| Stepping randomly (stuck).
 22671 | Orc:1    | 22671 ||| Stepping randomly (stuck).
 22672 | Orc:1    | 22672 ||| Stepping randomly (stuck).
 22673 | Orc:1    | 22673 ||| Stepping randomly (stuck).
 22674 | Orc:1    | 22674 ||| Stepping randomly (stuck).
 22675 | Orc:1    | 22675 ||| Stepping randomly (stuck).
 22676 | Orc:1    | 22676 ||| Stepping randomly (stuck).
 22677 | Orc:1    | 22677 ||| Stepping randomly (stuck).
 22678 | Orc:1    | 22678 ||| Stepping randomly (stuck).
 22679 | Orc:1    | 22679 ||| Stepping randomly (stuck).
 22680 | Orc:1    | 22680 ||| Stepping randomly (stuck).
 22681 | Orc:1    | 22681 ||| Stepping randomly (stuck).
 22682 | Orc:1    | 22682 ||| Stepping randomly (stuck).
 22683 | Orc:1    | 22683 ||| Stepping randomly (stuck).
 22684 | Orc:1    | 22684 ||| Stepping randomly (stuck).
 22685 | Orc:1    | 22685 ||| Stepping randomly (stuck).
 22686 | Orc:1    | 22686 ||| Stepping randomly (stuck).
 22687 | Orc:1    | 22687 ||| Stepping randomly (stuck).
 22688 | Orc:1    | 22688 ||| Stepping randomly (stuck).
 22689 | Orc:1    | 22689 ||| Stepping randomly (stuck).
 22690 | Orc:1    | 22690 ||| Stepping randomly (stuck).
 22691 | Orc:1    | 22691 ||| Stepping randomly (stuck).
 22692 | Orc:1    | 22692 ||| Stepping randomly (stuck).
 22693 | Orc:1    | 22693 ||| Stepping randomly (stuck).
 22694 | Orc:1    | 22694 ||| Stepping randomly (stuck).
 22695 | Orc:1    | 22695 ||| Stepping randomly (stuck).
 22696 | Orc:1    | 22696 ||| Stepping randomly (stuck).
 22697 | Orc:1    | 22697 ||| Stepping randomly (stuck).
 22698 | Orc:1    | 22698 ||| Stepping randomly (stuck).
 22699 | Orc:1    | 22699 ||| Stepping randomly (stuck).
 22700 | Orc:1    | 22700 ||| Stepping randomly (stuck).
 22701 | Orc:1    | 22701 ||| Stepping randomly (stuck).
 22702 | Orc:1    | 22702 ||| Stepping randomly (stuck).
 22703 | Orc:1    | 22703 ||| Stepping randomly (stuck).
 22704 | Orc:1    | 22704 ||| Stepping randomly (stuck).
 22705 | Orc:1    | 22705 ||| Stepping randomly (stuck).
 22706 | Orc:1    | 22706 ||| Stepping randomly (stuck).
 22707 | Orc:1    | 22707 ||| Stepping randomly (stuck).
 22708 | Orc:1    | 22708 ||| Stepping randomly (stuck).
 22709 | Orc:1    | 22709 ||| Stepping randomly (stuck).
 22710 | Orc:1    | 22710 ||| Stepping randomly (stuck).
 22711 | Orc:1    | 22711 ||| Stepping randomly (stuck).
 22712 | Orc:1    | 22712 ||| Stepping randomly (stuck).
 22713 | Orc:1    | 22713 ||| Stepping randomly (stuck).
 22714 | Orc:1    | 22714 ||| Stepping randomly (stuck).
 22715 | Orc:1    | 22715 ||| Stepping randomly (stuck).
 22716 | Orc:1    | 22716 ||| Stepping randomly (stuck).
 22717 | Orc:1    | 22717 ||| Stepping randomly (stuck).
 22718 | Orc:1    | 22718 ||| Stepping randomly (stuck).
 22719 | Orc:1    | 22719 ||| Stepping randomly (stuck).
 22720 | Orc:1    | 22720 ||| Stepping randomly (stuck).
 22721 | Orc:1    | 22721 ||| Stepping randomly (stuck).
 22722 | Orc:1    | 22722 ||| Stepping randomly (stuck).
 22723 | Orc:1    | 22723 ||| Stepping randomly (stuck).
 22724 | Orc:1    | 22724 ||| Stepping randomly (stuck).
 22725 | Orc:1    | 22725 ||| Stepping randomly (stuck).
 22726 | Orc:1    | 22726 ||| Stepping randomly (stuck).
 22727 | Orc:1    | 22727 ||| Stepping randomly (stuck).
 22728 | Orc:1    | 22728 ||| Stepping randomly (stuck).
 22729 | Orc:1    | 22729 ||| Stepping randomly (stuck).
 22730 | Orc:1    | 22730 ||| Stepping randomly (stuck).
 22731 | Orc:1    | 22731 ||| Stepping randomly (stuck).
 22732 | Orc:1    | 22732 ||| Stepping randomly (stuck).
 22733 | Orc:1    | 22733 ||| Stepping randomly (stuck).
 22734 | Orc:1    | 22734 ||| Stepping randomly (stuck).
 22735 | Orc:1    | 22735 ||| Stepping randomly (stuck).
 22736 | Orc:1    | 22736 ||| Stepping randomly (stuck).
 22737 | Orc:1    | 22737 ||| Stepping randomly (stuck).
 22738 | Orc:1    | 22738 ||| Stepping randomly (stuck).
 22739 | Orc:1    | 22739 ||| Stepping randomly (stuck).
 22740 | Orc:1    | 22740 ||| Stepping randomly (stuck).
 22741 | Orc:1    | 22741 ||| Stepping randomly (stuck).
 22742 | Orc:1    | 22742 ||| Stepping randomly (stuck).
 22743 | Orc:1    | 22743 ||| Stepping randomly (stuck).
 22744 | Orc:1    | 22744 ||| Stepping randomly (stuck).
 22745 | Orc:1    | 22745 ||| Stepping randomly (stuck).
 22746 | Orc:1    | 22746 ||| Stepping randomly (stuck).
 22747 | Orc:1    | 22747 ||| Stepping randomly (stuck).
 22748 | Orc:1    | 22748 ||| Stepping randomly (stuck).
 22749 | Orc:1    | 22749 ||| Stepping randomly (stuck).
 22750 | Orc:1    | 22750 ||| Stepping randomly (stuck).
 22751 | Orc:1    | 22751 ||| Stepping randomly (stuck).
 22752 | Orc:1    | 22752 ||| Stepping randomly (stuck).
 22753 | Orc:1    | 22753 ||| Stepping randomly (stuck).
 22754 | Orc:1    | 22754 ||| Stepping randomly (stuck).
 22755 | Orc:1    | 22755 ||| Stepping randomly (stuck).
 22756 | Orc:1    | 22756 ||| Stepping randomly (stuck).
 22757 | Orc:1    | 22757 ||| Stepping randomly (stuck).
 22758 | Orc:1    | 22758 ||| Stepping randomly (stuck).
 22759 | Orc:1    | 22759 ||| Stepping randomly (stuck).
 22760 | Orc:1    | 22760 ||| Stepping randomly (stuck).
 22761 | Orc:1    | 22761 ||| Stepping randomly (stuck).
 22762 | Orc:1    | 22762 ||| Stepping randomly (stuck).
 22763 | Orc:1    | 22763 ||| Stepping randomly (stuck).
 22764 | Orc:1    | 22764 ||| Stepping randomly (stuck).
 22765 | Orc:1    | 22765 ||| Stepping randomly (stuck).
 22766 | Orc:1    | 22766 ||| Stepping randomly (stuck).
 22767 | Orc:1    | 22767 ||| Stepping randomly (stuck).
 22768 | Orc:1    | 22768 ||| Stepping randomly (stuck).
 22769 | Orc:1    | 22769 ||| Stepping randomly (stuck).
 22770 | Orc:1    | 22770 ||| Stepping randomly (stuck).
 22771 | Orc:1    | 22771 ||| Stepping randomly (stuck).
 22772 | Orc:1    | 22772 ||| Stepping randomly (stuck).
 22773 | Orc:1    | 22773 ||| Stepping randomly (stuck).
 22774 | Orc:1    | 22774 ||| Stepping randomly (stuck).
 22775 | Orc:1    | 22775 ||| Stepping randomly (stuck).
 22776 | Orc:1    | 22776 ||| Stepping randomly (stuck).
 22777 | Orc:1    | 22777 ||| Stepping randomly (stuck).
 22778 | Orc:1    | 22778 ||| Stepping randomly (stuck).
 22779 | Orc:1    | 22779 ||| Stepping randomly (stuck).
 22780 | Orc:1    | 22780 ||| Stepping randomly (stuck).
 22781 | Orc:1    | 22781 ||| Stepping randomly (stuck).
 22782 | Orc:1    | 22782 ||| Stepping randomly (stuck).
 22783 | Orc:1    | 22783 ||| Stepping randomly (stuck).
 22784 | Orc:1    | 22784 ||| Stepping randomly (stuck).
 22785 | Orc:1    | 22785 ||| Stepping randomly (stuck).
 22786 | Orc:1    | 22786 ||| Stepping randomly (stuck).
 22787 | Orc:1    | 22787 ||| Stepping randomly (stuck).
 22788 | Orc:1    | 22788 ||| Stepping randomly (stuck).
 22789 | Orc:1    | 22789 ||| Stepping randomly (stuck).
 22790 | Orc:1    | 22790 ||| Stepping randomly (stuck).
 22791 | Orc:1    | 22791 ||| Stepping randomly (stuck).
 22792 | Orc:1    | 22792 ||| Stepping randomly (stuck).
 22793 | Orc:1    | 22793 ||| Stepping randomly (stuck).
 22794 | Orc:1    | 22794 ||| Stepping randomly (stuck).
 22795 | Orc:1    | 22795 ||| Stepping randomly (stuck).
 22796 | Orc:1    | 22796 ||| Stepping randomly (stuck).
 22797 | Orc:1    | 22797 ||| Stepping randomly (stuck).
 22798 | Orc:1    | 22798 ||| Stepping randomly (stuck).
 22799 | Orc:1    | 22799 ||| Stepping randomly (stuck).
 22800 | Orc:1    | 22800 ||| Stepping randomly (stuck).
 22801 | Orc:1    | 22801 ||| Stepping randomly (stuck).
 22802 | Orc:1    | 22802 ||| Stepping randomly (stuck).
 22803 | Orc:1    | 22803 ||| Stepping randomly (stuck).
 22804 | Orc:1    | 22804 ||| Stepping randomly (stuck).
 22805 | Orc:1    | 22805 ||| Stepping randomly (stuck).
 22806 | Orc:1    | 22806 ||| Stepping randomly (stuck).
 22807 | Orc:1    | 22807 ||| Stepping randomly (stuck).
 22808 | Orc:1    | 22808 ||| Stepping randomly (stuck).
 22809 | Orc:1    | 22809 ||| Stepping randomly (stuck).
 22810 | Orc:1    | 22810 ||| Stepping randomly (stuck).
 22811 | Orc:1    | 22811 ||| Stepping randomly (stuck).
 22812 | Orc:1    | 22812 ||| Stepping randomly (stuck).
 22813 | Orc:1    | 22813 ||| Stepping randomly (stuck).
 22814 | Orc:1    | 22814 ||| Stepping randomly (stuck).
 22815 | Orc:1    | 22815 ||| Stepping randomly (stuck).
 22816 | Orc:1    | 22816 ||| Stepping randomly (stuck).
 22817 | Orc:1    | 22817 ||| Stepping randomly (stuck).
 22818 | Orc:1    | 22818 ||| Stepping randomly (stuck).
 22819 | Orc:1    | 22819 ||| Stepping randomly (stuck).
 22820 | Orc:1    | 22820 ||| Stepping randomly (stuck).
 22821 | Orc:1    | 22821 ||| Stepping randomly (stuck).
 22822 | Orc:1    | 22822 ||| Stepping randomly (stuck).
 22823 | Orc:1    | 22823 ||| Stepping randomly (stuck).
 22824 | Orc:1    | 22824 ||| Stepping randomly (stuck).
 22825 | Orc:1    | 22825 ||| Stepping randomly (stuck).
 22826 | Orc:1    | 22826 ||| Stepping randomly (stuck).
 22827 | Orc:1    | 22827 ||| Stepping randomly (stuck).
 22828 | Orc:1    | 22828 ||| Stepping randomly (stuck).
 22829 | Orc:1    | 22829 ||| Stepping randomly (stuck).
 22830 | Orc:1    | 22830 ||| Stepping randomly (stuck).
 22831 | Orc:1    | 22831 ||| Stepping randomly (stuck).
 22832 | Orc:1    | 22832 ||| Stepping randomly (stuck).
 22833 | Orc:1    | 22833 ||| Stepping randomly (stuck).
 22834 | Orc:1    | 22834 ||| Stepping randomly (stuck).
 22835 | Orc:1    | 22835 ||| Stepping randomly (stuck).
 22836 | Orc:1    | 22836 ||| Stepping randomly (stuck).
 22837 | Orc:1    | 22837 ||| Stepping randomly (stuck).
 22838 | Orc:1    | 22838 ||| Stepping randomly (stuck).
 22839 | Orc:1    | 22839 ||| Stepping randomly (stuck).
 22840 | Orc:1    | 22840 ||| Stepping randomly (stuck).
 22841 | Orc:1    | 22841 ||| Stepping randomly (stuck).
 22842 | Orc:1    | 22842 ||| Stepping randomly (stuck).
 22843 | Orc:1    | 22843 ||| Stepping randomly (stuck).
 22844 | Orc:1    | 22844 ||| Stepping randomly (stuck).
 22845 | Orc:1    | 22845 ||| Stepping randomly (stuck).
 22846 | Orc:1    | 22846 ||| Stepping randomly (stuck).
 22847 | Orc:1    | 22847 ||| Stepping randomly (stuck).
 22848 | Orc:1    | 22848 ||| Stepping randomly (stuck).
 22849 | Orc:1    | 22849 ||| Stepping randomly (stuck).
 22850 | Orc:1    | 22850 ||| Stepping randomly (stuck).
 22851 | Orc:1    | 22851 ||| Stepping randomly (stuck).
 22852 | Orc:1    | 22852 ||| Stepping randomly (stuck).
 22853 | Orc:1    | 22853 ||| Stepping randomly (stuck).
 22854 | Orc:1    | 22854 ||| Stepping randomly (stuck).
 22855 | Orc:1    | 22855 ||| Stepping randomly (stuck).
 22856 | Orc:1    | 22856 ||| Stepping randomly (stuck).
 22857 | Orc:1    | 22857 ||| Stepping randomly (stuck).
 22858 | Orc:1    | 22858 ||| Stepping randomly (stuck).
 22859 | Orc:1    | 22859 ||| Stepping randomly (stuck).
 22860 | Orc:1    | 22860 ||| Stepping randomly (stuck).
 22861 | Orc:1    | 22861 ||| Stepping randomly (stuck).
 22862 | Orc:1    | 22862 ||| Stepping randomly (stuck).
 22863 | Orc:1    | 22863 ||| Stepping randomly (stuck).
 22864 | Orc:1    | 22864 ||| Stepping randomly (stuck).
 22865 | Orc:1    | 22865 ||| Stepping randomly (stuck).
 22866 | Orc:1    | 22866 ||| Stepping randomly (stuck).
 22867 | Orc:1    | 22867 ||| Stepping randomly (stuck).
 22868 | Orc:1    | 22868 ||| Stepping randomly (stuck).
 22869 | Orc:1    | 22869 ||| Stepping randomly (stuck).
 22870 | Orc:1    | 22870 ||| Stepping randomly (stuck).
 22871 | Orc:1    | 22871 ||| Stepping randomly (stuck).
 22872 | Orc:1    | 22872 ||| Stepping randomly (stuck).
 22873 | Orc:1    | 22873 ||| Stepping randomly (stuck).
 22874 | Orc:1    | 22874 ||| Stepping randomly (stuck).
 22875 | Orc:1    | 22875 ||| Stepping randomly (stuck).
 22876 | Orc:1    | 22876 ||| Stepping randomly (stuck).
 22877 | Orc:1    | 22877 ||| Stepping randomly (stuck).
 22878 | Orc:1    | 22878 ||| Stepping randomly (stuck).
 22879 | Orc:1    | 22879 ||| Stepping randomly (stuck).
 22880 | Orc:1    | 22880 ||| Stepping randomly (stuck).
 22881 | Orc:1    | 22881 ||| Stepping randomly (stuck).
 22882 | Orc:1    | 22882 ||| Stepping randomly (stuck).
 22883 | Orc:1    | 22883 ||| Stepping randomly (stuck).
 22884 | Orc:1    | 22884 ||| Stepping randomly (stuck).
 22885 | Orc:1    | 22885 ||| Stepping randomly (stuck).
 22886 | Orc:1    | 22886 ||| Stepping randomly (stuck).
 22887 | Orc:1    | 22887 ||| Stepping randomly (stuck).
 22888 | Orc:1    | 22888 ||| Stepping randomly (stuck).
 22889 | Orc:1    | 22889 ||| Stepping randomly (stuck).
 22890 | Orc:1    | 22890 ||| Stepping randomly (stuck).
 22891 | Orc:1    | 22891 ||| Stepping randomly (stuck).
 22892 | Orc:1    | 22892 ||| Stepping randomly (stuck).
 22893 | Orc:1    | 22893 ||| Stepping randomly (stuck).
 22894 | Orc:1    | 22894 ||| Stepping randomly (stuck).
 22895 | Orc:1    | 22895 ||| Stepping randomly (stuck).
 22896 | Orc:1    | 22896 ||| Stepping randomly (stuck).
 22897 | Orc:1    | 22897 ||| Stepping randomly (stuck).
 22898 | Orc:1    | 22898 ||| Stepping randomly (stuck).
 22899 | Orc:1    | 22899 ||| Stepping randomly (stuck).
 22900 | Orc:1    | 22900 ||| Stepping randomly (stuck).
 22901 | Orc:1    | 22901 ||| Stepping randomly (stuck).
 22902 | Orc:1    | 22902 ||| Stepping randomly (stuck).
 22903 | Orc:1    | 22903 ||| Stepping randomly (stuck).
 22904 | Orc:1    | 22904 ||| Stepping randomly (stuck).
 22905 | Orc:1    | 22905 ||| Stepping randomly (stuck).
 22906 | Orc:1    | 22906 ||| Stepping randomly (stuck).
 22907 | Orc:1    | 22907 ||| Stepping randomly (stuck).
 22908 | Orc:1    | 22908 ||| Stepping randomly (stuck).
 22909 | Orc:1    | 22909 ||| Stepping randomly (stuck).
 22910 | Orc:1    | 22910 ||| Stepping randomly (stuck).
 22911 | Orc:1    | 22911 ||| Stepping randomly (stuck).
 22912 | Orc:1    | 22912 ||| Stepping randomly (stuck).
 22913 | Orc:1    | 22913 ||| Stepping randomly (stuck).
 22914 | Orc:1    | 22914 ||| Stepping randomly (stuck).
 22915 | Orc:1    | 22915 ||| Stepping randomly (stuck).
 22916 | Orc:1    | 22916 ||| Stepping randomly (stuck).
 22917 | Orc:1    | 22917 ||| Stepping randomly (stuck).
 22918 | Orc:1    | 22918 ||| Stepping randomly (stuck).
 22919 | Orc:1    | 22919 ||| Stepping randomly (stuck).
 22920 | Orc:1    | 22920 ||| Stepping randomly (stuck).
 22921 | Orc:1    | 22921 ||| Stepping randomly (stuck).
 22922 | Orc:1    | 22922 ||| Stepping randomly (stuck).
 22923 | Orc:1    | 22923 ||| Stepping randomly (stuck).
 22924 | Orc:1    | 22924 ||| Stepping randomly (stuck).
 22925 | Orc:1    | 22925 ||| Stepping randomly (stuck).
 22926 | Orc:1    | 22926 ||| Stepping randomly (stuck).
 22927 | Orc:1    | 22927 ||| Stepping randomly (stuck).
 22928 | Orc:1    | 22928 ||| Stepping randomly (stuck).
 22929 | Orc:1    | 22929 ||| Stepping randomly (stuck).
 22930 | Orc:1    | 22930 ||| Stepping randomly (stuck).
 22931 | Orc:1    | 22931 ||| Stepping randomly (stuck).
 22932 | Orc:1    | 22932 ||| Stepping randomly (stuck).
 22933 | Orc:1    | 22933 ||| Stepping randomly (stuck).
 22934 | Orc:1    | 22934 ||| Stepping randomly (stuck).
 22935 | Orc:1    | 22935 ||| Stepping randomly (stuck).
 22936 | Orc:1    | 22936 ||| Stepping randomly (stuck).
 22937 | Orc:1    | 22937 ||| Stepping randomly (stuck).
 22938 | Orc:1    | 22938 ||| Stepping randomly (stuck).
 22939 | Orc:1    | 22939 ||| Stepping randomly (stuck).
 22940 | Orc:1    | 22940 ||| Stepping randomly (stuck).
 22941 | Orc:1    | 22941 ||| Stepping randomly (stuck).
 22942 | Orc:1    | 22942 ||| Stepping randomly (stuck).
 22943 | Orc:1    | 22943 ||| Stepping randomly (stuck).
 22944 | Orc:1    | 22944 ||| Stepping randomly (stuck).
 22945 | Orc:1    | 22945 ||| Stepping randomly (stuck).
 22946 | Orc:1    | 22946 ||| Stepping randomly (stuck).
 22947 | Orc:1    | 22947 ||| Stepping randomly (stuck).
 22948 | Orc:1    | 22948 ||| Stepping randomly (stuck).
 22949 | Orc:1    | 22949 ||| Stepping randomly (stuck).
 22950 | Orc:1    | 22950 ||| Stepping randomly (stuck).
 22951 | Orc:1    | 22951 ||| Stepping randomly (stuck).
 22952 | Orc:1    | 22952 ||| Stepping randomly (stuck).
 22953 | Orc:1    | 22953 ||| Stepping randomly (stuck).
 22954 | Orc:1    | 22954 ||| Stepping randomly (stuck).
 22955 | Orc:1    | 22955 ||| Stepping randomly (stuck).
 22956 | Orc:1    | 22956 ||| Stepping randomly (stuck).
 22957 | Orc:1    | 22957 ||| Stepping randomly (stuck).
 22958 | Orc:1    | 22958 ||| Stepping randomly (stuck).
 22959 | Orc:1    | 22959 ||| Stepping randomly (stuck).
 22960 | Orc:1    | 22960 ||| Stepping randomly (stuck).
 22961 | Orc:1    | 22961 ||| Stepping randomly (stuck).
 22962 | Orc:1    | 22962 ||| Stepping randomly (stuck).
 22963 | Orc:1    | 22963 ||| Stepping randomly (stuck).
 22964 | Orc:1    | 22964 ||| Stepping randomly (stuck).
 22965 | Orc:1    | 22965 ||| Stepping randomly (stuck).
 22966 | Orc:1    | 22966 ||| Stepping randomly (stuck).
 22967 | Orc:1    | 22967 ||| Stepping randomly (stuck).
 22968 | Orc:1    | 22968 ||| Stepping randomly (stuck).
 22969 | Orc:1    | 22969 ||| Stepping randomly (stuck).
 22970 | Orc:1    | 22970 ||| Stepping randomly (stuck).
 22971 | Orc:1    | 22971 ||| Stepping randomly (stuck).
 22972 | Orc:1    | 22972 ||| Stepping randomly (stuck).
 22973 | Orc:1    | 22973 ||| Stepping randomly (stuck).
 22974 | Orc:1    | 22974 ||| Stepping randomly (stuck).
 22975 | Orc:1    | 22975 ||| Stepping randomly (stuck).
 22976 | Orc:1    | 22976 ||| Stepping randomly (stuck).
 22977 | Orc:1    | 22977 ||| Stepping randomly (stuck).
 22978 | Orc:1    | 22978 ||| Stepping randomly (stuck).
 22979 | Orc:1    | 22979 ||| Stepping randomly (stuck).
 22980 | Orc:1    | 22980 ||| Stepping randomly (stuck).
 22981 | Orc:1    | 22981 ||| Stepping randomly (stuck).
 22982 | Orc:1    | 22982 ||| Stepping randomly (stuck).
 22983 | Orc:1    | 22983 ||| Stepping randomly (stuck).
 22984 | Orc:1    | 22984 ||| Stepping randomly (stuck).
 22985 | Orc:1    | 22985 ||| Stepping randomly (stuck).
 22986 | Orc:1    | 22986 ||| Stepping randomly (stuck).
 22987 | Orc:1    | 22987 ||| Stepping randomly (stuck).
 22988 | Orc:1    | 22988 ||| Stepping randomly (stuck).
 22989 | Orc:1    | 22989 ||| Stepping randomly (stuck).
 22990 | Orc:1    | 22990 ||| Stepping randomly (stuck).
 22991 | Orc:1    | 22991 ||| Stepping randomly (stuck).
 22992 | Orc:1    | 22992 ||| Stepping randomly (stuck).
 22993 | Orc:1    | 22993 ||| Stepping randomly (stuck).
 22994 | Orc:1    | 22994 ||| Stepping randomly (stuck).
 22995 | Orc:1    | 22995 ||| Stepping randomly (stuck).
 22996 | Orc:1    | 22996 ||| Stepping randomly (stuck).
 22997 | Orc:1    | 22997 ||| Stepping randomly (stuck).
 22998 | Orc:1    | 22998 ||| Stepping randomly (stuck).
 22999 | Orc:1    | 22999 ||| Stepping randomly (stuck).
 23000 | Orc:1    | 23000 ||| Stepping randomly (stuck).
 23001 | Orc:1    | 23001 ||| Stepping randomly (stuck).
 23002 | Orc:1    | 23002 ||| Stepping randomly (stuck).
 23003 | Orc:1    | 23003 ||| Stepping randomly (stuck).
 23004 | Orc:1    | 23004 ||| Stepping randomly (stuck).
 23005 | Orc:1    | 23005 ||| Stepping randomly (stuck).
 23006 | Orc:1    | 23006 ||| Stepping randomly (stuck).
 23007 | Orc:1    | 23007 ||| Stepping randomly (stuck).
 23008 | Orc:1    | 23008 ||| Stepping randomly (stuck).
 23009 | Orc:1    | 23009 ||| Stepping randomly (stuck).
 23010 | Orc:1    | 23010 ||| Stepping randomly (stuck).
 23011 | Orc:1    | 23011 ||| Stepping randomly (stuck).
 23012 | Orc:1    | 23012 ||| Stepping randomly (stuck).
 23013 | Orc:1    | 23013 ||| Stepping randomly (stuck).
 23014 | Orc:1    | 23014 ||| Stepping randomly (stuck).
 23015 | Orc:1    | 23015 ||| Stepping randomly (stuck).
 23016 | Orc:1    | 23016 ||| Stepping randomly (stuck).
 23017 | Orc:1    | 23017 ||| Stepping randomly (stuck).
 23018 | Orc:1    | 23018 ||| Stepping randomly (stuck).
 23019 | Orc:1    | 23019 ||| Stepping randomly (stuck).
 23020 | Orc:1    | 23020 ||| Stepping randomly (stuck).
 23021 | Orc:1    | 23021 ||| Stepping randomly (stuck).
 23022 | Orc:1    | 23022 ||| Stepping randomly (stuck).
 23023 | Orc:1    | 23023 ||| Stepping randomly (stuck).
 23024 | Orc:1    | 23024 ||| Stepping randomly (stuck).
 23025 | Orc:1    | 23025 ||| Stepping randomly (stuck).
 23026 | Orc:1    | 23026 ||| Stepping randomly (stuck).
 23027 | Orc:1    | 23027 ||| Stepping randomly (stuck).
 23028 | Orc:1    | 23028 ||| Stepping randomly (stuck).
 23029 | Orc:1    | 23029 ||| Stepping randomly (stuck).
 23030 | Orc:1    | 23030 ||| Stepping randomly (stuck).
 23031 | Orc:1    | 23031 ||| Stepping randomly (stuck).
 23032 | Orc:1    | 23032 ||| Stepping randomly (stuck).
 23033 | Orc:1    | 23033 ||| Stepping randomly (stuck).
 23034 | Orc:1    | 23034 ||| Stepping randomly (stuck).
 23035 | Orc:1    | 23035 ||| Stepping randomly (stuck).
 23036 | Orc:1    | 23036 ||| Stepping randomly (stuck).
 23037 | Orc:1    | 23037 ||| Stepping randomly (stuck).
 23038 | Orc:1    | 23038 ||| Stepping randomly (stuck).
 23039 | Orc:1    | 23039 ||| Stepping randomly (stuck).
 23040 | Orc:1    | 23040 ||| Stepping randomly (stuck).
 23041 | Orc:1    | 23041 ||| Stepping randomly (stuck).
 23042 | Orc:1    | 23042 ||| Stepping randomly (stuck).
 23043 | Orc:1    | 23043 ||| Stepping randomly (stuck).
 23044 | Orc:1    | 23044 ||| Stepping randomly (stuck).
 23045 | Orc:1    | 23045 ||| Stepping randomly (stuck).
 23046 | Orc:1    | 23046 ||| Stepping randomly (stuck).
 23047 | Orc:1    | 23047 ||| Stepping randomly (stuck).
 23048 | Orc:1    | 23048 ||| Stepping randomly (stuck).
 23049 | Orc:1    | 23049 ||| Stepping randomly (stuck).
 23050 | Orc:1    | 23050 ||| Stepping randomly (stuck).
 23051 | Orc:1    | 23051 ||| Stepping randomly (stuck).
 23052 | Orc:1    | 23052 ||| Stepping randomly (stuck).
 23053 | Orc:1    | 23053 ||| Stepping randomly (stuck).
 23054 | Orc:1    | 23054 ||| Stepping randomly (stuck).
 23055 | Orc:1    | 23055 ||| Stepping randomly (stuck).
 23056 | Orc:1    | 23056 ||| Stepping randomly (stuck).
 23057 | Orc:1    | 23057 ||| Stepping randomly (stuck).
 23058 | Orc:1    | 23058 ||| Stepping randomly (stuck).
 23059 | Orc:1    | 23059 ||| Stepping randomly (stuck).
 23060 | Orc:1    | 23060 ||| Stepping randomly (stuck).
 23061 | Orc:1    | 23061 ||| Stepping randomly (stuck).
 23062 | Orc:1    | 23062 ||| Stepping randomly (stuck).
 23063 | Orc:1    | 23063 ||| Stepping randomly (stuck).
 23064 | Orc:1    | 23064 ||| Stepping randomly (stuck).
 23065 | Orc:1    | 23065 ||| Stepping randomly (stuck).
 23066 | Orc:1    | 23066 ||| Stepping randomly (stuck).
 23067 | Orc:1    | 23067 ||| Stepping randomly (stuck).
 23068 | Orc:1    | 23068 ||| Stepping randomly (stuck).
 23069 | Orc:1    | 23069 ||| Stepping randomly (stuck).
 23070 | Orc:1    | 23070 ||| Stepping randomly (stuck).
 23071 | Orc:1    | 23071 ||| Stepping randomly (stuck).
 23072 | Orc:1    | 23072 ||| Stepping randomly (stuck).
 23073 | Orc:1    | 23073 ||| Stepping randomly (stuck).
 23074 | Orc:1    | 23074 ||| Stepping randomly (stuck).
 23075 | Orc:1    | 23075 ||| Stepping randomly (stuck).
 23076 | Orc:1    | 23076 ||| Stepping randomly (stuck).
 23077 | Orc:1    | 23077 ||| Stepping randomly (stuck).
 23078 | Orc:1    | 23078 ||| Stepping randomly (stuck).
 23079 | Orc:1    | 23079 ||| Stepping randomly (stuck).
 23080 | Orc:1    | 23080 ||| Stepping randomly (stuck).
 23081 | Orc:1    | 23081 ||| Stepping randomly (stuck).
 23082 | Orc:1    | 23082 ||| Stepping randomly (stuck).
 23083 | Orc:1    | 23083 ||| Stepping randomly (stuck).
 23084 | Orc:1    | 23084 ||| Stepping randomly (stuck).
 23085 | Orc:1    | 23085 ||| EATING 13 fruits.
 23086 | Orc:1    | 23086 ||| Stepping randomly (stuck).
 23087 | Orc:1    | 23087 ||| Stepping randomly (stuck).
 23088 | Orc:1    | 23088 ||| Stepping randomly (stuck).
 23089 | Orc:1    | 23089 ||| Stepping randomly (stuck).
 23090 | Orc:1    | 23090 ||| Stepping randomly (stuck).
 23091 | Orc:1    | 23091 ||| Stepping randomly (stuck).
 23092 | Orc:1    | 23092 ||| Stepping randomly (stuck).
 23093 | Orc:1    | 23093 ||| Stepping randomly (stuck).
 23094 | Orc:1    | 23094 ||| Stepping randomly (stuck).
 23095 | Orc:1    | 23095 ||| Stepping randomly (stuck).
 23096 | Orc:1    | 23096 ||| Stepping randomly (stuck).
 23097 | Orc:1    | 23097 ||| Stepping randomly (stuck).
 23098 | Orc:1    | 23098 ||| Stepping randomly (stuck).
 23099 | Orc:1    | 23099 ||| Stepping randomly (stuck).
 23100 | Orc:1    | 23100 ||| Stepping randomly (stuck).
 23101 | Orc:1    | 23101 ||| Stepping randomly (stuck).
 23102 | Orc:1    | 23102 ||| Stepping randomly (stuck).
 23103 | Orc:1    | 23103 ||| Stepping randomly (stuck).
 23104 | Orc:1    | 23104 ||| Stepping randomly (stuck).
 23105 | Orc:1    | 23105 ||| Stepping randomly (stuck).
 23106 | Orc:1    | 23106 ||| Stepping randomly (stuck).
 23107 | Orc:1    | 23107 ||| Stepping randomly (stuck).
 23108 | Orc:1    | 23108 ||| Stepping randomly (stuck).
 23109 | Orc:1    | 23109 ||| Stepping randomly (stuck).
 23110 | Orc:1    | 23110 ||| Stepping randomly (stuck).
 23111 | Orc:1    | 23111 ||| Stepping randomly (stuck).
 23112 | Orc:1    | 23112 ||| Stepping randomly (stuck).
 23113 | Orc:1    | 23113 ||| Stepping randomly (stuck).
 23114 | Orc:1    | 23114 ||| Stepping randomly (stuck).
 23115 | Orc:1    | 23115 ||| Stepping randomly (stuck).
 23116 | Orc:1    | 23116 ||| Stepping randomly (stuck).
 23117 | Orc:1    | 23117 ||| Stepping randomly (stuck).
 23118 | Orc:1    | 23118 ||| Stepping randomly (stuck).
 23119 | Orc:1    | 23119 ||| Stepping randomly (stuck).
 23120 | Orc:1    | 23120 ||| Stepping randomly (stuck).
 23121 | Orc:1    | 23121 ||| Stepping randomly (stuck).
 23122 | Orc:1    | 23122 ||| Stepping randomly (stuck).
 23123 | Orc:1    | 23123 ||| Stepping randomly (stuck).
 23124 | Orc:1    | 23124 ||| Stepping randomly (stuck).
 23125 | Orc:1    | 23125 ||| Stepping randomly (stuck).
 23126 | Orc:1    | 23126 ||| Stepping randomly (stuck).
 23127 | Orc:1    | 23127 ||| Stepping randomly (stuck).
 23128 | Orc:1    | 23128 ||| Stepping randomly (stuck).
 23129 | Orc:1    | 23129 ||| Stepping randomly (stuck).
 23130 | Orc:1    | 23130 ||| Stepping randomly (stuck).
 23131 | Orc:1    | 23131 ||| Stepping randomly (stuck).
 23132 | Orc:1    | 23132 ||| Stepping randomly (stuck).
 23133 | Orc:1    | 23133 ||| Stepping randomly (stuck).
 23134 | Orc:1    | 23134 ||| Stepping randomly (stuck).
 23135 | Orc:1    | 23135 ||| Stepping randomly (stuck).
 23136 | Orc:1    | 23136 ||| Stepping randomly (stuck).
 23137 | Orc:1    | 23137 ||| Stepping randomly (stuck).
 23138 | Orc:1    | 23138 ||| Stepping randomly (stuck).
 23139 | Orc:1    | 23139 ||| Stepping randomly (stuck).
 23140 | Orc:1    | 23140 ||| Stepping randomly (stuck).
 23141 | Orc:1    | 23141 ||| Stepping randomly (stuck).
 23142 | Orc:1    | 23142 ||| Stepping randomly (stuck).
 23143 | Orc:1    | 23143 ||| Stepping randomly (stuck).
 23144 | Orc:1    | 23144 ||| Stepping randomly (stuck).
 23145 | Orc:1    | 23145 ||| Stepping randomly (stuck).
 23146 | Orc:1    | 23146 ||| Stepping randomly (stuck).
 23147 | Orc:1    | 23147 ||| Stepping randomly (stuck).
 23148 | Orc:1    | 23148 ||| Stepping randomly (stuck).
 23149 | Orc:1    | 23149 ||| Stepping randomly (stuck).
 23150 | Orc:1    | 23150 ||| Stepping randomly (stuck).
 23151 | Orc:1    | 23151 ||| Stepping randomly (stuck).
 23152 | Orc:1    | 23152 ||| Stepping randomly (stuck).
 23153 | Orc:1    | 23153 ||| Stepping randomly (stuck).
 23154 | Orc:1    | 23154 ||| Stepping randomly (stuck).
 23155 | Orc:1    | 23155 ||| Stepping randomly (stuck).
 23156 | Orc:1    | 23156 ||| Stepping randomly (stuck).
 23157 | Orc:1    | 23157 ||| Stepping randomly (stuck).
 23158 | Orc:1    | 23158 ||| Stepping randomly (stuck).
 23159 | Orc:1    | 23159 ||| Stepping randomly (stuck).
 23160 | Orc:1    | 23160 ||| Stepping randomly (stuck).
 23161 | Orc:1    | 23161 ||| Stepping randomly (stuck).
 23162 | Orc:1    | 23162 ||| Stepping randomly (stuck).
 23163 | Orc:1    | 23163 ||| Stepping randomly (stuck).
 23164 | Orc:1    | 23164 ||| Stepping randomly (stuck).
 23165 | Orc:1    | 23165 ||| Stepping randomly (stuck).
 23166 | Orc:1    | 23166 ||| Stepping randomly (stuck).
 23167 | Orc:1    | 23167 ||| Stepping randomly (stuck).
 23168 | Orc:1    | 23168 ||| Stepping randomly (stuck).
 23169 | Orc:1    | 23169 ||| Stepping randomly (stuck).
 23170 | Orc:1    | 23170 ||| Stepping randomly (stuck).
 23171 | Orc:1    | 23171 ||| Stepping randomly (stuck).
 23172 | Orc:1    | 23172 ||| Stepping randomly (stuck).
 23173 | Orc:1    | 23173 ||| Stepping randomly (stuck).
 23174 | Orc:1    | 23174 ||| Stepping randomly (stuck).
 23175 | Orc:1    | 23175 ||| Stepping randomly (stuck).
 23176 | Orc:1    | 23176 ||| Stepping randomly (stuck).
 23177 | Orc:1    | 23177 ||| Stepping randomly (stuck).
 23178 | Orc:1    | 23178 ||| Stepping randomly (stuck).
 23179 | Orc:1    | 23179 ||| Stepping randomly (stuck).
 23180 | Orc:1    | 23180 ||| Stepping randomly (stuck).
 23181 | Orc:1    | 23181 ||| Stepping randomly (stuck).
 23182 | Orc:1    | 23182 ||| Stepping randomly (stuck).
 23183 | Orc:1    | 23183 ||| Stepping randomly (stuck).
 23184 | Orc:1    | 23184 ||| Stepping randomly (stuck).
 23185 | Orc:1    | 23185 ||| Stepping randomly (stuck).
 23186 | Orc:1    | 23186 ||| Stepping randomly (stuck).
 23187 | Orc:1    | 23187 ||| Stepping randomly (stuck).
 23188 | Orc:1    | 23188 ||| Stepping randomly (stuck).
 23189 | Orc:1    | 23189 ||| Stepping randomly (stuck).
 23190 | Orc:1    | 23190 ||| Stepping randomly (stuck).
 23191 | Orc:1    | 23191 ||| Stepping randomly (stuck).
 23192 | Orc:1    | 23192 ||| Stepping randomly (stuck).
 23193 | Orc:1    | 23193 ||| Stepping randomly (stuck).
 23194 | Orc:1    | 23194 ||| Stepping randomly (stuck).
 23195 | Orc:1    | 23195 ||| Stepping randomly (stuck).
 23196 | Orc:1    | 23196 ||| Stepping randomly (stuck).
 23197 | Orc:1    | 23197 ||| Stepping randomly (stuck).
 23198 | Orc:1    | 23198 ||| Stepping randomly (stuck).
 23199 | Orc:1    | 23199 ||| Stepping randomly (stuck).
 23200 | Orc:1    | 23200 ||| Stepping randomly (stuck).
 23201 | Orc:1    | 23201 ||| Stepping randomly (stuck).
 23202 | Orc:1    | 23202 ||| Stepping randomly (stuck).
 23203 | Orc:1    | 23203 ||| Stepping randomly (stuck).
 23204 | Orc:1    | 23204 ||| Stepping randomly (stuck).
 23205 | Orc:1    | 23205 ||| Stepping randomly (stuck).
 23206 | Orc:1    | 23206 ||| Stepping randomly (stuck).
 23207 | Orc:1    | 23207 ||| Stepping randomly (stuck).
 23208 | Orc:1    | 23208 ||| Stepping randomly (stuck).
 23209 | Orc:1    | 23209 ||| Stepping randomly (stuck).
 23210 | Orc:1    | 23210 ||| Stepping randomly (stuck).
 23211 | Orc:1    | 23211 ||| Stepping randomly (stuck).
 23212 | Orc:1    | 23212 ||| Stepping randomly (stuck).
 23213 | Orc:1    | 23213 ||| Stepping randomly (stuck).
 23214 | Orc:1    | 23214 ||| Stepping randomly (stuck).
 23215 | Orc:1    | 23215 ||| Stepping randomly (stuck).
 23216 | Orc:1    | 23216 ||| Stepping randomly (stuck).
 23217 | Orc:1    | 23217 ||| Stepping randomly (stuck).
 23218 | Orc:1    | 23218 ||| Stepping randomly (stuck).
 23219 | Orc:1    | 23219 ||| Stepping randomly (stuck).
 23220 | Orc:1    | 23220 ||| Stepping randomly (stuck).
 23221 | Orc:1    | 23221 ||| Stepping randomly (stuck).
 23222 | Orc:1    | 23222 ||| Stepping randomly (stuck).
 23223 | Orc:1    | 23223 ||| Stepping randomly (stuck).
 23224 | Orc:1    | 23224 ||| Stepping randomly (stuck).
 23225 | Orc:1    | 23225 ||| Stepping randomly (stuck).
 23226 | Orc:1    | 23226 ||| Stepping randomly (stuck).
 23227 | Orc:1    | 23227 ||| Stepping randomly (stuck).
 23228 | Orc:1    | 23228 ||| Stepping randomly (stuck).
 23229 | Orc:1    | 23229 ||| Stepping randomly (stuck).
 23230 | Orc:1    | 23230 ||| Stepping randomly (stuck).
 23231 | Orc:1    | 23231 ||| Stepping randomly (stuck).
 23232 | Orc:1    | 23232 ||| Stepping randomly (stuck).
 23233 | Orc:1    | 23233 ||| Stepping randomly (stuck).
 23234 | Orc:1    | 23234 ||| Stepping randomly (stuck).
 23235 | Orc:1    | 23235 ||| Stepping randomly (stuck).
 23236 | Orc:1    | 23236 ||| Stepping randomly (stuck).
 23237 | Orc:1    | 23237 ||| Stepping randomly (stuck).
 23238 | Orc:1    | 23238 ||| Stepping randomly (stuck).
 23239 | Orc:1    | 23239 ||| Stepping randomly (stuck).
 23240 | Orc:1    | 23240 ||| Stepping randomly (stuck).
 23241 | Orc:1    | 23241 ||| Stepping randomly (stuck).
 23242 | Orc:1    | 23242 ||| Stepping randomly (stuck).
 23243 | Orc:1    | 23243 ||| Stepping randomly (stuck).
 23244 | Orc:1    | 23244 ||| Stepping randomly (stuck).
 23245 | Orc:1    | 23245 ||| Stepping randomly (stuck).
 23246 | Orc:1    | 23246 ||| Stepping randomly (stuck).
 23247 | Orc:1    | 23247 ||| Stepping randomly (stuck).
 23248 | Orc:1    | 23248 ||| Stepping randomly (stuck).
 23249 | Orc:1    | 23249 ||| Stepping randomly (stuck).
 23250 | Orc:1    | 23250 ||| Stepping randomly (stuck).
 23251 | Orc:1    | 23251 ||| Stepping randomly (stuck).
 23252 | Orc:1    | 23252 ||| Stepping randomly (stuck).
 23253 | Orc:1    | 23253 ||| Stepping randomly (stuck).
 23254 | Orc:1    | 23254 ||| Stepping randomly (stuck).
 23255 | Orc:1    | 23255 ||| Stepping randomly (stuck).
 23256 | Orc:1    | 23256 ||| Stepping randomly (stuck).
 23257 | Orc:1    | 23257 ||| Stepping randomly (stuck).
 23258 | Orc:1    | 23258 ||| Stepping randomly (stuck).
 23259 | Orc:1    | 23259 ||| Stepping randomly (stuck).
 23260 | Orc:1    | 23260 ||| Stepping randomly (stuck).
 23261 | Orc:1    | 23261 ||| Stepping randomly (stuck).
 23262 | Orc:1    | 23262 ||| Stepping randomly (stuck).
 23263 | Orc:1    | 23263 ||| Stepping randomly (stuck).
 23264 | Orc:1    | 23264 ||| Stepping randomly (stuck).
 23265 | Orc:1    | 23265 ||| Stepping randomly (stuck).
 23266 | Orc:1    | 23266 ||| Stepping randomly (stuck).
 23267 | Orc:1    | 23267 ||| Stepping randomly (stuck).
 23268 | Orc:1    | 23268 ||| Stepping randomly (stuck).
 23269 | Orc:1    | 23269 ||| Stepping randomly (stuck).
 23270 | Orc:1    | 23270 ||| Stepping randomly (stuck).
 23271 | Orc:1    | 23271 ||| Stepping randomly (stuck).
 23272 | Orc:1    | 23272 ||| Stepping randomly (stuck).
 23273 | Orc:1    | 23273 ||| Stepping randomly (stuck).
 23274 | Orc:1    | 23274 ||| Stepping randomly (stuck).
 23275 | Orc:1    | 23275 ||| Stepping randomly (stuck).
 23276 | Orc:1    | 23276 ||| Stepping randomly (stuck).
 23277 | Orc:1    | 23277 ||| Stepping randomly (stuck).
 23278 | Orc:1    | 23278 ||| Stepping randomly (stuck).
 23279 | Orc:1    | 23279 ||| Stepping randomly (stuck).
 23280 | Orc:1    | 23280 ||| Stepping randomly (stuck).
 23281 | Orc:1    | 23281 ||| Stepping randomly (stuck).
 23282 | Orc:1    | 23282 ||| Stepping randomly (stuck).
 23283 | Orc:1    | 23283 ||| Stepping randomly (stuck).
 23284 | Orc:1    | 23284 ||| Stepping randomly (stuck).
 23285 | Orc:1    | 23285 ||| Stepping randomly (stuck).
 23286 | Orc:1    | 23286 ||| Stepping randomly (stuck).
 23287 | Orc:1    | 23287 ||| Stepping randomly (stuck).
 23288 | Orc:1    | 23288 ||| Stepping randomly (stuck).
 23289 | Orc:1    | 23289 ||| Stepping randomly (stuck).
 23290 | Orc:1    | 23290 ||| Stepping randomly (stuck).
 23291 | Orc:1    | 23291 ||| Stepping randomly (stuck).
 23292 | Orc:1    | 23292 ||| Stepping randomly (stuck).
 23293 | Orc:1    | 23293 ||| Stepping randomly (stuck).
 23294 | Orc:1    | 23294 ||| Stepping randomly (stuck).
 23295 | Orc:1    | 23295 ||| Stepping randomly (stuck).
 23296 | Orc:1    | 23296 ||| Stepping randomly (stuck).
 23297 | Orc:1    | 23297 ||| Stepping randomly (stuck).
 23298 | Orc:1    | 23298 ||| Stepping randomly (stuck).
 23299 | Orc:1    | 23299 ||| Stepping randomly (stuck).
 23300 | Orc:1    | 23300 ||| Stepping randomly (stuck).
 23301 | Orc:1    | 23301 ||| Stepping randomly (stuck).
 23302 | Orc:1    | 23302 ||| Stepping randomly (stuck).
 23303 | Orc:1    | 23303 ||| Stepping randomly (stuck).
 23304 | Orc:1    | 23304 ||| Stepping randomly (stuck).
 23305 | Orc:1    | 23305 ||| Stepping randomly (stuck).
 23306 | Orc:1    | 23306 ||| Stepping randomly (stuck).
 23307 | Orc:1    | 23307 ||| Stepping randomly (stuck).
 23308 | Orc:1    | 23308 ||| Stepping randomly (stuck).
 23309 | Orc:1    | 23309 ||| Stepping randomly (stuck).
 23310 | Orc:1    | 23310 ||| Stepping randomly (stuck).
 23311 | Orc:1    | 23311 ||| Stepping randomly (stuck).
 23312 | Orc:1    | 23312 ||| Stepping randomly (stuck).
 23313 | Orc:1    | 23313 ||| Stepping randomly (stuck).
 23314 | Orc:1    | 23314 ||| Stepping randomly (stuck).
 23315 | Orc:1    | 23315 ||| Stepping randomly (stuck).
 23316 | Orc:1    | 23316 ||| Stepping randomly (stuck).
 23317 | Orc:1    | 23317 ||| Stepping randomly (stuck).
 23318 | Orc:1    | 23318 ||| Stepping randomly (stuck).
 23319 | Orc:1    | 23319 ||| Stepping randomly (stuck).
 23320 | Orc:1    | 23320 ||| Stepping randomly (stuck).
 23321 | Orc:1    | 23321 ||| Stepping randomly (stuck).
 23322 | Orc:1    | 23322 ||| Stepping randomly (stuck).
 23323 | Orc:1    | 23323 ||| Stepping randomly (stuck).
 23324 | Orc:1    | 23324 ||| Stepping randomly (stuck).
 23325 | Orc:1    | 23325 ||| Stepping randomly (stuck).
 23326 | Orc:1    | 23326 ||| Stepping randomly (stuck).
 23327 | Orc:1    | 23327 ||| Stepping randomly (stuck).
 23328 | Orc:1    | 23328 ||| Stepping randomly (stuck).
 23329 | Orc:1    | 23329 ||| Stepping randomly (stuck).
 23330 | Orc:1    | 23330 ||| Stepping randomly (stuck).
 23331 | Orc:1    | 23331 ||| Stepping randomly (stuck).
 23332 | Orc:1    | 23332 ||| Stepping randomly (stuck).
 23333 | Orc:1    | 23333 ||| Stepping randomly (stuck).
 23334 | Orc:1    | 23334 ||| Stepping randomly (stuck).
 23335 | Orc:1    | 23335 ||| Stepping randomly (stuck).
 23336 | Orc:1    | 23336 ||| Stepping randomly (stuck).
 23337 | Orc:1    | 23337 ||| Stepping randomly (stuck).
 23338 | Orc:1    | 23338 ||| Stepping randomly (stuck).
 23339 | Orc:1    | 23339 ||| Stepping randomly (stuck).
 23340 | Orc:1    | 23340 ||| Stepping randomly (stuck).
 23341 | Orc:1    | 23341 ||| Stepping randomly (stuck).
 23342 | Orc:1    | 23342 ||| Stepping randomly (stuck).
 23343 | Orc:1    | 23343 ||| Stepping randomly (stuck).
 23344 | Orc:1    | 23344 ||| Stepping randomly (stuck).
 23345 | Orc:1    | 23345 ||| Stepping randomly (stuck).
 23346 | Orc:1    | 23346 ||| Stepping randomly (stuck).
 23347 | Orc:1    | 23347 ||| Stepping randomly (stuck).
 23348 | Orc:1    | 23348 ||| Stepping randomly (stuck).
 23349 | Orc:1    | 23349 ||| Stepping randomly (stuck).
 23350 | Orc:1    | 23350 ||| Stepping randomly (stuck).
 23351 | Orc:1    | 23351 ||| Stepping randomly (stuck).
 23352 | Orc:1    | 23352 ||| Stepping randomly (stuck).
 23353 | Orc:1    | 23353 ||| Stepping randomly (stuck).
 23354 | Orc:1    | 23354 ||| Stepping randomly (stuck).
 23355 | Orc:1    | 23355 ||| Stepping randomly (stuck).
 23356 | Orc:1    | 23356 ||| Stepping randomly (stuck).
 23357 | Orc:1    | 23357 ||| Stepping randomly (stuck).
 23358 | Orc:1    | 23358 ||| Stepping randomly (stuck).
 23359 | Orc:1    | 23359 ||| Stepping randomly (stuck).
 23360 | Orc:1    | 23360 ||| Stepping randomly (stuck).
 23361 | Orc:1    | 23361 ||| Stepping randomly (stuck).
 23362 | Orc:1    | 23362 ||| Stepping randomly (stuck).
 23363 | Orc:1    | 23363 ||| Stepping randomly (stuck).
 23364 | Orc:1    | 23364 ||| Stepping randomly (stuck).
 23365 | Orc:1    | 23365 ||| Stepping randomly (stuck).
 23366 | Orc:1    | 23366 ||| Stepping randomly (stuck).
 23367 | Orc:1    | 23367 ||| Stepping randomly (stuck).
 23368 | Orc:1    | 23368 ||| EATING slice of pizza.
 23369 | Orc:1    | 23369 ||| Stepping randomly (stuck).
 23370 | Orc:1    | 23370 ||| Stepping randomly (stuck).
 23371 | Orc:1    | 23371 ||| Stepping randomly (stuck).
 23372 | Orc:1    | 23372 ||| Stepping randomly (stuck).
 23373 | Orc:1    | 23373 ||| Stepping randomly (stuck).
 23374 | Orc:1    | 23374 ||| Stepping randomly (stuck).
 23375 | Orc:1    | 23375 ||| Stepping randomly (stuck).
 23376 | Orc:1    | 23376 ||| Stepping randomly (stuck).
 23377 | Orc:1    | 23377 ||| Stepping randomly (stuck).
 23378 | Orc:1    | 23378 ||| Stepping randomly (stuck).
 23379 | Orc:1    | 23379 ||| Stepping randomly (stuck).
 23380 | Orc:1    | 23380 ||| Stepping randomly (stuck).
 23381 | Orc:1    | 23381 ||| Stepping randomly (stuck).
 23382 | Orc:1    | 23382 ||| Stepping randomly (stuck).
 23383 | Orc:1    | 23383 ||| Stepping randomly (stuck).
 23384 | Orc:1    | 23384 ||| Stepping randomly (stuck).
 23385 | Orc:1    | 23385 ||| Stepping randomly (stuck).
 23386 | Orc:1    | 23386 ||| Stepping randomly (stuck).
 23387 | Orc:1    | 23387 ||| Stepping randomly (stuck).
 23388 | Orc:1    | 23388 ||| Stepping randomly (stuck).
 23389 | Orc:1    | 23389 ||| Stepping randomly (stuck).
 23390 | Orc:1    | 23390 ||| Stepping randomly (stuck).
 23391 | Orc:1    | 23391 ||| Stepping randomly (stuck).
 23392 | Orc:1    | 23392 ||| Stepping randomly (stuck).
 23393 | Orc:1    | 23393 ||| Stepping randomly (stuck).
 23394 | Orc:1    | 23394 ||| Stepping randomly (stuck).
 23395 | Orc:1    | 23395 ||| Stepping randomly (stuck).
 23396 | Orc:1    | 23396 ||| Stepping randomly (stuck).
 23397 | Orc:1    | 23397 ||| Stepping randomly (stuck).
 23398 | Orc:1    | 23398 ||| Stepping randomly (stuck).
 23399 | Orc:1    | 23399 ||| Stepping randomly (stuck).
 23400 | Orc:1    | 23400 ||| Stepping randomly (stuck).
 23401 | Orc:1    | 23401 ||| Stepping randomly (stuck).
 23402 | Orc:1    | 23402 ||| Stepping randomly (stuck).
 23403 | Orc:1    | 23403 ||| Stepping randomly (stuck).
 23404 | Orc:1    | 23404 ||| Stepping randomly (stuck).
 23405 | Orc:1    | 23405 ||| Stepping randomly (stuck).
 23406 | Orc:1    | 23406 ||| Stepping randomly (stuck).
 23407 | Orc:1    | 23407 ||| Stepping randomly (stuck).
 23408 | Orc:1    | 23408 ||| Stepping randomly (stuck).
 23409 | Orc:1    | 23409 ||| Stepping randomly (stuck).
 23410 | Orc:1    | 23410 ||| Stepping randomly (stuck).
 23411 | Orc:1    | 23411 ||| Stepping randomly (stuck).
 23412 | Orc:1    | 23412 ||| Stepping randomly (stuck).
 23413 | Orc:1    | 23413 ||| Stepping randomly (stuck).
 23414 | Orc:1    | 23414 ||| Stepping randomly (stuck).
 23415 | Orc:1    | 23415 ||| Stepping randomly (stuck).
 23416 | Orc:1    | 23416 ||| Stepping randomly (stuck).
 23417 | Orc:1    | 23417 ||| Stepping randomly (stuck).
 23418 | Orc:1    | 23418 ||| Stepping randomly (stuck).
 23419 | Orc:1    | 23419 ||| Stepping randomly (stuck).
 23420 | Orc:1    | 23420 ||| Stepping randomly (stuck).
 23421 | Orc:1    | 23421 ||| Stepping randomly (stuck).
 23422 | Orc:1    | 23422 ||| Stepping randomly (stuck).
 23423 | Orc:1    | 23423 ||| Stepping randomly (stuck).
 23424 | Orc:1    | 23424 ||| Stepping randomly (stuck).
 23425 | Orc:1    | 23425 ||| Stepping randomly (stuck).
 23426 | Orc:1    | 23426 ||| Stepping randomly (stuck).
 23427 | Orc:1    | 23427 ||| Stepping randomly (stuck).
 23428 | Orc:1    | 23428 ||| Stepping randomly (stuck).
 23429 | Orc:1    | 23429 ||| Stepping randomly (stuck).
 23430 | Orc:1    | 23430 ||| Stepping randomly (stuck).
 23431 | Orc:1    | 23431 ||| Stepping randomly (stuck).
 23432 | Orc:1    | 23432 ||| Stepping randomly (stuck).
 23433 | Orc:1    | 23433 ||| Stepping randomly (stuck).
 23434 | Orc:1    | 23434 ||| Stepping randomly (stuck).
 23435 | Orc:1    | 23435 ||| Stepping randomly (stuck).
 23436 | Orc:1    | 23436 ||| Stepping randomly (stuck).
 23437 | Orc:1    | 23437 ||| Stepping randomly (stuck).
 23438 | Orc:1    | 23438 ||| Stepping randomly (stuck).
 23439 | Orc:1    | 23439 ||| Stepping randomly (stuck).
 23440 | Orc:1    | 23440 ||| Stepping randomly (stuck).
 23441 | Orc:1    | 23441 ||| Stepping randomly (stuck).
 23442 | Orc:1    | 23442 ||| Stepping randomly (stuck).
 23443 | Orc:1    | 23443 ||| Stepping randomly (stuck).
 23444 | Orc:1    | 23444 ||| Stepping randomly (stuck).
 23445 | Orc:1    | 23445 ||| Stepping randomly (stuck).
 23446 | Orc:1    | 23446 ||| Stepping randomly (stuck).
 23447 | Orc:1    | 23447 ||| Stepping randomly (stuck).
 23448 | Orc:1    | 23448 ||| Stepping randomly (stuck).
 23449 | Orc:1    | 23449 ||| Stepping randomly (stuck).
 23450 | Orc:1    | 23450 ||| Stepping randomly (stuck).
 23451 | Orc:1    | 23451 ||| Stepping randomly (stuck).
 23452 | Orc:1    | 23452 ||| Stepping randomly (stuck).
 23453 | Orc:1    | 23453 ||| Stepping randomly (stuck).
 23454 | Orc:1    | 23454 ||| Stepping randomly (stuck).
 23455 | Orc:1    | 23455 ||| Stepping randomly (stuck).
 23456 | Orc:1    | 23456 ||| Stepping randomly (stuck).
 23457 | Orc:1    | 23457 ||| Stepping randomly (stuck).
 23458 | Orc:1    | 23458 ||| Stepping randomly (stuck).
 23459 | Orc:1    | 23459 ||| Stepping randomly (stuck).
 23460 | Orc:1    | 23460 ||| Stepping randomly (stuck).
 23461 | Orc:1    | 23461 ||| Stepping randomly (stuck).
 23462 | Orc:1    | 23462 ||| Stepping randomly (stuck).
 23463 | Orc:1    | 23463 ||| Stepping randomly (stuck).
 23464 | Orc:1    | 23464 ||| Stepping randomly (stuck).
 23465 | Orc:1    | 23465 ||| Stepping randomly (stuck).
 23466 | Orc:1    | 23466 ||| Stepping randomly (stuck).
 23467 | Orc:1    | 23467 ||| Stepping randomly (stuck).
 23468 | Orc:1    | 23468 ||| Stepping randomly (stuck).
 23469 | Orc:1    | 23469 ||| Stepping randomly (stuck).
 23470 | Orc:1    | 23470 ||| Stepping randomly (stuck).
 23471 | Orc:1    | 23471 ||| Stepping randomly (stuck).
 23472 | Orc:1    | 23472 ||| Stepping randomly (stuck).
 23473 | Orc:1    | 23473 ||| Stepping randomly (stuck).
 23474 | Orc:1    | 23474 ||| Stepping randomly (stuck).
 23475 | Orc:1    | 23475 ||| Stepping randomly (stuck).
 23476 | Orc:1    | 23476 ||| Stepping randomly (stuck).
 23477 | Orc:1    | 23477 ||| Stepping randomly (stuck).
 23478 | Orc:1    | 23478 ||| Stepping randomly (stuck).
 23479 | Orc:1    | 23479 ||| Stepping randomly (stuck).
 23480 | Orc:1    | 23480 ||| Stepping randomly (stuck).
 23481 | Orc:1    | 23481 ||| Stepping randomly (stuck).
 23482 | Orc:1    | 23482 ||| Stepping randomly (stuck).
 23483 | Orc:1    | 23483 ||| Stepping randomly (stuck).
 23484 | Orc:1    | 23484 ||| Stepping randomly (stuck).
 23485 | Orc:1    | 23485 ||| Stepping randomly (stuck).
 23486 | Orc:1    | 23486 ||| Stepping randomly (stuck).
 23487 | Orc:1    | 23487 ||| Stepping randomly (stuck).
 23488 | Orc:1    | 23488 ||| Stepping randomly (stuck).
 23489 | Orc:1    | 23489 ||| Stepping randomly (stuck).
 23490 | Orc:1    | 23490 ||| Stepping randomly (stuck).
 23491 | Orc:1    | 23491 ||| Stepping randomly (stuck).
 23492 | Orc:1    | 23492 ||| Stepping randomly (stuck).
 23493 | Orc:1    | 23493 ||| Stepping randomly (stuck).
 23494 | Orc:1    | 23494 ||| Stepping randomly (stuck).
 23495 | Orc:1    | 23495 ||| Stepping randomly (stuck).
 23496 | Orc:1    | 23496 ||| Stepping randomly (stuck).
 23497 | Orc:1    | 23497 ||| Stepping randomly (stuck).
 23498 | Orc:1    | 23498 ||| Stepping randomly (stuck).
 23499 | Orc:1    | 23499 ||| Stepping randomly (stuck).
 23500 | Orc:1    | 23500 ||| Stepping randomly (stuck).
 23501 | Orc:1    | 23501 ||| Stepping randomly (stuck).
 23502 | Orc:1    | 23502 ||| Stepping randomly (stuck).
 23503 | Orc:1    | 23503 ||| Stepping randomly (stuck).
 23504 | Orc:1    | 23504 ||| Stepping randomly (stuck).
 23505 | Orc:1    | 23505 ||| Stepping randomly (stuck).
 23506 | Orc:1    | 23506 ||| Stepping randomly (stuck).
 23507 | Orc:1    | 23507 ||| Stepping randomly (stuck).
 23508 | Orc:1    | 23508 ||| Stepping randomly (stuck).
 23509 | Orc:1    | 23509 ||| Stepping randomly (stuck).
 23510 | Orc:1    | 23510 ||| Stepping randomly (stuck).
 23511 | Orc:1    | 23511 ||| Stepping randomly (stuck).
 23512 | Orc:1    | 23512 ||| Stepping randomly (stuck).
 23513 | Orc:1    | 23513 ||| Stepping randomly (stuck).
 23514 | Orc:1    | 23514 ||| Stepping randomly (stuck).
 23515 | Orc:1    | 23515 ||| Stepping randomly (stuck).
 23516 | Orc:1    | 23516 ||| Stepping randomly (stuck).
 23517 | Orc:1    | 23517 ||| Stepping randomly (stuck).
 23518 | Orc:1    | 23518 ||| Stepping randomly (stuck).
 23519 | Orc:1    | 23519 ||| Stepping randomly (stuck).
 23520 | Orc:1    | 23520 ||| Stepping randomly (stuck).
 23521 | Orc:1    | 23521 ||| Stepping randomly (stuck).
 23522 | Orc:1    | 23522 ||| Stepping randomly (stuck).
 23523 | Orc:1    | 23523 ||| Stepping randomly (stuck).
 23524 | Orc:1    | 23524 ||| Stepping randomly (stuck).
 23525 | Orc:1    | 23525 ||| Stepping randomly (stuck).
 23526 | Orc:1    | 23526 ||| Stepping randomly (stuck).
 23527 | Orc:1    | 23527 ||| Stepping randomly (stuck).
 23528 | Orc:1    | 23528 ||| Stepping randomly (stuck).
 23529 | Orc:1    | 23529 ||| Stepping randomly (stuck).
 23530 | Orc:1    | 23530 ||| Stepping randomly (stuck).
 23531 | Orc:1    | 23531 ||| Stepping randomly (stuck).
 23532 | Orc:1    | 23532 ||| Stepping randomly (stuck).
 23533 | Orc:1    | 23533 ||| Stepping randomly (stuck).
 23534 | Orc:1    | 23534 ||| Stepping randomly (stuck).
 23535 | Orc:1    | 23535 ||| Stepping randomly (stuck).
 23536 | Orc:1    | 23536 ||| Stepping randomly (stuck).
 23537 | Orc:1    | 23537 ||| Stepping randomly (stuck).
 23538 | Orc:1    | 23538 ||| Stepping randomly (stuck).
 23539 | Orc:1    | 23539 ||| Stepping randomly (stuck).
 23540 | Orc:1    | 23540 ||| Stepping randomly (stuck).
 23541 | Orc:1    | 23541 ||| Stepping randomly (stuck).
 23542 | Orc:1    | 23542 ||| Stepping randomly (stuck).
 23543 | Orc:1    | 23543 ||| Stepping randomly (stuck).
 23544 | Orc:1    | 23544 ||| Stepping randomly (stuck).
 23545 | Orc:1    | 23545 ||| Stepping randomly (stuck).
 23546 | Orc:1    | 23546 ||| Stepping randomly (stuck).
 23547 | Orc:1    | 23547 ||| Stepping randomly (stuck).
 23548 | Orc:1    | 23548 ||| Stepping randomly (stuck).
 23549 | Orc:1    | 23549 ||| Stepping randomly (stuck).
 23550 | Orc:1    | 23550 ||| Stepping randomly (stuck).
 23551 | Orc:1    | 23551 ||| Stepping randomly (stuck).
 23552 | Orc:1    | 23552 ||| Stepping randomly (stuck).
 23553 | Orc:1    | 23553 ||| Stepping randomly (stuck).
 23554 | Orc:1    | 23554 ||| Stepping randomly (stuck).
 23555 | Orc:1    | 23555 ||| Stepping randomly (stuck).
 23556 | Orc:1    | 23556 ||| Stepping randomly (stuck).
 23557 | Orc:1    | 23557 ||| Stepping randomly (stuck).
 23558 | Orc:1    | 23558 ||| Stepping randomly (stuck).
 23559 | Orc:1    | 23559 ||| Stepping randomly (stuck).
 23560 | Orc:1    | 23560 ||| Stepping randomly (stuck).
 23561 | Orc:1    | 23561 ||| Stepping randomly (stuck).
 23562 | Orc:1    | 23562 ||| Stepping randomly (stuck).
 23563 | Orc:1    | 23563 ||| Stepping randomly (stuck).
 23564 | Orc:1    | 23564 ||| Stepping randomly (stuck).
 23565 | Orc:1    | 23565 ||| Stepping randomly (stuck).
 23566 | Orc:1    | 23566 ||| Stepping randomly (stuck).
 23567 | Orc:1    | 23567 ||| Stepping randomly (stuck).
 23568 | Orc:1    | 23568 ||| Stepping randomly (stuck).
 23569 | Orc:1    | 23569 ||| Stepping randomly (stuck).
 23570 | Orc:1    | 23570 ||| Stepping randomly (stuck).
 23571 | Orc:1    | 23571 ||| Stepping randomly (stuck).
 23572 | Orc:1    | 23572 ||| Stepping randomly (stuck).
 23573 | Orc:1    | 23573 ||| Stepping randomly (stuck).
 23574 | Orc:1    | 23574 ||| Stepping randomly (stuck).
 23575 | Orc:1    | 23575 ||| Stepping randomly (stuck).
 23576 | Orc:1    | 23576 ||| Stepping randomly (stuck).
 23577 | Orc:1    | 23577 ||| Stepping randomly (stuck).
 23578 | Orc:1    | 23578 ||| Stepping randomly (stuck).
 23579 | Orc:1    | 23579 ||| Stepping randomly (stuck).
 23580 | Orc:1    | 23580 ||| Stepping randomly (stuck).
 23581 | Orc:1    | 23581 ||| Stepping randomly (stuck).
 23582 | Orc:1    | 23582 ||| Stepping randomly (stuck).
 23583 | Orc:1    | 23583 ||| Stepping randomly (stuck).
 23584 | Orc:1    | 23584 ||| Stepping randomly (stuck).
 23585 | Orc:1    | 23585 ||| Stepping randomly (stuck).
 23586 | Orc:1    | 23586 ||| Stepping randomly (stuck).
 23587 | Orc:1    | 23587 ||| Stepping randomly (stuck).
 23588 | Orc:1    | 23588 ||| Stepping randomly (stuck).
 23589 | Orc:1    | 23589 ||| Stepping randomly (stuck).
 23590 | Orc:1    | 23590 ||| Stepping randomly (stuck).
 23591 | Orc:1    | 23591 ||| Stepping randomly (stuck).
 23592 | Orc:1    | 23592 ||| Stepping randomly (stuck).
 23593 | Orc:1    | 23593 ||| Stepping randomly (stuck).
 23594 | Orc:1    | 23594 ||| Stepping randomly (stuck).
 23595 | Orc:1    | 23595 ||| Stepping randomly (stuck).
 23596 | Orc:1    | 23596 ||| Stepping randomly (stuck).
 23597 | Orc:1    | 23597 ||| Stepping randomly (stuck).
 23598 | Orc:1    | 23598 ||| Stepping randomly (stuck).
 23599 | Orc:1    | 23599 ||| Stepping randomly (stuck).
 23600 | Orc:1    | 23600 ||| Stepping randomly (stuck).
 23601 | Orc:1    | 23601 ||| Stepping randomly (stuck).
 23602 | Orc:1    | 23602 ||| Stepping randomly (stuck).
 23603 | Orc:1    | 23603 ||| Stepping randomly (stuck).
 23604 | Orc:1    | 23604 ||| Stepping randomly (stuck).
 23605 | Orc:1    | 23605 ||| Stepping randomly (stuck).
 23606 | Orc:1    | 23606 ||| Stepping randomly (stuck).
 23607 | Orc:1    | 23607 ||| Stepping randomly (stuck).
 23608 | Orc:1    | 23608 ||| Stepping randomly (stuck).
 23609 | Orc:1    | 23609 ||| Stepping randomly (stuck).
 23610 | Orc:1    | 23610 ||| Stepping randomly (stuck).
 23611 | Orc:1    | 23611 ||| Stepping randomly (stuck).
 23612 | Orc:1    | 23612 ||| Stepping randomly (stuck).
 23613 | Orc:1    | 23613 ||| Stepping randomly (stuck).
 23614 | Orc:1    | 23614 ||| Stepping randomly (stuck).
 23615 | Orc:1    | 23615 ||| Stepping randomly (stuck).
 23616 | Orc:1    | 23616 ||| Stepping randomly (stuck).
 23617 | Orc:1    | 23617 ||| Stepping randomly (stuck).
 23618 | Orc:1    | 23618 ||| Stepping randomly (stuck).
 23619 | Orc:1    | 23619 ||| Stepping randomly (stuck).
 23620 | Orc:1    | 23620 ||| Stepping randomly (stuck).
 23621 | Orc:1    | 23621 ||| Stepping randomly (stuck).
 23622 | Orc:1    | 23622 ||| Stepping randomly (stuck).
 23623 | Orc:1    | 23623 ||| Stepping randomly (stuck).
 23624 | Orc:1    | 23624 ||| Stepping randomly (stuck).
 23625 | Orc:1    | 23625 ||| Stepping randomly (stuck).
 23626 | Orc:1    | 23626 ||| Stepping randomly (stuck).
 23627 | Orc:1    | 23627 ||| Stepping randomly (stuck).
 23628 | Orc:1    | 23628 ||| Stepping randomly (stuck).
 23629 | Orc:1    | 23629 ||| Stepping randomly (stuck).
 23630 | Orc:1    | 23630 ||| Stepping randomly (stuck).
 23631 | Orc:1    | 23631 ||| Stepping randomly (stuck).
 23632 | Orc:1    | 23632 ||| Stepping randomly (stuck).
 23633 | Orc:1    | 23633 ||| Stepping randomly (stuck).
 23634 | Orc:1    | 23634 ||| Stepping randomly (stuck).
 23635 | Orc:1    | 23635 ||| Stepping randomly (stuck).
 23636 | Orc:1    | 23636 ||| Stepping randomly (stuck).
 23637 | Orc:1    | 23637 ||| Stepping randomly (stuck).
 23638 | Orc:1    | 23638 ||| Stepping randomly (stuck).
 23639 | Orc:1    | 23639 ||| Stepping randomly (stuck).
 23640 | Orc:1    | 23640 ||| Stepping randomly (stuck).
 23679 | Orc:1    | 23679 ||| Stepping randomly (stuck).
 23680 | Orc:1    | 23680 ||| Stepping randomly (stuck).
 23681 | Orc:1    | 23681 ||| Stepping randomly (stuck).
 23682 | Orc:1    | 23682 ||| Stepping randomly (stuck).
 23683 | Orc:1    | 23683 ||| Stepping randomly (stuck).
 23684 | Orc:1    | 23684 ||| Stepping randomly (stuck).
 23685 | Orc:1    | 23685 ||| Stepping randomly (stuck).
 23686 | Orc:1    | 23686 ||| Stepping randomly (stuck).
 23687 | Orc:1    | 23687 ||| Stepping randomly (stuck).
 23688 | Orc:1    | 23688 ||| Stepping randomly (stuck).
 23692 | Orc:1    | 23692 ||| Stepping randomly (stuck).
 23693 | Orc:1    | 23693 ||| Stepping randomly (stuck).
 23694 | Orc:1    | 23694 ||| Stepping randomly (stuck).
 23695 | Orc:1    | 23695 ||| Stepping randomly (stuck).
 23696 | Orc:1    | 23696 ||| Stepping randomly (stuck).
 23697 | Orc:1    | 23697 ||| Stepping randomly (stuck).
 23698 | Orc:1    | 23698 ||| Stepping randomly (stuck).
 23699 | Orc:1    | 23699 ||| Stepping randomly (stuck).
 23700 | Orc:1    | 23700 ||| Stepping randomly (stuck).
 23701 | Orc:1    | 23701 ||| Stepping randomly (stuck).
 23702 | Orc:1    | 23702 ||| Stepping randomly (stuck).
 23703 | Orc:1    | 23703 ||| Stepping randomly (stuck).
 23704 | Orc:1    | 23704 ||| Stepping randomly (stuck).
 23705 | Orc:1    | 23705 ||| Stepping randomly (stuck).
 23706 | Orc:1    | 23706 ||| Stepping randomly (stuck).
 23707 | Orc:1    | 23707 ||| Stepping randomly (stuck).
 23708 | Orc:1    | 23708 ||| Stepping randomly (stuck).
 23709 | Orc:1    | 23709 ||| Stepping randomly (stuck).
 23710 | Orc:1    | 23710 ||| Stepping randomly (stuck).
 23711 | Orc:1    | 23711 ||| Stepping randomly (stuck).
 23712 | Orc:1    | 23712 ||| Stepping randomly (stuck).
 23713 | Orc:1    | 23713 ||| Stepping randomly (stuck).
 23714 | Orc:1    | 23714 ||| Stepping randomly (stuck).
 23715 | Orc:1    | 23715 ||| Stepping randomly (stuck).
 23716 | Orc:1    | 23716 ||| Stepping randomly (stuck).
 23717 | Orc:1    | 23717 ||| Stepping randomly (stuck).
 23718 | Orc:1    | 23718 ||| Stepping randomly (stuck).
 23719 | Orc:1    | 23719 ||| Stepping randomly (stuck).
 23720 | Orc:1    | 23720 ||| Stepping randomly (stuck).
 23721 | Orc:1    | 23721 ||| Stepping randomly (stuck).
 23722 | Orc:1    | 23722 ||| Stepping randomly (stuck).
 23723 | Orc:1    | 23723 ||| Stepping randomly (stuck).
 23724 | Orc:1    | 23724 ||| Stepping randomly (stuck).
 23725 | Orc:1    | 23725 ||| Stepping randomly (stuck).
 23726 | Orc:1    | 23726 ||| Stepping randomly (stuck).
 23727 | Orc:1    | 23727 ||| Stepping randomly (stuck).
 23728 | Orc:1    | 23728 ||| Stepping randomly (stuck).
 23729 | Orc:1    | 23729 ||| Stepping randomly (stuck).
 23730 | Orc:1    | 23730 ||| Stepping randomly (stuck).
 23731 | Orc:1    | 23731 ||| Stepping randomly (stuck).
 23732 | Orc:1    | 23732 ||| Stepping randomly (stuck).
 23733 | Orc:1    | 23733 ||| Stepping randomly (stuck).
 23734 | Orc:1    | 23734 ||| Stepping randomly (stuck).
 23735 | Orc:1    | 23735 ||| Stepping randomly (stuck).
 23736 | Orc:1    | 23736 ||| Stepping randomly (stuck).
 23737 | Orc:1    | 23737 ||| Stepping randomly (stuck).
 23738 | Orc:1    | 23738 ||| Stepping randomly (stuck).
 23739 | Orc:1    | 23739 ||| Stepping randomly (stuck).
 23740 | Orc:1    | 23740 ||| Stepping randomly (stuck).
 23741 | Orc:1    | 23741 ||| Stepping randomly (stuck).
 23742 | Orc:1    | 23742 ||| Stepping randomly (stuck).
 23743 | Orc:1    | 23743 ||| Stepping randomly (stuck).
 23744 | Orc:1    | 23744 ||| Stepping randomly (stuck).
 23745 | Orc:1    | 23745 ||| Stepping randomly (stuck).
 23746 | Orc:1    | 23746 ||| Stepping randomly (stuck).
 23747 | Orc:1    | 23747 ||| Stepping randomly (stuck).
 23748 | Orc:1    | 23748 ||| Stepping randomly (stuck).
 23749 | Orc:1    | 23749 ||| Stepping randomly (stuck).
 23750 | Orc:1    | 23750 ||| Stepping randomly (stuck).
 23751 | Orc:1    | 23751 ||| Stepping randomly (stuck).
 23752 | Orc:1    | 23752 ||| Stepping randomly (stuck).
 23753 | Orc:1    | 23753 ||| Stepping randomly (stuck).
 23754 | Orc:1    | 23754 ||| Stepping randomly (stuck).
 23755 | Orc:1    | 23755 ||| Stepping randomly (stuck).
 23756 | Orc:1    | 23756 ||| Stepping randomly (stuck).
 23757 | Orc:1    | 23757 ||| Stepping randomly (stuck).
 23758 | Orc:1    | 23758 ||| Stepping randomly (stuck).
 23759 | Orc:1    | 23759 ||| Stepping randomly (stuck).
 23760 | Orc:1    | 23760 ||| Stepping randomly (stuck).
 23761 | Orc:1    | 23761 ||| Stepping randomly (stuck).
 23762 | Orc:1    | 23762 ||| Stepping randomly (stuck).
 23763 | Orc:1    | 23763 ||| Stepping randomly (stuck).
 23764 | Orc:1    | 23764 ||| Stepping randomly (stuck).
 23765 | Orc:1    | 23765 ||| Stepping randomly (stuck).
 23766 | Orc:1    | 23766 ||| Stepping randomly (stuck).
 23767 | Orc:1    | 23767 ||| Stepping randomly (stuck).
 23768 | Orc:1    | 23768 ||| Stepping randomly (stuck).
 23769 | Orc:1    | 23769 ||| Stepping randomly (stuck).
 23770 | Orc:1    | 23770 ||| Stepping randomly (stuck).
 23771 | Orc:1    | 23771 ||| Stepping randomly (stuck).
 23772 | Orc:1    | 23772 ||| Stepping randomly (stuck).
 23773 | Orc:1    | 23773 ||| Stepping randomly (stuck).
 23774 | Orc:1    | 23774 ||| Stepping randomly (stuck).
 23775 | Orc:1    | 23775 ||| Stepping randomly (stuck).
 23776 | Orc:1    | 23776 ||| Stepping randomly (stuck).
 23777 | Orc:1    | 23777 ||| Stepping randomly (stuck).
 23778 | Orc:1    | 23778 ||| Stepping randomly (stuck).
 23779 | Orc:1    | 23779 ||| Stepping randomly (stuck).
 23780 | Orc:1    | 23780 ||| Stepping randomly (stuck).
 23781 | Orc:1    | 23781 ||| Stepping randomly (stuck).
 23782 | Orc:1    | 23782 ||| Stepping randomly (stuck).
 23783 | Orc:1    | 23783 ||| Stepping randomly (stuck).
 23784 | Orc:1    | 23784 ||| Stepping randomly (stuck).
 23785 | Orc:1    | 23785 ||| Stepping randomly (stuck).
 23786 | Orc:1    | 23786 ||| Stepping randomly (stuck).
 23787 | Orc:1    | 23787 ||| Stepping randomly (stuck).
 23788 | Orc:1    | 23788 ||| Stepping randomly (stuck).
 23789 | Orc:1    | 23789 ||| Stepping randomly (stuck).
 23790 | Orc:1    | 23790 ||| Stepping randomly (stuck).
 23791 | Orc:1    | 23791 ||| Stepping randomly (stuck).
 23792 | Orc:1    | 23792 ||| Stepping randomly (stuck).
 23793 | Orc:1    | 23793 ||| Stepping randomly (stuck).
 23794 | Orc:1    | 23794 ||| Stepping randomly (stuck).
 23795 | Orc:1    | 23795 ||| Stepping randomly (stuck).
 23796 | Orc:1    | 23796 ||| Stepping randomly (stuck).
 23797 | Orc:1    | 23797 ||| Stepping randomly (stuck).
 23798 | Orc:1    | 23798 ||| Stepping randomly (stuck).
 23799 | Orc:1    | 23799 ||| Stepping randomly (stuck).
 23800 | Orc:1    | 23800 ||| Stepping randomly (stuck).
 23801 | Orc:1    | 23801 ||| Stepping randomly (stuck).
 23802 | Orc:1    | 23802 ||| Stepping randomly (stuck).
 23803 | Orc:1    | 23803 ||| Stepping randomly (stuck).
 23804 | Orc:1    | 23804 ||| Stepping randomly (stuck).
 23805 | Orc:1    | 23805 ||| Stepping randomly (stuck).
 23806 | Orc:1    | 23806 ||| Stepping randomly (stuck).
 23807 | Orc:1    | 23807 ||| Stepping randomly (stuck).
 23808 | Orc:1    | 23808 ||| Stepping randomly (stuck).
 23809 | Orc:1    | 23809 ||| Stepping randomly (stuck).
 23810 | Orc:1    | 23810 ||| Stepping randomly (stuck).
 23811 | Orc:1    | 23811 ||| Stepping randomly (stuck).
 23812 | Orc:1    | 23812 ||| Stepping randomly (stuck).
 23813 | Orc:1    | 23813 ||| Stepping randomly (stuck).
 23814 | Orc:1    | 23814 ||| Stepping randomly (stuck).
 23815 | Orc:1    | 23815 ||| Stepping randomly (stuck).
 23816 | Orc:1    | 23816 ||| Stepping randomly (stuck).
 23817 | Orc:1    | 23817 ||| Stepping randomly (stuck).
 23818 | Orc:1    | 23818 ||| Stepping randomly (stuck).
 23819 | Orc:1    | 23819 ||| Stepping randomly (stuck).
 23820 | Orc:1    | 23820 ||| Stepping randomly (stuck).
 23821 | Orc:1    | 23821 ||| Stepping randomly (stuck).
 23822 | Orc:1    | 23822 ||| Stepping randomly (stuck).
 23823 | Orc:1    | 23823 ||| Stepping randomly (stuck).
 23824 | Orc:1    | 23824 ||| Stepping randomly (stuck).
 23825 | Orc:1    | 23825 ||| Stepping randomly (stuck).
 23826 | Orc:1    | 23826 ||| Stepping randomly (stuck).
 23827 | Orc:1    | 23827 ||| Stepping randomly (stuck).
 23828 | Orc:1    | 23828 ||| Stepping randomly (stuck).
 23829 | Orc:1    | 23829 ||| Stepping randomly (stuck).
 23830 | Orc:1    | 23830 ||| Stepping randomly (stuck).
 23831 | Orc:1    | 23831 ||| Stepping randomly (stuck).
 23832 | Orc:1    | 23832 ||| Stepping randomly (stuck).
 23833 | Orc:1    | 23833 ||| Stepping randomly (stuck).
 23834 | Orc:1    | 23834 ||| Stepping randomly (stuck).
 23835 | Orc:1    | 23835 ||| Stepping randomly (stuck).
 23836 | Orc:1    | 23836 ||| Stepping randomly (stuck).
 23837 | Orc:1    | 23837 ||| Stepping randomly (stuck).
 23838 | Orc:1    | 23838 ||| Stepping randomly (stuck).
 23839 | Orc:1    | 23839 ||| Stepping randomly (stuck).
 23840 | Orc:1    | 23840 ||| Stepping randomly (stuck).
 23841 | Orc:1    | 23841 ||| Stepping randomly (stuck).
 23842 | Orc:1    | 23842 ||| Stepping randomly (stuck).
 23843 | Orc:1    | 23843 ||| Stepping randomly (stuck).
 23844 | Orc:1    | 23844 ||| Stepping randomly (stuck).
 23845 | Orc:1    | 23845 ||| Stepping randomly (stuck).
 23846 | Orc:1    | 23846 ||| Stepping randomly (stuck).
 23847 | Orc:1    | 23847 ||| Stepping randomly (stuck).
 23848 | Orc:1    | 23848 ||| Stepping randomly (stuck).
 23849 | Orc:1    | 23849 ||| Stepping randomly (stuck).
 23850 | Orc:1    | 23850 ||| Stepping randomly (stuck).
 23851 | Orc:1    | 23851 ||| Stepping randomly (stuck).
 23852 | Orc:1    | 23852 ||| Stepping randomly (stuck).
 23853 | Orc:1    | 23853 ||| Stepping randomly (stuck).
 23854 | Orc:1    | 23854 ||| Stepping randomly (stuck).
 23855 | Orc:1    | 23855 ||| Stepping randomly (stuck).
 23856 | Orc:1    | 23856 ||| Stepping randomly (stuck).
 23857 | Orc:1    | 23857 ||| Stepping randomly (stuck).
 23858 | Orc:1    | 23858 ||| Stepping randomly (stuck).
 23859 | Orc:1    | 23859 ||| Stepping randomly (stuck).
 23860 | Orc:1    | 23860 ||| Stepping randomly (stuck).
 23861 | Orc:1    | 23861 ||| Stepping randomly (stuck).
 23862 | Orc:1    | 23862 ||| Stepping randomly (stuck).
 23863 | Orc:1    | 23863 ||| Stepping randomly (stuck).
 23864 | Orc:1    | 23864 ||| Stepping randomly (stuck).
 23865 | Orc:1    | 23865 ||| Stepping randomly (stuck).
 23866 | Orc:1    | 23866 ||| Stepping randomly (stuck).
 23867 | Orc:1    | 23867 ||| Stepping randomly (stuck).
 23868 | Orc:1    | 23868 ||| Stepping randomly (stuck).
 23869 | Orc:1    | 23869 ||| Stepping randomly (stuck).
 23870 | Orc:1    | 23870 ||| Stepping randomly (stuck).
 23871 | Orc:1    | 23871 ||| Stepping randomly (stuck).
 23872 | Orc:1    | 23872 ||| Stepping randomly (stuck).
 23873 | Orc:1    | 23873 ||| Stepping randomly (stuck).
 23874 | Orc:1    | 23874 ||| Stepping randomly (stuck).
 23875 | Orc:1    | 23875 ||| Stepping randomly (stuck).
 23876 | Orc:1    | 23876 ||| Stepping randomly (stuck).
 23877 | Orc:1    | 23877 ||| Stepping randomly (stuck).
 23878 | Orc:1    | 23878 ||| Stepping randomly (stuck).
 23879 | Orc:1    | 23879 ||| Stepping randomly (stuck).
 23880 | Orc:1    | 23880 ||| Stepping randomly (stuck).
 23881 | Orc:1    | 23881 ||| Stepping randomly (stuck).
 23882 | Orc:1    | 23882 ||| Stepping randomly (stuck).
 23883 | Orc:1    | 23883 ||| Stepping randomly (stuck).
 23884 | Orc:1    | 23884 ||| Stepping randomly (stuck).
 23885 | Orc:1    | 23885 ||| Stepping randomly (stuck).
 23886 | Orc:1    | 23886 ||| Stepping randomly (stuck).
 23887 | Orc:1    | 23887 ||| Stepping randomly (stuck).
 23888 | Orc:1    | 23888 ||| Stepping randomly (stuck).
 23889 | Orc:1    | 23889 ||| Stepping randomly (stuck).
 23890 | Orc:1    | 23890 ||| Stepping randomly (stuck).
 23891 | Orc:1    | 23891 ||| Stepping randomly (stuck).
 23892 | Orc:1    | 23892 ||| Stepping randomly (stuck).
 23893 | Orc:1    | 23893 ||| Stepping randomly (stuck).
 23894 | Orc:1    | 23894 ||| Stepping randomly (stuck).
 23895 | Orc:1    | 23895 ||| Stepping randomly (stuck).
 23896 | Orc:1    | 23896 ||| Stepping randomly (stuck).
 23897 | Orc:1    | 23897 ||| Stepping randomly (stuck).
 23898 | Orc:1    | 23898 ||| Stepping randomly (stuck).
 23899 | Orc:1    | 23899 ||| Stepping randomly (stuck).
 23900 | Orc:1    | 23900 ||| Stepping randomly (stuck).
 23901 | Orc:1    | 23901 ||| Stepping randomly (stuck).
 23902 | Orc:1    | 23902 ||| Stepping randomly (stuck).
 23903 | Orc:1    | 23903 ||| Stepping randomly (stuck).
 23904 | Orc:1    | 23904 ||| Stepping randomly (stuck).
 23905 | Orc:1    | 23905 ||| Stepping randomly (stuck).
 23906 | Orc:1    | 23906 ||| Stepping randomly (stuck).
 23907 | Orc:1    | 23907 ||| Stepping randomly (stuck).
 23908 | Orc:1    | 23908 ||| Stepping randomly (stuck).
 23909 | Orc:1    | 23909 ||| Stepping randomly (stuck).
 23910 | Orc:1    | 23910 ||| Stepping randomly (stuck).
 23911 | Orc:1    | 23911 ||| Stepping randomly (stuck).
 23912 | Orc:1    | 23912 ||| Stepping randomly (stuck).
 23913 | Orc:1    | 23913 ||| Stepping randomly (stuck).
 23914 | Orc:1    | 23914 ||| Stepping randomly (stuck).
 23915 | Orc:1    | 23915 ||| Stepping randomly (stuck).
 23916 | Orc:1    | 23916 ||| Stepping randomly (stuck).
 23917 | Orc:1    | 23917 ||| Stepping randomly (stuck).
 23918 | Orc:1    | 23918 ||| Stepping randomly (stuck).
 23919 | Orc:1    | 23919 ||| Stepping randomly (stuck).
 23920 | Orc:1    | 23920 ||| Stepping randomly (stuck).
 23921 | Orc:1    | 23921 ||| Stepping randomly (stuck).
 23922 | Orc:1    | 23922 ||| Stepping randomly (stuck).
 23923 | Orc:1    | 23923 ||| Stepping randomly (stuck).
 23924 | Orc:1    | 23924 ||| Stepping randomly (stuck).
 23925 | Orc:1    | 23925 ||| Stepping randomly (stuck).
 23926 | Orc:1    | 23926 ||| Stepping randomly (stuck).
 23927 | Orc:1    | 23927 ||| Stepping randomly (stuck).
 23928 | Orc:1    | 23928 ||| Stepping randomly (stuck).
 23929 | Orc:1    | 23929 ||| Stepping randomly (stuck).
 23930 | Orc:1    | 23930 ||| Stepping randomly (stuck).
 23931 | Orc:1    | 23931 ||| Stepping randomly (stuck).
 23932 | Orc:1    | 23932 ||| Stepping randomly (stuck).
 23933 | Orc:1    | 23933 ||| Stepping randomly (stuck).
 23934 | Orc:1    | 23934 ||| Stepping randomly (stuck).
 23935 | Orc:1    | 23935 ||| Stepping randomly (stuck).
 23936 | Orc:1    | 23936 ||| Stepping randomly (stuck).
 23937 | Orc:1    | 23937 ||| Stepping randomly (stuck).
 23938 | Orc:1    | 23938 ||| Stepping randomly (stuck).
 23939 | Orc:1    | 23939 ||| Stepping randomly (stuck).
 23940 | Orc:1    | 23940 ||| Stepping randomly (stuck).
 23941 | Orc:1    | 23941 ||| Stepping randomly (stuck).
 23942 | Orc:1    | 23942 ||| Stepping randomly (stuck).
 23943 | Orc:1    | 23943 ||| Stepping randomly (stuck).
 23944 | Orc:1    | 23944 ||| Stepping randomly (stuck).
 23945 | Orc:1    | 23945 ||| Stepping randomly (stuck).
 23946 | Orc:1    | 23946 ||| Stepping randomly (stuck).
 23947 | Orc:1    | 23947 ||| Stepping randomly (stuck).
 23948 | Orc:1    | 23948 ||| Stepping randomly (stuck).
 23949 | Orc:1    | 23949 ||| Stepping randomly (stuck).
 23950 | Orc:1    | 23950 ||| Stepping randomly (stuck).
 23951 | Orc:1    | 23951 ||| Stepping randomly (stuck).
 23952 | Orc:1    | 23952 ||| Stepping randomly (stuck).
 23953 | Orc:1    | 23953 ||| Stepping randomly (stuck).
 23954 | Orc:1    | 23954 ||| Stepping randomly (stuck).
 23955 | Orc:1    | 23955 ||| Stepping randomly (stuck).
 23956 | Orc:1    | 23956 ||| Stepping randomly (stuck).
 23957 | Orc:1    | 23957 ||| Stepping randomly (stuck).
 23958 | Orc:1    | 23958 ||| Stepping randomly (stuck).
 23959 | Orc:1    | 23959 ||| Stepping randomly (stuck).
 23960 | Orc:1    | 23960 ||| Stepping randomly (stuck).
 23961 | Orc:1    | 23961 ||| Stepping randomly (stuck).
 23962 | Orc:1    | 23962 ||| Stepping randomly (stuck).
 23963 | Orc:1    | 23963 ||| Stepping randomly (stuck).
 23964 | Orc:1    | 23964 ||| Stepping randomly (stuck).
 23965 | Orc:1    | 23965 ||| Stepping randomly (stuck).
 23966 | Orc:1    | 23966 ||| Stepping randomly (stuck).
 23967 | Orc:1    | 23967 ||| Stepping randomly (stuck).
 23968 | Orc:1    | 23968 ||| Stepping randomly (stuck).
 23969 | Orc:1    | 23969 ||| Stepping randomly (stuck).
 23970 | Orc:1    | 23970 ||| Stepping randomly (stuck).
 23971 | Orc:1    | 23971 ||| Stepping randomly (stuck).
 23972 | Orc:1    | 23972 ||| Stepping randomly (stuck).
 23973 | Orc:1    | 23973 ||| Stepping randomly (stuck).
 23974 | Orc:1    | 23974 ||| Stepping randomly (stuck).
 23975 | Orc:1    | 23975 ||| Stepping randomly (stuck).
 23976 | Orc:1    | 23976 ||| Stepping randomly (stuck).
 23977 | Orc:1    | 23977 ||| Stepping randomly (stuck).
 23978 | Orc:1    | 23978 ||| Stepping randomly (stuck).
 23979 | Orc:1    | 23979 ||| Stepping randomly (stuck).
 23980 | Orc:1    | 23980 ||| Stepping randomly (stuck).
 23981 | Orc:1    | 23981 ||| Stepping randomly (stuck).
 23982 | Orc:1    | 23982 ||| Stepping randomly (stuck).
 23983 | Orc:1    | 23983 ||| Stepping randomly (stuck).
 23984 | Orc:1    | 23984 ||| Stepping randomly (stuck).
 23985 | Orc:1    | 23985 ||| Stepping randomly (stuck).
 23986 | Orc:1    | 23986 ||| Stepping randomly (stuck).
 23987 | Orc:1    | 23987 ||| Stepping randomly (stuck).
 23988 | Orc:1    | 23988 ||| Stepping randomly (stuck).
 23989 | Orc:1    | 23989 ||| Stepping randomly (stuck).
 23990 | Orc:1    | 23990 ||| Stepping randomly (stuck).
 23991 | Orc:1    | 23991 ||| Stepping randomly (stuck).
 23992 | Orc:1    | 23992 ||| Stepping randomly (stuck).
 23993 | Orc:1    | 23993 ||| Stepping randomly (stuck).
 23994 | Orc:1    | 23994 ||| Stepping randomly (stuck).
 23995 | Orc:1    | 23995 ||| Stepping randomly (stuck).
 23996 | Orc:1    | 23996 ||| Stepping randomly (stuck).
 23997 | Orc:1    | 23997 ||| Stepping randomly (stuck).
 23998 | Orc:1    | 23998 ||| Stepping randomly (stuck).
 23999 | Orc:1    | 23999 ||| Stepping randomly (stuck).
 24000 | Orc:1    | 24000 ||| Stepping randomly (stuck).
 24001 | Orc:1    | 24001 ||| Stepping randomly (stuck).
 24002 | Orc:1    | 24002 ||| Stepping randomly (stuck).
 24003 | Orc:1    | 24003 ||| Stepping randomly (stuck).
 24004 | Orc:1    | 24004 ||| Stepping randomly (stuck).
 24005 | Orc:1    | 24005 ||| Stepping randomly (stuck).
 24006 | Orc:1    | 24006 ||| Stepping randomly (stuck).
 24007 | Orc:1    | 24007 ||| Stepping randomly (stuck).
 24008 | Orc:1    | 24008 ||| Stepping randomly (stuck).
 24009 | Orc:1    | 24009 ||| Stepping randomly (stuck).
 24010 | Orc:1    | 24010 ||| Stepping randomly (stuck).
 24011 | Orc:1    | 24011 ||| Stepping randomly (stuck).
 24012 | Orc:1    | 24012 ||| Stepping randomly (stuck).
 24013 | Orc:1    | 24013 ||| Stepping randomly (stuck).
 24014 | Orc:1    | 24014 ||| Stepping randomly (stuck).
 24015 | Orc:1    | 24015 ||| Stepping randomly (stuck).
 24016 | Orc:1    | 24016 ||| Stepping randomly (stuck).
 24017 | Orc:1    | 24017 ||| Stepping randomly (stuck).
 24018 | Orc:1    | 24018 ||| Stepping randomly (stuck).
 24019 | Orc:1    | 24019 ||| Stepping randomly (stuck).
 24020 | Orc:1    | 24020 ||| Stepping randomly (stuck).
 24021 | Orc:1    | 24021 ||| Stepping randomly (stuck).
 24022 | Orc:1    | 24022 ||| Stepping randomly (stuck).
 24023 | Orc:1    | 24023 ||| Stepping randomly (stuck).
 24024 | Orc:1    | 24024 ||| Stepping randomly (stuck).
 24025 | Orc:1    | 24025 ||| Stepping randomly (stuck).
 24026 | Orc:1    | 24026 ||| Stepping randomly (stuck).
 24027 | Orc:1    | 24027 ||| Stepping randomly (stuck).
 24028 | Orc:1    | 24028 ||| Stepping randomly (stuck).
 24029 | Orc:1    | 24029 ||| Stepping randomly (stuck).
 24030 | Orc:1    | 24030 ||| Stepping randomly (stuck).
 24031 | Orc:1    | 24031 ||| Stepping randomly (stuck).
 24032 | Orc:1    | 24032 ||| Stepping randomly (stuck).
 24033 | Orc:1    | 24033 ||| Stepping randomly (stuck).
 24034 | Orc:1    | 24034 ||| Stepping randomly (stuck).
 24035 | Orc:1    | 24035 ||| Stepping randomly (stuck).
 24036 | Orc:1    | 24036 ||| Stepping randomly (stuck).
 24037 | Orc:1    | 24037 ||| Stepping randomly (stuck).
 24038 | Orc:1    | 24038 ||| Stepping randomly (stuck).
 24039 | Orc:1    | 24039 ||| Stepping randomly (stuck).
 24040 | Orc:1    | 24040 ||| Stepping randomly (stuck).
 24041 | Orc:1    | 24041 ||| Stepping randomly (stuck).
 24042 | Orc:1    | 24042 ||| Stepping randomly (stuck).
 24043 | Orc:1    | 24043 ||| Stepping randomly (stuck).
 24044 | Orc:1    | 24044 ||| Stepping randomly (stuck).
 24045 | Orc:1    | 24045 ||| Stepping randomly (stuck).
 24046 | Orc:1    | 24046 ||| Stepping randomly (stuck).
 24047 | Orc:1    | 24047 ||| Stepping randomly (stuck).
 24048 | Orc:1    | 24048 ||| Stepping randomly (stuck).
 24049 | Orc:1    | 24049 ||| Stepping randomly (stuck).
 24050 | Orc:1    | 24050 ||| Stepping randomly (stuck).
 24051 | Orc:1    | 24051 ||| Stepping randomly (stuck).
 24052 | Orc:1    | 24052 ||| Stepping randomly (stuck).
 24053 | Orc:1    | 24053 ||| Stepping randomly (stuck).
 24054 | Orc:1    | 24054 ||| Stepping randomly (stuck).
 24055 | Orc:1    | 24055 ||| Stepping randomly (stuck).
 24056 | Orc:1    | 24056 ||| Stepping randomly (stuck).
 24057 | Orc:1    | 24057 ||| Stepping randomly (stuck).
 24058 | Orc:1    | 24058 ||| Stepping randomly (stuck).
 24059 | Orc:1    | 24059 ||| Stepping randomly (stuck).
 24060 | Orc:1    | 24060 ||| Stepping randomly (stuck).
 24061 | Orc:1    | 24061 ||| Stepping randomly (stuck).
 24062 | Orc:1    | 24062 ||| Stepping randomly (stuck).
 24063 | Orc:1    | 24063 ||| Stepping randomly (stuck).
 24064 | Orc:1    | 24064 ||| Stepping randomly (stuck).
 24065 | Orc:1    | 24065 ||| Stepping randomly (stuck).
 24066 | Orc:1    | 24066 ||| Stepping randomly (stuck).
 24067 | Orc:1    | 24067 ||| Stepping randomly (stuck).
 24068 | Orc:1    | 24068 ||| Stepping randomly (stuck).
 24069 | Orc:1    | 24069 ||| Stepping randomly (stuck).
 24070 | Orc:1    | 24070 ||| Stepping randomly (stuck).
 24071 | Orc:1    | 24071 ||| Stepping randomly (stuck).
 24072 | Orc:1    | 24072 ||| Stepping randomly (stuck).
 24073 | Orc:1    | 24073 ||| Stepping randomly (stuck).
 24074 | Orc:1    | 24074 ||| Stepping randomly (stuck).
 24075 | Orc:1    | 24075 ||| Stepping randomly (stuck).
 24076 | Orc:1    | 24076 ||| Stepping randomly (stuck).
 24077 | Orc:1    | 24077 ||| Stepping randomly (stuck).
 24078 | Orc:1    | 24078 ||| Stepping randomly (stuck).
 24079 | Orc:1    | 24079 ||| Stepping randomly (stuck).
 24080 | Orc:1    | 24080 ||| Stepping randomly (stuck).
 24081 | Orc:1    | 24081 ||| Stepping randomly (stuck).
 24082 | Orc:1    | 24082 ||| Stepping randomly (stuck).
 24083 | Orc:1    | 24083 ||| Stepping randomly (stuck).
 24084 | Orc:1    | 24084 ||| Stepping randomly (stuck).
 24085 | Orc:1    | 24085 ||| Stepping randomly (stuck).
 24086 | Orc:1    | 24086 ||| Stepping randomly (stuck).
 24087 | Orc:1    | 24087 ||| Stepping randomly (stuck).
 24088 | Orc:1    | 24088 ||| Stepping randomly (stuck).
 24089 | Orc:1    | 24089 ||| Stepping randomly (stuck).
 24090 | Orc:1    | 24090 ||| Stepping randomly (stuck).
 24091 | Orc:1    | 24091 ||| Stepping randomly (stuck).
 24092 | Orc:1    | 24092 ||| Stepping randomly (stuck).
 24093 | Orc:1    | 24093 ||| Stepping randomly (stuck).
 24094 | Orc:1    | 24094 ||| Stepping randomly (stuck).
 24095 | Orc:1    | 24095 ||| Stepping randomly (stuck).
 24096 | Orc:1    | 24096 ||| Stepping randomly (stuck).
 24097 | Orc:1    | 24097 ||| Stepping randomly (stuck).
 24098 | Orc:1    | 24098 ||| Stepping randomly (stuck).
 24099 | Orc:1    | 24099 ||| Stepping randomly (stuck).
 24100 | Orc:1    | 24100 ||| Stepping randomly (stuck).
 24101 | Orc:1    | 24101 ||| Stepping randomly (stuck).
 24102 | Orc:1    | 24102 ||| Stepping randomly (stuck).
 24103 | Orc:1    | 24103 ||| Stepping randomly (stuck).
 24104 | Orc:1    | 24104 ||| Stepping randomly (stuck).
 24105 | Orc:1    | 24105 ||| Stepping randomly (stuck).
 24106 | Orc:1    | 24106 ||| Stepping randomly (stuck).
 24107 | Orc:1    | 24107 ||| Stepping randomly (stuck).
 24108 | Orc:1    | 24108 ||| Stepping randomly (stuck).
 24109 | Orc:1    | 24109 ||| Stepping randomly (stuck).
 24110 | Orc:1    | 24110 ||| Stepping randomly (stuck).
 24111 | Orc:1    | 24111 ||| Stepping randomly (stuck).
 24112 | Orc:1    | 24112 ||| Stepping randomly (stuck).
 24113 | Orc:1    | 24113 ||| Stepping randomly (stuck).
 24114 | Orc:1    | 24114 ||| Stepping randomly (stuck).
 24115 | Orc:1    | 24115 ||| Stepping randomly (stuck).
 24116 | Orc:1    | 24116 ||| Stepping randomly (stuck).
 24117 | Orc:1    | 24117 ||| Stepping randomly (stuck).
 24118 | Orc:1    | 24118 ||| Stepping randomly (stuck).
 24119 | Orc:1    | 24119 ||| Stepping randomly (stuck).
 24120 | Orc:1    | 24120 ||| Stepping randomly (stuck).
 24121 | Orc:1    | 24121 ||| Stepping randomly (stuck).
 24122 | Orc:1    | 24122 ||| Stepping randomly (stuck).
 24123 | Orc:1    | 24123 ||| Stepping randomly (stuck).
 24124 | Orc:1    | 24124 ||| Stepping randomly (stuck).
 24125 | Orc:1    | 24125 ||| Stepping randomly (stuck).
 24126 | Orc:1    | 24126 ||| Stepping randomly (stuck).
 24127 | Orc:1    | 24127 ||| Stepping randomly (stuck).
 24128 | Orc:1    | 24128 ||| Stepping randomly (stuck).
 24129 | Orc:1    | 24129 ||| Stepping randomly (stuck).
 24130 | Orc:1    | 24130 ||| Stepping randomly (stuck).
 24131 | Orc:1    | 24131 ||| Stepping randomly (stuck).
 24132 | Orc:1    | 24132 ||| Stepping randomly (stuck).
 24133 | Orc:1    | 24133 ||| Stepping randomly (stuck).
 24134 | Orc:1    | 24134 ||| Stepping randomly (stuck).
 24135 | Orc:1    | 24135 ||| Stepping randomly (stuck).
 24136 | Orc:1    | 24136 ||| Stepping randomly (stuck).
 24137 | Orc:1    | 24137 ||| Stepping randomly (stuck).
 24138 | Orc:1    | 24138 ||| Stepping randomly (stuck).
 24139 | Orc:1    | 24139 ||| Stepping randomly (stuck).
 24140 | Orc:1    | 24140 ||| Stepping randomly (stuck).
 24141 | Orc:1    | 24141 ||| Stepping randomly (stuck).
 24142 | Orc:1    | 24142 ||| Stepping randomly (stuck).
 24143 | Orc:1    | 24143 ||| Stepping randomly (stuck).
 24144 | Orc:1    | 24144 ||| Stepping randomly (stuck).
 24145 | Orc:1    | 24145 ||| Stepping randomly (stuck).
 24146 | Orc:1    | 24146 ||| Stepping randomly (stuck).
 24147 | Orc:1    | 24147 ||| Stepping randomly (stuck).
 24148 | Orc:1    | 24148 ||| Stepping randomly (stuck).
 24149 | Orc:1    | 24149 ||| Stepping randomly (stuck).
 24150 | Orc:1    | 24150 ||| Stepping randomly (stuck).
 24151 | Orc:1    | 24151 ||| Stepping randomly (stuck).
 24152 | Orc:1    | 24152 ||| Stepping randomly (stuck).
 24153 | Orc:1    | 24153 ||| Stepping randomly (stuck).
 24154 | Orc:1    | 24154 ||| Stepping randomly (stuck).
 24155 | Orc:1    | 24155 ||| Stepping randomly (stuck).
 24156 | Orc:1    | 24156 ||| Stepping randomly (stuck).
 24157 | Orc:1    | 24157 ||| Stepping randomly (stuck).
 24158 | Orc:1    | 24158 ||| Stepping randomly (stuck).
 24159 | Orc:1    | 24159 ||| Stepping randomly (stuck).
 24160 | Orc:1    | 24160 ||| Stepping randomly (stuck).
 24161 | Orc:1    | 24161 ||| Stepping randomly (stuck).
 24162 | Orc:1    | 24162 ||| Stepping randomly (stuck).
 24163 | Orc:1    | 24163 ||| Stepping randomly (stuck).
 24164 | Orc:1    | 24164 ||| Stepping randomly (stuck).
 24165 | Orc:1    | 24165 ||| Stepping randomly (stuck).
 24166 | Orc:1    | 24166 ||| Stepping randomly (stuck).
 24167 | Orc:1    | 24167 ||| Stepping randomly (stuck).
 24168 | Orc:1    | 24168 ||| Stepping randomly (stuck).
 24169 | Orc:1    | 24169 ||| Stepping randomly (stuck).
 24170 | Orc:1    | 24170 ||| Stepping randomly (stuck).
 24171 | Orc:1    | 24171 ||| Stepping randomly (stuck).
 24172 | Orc:1    | 24172 ||| Stepping randomly (stuck).
 24173 | Orc:1    | 24173 ||| Stepping randomly (stuck).
 24174 | Orc:1    | 24174 ||| Stepping randomly (stuck).
 24175 | Orc:1    | 24175 ||| Stepping randomly (stuck).
 24176 | Orc:1    | 24176 ||| Stepping randomly (stuck).
 24177 | Orc:1    | 24177 ||| Stepping randomly (stuck).
 24178 | Orc:1    | 24178 ||| Stepping randomly (stuck).
 24179 | Orc:1    | 24179 ||| Stepping randomly (stuck).
 24180 | Orc:1    | 24180 ||| Stepping randomly (stuck).
 24181 | Orc:1    | 24181 ||| Stepping randomly (stuck).
 24182 | Orc:1    | 24182 ||| Stepping randomly (stuck).
 24183 | Orc:1    | 24183 ||| Stepping randomly (stuck).
 24184 | Orc:1    | 24184 ||| Stepping randomly (stuck).
 24185 | Orc:1    | 24185 ||| Stepping randomly (stuck).
 24186 | Orc:1    | 24186 ||| Stepping randomly (stuck).
 24187 | Orc:1    | 24187 ||| Stepping randomly (stuck).
 24188 | Orc:1    | 24188 ||| Stepping randomly (stuck).
 24189 | Orc:1    | 24189 ||| Stepping randomly (stuck).
 24190 | Orc:1    | 24190 ||| Stepping randomly (stuck).
 24191 | Orc:1    | 24191 ||| Stepping randomly (stuck).
 24192 | Orc:1    | 24192 ||| Stepping randomly (stuck).
 24193 | Orc:1    | 24193 ||| Stepping randomly (stuck).
 24194 | Orc:1    | 24194 ||| Stepping randomly (stuck).
 24195 | Orc:1    | 24195 ||| Stepping randomly (stuck).
 24196 | Orc:1    | 24196 ||| Stepping randomly (stuck).
 24197 | Orc:1    | 24197 ||| Stepping randomly (stuck).
 24198 | Orc:1    | 24198 ||| Stepping randomly (stuck).
 24199 | Orc:1    | 24199 ||| Stepping randomly (stuck).
 24200 | Orc:1    | 24200 ||| Stepping randomly (stuck).
 24201 | Orc:1    | 24201 ||| EATING 12 fruits.
 24202 | Orc:1    | 24202 ||| Stepping randomly (stuck).
 24203 | Orc:1    | 24203 ||| Stepping randomly (stuck).
 24204 | Orc:1    | 24204 ||| Stepping randomly (stuck).
 24205 | Orc:1    | 24205 ||| Stepping randomly (stuck).
 24206 | Orc:1    | 24206 ||| Stepping randomly (stuck).
 24207 | Orc:1    | 24207 ||| Stepping randomly (stuck).
 24208 | Orc:1    | 24208 ||| Stepping randomly (stuck).
 24209 | Orc:1    | 24209 ||| Stepping randomly (stuck).
 24210 | Orc:1    | 24210 ||| Stepping randomly (stuck).
 24211 | Orc:1    | 24211 ||| Stepping randomly (stuck).
 24212 | Orc:1    | 24212 ||| Stepping randomly (stuck).
 24213 | Orc:1    | 24213 ||| Stepping randomly (stuck).
 24214 | Orc:1    | 24214 ||| Stepping randomly (stuck).
 24215 | Orc:1    | 24215 ||| Stepping randomly (stuck).
 24216 | Orc:1    | 24216 ||| Stepping randomly (stuck).
 24217 | Orc:1    | 24217 ||| Stepping randomly (stuck).
 24218 | Orc:1    | 24218 ||| Stepping randomly (stuck).
 24219 | Orc:1    | 24219 ||| Stepping randomly (stuck).
 24220 | Orc:1    | 24220 ||| Stepping randomly (stuck).
 24221 | Orc:1    | 24221 ||| Stepping randomly (stuck).
 24222 | Orc:1    | 24222 ||| Stepping randomly (stuck).
 24223 | Orc:1    | 24223 ||| Stepping randomly (stuck).
 24224 | Orc:1    | 24224 ||| Stepping randomly (stuck).
 24225 | Orc:1    | 24225 ||| Stepping randomly (stuck).
 24226 | Orc:1    | 24226 ||| Stepping randomly (stuck).
 24227 | Orc:1    | 24227 ||| Stepping randomly (stuck).
 24228 | Orc:1    | 24228 ||| Stepping randomly (stuck).
 24229 | Orc:1    | 24229 ||| Stepping randomly (stuck).
 24230 | Orc:1    | 24230 ||| Stepping randomly (stuck).
 24231 | Orc:1    | 24231 ||| Stepping randomly (stuck).
 24232 | Orc:1    | 24232 ||| Stepping randomly (stuck).
 24233 | Orc:1    | 24233 ||| Stepping randomly (stuck).
 24234 | Orc:1    | 24234 ||| Stepping randomly (stuck).
 24235 | Orc:1    | 24235 ||| Stepping randomly (stuck).
 24236 | Orc:1    | 24236 ||| Stepping randomly (stuck).
 24237 | Orc:1    | 24237 ||| Stepping randomly (stuck).
 24238 | Orc:1    | 24238 ||| Stepping randomly (stuck).
 24239 | Orc:1    | 24239 ||| Stepping randomly (stuck).
 24240 | Orc:1    | 24240 ||| Stepping randomly (stuck).
 24241 | Orc:1    | 24241 ||| Stepping randomly (stuck).
 24242 | Orc:1    | 24242 ||| Stepping randomly (stuck).
 24243 | Orc:1    | 24243 ||| Stepping randomly (stuck).
 24244 | Orc:1    | 24244 ||| Stepping randomly (stuck).
 24245 | Orc:1    | 24245 ||| Stepping randomly (stuck).
 24246 | Orc:1    | 24246 ||| Stepping randomly (stuck).
 24247 | Orc:1    | 24247 ||| Stepping randomly (stuck).
 24248 | Orc:1    | 24248 ||| Stepping randomly (stuck).
 24249 | Orc:1    | 24249 ||| Stepping randomly (stuck).
 24250 | Orc:1    | 24250 ||| Stepping randomly (stuck).
 24251 | Orc:1    | 24251 ||| Stepping randomly (stuck).
 24252 | Orc:1    | 24252 ||| Stepping randomly (stuck).
 24253 | Orc:1    | 24253 ||| Stepping randomly (stuck).
 24254 | Orc:1    | 24254 ||| Stepping randomly (stuck).
 24255 | Orc:1    | 24255 ||| Stepping randomly (stuck).
 24256 | Orc:1    | 24256 ||| Stepping randomly (stuck).
 24257 | Orc:1    | 24257 ||| Stepping randomly (stuck).
 24258 | Orc:1    | 24258 ||| Stepping randomly (stuck).
 24259 | Orc:1    | 24259 ||| Stepping randomly (stuck).
 24260 | Orc:1    | 24260 ||| Stepping randomly (stuck).
 24261 | Orc:1    | 24261 ||| Stepping randomly (stuck).
 24262 | Orc:1    | 24262 ||| Stepping randomly (stuck).
 24263 | Orc:1    | 24263 ||| Stepping randomly (stuck).
 24264 | Orc:1    | 24264 ||| Stepping randomly (stuck).
 24265 | Orc:1    | 24265 ||| Stepping randomly (stuck).
 24266 | Orc:1    | 24266 ||| Stepping randomly (stuck).
 24267 | Orc:1    | 24267 ||| Stepping randomly (stuck).
 24268 | Orc:1    | 24268 ||| Stepping randomly (stuck).
 24269 | Orc:1    | 24269 ||| Stepping randomly (stuck).
 24270 | Orc:1    | 24270 ||| Stepping randomly (stuck).
 24271 | Orc:1    | 24271 ||| Stepping randomly (stuck).
 24272 | Orc:1    | 24272 ||| Stepping randomly (stuck).
 24273 | Orc:1    | 24273 ||| Stepping randomly (stuck).
 24274 | Orc:1    | 24274 ||| Stepping randomly (stuck).
 24275 | Orc:1    | 24275 ||| Stepping randomly (stuck).
 24276 | Orc:1    | 24276 ||| Stepping randomly (stuck).
 24277 | Orc:1    | 24277 ||| Stepping randomly (stuck).
 24278 | Orc:1    | 24278 ||| Stepping randomly (stuck).
 24279 | Orc:1    | 24279 ||| Stepping randomly (stuck).
 24280 | Orc:1    | 24280 ||| Stepping randomly (stuck).
 24281 | Orc:1    | 24281 ||| Stepping randomly (stuck).
 24282 | Orc:1    | 24282 ||| Stepping randomly (stuck).
 24283 | Orc:1    | 24283 ||| Stepping randomly (stuck).
 24284 | Orc:1    | 24284 ||| Stepping randomly (stuck).
 24285 | Orc:1    | 24285 ||| Stepping randomly (stuck).
 24286 | Orc:1    | 24286 ||| Stepping randomly (stuck).
 24287 | Orc:1    | 24287 ||| Stepping randomly (stuck).
 24288 | Orc:1    | 24288 ||| Stepping randomly (stuck).
 24289 | Orc:1    | 24289 ||| Stepping randomly (stuck).
 24290 | Orc:1    | 24290 ||| Stepping randomly (stuck).
 24291 | Orc:1    | 24291 ||| Stepping randomly (stuck).
 24292 | Orc:1    | 24292 ||| Stepping randomly (stuck).
 24293 | Orc:1    | 24293 ||| Stepping randomly (stuck).
 24294 | Orc:1    | 24294 ||| Stepping randomly (stuck).
 24295 | Orc:1    | 24295 ||| Stepping randomly (stuck).
 24296 | Orc:1    | 24296 ||| Stepping randomly (stuck).
 24297 | Orc:1    | 24297 ||| Stepping randomly (stuck).
 24298 | Orc:1    | 24298 ||| Stepping randomly (stuck).
 24299 | Orc:1    | 24299 ||| Stepping randomly (stuck).
 24300 | Orc:1    | 24300 ||| Stepping randomly (stuck).
 24301 | Orc:1    | 24301 ||| Stepping randomly (stuck).
 24302 | Orc:1    | 24302 ||| Stepping randomly (stuck).
 24303 | Orc:1    | 24303 ||| Stepping randomly (stuck).
 24304 | Orc:1    | 24304 ||| Stepping randomly (stuck).
 24305 | Orc:1    | 24305 ||| Stepping randomly (stuck).
 24306 | Orc:1    | 24306 ||| Stepping randomly (stuck).
 24307 | Orc:1    | 24307 ||| Stepping randomly (stuck).
 24308 | Orc:1    | 24308 ||| Stepping randomly (stuck).
 24309 | Orc:1    | 24309 ||| Stepping randomly (stuck).
 24310 | Orc:1    | 24310 ||| Stepping randomly (stuck).
 24311 | Orc:1    | 24311 ||| Stepping randomly (stuck).
 24312 | Orc:1    | 24312 ||| Stepping randomly (stuck).
 24313 | Orc:1    | 24313 ||| Stepping randomly (stuck).
 24314 | Orc:1    | 24314 ||| Stepping randomly (stuck).
 24315 | Orc:1    | 24315 ||| Stepping randomly (stuck).
 24316 | Orc:1    | 24316 ||| Stepping randomly (stuck).
 24317 | Orc:1    | 24317 ||| Stepping randomly (stuck).
 24318 | Orc:1    | 24318 ||| Stepping randomly (stuck).
 24319 | Orc:1    | 24319 ||| Stepping randomly (stuck).
 24320 | Orc:1    | 24320 ||| Stepping randomly (stuck).
 24321 | Orc:1    | 24321 ||| Stepping randomly (stuck).
 24322 | Orc:1    | 24322 ||| Stepping randomly (stuck).
 24323 | Orc:1    | 24323 ||| Stepping randomly (stuck).
 24324 | Orc:1    | 24324 ||| Stepping randomly (stuck).
 24325 | Orc:1    | 24325 ||| Stepping randomly (stuck).
 24326 | Orc:1    | 24326 ||| Stepping randomly (stuck).
 24327 | Orc:1    | 24327 ||| Stepping randomly (stuck).
 24328 | Orc:1    | 24328 ||| Stepping randomly (stuck).
 24329 | Orc:1    | 24329 ||| Stepping randomly (stuck).
 24330 | Orc:1    | 24330 ||| Stepping randomly (stuck).
 24331 | Orc:1    | 24331 ||| Stepping randomly (stuck).
 24332 | Orc:1    | 24332 ||| Stepping randomly (stuck).
 24333 | Orc:1    | 24333 ||| Stepping randomly (stuck).
 24334 | Orc:1    | 24334 ||| Stepping randomly (stuck).
 24335 | Orc:1    | 24335 ||| Stepping randomly (stuck).
 24336 | Orc:1    | 24336 ||| Stepping randomly (stuck).
 24337 | Orc:1    | 24337 ||| Stepping randomly (stuck).
 24338 | Orc:1    | 24338 ||| Stepping randomly (stuck).
 24339 | Orc:1    | 24339 ||| Stepping randomly (stuck).
 24340 | Orc:1    | 24340 ||| Stepping randomly (stuck).
 24341 | Orc:1    | 24341 ||| Stepping randomly (stuck).
 24342 | Orc:1    | 24342 ||| Stepping randomly (stuck).
 24343 | Orc:1    | 24343 ||| Stepping randomly (stuck).
 24344 | Orc:1    | 24344 ||| Stepping randomly (stuck).
 24345 | Orc:1    | 24345 ||| Stepping randomly (stuck).
 24346 | Orc:1    | 24346 ||| Stepping randomly (stuck).
 24347 | Orc:1    | 24347 ||| Stepping randomly (stuck).
 24348 | Orc:1    | 24348 ||| Stepping randomly (stuck).
 24349 | Orc:1    | 24349 ||| Stepping randomly (stuck).
 24350 | Orc:1    | 24350 ||| Stepping randomly (stuck).
 24351 | Orc:1    | 24351 ||| Stepping randomly (stuck).
 24352 | Orc:1    | 24352 ||| Stepping randomly (stuck).
 24353 | Orc:1    | 24353 ||| Stepping randomly (stuck).
 24354 | Orc:1    | 24354 ||| Stepping randomly (stuck).
 24355 | Orc:1    | 24355 ||| Stepping randomly (stuck).
 24356 | Orc:1    | 24356 ||| Stepping randomly (stuck).
 24357 | Orc:1    | 24357 ||| Stepping randomly (stuck).
 24358 | Orc:1    | 24358 ||| Stepping randomly (stuck).
 24359 | Orc:1    | 24359 ||| Stepping randomly (stuck).
 24360 | Orc:1    | 24360 ||| Stepping randomly (stuck).
 24361 | Orc:1    | 24361 ||| Stepping randomly (stuck).
 24362 | Orc:1    | 24362 ||| Stepping randomly (stuck).
 24363 | Orc:1    | 24363 ||| Stepping randomly (stuck).
 24364 | Orc:1    | 24364 ||| Stepping randomly (stuck).
 24365 | Orc:1    | 24365 ||| Stepping randomly (stuck).
 24366 | Orc:1    | 24366 ||| Stepping randomly (stuck).
 24367 | Orc:1    | 24367 ||| Stepping randomly (stuck).
 24368 | Orc:1    | 24368 ||| Stepping randomly (stuck).
 24369 | Orc:1    | 24369 ||| Stepping randomly (stuck).
 24370 | Orc:1    | 24370 ||| Stepping randomly (stuck).
 24371 | Orc:1    | 24371 ||| Stepping randomly (stuck).
 24372 | Orc:1    | 24372 ||| Stepping randomly (stuck).
 24373 | Orc:1    | 24373 ||| Stepping randomly (stuck).
 24374 | Orc:1    | 24374 ||| Stepping randomly (stuck).
 24375 | Orc:1    | 24375 ||| Stepping randomly (stuck).
 24376 | Orc:1    | 24376 ||| Stepping randomly (stuck).
 24377 | Orc:1    | 24377 ||| Stepping randomly (stuck).
 24378 | Orc:1    | 24378 ||| Stepping randomly (stuck).
 24379 | Orc:1    | 24379 ||| Stepping randomly (stuck).
 24380 | Orc:1    | 24380 ||| Stepping randomly (stuck).
 24381 | Orc:1    | 24381 ||| Stepping randomly (stuck).
 24382 | Orc:1    | 24382 ||| Stepping randomly (stuck).
 24383 | Orc:1    | 24383 ||| Stepping randomly (stuck).
 24384 | Orc:1    | 24384 ||| Stepping randomly (stuck).
 24385 | Orc:1    | 24385 ||| Stepping randomly (stuck).
 24386 | Orc:1    | 24386 ||| Stepping randomly (stuck).
 24387 | Orc:1    | 24387 ||| Stepping randomly (stuck).
 24388 | Orc:1    | 24388 ||| Stepping randomly (stuck).
 24389 | Orc:1    | 24389 ||| Stepping randomly (stuck).
 24390 | Orc:1    | 24390 ||| Stepping randomly (stuck).
 24391 | Orc:1    | 24391 ||| Stepping randomly (stuck).
 24392 | Orc:1    | 24392 ||| Stepping randomly (stuck).
 24393 | Orc:1    | 24393 ||| Stepping randomly (stuck).
 24394 | Orc:1    | 24394 ||| Stepping randomly (stuck).
 24395 | Orc:1    | 24395 ||| Stepping randomly (stuck).
 24396 | Orc:1    | 24396 ||| Stepping randomly (stuck).
 24397 | Orc:1    | 24397 ||| Stepping randomly (stuck).
 24398 | Orc:1    | 24398 ||| Stepping randomly (stuck).
 24399 | Orc:1    | 24399 ||| Stepping randomly (stuck).
 24400 | Orc:1    | 24400 ||| Stepping randomly (stuck).
 24401 | Orc:1    | 24401 ||| Stepping randomly (stuck).
 24402 | Orc:1    | 24402 ||| Stepping randomly (stuck).
 24403 | Orc:1    | 24403 ||| Stepping randomly (stuck).
 24404 | Orc:1    | 24404 ||| Stepping randomly (stuck).
 24405 | Orc:1    | 24405 ||| Stepping randomly (stuck).
 24406 | Orc:1    | 24406 ||| Stepping randomly (stuck).
 24407 | Orc:1    | 24407 ||| Stepping randomly (stuck).
 24408 | Orc:1    | 24408 ||| Stepping randomly (stuck).
 24409 | Orc:1    | 24409 ||| Stepping randomly (stuck).
 24410 | Orc:1    | 24410 ||| Stepping randomly (stuck).
 24411 | Orc:1    | 24411 ||| Stepping randomly (stuck).
 24412 | Orc:1    | 24412 ||| Stepping randomly (stuck).
 24413 | Orc:1    | 24413 ||| Stepping randomly (stuck).
 24414 | Orc:1    | 24414 ||| Stepping randomly (stuck).
 24415 | Orc:1    | 24415 ||| Stepping randomly (stuck).
 24416 | Orc:1    | 24416 ||| Stepping randomly (stuck).
 24417 | Orc:1    | 24417 ||| Stepping randomly (stuck).
 24418 | Orc:1    | 24418 ||| Stepping randomly (stuck).
 24419 | Orc:1    | 24419 ||| Stepping randomly (stuck).
 24420 | Orc:1    | 24420 ||| Stepping randomly (stuck).
 24421 | Orc:1    | 24421 ||| Stepping randomly (stuck).
 24422 | Orc:1    | 24422 ||| Stepping randomly (stuck).
 24423 | Orc:1    | 24423 ||| Stepping randomly (stuck).
 24424 | Orc:1    | 24424 ||| Stepping randomly (stuck).
 24425 | Orc:1    | 24425 ||| Stepping randomly (stuck).
 24426 | Orc:1    | 24426 ||| Stepping randomly (stuck).
 24427 | Orc:1    | 24427 ||| Stepping randomly (stuck).
 24428 | Orc:1    | 24428 ||| Stepping randomly (stuck).
 24429 | Orc:1    | 24429 ||| Stepping randomly (stuck).
 24430 | Orc:1    | 24430 ||| Stepping randomly (stuck).
 24431 | Orc:1    | 24431 ||| Stepping randomly (stuck).
 24432 | Orc:1    | 24432 ||| Stepping randomly (stuck).
 24433 | Orc:1    | 24433 ||| Stepping randomly (stuck).
 24434 | Orc:1    | 24434 ||| Stepping randomly (stuck).
 24435 | Orc:1    | 24435 ||| Stepping randomly (stuck).
 24436 | Orc:1    | 24436 ||| Stepping randomly (stuck).
 24437 | Orc:1    | 24437 ||| Stepping randomly (stuck).
 24438 | Orc:1    | 24438 ||| Stepping randomly (stuck).
 24439 | Orc:1    | 24439 ||| Stepping randomly (stuck).
 24440 | Orc:1    | 24440 ||| Stepping randomly (stuck).
 24441 | Orc:1    | 24441 ||| Stepping randomly (stuck).
 24442 | Orc:1    | 24442 ||| Stepping randomly (stuck).
 24443 | Orc:1    | 24443 ||| Stepping randomly (stuck).
 24444 | Orc:1    | 24444 ||| Stepping randomly (stuck).
 24445 | Orc:1    | 24445 ||| Stepping randomly (stuck).
 24446 | Orc:1    | 24446 ||| Stepping randomly (stuck).
 24447 | Orc:1    | 24447 ||| Stepping randomly (stuck).
 24448 | Orc:1    | 24448 ||| Stepping randomly (stuck).
 24449 | Orc:1    | 24449 ||| Stepping randomly (stuck).
 24450 | Orc:1    | 24450 ||| Stepping randomly (stuck).
 24451 | Orc:1    | 24451 ||| Stepping randomly (stuck).
 24452 | Orc:1    | 24452 ||| Stepping randomly (stuck).
 24453 | Orc:1    | 24453 ||| Stepping randomly (stuck).
 24454 | Orc:1    | 24454 ||| Stepping randomly (stuck).
 24455 | Orc:1    | 24455 ||| Stepping randomly (stuck).
 24456 | Orc:1    | 24456 ||| Stepping randomly (stuck).
 24457 | Orc:1    | 24457 ||| Stepping randomly (stuck).
 24458 | Orc:1    | 24458 ||| Stepping randomly (stuck).
 24459 | Orc:1    | 24459 ||| Stepping randomly (stuck).
 24460 | Orc:1    | 24460 ||| Stepping randomly (stuck).
 24461 | Orc:1    | 24461 ||| Stepping randomly (stuck).
 24462 | Orc:1    | 24462 ||| Stepping randomly (stuck).
 24463 | Orc:1    | 24463 ||| Stepping randomly (stuck).
 24464 | Orc:1    | 24464 ||| Stepping randomly (stuck).
 24465 | Orc:1    | 24465 ||| Stepping randomly (stuck).
 24466 | Orc:1    | 24466 ||| Stepping randomly (stuck).
 24467 | Orc:1    | 24467 ||| Stepping randomly (stuck).
 24468 | Orc:1    | 24468 ||| Stepping randomly (stuck).
 24469 | Orc:1    | 24469 ||| Stepping randomly (stuck).
 24470 | Orc:1    | 24470 ||| Stepping randomly (stuck).
 24471 | Orc:1    | 24471 ||| Stepping randomly (stuck).
 24472 | Orc:1    | 24472 ||| Stepping randomly (stuck).
 24473 | Orc:1    | 24473 ||| Stepping randomly (stuck).
 24474 | Orc:1    | 24474 ||| Stepping randomly (stuck).
 24475 | Orc:1    | 24475 ||| Stepping randomly (stuck).
 24476 | Orc:1    | 24476 ||| Stepping randomly (stuck).
 24477 | Orc:1    | 24477 ||| Stepping randomly (stuck).
 24478 | Orc:1    | 24478 ||| Stepping randomly (stuck).
 24479 | Orc:1    | 24479 ||| Stepping randomly (stuck).
 24480 | Orc:1    | 24480 ||| Stepping randomly (stuck).
 24481 | Orc:1    | 24481 ||| Stepping randomly (stuck).
 24482 | Orc:1    | 24482 ||| Stepping randomly (stuck).
 24483 | Orc:1    | 24483 ||| Stepping randomly (stuck).
 24484 | Orc:1    | 24484 ||| EATING 11 fruits.
 24485 | Orc:1    | 24485 ||| Stepping randomly (stuck).
 24486 | Orc:1    | 24486 ||| Stepping randomly (stuck).
 24487 | Orc:1    | 24487 ||| Stepping randomly (stuck).
 24488 | Orc:1    | 24488 ||| Stepping randomly (stuck).
 24489 | Orc:1    | 24489 ||| Stepping randomly (stuck).
 24490 | Orc:1    | 24490 ||| Stepping randomly (stuck).
 24491 | Orc:1    | 24491 ||| Stepping randomly (stuck).
 24492 | Orc:1    | 24492 ||| Stepping randomly (stuck).
 24493 | Orc:1    | 24493 ||| Stepping randomly (stuck).
 24494 | Orc:1    | 24494 ||| Stepping randomly (stuck).
 24495 | Orc:1    | 24495 ||| Stepping randomly (stuck).
 24496 | Orc:1    | 24496 ||| Stepping randomly (stuck).
 24497 | Orc:1    | 24497 ||| Stepping randomly (stuck).
 24498 | Orc:1    | 24498 ||| Stepping randomly (stuck).
 24499 | Orc:1    | 24499 ||| Stepping randomly (stuck).
 24500 | Orc:1    | 24500 ||| Stepping randomly (stuck).
 24501 | Orc:1    | 24501 ||| Stepping randomly (stuck).
 24502 | Orc:1    | 24502 ||| Stepping randomly (stuck).
 24503 | Orc:1    | 24503 ||| Stepping randomly (stuck).
 24504 | Orc:1    | 24504 ||| Stepping randomly (stuck).
 24505 | Orc:1    | 24505 ||| Stepping randomly (stuck).
 24506 | Orc:1    | 24506 ||| Stepping randomly (stuck).
 24507 | Orc:1    | 24507 ||| Stepping randomly (stuck).
 24508 | Orc:1    | 24508 ||| Stepping randomly (stuck).
 24509 | Orc:1    | 24509 ||| Stepping randomly (stuck).
 24510 | Orc:1    | 24510 ||| Stepping randomly (stuck).
 24511 | Orc:1    | 24511 ||| Stepping randomly (stuck).
 24512 | Orc:1    | 24512 ||| Stepping randomly (stuck).
 24513 | Orc:1    | 24513 ||| Stepping randomly (stuck).
 24514 | Orc:1    | 24514 ||| Stepping randomly (stuck).
 24515 | Orc:1    | 24515 ||| Stepping randomly (stuck).
 24516 | Orc:1    | 24516 ||| Stepping randomly (stuck).
 24517 | Orc:1    | 24517 ||| Stepping randomly (stuck).
 24518 | Orc:1    | 24518 ||| Stepping randomly (stuck).
 24519 | Orc:1    | 24519 ||| Stepping randomly (stuck).
 24520 | Orc:1    | 24520 ||| Stepping randomly (stuck).
 24521 | Orc:1    | 24521 ||| Stepping randomly (stuck).
 24522 | Orc:1    | 24522 ||| Stepping randomly (stuck).
 24523 | Orc:1    | 24523 ||| Stepping randomly (stuck).
 24524 | Orc:1    | 24524 ||| Stepping randomly (stuck).
 24525 | Orc:1    | 24525 ||| Stepping randomly (stuck).
 24526 | Orc:1    | 24526 ||| Stepping randomly (stuck).
 24527 | Orc:1    | 24527 ||| Stepping randomly (stuck).
 24528 | Orc:1    | 24528 ||| Stepping randomly (stuck).
 24529 | Orc:1    | 24529 ||| Stepping randomly (stuck).
 24530 | Orc:1    | 24530 ||| Stepping randomly (stuck).
 24531 | Orc:1    | 24531 ||| Stepping randomly (stuck).
 24532 | Orc:1    | 24532 ||| Stepping randomly (stuck).
 24533 | Orc:1    | 24533 ||| Stepping randomly (stuck).
 24534 | Orc:1    | 24534 ||| Stepping randomly (stuck).
 24535 | Orc:1    | 24535 ||| Stepping randomly (stuck).
 24536 | Orc:1    | 24536 ||| Stepping randomly (stuck).
 24537 | Orc:1    | 24537 ||| Stepping randomly (stuck).
 24538 | Orc:1    | 24538 ||| Stepping randomly (stuck).
 24539 | Orc:1    | 24539 ||| Stepping randomly (stuck).
 24540 | Orc:1    | 24540 ||| Stepping randomly (stuck).
 24541 | Orc:1    | 24541 ||| Stepping randomly (stuck).
 24542 | Orc:1    | 24542 ||| Stepping randomly (stuck).
 24543 | Orc:1    | 24543 ||| Stepping randomly (stuck).
 24544 | Orc:1    | 24544 ||| Stepping randomly (stuck).
 24545 | Orc:1    | 24545 ||| Stepping randomly (stuck).
 24546 | Orc:1    | 24546 ||| Stepping randomly (stuck).
 24547 | Orc:1    | 24547 ||| Stepping randomly (stuck).
 24548 | Orc:1    | 24548 ||| Stepping randomly (stuck).
 24549 | Orc:1    | 24549 ||| Stepping randomly (stuck).
 24550 | Orc:1    | 24550 ||| Stepping randomly (stuck).
 24551 | Orc:1    | 24551 ||| Stepping randomly (stuck).
 24552 | Orc:1    | 24552 ||| Stepping randomly (stuck).
 24553 | Orc:1    | 24553 ||| Stepping randomly (stuck).
 24554 | Orc:1    | 24554 ||| Stepping randomly (stuck).
 24555 | Orc:1    | 24555 ||| Stepping randomly (stuck).
 24556 | Orc:1    | 24556 ||| Stepping randomly (stuck).
 24557 | Orc:1    | 24557 ||| Stepping randomly (stuck).
 24558 | Orc:1    | 24558 ||| Stepping randomly (stuck).
 24559 | Orc:1    | 24559 ||| Stepping randomly (stuck).
 24560 | Orc:1    | 24560 ||| Stepping randomly (stuck).
 24561 | Orc:1    | 24561 ||| Stepping randomly (stuck).
 24562 | Orc:1    | 24562 ||| Stepping randomly (stuck).
 24563 | Orc:1    | 24563 ||| Stepping randomly (stuck).
 24564 | Orc:1    | 24564 ||| Stepping randomly (stuck).
 24565 | Orc:1    | 24565 ||| Stepping randomly (stuck).
 24566 | Orc:1    | 24566 ||| Stepping randomly (stuck).
 24567 | Orc:1    | 24567 ||| Stepping randomly (stuck).
 24568 | Orc:1    | 24568 ||| Stepping randomly (stuck).
 24569 | Orc:1    | 24569 ||| Stepping randomly (stuck).
 24570 | Orc:1    | 24570 ||| Stepping randomly (stuck).
 24571 | Orc:1    | 24571 ||| Stepping randomly (stuck).
 24572 | Orc:1    | 24572 ||| Stepping randomly (stuck).
 24573 | Orc:1    | 24573 ||| Stepping randomly (stuck).
 24574 | Orc:1    | 24574 ||| Stepping randomly (stuck).
 24575 | Orc:1    | 24575 ||| Stepping randomly (stuck).
 24576 | Orc:1    | 24576 ||| Stepping randomly (stuck).
 24577 | Orc:1    | 24577 ||| Stepping randomly (stuck).
 24578 | Orc:1    | 24578 ||| Stepping randomly (stuck).
 24579 | Orc:1    | 24579 ||| Stepping randomly (stuck).
 24580 | Orc:1    | 24580 ||| Stepping randomly (stuck).
 24581 | Orc:1    | 24581 ||| Stepping randomly (stuck).
 24582 | Orc:1    | 24582 ||| Stepping randomly (stuck).
 24583 | Orc:1    | 24583 ||| Stepping randomly (stuck).
 24584 | Orc:1    | 24584 ||| Stepping randomly (stuck).
 24585 | Orc:1    | 24585 ||| Stepping randomly (stuck).
 24586 | Orc:1    | 24586 ||| Stepping randomly (stuck).
 24587 | Orc:1    | 24587 ||| Stepping randomly (stuck).
 24588 | Orc:1    | 24588 ||| Stepping randomly (stuck).
 24589 | Orc:1    | 24589 ||| Stepping randomly (stuck).
 24590 | Orc:1    | 24590 ||| Stepping randomly (stuck).
 24591 | Orc:1    | 24591 ||| Stepping randomly (stuck).
 24592 | Orc:1    | 24592 ||| Stepping randomly (stuck).
 24593 | Orc:1    | 24593 ||| Stepping randomly (stuck).
 24594 | Orc:1    | 24594 ||| Stepping randomly (stuck).
 24595 | Orc:1    | 24595 ||| Stepping randomly (stuck).
 24596 | Orc:1    | 24596 ||| Stepping randomly (stuck).
 24597 | Orc:1    | 24597 ||| Stepping randomly (stuck).
 24598 | Orc:1    | 24598 ||| Stepping randomly (stuck).
 24599 | Orc:1    | 24599 ||| Stepping randomly (stuck).
 24600 | Orc:1    | 24600 ||| Stepping randomly (stuck).
 24601 | Orc:1    | 24601 ||| Stepping randomly (stuck).
 24602 | Orc:1    | 24602 ||| Stepping randomly (stuck).
 24603 | Orc:1    | 24603 ||| Stepping randomly (stuck).
 24604 | Orc:1    | 24604 ||| Stepping randomly (stuck).
 24605 | Orc:1    | 24605 ||| Stepping randomly (stuck).
 24606 | Orc:1    | 24606 ||| Stepping randomly (stuck).
 24607 | Orc:1    | 24607 ||| Stepping randomly (stuck).
 24608 | Orc:1    | 24608 ||| Stepping randomly (stuck).
 24609 | Orc:1    | 24609 ||| Stepping randomly (stuck).
 24610 | Orc:1    | 24610 ||| Stepping randomly (stuck).
 24611 | Orc:1    | 24611 ||| Stepping randomly (stuck).
 24612 | Orc:1    | 24612 ||| Stepping randomly (stuck).
 24613 | Orc:1    | 24613 ||| Stepping randomly (stuck).
 24614 | Orc:1    | 24614 ||| Stepping randomly (stuck).
 24615 | Orc:1    | 24615 ||| Stepping randomly (stuck).
 24616 | Orc:1    | 24616 ||| Stepping randomly (stuck).
 24617 | Orc:1    | 24617 ||| Stepping randomly (stuck).
 24618 | Orc:1    | 24618 ||| Stepping randomly (stuck).
 24619 | Orc:1    | 24619 ||| Stepping randomly (stuck).
 24620 | Orc:1    | 24620 ||| Stepping randomly (stuck).
 24621 | Orc:1    | 24621 ||| Stepping randomly (stuck).
 24622 | Orc:1    | 24622 ||| Stepping randomly (stuck).
 24623 | Orc:1    | 24623 ||| Stepping randomly (stuck).
 24624 | Orc:1    | 24624 ||| Stepping randomly (stuck).
 24625 | Orc:1    | 24625 ||| Stepping randomly (stuck).
 24626 | Orc:1    | 24626 ||| Stepping randomly (stuck).
 24627 | Orc:1    | 24627 ||| Stepping randomly (stuck).
 24628 | Orc:1    | 24628 ||| Stepping randomly (stuck).
 24629 | Orc:1    | 24629 ||| Stepping randomly (stuck).
 24630 | Orc:1    | 24630 ||| Stepping randomly (stuck).
 24631 | Orc:1    | 24631 ||| Stepping randomly (stuck).
 24632 | Orc:1    | 24632 ||| Stepping randomly (stuck).
 24633 | Orc:1    | 24633 ||| Stepping randomly (stuck).
 24634 | Orc:1    | 24634 ||| Stepping randomly (stuck).
 24635 | Orc:1    | 24635 ||| Stepping randomly (stuck).
 24636 | Orc:1    | 24636 ||| Stepping randomly (stuck).
 24637 | Orc:1    | 24637 ||| Stepping randomly (stuck).
 24638 | Orc:1    | 24638 ||| Stepping randomly (stuck).
 24639 | Orc:1    | 24639 ||| Stepping randomly (stuck).
 24640 | Orc:1    | 24640 ||| Stepping randomly (stuck).
 24641 | Orc:1    | 24641 ||| Stepping randomly (stuck).
 24642 | Orc:1    | 24642 ||| Stepping randomly (stuck).
 24643 | Orc:1    | 24643 ||| Stepping randomly (stuck).
 24644 | Orc:1    | 24644 ||| Stepping randomly (stuck).
 24645 | Orc:1    | 24645 ||| Stepping randomly (stuck).
 24646 | Orc:1    | 24646 ||| Stepping randomly (stuck).
 24647 | Orc:1    | 24647 ||| Stepping randomly (stuck).
 24648 | Orc:1    | 24648 ||| Stepping randomly (stuck).
 24649 | Orc:1    | 24649 ||| Stepping randomly (stuck).
 24650 | Orc:1    | 24650 ||| Stepping randomly (stuck).
 24651 | Orc:1    | 24651 ||| Stepping randomly (stuck).
 24652 | Orc:1    | 24652 ||| Stepping randomly (stuck).
 24653 | Orc:1    | 24653 ||| Stepping randomly (stuck).
 24654 | Orc:1    | 24654 ||| Stepping randomly (stuck).
 24655 | Orc:1    | 24655 ||| Stepping randomly (stuck).
 24656 | Orc:1    | 24656 ||| Stepping randomly (stuck).
 24657 | Orc:1    | 24657 ||| Stepping randomly (stuck).
 24658 | Orc:1    | 24658 ||| Stepping randomly (stuck).
 24659 | Orc:1    | 24659 ||| Stepping randomly (stuck).
 24660 | Orc:1    | 24660 ||| Stepping randomly (stuck).
 24661 | Orc:1    | 24661 ||| Stepping randomly (stuck).
 24662 | Orc:1    | 24662 ||| Stepping randomly (stuck).
 24663 | Orc:1    | 24663 ||| Stepping randomly (stuck).
 24664 | Orc:1    | 24664 ||| Stepping randomly (stuck).
 24665 | Orc:1    | 24665 ||| Stepping randomly (stuck).
 24666 | Orc:1    | 24666 ||| Stepping randomly (stuck).
 24667 | Orc:1    | 24667 ||| Stepping randomly (stuck).
 24668 | Orc:1    | 24668 ||| Stepping randomly (stuck).
 24669 | Orc:1    | 24669 ||| Stepping randomly (stuck).
 24670 | Orc:1    | 24670 ||| Stepping randomly (stuck).
 24671 | Orc:1    | 24671 ||| Stepping randomly (stuck).
 24672 | Orc:1    | 24672 ||| Stepping randomly (stuck).
 24673 | Orc:1    | 24673 ||| Stepping randomly (stuck).
 24674 | Orc:1    | 24674 ||| Stepping randomly (stuck).
 24675 | Orc:1    | 24675 ||| Stepping randomly (stuck).
 24676 | Orc:1    | 24676 ||| Stepping randomly (stuck).
 24677 | Orc:1    | 24677 ||| Stepping randomly (stuck).
 24678 | Orc:1    | 24678 ||| Stepping randomly (stuck).
 24679 | Orc:1    | 24679 ||| Stepping randomly (stuck).
 24680 | Orc:1    | 24680 ||| Stepping randomly (stuck).
 24681 | Orc:1    | 24681 ||| Stepping randomly (stuck).
 24682 | Orc:1    | 24682 ||| Stepping randomly (stuck).
 24683 | Orc:1    | 24683 ||| Stepping randomly (stuck).
 24684 | Orc:1    | 24684 ||| Stepping randomly (stuck).
 24685 | Orc:1    | 24685 ||| Stepping randomly (stuck).
 24686 | Orc:1    | 24686 ||| Stepping randomly (stuck).
 24687 | Orc:1    | 24687 ||| Stepping randomly (stuck).
 24688 | Orc:1    | 24688 ||| Stepping randomly (stuck).
 24689 | Orc:1    | 24689 ||| Stepping randomly (stuck).
 24690 | Orc:1    | 24690 ||| Stepping randomly (stuck).
 24691 | Orc:1    | 24691 ||| Stepping randomly (stuck).
 24692 | Orc:1    | 24692 ||| Stepping randomly (stuck).
 24693 | Orc:1    | 24693 ||| Stepping randomly (stuck).
 24694 | Orc:1    | 24694 ||| Stepping randomly (stuck).
 24695 | Orc:1    | 24695 ||| Stepping randomly (stuck).
 24696 | Orc:1    | 24696 ||| Stepping randomly (stuck).
 24697 | Orc:1    | 24697 ||| Stepping randomly (stuck).
 24698 | Orc:1    | 24698 ||| Stepping randomly (stuck).
 24699 | Orc:1    | 24699 ||| Stepping randomly (stuck).
 24700 | Orc:1    | 24700 ||| Stepping randomly (stuck).
 24701 | Orc:1    | 24701 ||| Stepping randomly (stuck).
 24702 | Orc:1    | 24702 ||| Stepping randomly (stuck).
 24703 | Orc:1    | 24703 ||| Stepping randomly (stuck).
 24704 | Orc:1    | 24704 ||| Stepping randomly (stuck).
 24705 | Orc:1    | 24705 ||| Stepping randomly (stuck).
 24706 | Orc:1    | 24706 ||| Stepping randomly (stuck).
 24707 | Orc:1    | 24707 ||| Stepping randomly (stuck).
 24708 | Orc:1    | 24708 ||| Stepping randomly (stuck).
 24709 | Orc:1    | 24709 ||| Stepping randomly (stuck).
 24710 | Orc:1    | 24710 ||| Stepping randomly (stuck).
 24711 | Orc:1    | 24711 ||| Stepping randomly (stuck).
 24712 | Orc:1    | 24712 ||| Stepping randomly (stuck).
 24713 | Orc:1    | 24713 ||| Stepping randomly (stuck).
 24714 | Orc:1    | 24714 ||| Stepping randomly (stuck).
 24715 | Orc:1    | 24715 ||| Stepping randomly (stuck).
 24716 | Orc:1    | 24716 ||| Stepping randomly (stuck).
 24717 | Orc:1    | 24717 ||| Stepping randomly (stuck).
 24718 | Orc:1    | 24718 ||| Stepping randomly (stuck).
 24719 | Orc:1    | 24719 ||| Stepping randomly (stuck).
 24720 | Orc:1    | 24720 ||| Stepping randomly (stuck).
 24721 | Orc:1    | 24721 ||| Stepping randomly (stuck).
 24722 | Orc:1    | 24722 ||| Stepping randomly (stuck).
 24723 | Orc:1    | 24723 ||| Stepping randomly (stuck).
 24724 | Orc:1    | 24724 ||| Stepping randomly (stuck).
 24725 | Orc:1    | 24725 ||| Stepping randomly (stuck).
 24726 | Orc:1    | 24726 ||| Stepping randomly (stuck).
 24727 | Orc:1    | 24727 ||| Stepping randomly (stuck).
 24728 | Orc:1    | 24728 ||| Stepping randomly (stuck).
 24729 | Orc:1    | 24729 ||| Stepping randomly (stuck).
 24730 | Orc:1    | 24730 ||| Stepping randomly (stuck).
 24731 | Orc:1    | 24731 ||| Stepping randomly (stuck).
 24732 | Orc:1    | 24732 ||| Stepping randomly (stuck).
 24733 | Orc:1    | 24733 ||| Stepping randomly (stuck).
 24734 | Orc:1    | 24734 ||| Stepping randomly (stuck).
 24735 | Orc:1    | 24735 ||| Stepping randomly (stuck).
 24736 | Orc:1    | 24736 ||| Stepping randomly (stuck).
 24737 | Orc:1    | 24737 ||| Stepping randomly (stuck).
 24738 | Orc:1    | 24738 ||| Stepping randomly (stuck).
 24739 | Orc:1    | 24739 ||| Stepping randomly (stuck).
 24740 | Orc:1    | 24740 ||| Stepping randomly (stuck).
 24741 | Orc:1    | 24741 ||| Stepping randomly (stuck).
 24742 | Orc:1    | 24742 ||| Stepping randomly (stuck).
 24743 | Orc:1    | 24743 ||| Stepping randomly (stuck).
 24744 | Orc:1    | 24744 ||| Stepping randomly (stuck).
 24745 | Orc:1    | 24745 ||| Stepping randomly (stuck).
 24746 | Orc:1    | 24746 ||| Stepping randomly (stuck).
 24747 | Orc:1    | 24747 ||| Stepping randomly (stuck).
 24748 | Orc:1    | 24748 ||| Stepping randomly (stuck).
 24749 | Orc:1    | 24749 ||| Stepping randomly (stuck).
 24750 | Orc:1    | 24750 ||| Stepping randomly (stuck).
 24751 | Orc:1    | 24751 ||| Stepping randomly (stuck).
 24752 | Orc:1    | 24752 ||| Stepping randomly (stuck).
 24753 | Orc:1    | 24753 ||| Stepping randomly (stuck).
 24754 | Orc:1    | 24754 ||| Stepping randomly (stuck).
 24755 | Orc:1    | 24755 ||| Stepping randomly (stuck).
 24756 | Orc:1    | 24756 ||| Stepping randomly (stuck).
 24757 | Orc:1    | 24757 ||| Stepping randomly (stuck).
 24758 | Orc:1    | 24758 ||| Stepping randomly (stuck).
 24759 | Orc:1    | 24759 ||| Stepping randomly (stuck).
 24760 | Orc:1    | 24760 ||| Stepping randomly (stuck).
 24761 | Orc:1    | 24761 ||| Stepping randomly (stuck).
 24762 | Orc:1    | 24762 ||| Stepping randomly (stuck).
 24763 | Orc:1    | 24763 ||| Stepping randomly (stuck).
 24764 | Orc:1    | 24764 ||| Stepping randomly (stuck).
 24765 | Orc:1    | 24765 ||| Stepping randomly (stuck).
 24766 | Orc:1    | 24766 ||| Stepping randomly (stuck).
 24767 | Orc:1    | 24767 ||| EATING 10 fruits.
 24768 | Orc:1    | 24768 ||| Stepping randomly (stuck).
 24769 | Orc:1    | 24769 ||| Stepping randomly (stuck).
 24770 | Orc:1    | 24770 ||| Stepping randomly (stuck).
 24771 | Orc:1    | 24771 ||| Stepping randomly (stuck).
 24772 | Orc:1    | 24772 ||| Stepping randomly (stuck).
 24773 | Orc:1    | 24773 ||| Stepping randomly (stuck).
 24774 | Orc:1    | 24774 ||| Stepping randomly (stuck).
 24775 | Orc:1    | 24775 ||| Stepping randomly (stuck).
 24776 | Orc:1    | 24776 ||| Stepping randomly (stuck).
 24777 | Orc:1    | 24777 ||| Stepping randomly (stuck).
 24778 | Orc:1    | 24778 ||| Stepping randomly (stuck).
 24779 | Orc:1    | 24779 ||| Stepping randomly (stuck).
 24780 | Orc:1    | 24780 ||| Stepping randomly (stuck).
 24781 | Orc:1    | 24781 ||| Stepping randomly (stuck).
 24782 | Orc:1    | 24782 ||| Stepping randomly (stuck).
 24783 | Orc:1    | 24783 ||| Stepping randomly (stuck).
 24784 | Orc:1    | 24784 ||| Stepping randomly (stuck).
 24785 | Orc:1    | 24785 ||| Stepping randomly (stuck).
 24786 | Orc:1    | 24786 ||| Stepping randomly (stuck).
 24787 | Orc:1    | 24787 ||| Stepping randomly (stuck).
 24788 | Orc:1    | 24788 ||| Stepping randomly (stuck).
 24789 | Orc:1    | 24789 ||| Stepping randomly (stuck).
 24790 | Orc:1    | 24790 ||| Stepping randomly (stuck).
 24791 | Orc:1    | 24791 ||| Stepping randomly (stuck).
 24792 | Orc:1    | 24792 ||| Stepping randomly (stuck).
 24793 | Orc:1    | 24793 ||| Stepping randomly (stuck).
 24794 | Orc:1    | 24794 ||| Stepping randomly (stuck).
 24795 | Orc:1    | 24795 ||| Stepping randomly (stuck).
 24796 | Orc:1    | 24796 ||| Stepping randomly (stuck).
 24797 | Orc:1    | 24797 ||| Stepping randomly (stuck).
 24798 | Orc:1    | 24798 ||| Stepping randomly (stuck).
 24799 | Orc:1    | 24799 ||| Stepping randomly (stuck).
 24800 | Orc:1    | 24800 ||| Stepping randomly (stuck).
 24801 | Orc:1    | 24801 ||| Stepping randomly (stuck).
 24802 | Orc:1    | 24802 ||| Stepping randomly (stuck).
 24803 | Orc:1    | 24803 ||| Stepping randomly (stuck).
 24804 | Orc:1    | 24804 ||| Stepping randomly (stuck).
 24805 | Orc:1    | 24805 ||| Stepping randomly (stuck).
 24806 | Orc:1    | 24806 ||| Stepping randomly (stuck).
 24807 | Orc:1    | 24807 ||| Stepping randomly (stuck).
 24808 | Orc:1    | 24808 ||| Stepping randomly (stuck).
 24809 | Orc:1    | 24809 ||| Stepping randomly (stuck).
 24810 | Orc:1    | 24810 ||| Stepping randomly (stuck).
 24811 | Orc:1    | 24811 ||| Stepping randomly (stuck).
 24812 | Orc:1    | 24812 ||| Stepping randomly (stuck).
 24813 | Orc:1    | 24813 ||| Stepping randomly (stuck).
 24814 | Orc:1    | 24814 ||| Stepping randomly (stuck).
 24815 | Orc:1    | 24815 ||| Stepping randomly (stuck).
 24816 | Orc:1    | 24816 ||| Stepping randomly (stuck).
 24817 | Orc:1    | 24817 ||| Stepping randomly (stuck).
 24818 | Orc:1    | 24818 ||| Stepping randomly (stuck).
 24819 | Orc:1    | 24819 ||| Stepping randomly (stuck).
 24820 | Orc:1    | 24820 ||| Stepping randomly (stuck).
 24821 | Orc:1    | 24821 ||| Stepping randomly (stuck).
 24822 | Orc:1    | 24822 ||| Stepping randomly (stuck).
 24823 | Orc:1    | 24823 ||| Stepping randomly (stuck).
 24824 | Orc:1    | 24824 ||| Stepping randomly (stuck).
 24825 | Orc:1    | 24825 ||| Stepping randomly (stuck).
 24826 | Orc:1    | 24826 ||| Stepping randomly (stuck).
 24827 | Orc:1    | 24827 ||| Stepping randomly (stuck).
 24828 | Orc:1    | 24828 ||| Stepping randomly (stuck).
 24829 | Orc:1    | 24829 ||| Stepping randomly (stuck).
 24830 | Orc:1    | 24830 ||| Stepping randomly (stuck).
 24831 | Orc:1    | 24831 ||| Stepping randomly (stuck).
 24832 | Orc:1    | 24832 ||| Stepping randomly (stuck).
 24833 | Orc:1    | 24833 ||| Stepping randomly (stuck).
 24834 | Orc:1    | 24834 ||| Stepping randomly (stuck).
 24835 | Orc:1    | 24835 ||| Stepping randomly (stuck).
 24836 | Orc:1    | 24836 ||| Stepping randomly (stuck).
 24837 | Orc:1    | 24837 ||| Stepping randomly (stuck).
 24838 | Orc:1    | 24838 ||| Stepping randomly (stuck).
 24839 | Orc:1    | 24839 ||| Stepping randomly (stuck).
 24840 | Orc:1    | 24840 ||| Stepping randomly (stuck).
 24841 | Orc:1    | 24841 ||| Stepping randomly (stuck).
 24842 | Orc:1    | 24842 ||| Stepping randomly (stuck).
 24843 | Orc:1    | 24843 ||| Stepping randomly (stuck).
 24844 | Orc:1    | 24844 ||| Stepping randomly (stuck).
 24845 | Orc:1    | 24845 ||| Stepping randomly (stuck).
 24846 | Orc:1    | 24846 ||| Stepping randomly (stuck).
 24847 | Orc:1    | 24847 ||| Stepping randomly (stuck).
 24848 | Orc:1    | 24848 ||| Stepping randomly (stuck).
 24849 | Orc:1    | 24849 ||| Stepping randomly (stuck).
 24850 | Orc:1    | 24850 ||| Stepping randomly (stuck).
 24851 | Orc:1    | 24851 ||| Stepping randomly (stuck).
 24852 | Orc:1    | 24852 ||| Stepping randomly (stuck).
 24853 | Orc:1    | 24853 ||| Stepping randomly (stuck).
 24854 | Orc:1    | 24854 ||| Stepping randomly (stuck).
 24855 | Orc:1    | 24855 ||| Stepping randomly (stuck).
 24856 | Orc:1    | 24856 ||| Stepping randomly (stuck).
 24857 | Orc:1    | 24857 ||| Stepping randomly (stuck).
 24858 | Orc:1    | 24858 ||| Stepping randomly (stuck).
 24859 | Orc:1    | 24859 ||| Stepping randomly (stuck).
 24860 | Orc:1    | 24860 ||| Stepping randomly (stuck).
 24861 | Orc:1    | 24861 ||| Stepping randomly (stuck).
 24862 | Orc:1    | 24862 ||| Stepping randomly (stuck).
 24863 | Orc:1    | 24863 ||| Stepping randomly (stuck).
 24864 | Orc:1    | 24864 ||| Stepping randomly (stuck).
 24865 | Orc:1    | 24865 ||| Stepping randomly (stuck).
 24866 | Orc:1    | 24866 ||| Stepping randomly (stuck).
 24867 | Orc:1    | 24867 ||| Stepping randomly (stuck).
 24868 | Orc:1    | 24868 ||| Stepping randomly (stuck).
 24869 | Orc:1    | 24869 ||| Stepping randomly (stuck).
 24870 | Orc:1    | 24870 ||| Stepping randomly (stuck).
 24871 | Orc:1    | 24871 ||| Stepping randomly (stuck).
 24872 | Orc:1    | 24872 ||| Stepping randomly (stuck).
 24873 | Orc:1    | 24873 ||| Stepping randomly (stuck).
 24874 | Orc:1    | 24874 ||| Stepping randomly (stuck).
 24875 | Orc:1    | 24875 ||| Stepping randomly (stuck).
 24876 | Orc:1    | 24876 ||| Stepping randomly (stuck).
 24877 | Orc:1    | 24877 ||| Stepping randomly (stuck).
 24878 | Orc:1    | 24878 ||| Stepping randomly (stuck).
 24879 | Orc:1    | 24879 ||| Stepping randomly (stuck).
 24880 | Orc:1    | 24880 ||| Stepping randomly (stuck).
 24881 | Orc:1    | 24881 ||| Stepping randomly (stuck).
 24882 | Orc:1    | 24882 ||| Stepping randomly (stuck).
 24883 | Orc:1    | 24883 ||| Stepping randomly (stuck).
 24884 | Orc:1    | 24884 ||| Stepping randomly (stuck).
 24885 | Orc:1    | 24885 ||| Stepping randomly (stuck).
 24886 | Orc:1    | 24886 ||| Stepping randomly (stuck).
 24887 | Orc:1    | 24887 ||| Stepping randomly (stuck).
 24888 | Orc:1    | 24888 ||| Stepping randomly (stuck).
 24889 | Orc:1    | 24889 ||| Stepping randomly (stuck).
 24890 | Orc:1    | 24890 ||| Stepping randomly (stuck).
 24891 | Orc:1    | 24891 ||| Stepping randomly (stuck).
 24892 | Orc:1    | 24892 ||| Stepping randomly (stuck).
 24893 | Orc:1    | 24893 ||| Stepping randomly (stuck).
 24894 | Orc:1    | 24894 ||| Stepping randomly (stuck).
 24895 | Orc:1    | 24895 ||| Stepping randomly (stuck).
 24896 | Orc:1    | 24896 ||| Stepping randomly (stuck).
 24897 | Orc:1    | 24897 ||| Stepping randomly (stuck).
 24898 | Orc:1    | 24898 ||| Stepping randomly (stuck).
 24899 | Orc:1    | 24899 ||| Stepping randomly (stuck).
 24900 | Orc:1    | 24900 ||| Stepping randomly (stuck).
 24901 | Orc:1    | 24901 ||| Stepping randomly (stuck).
 24902 | Orc:1    | 24902 ||| Stepping randomly (stuck).
 24903 | Orc:1    | 24903 ||| Stepping randomly (stuck).
 24904 | Orc:1    | 24904 ||| Stepping randomly (stuck).
 24905 | Orc:1    | 24905 ||| Stepping randomly (stuck).
 24906 | Orc:1    | 24906 ||| Stepping randomly (stuck).
 24907 | Orc:1    | 24907 ||| Stepping randomly (stuck).
 24908 | Orc:1    | 24908 ||| Stepping randomly (stuck).
 24909 | Orc:1    | 24909 ||| Stepping randomly (stuck).
 24910 | Orc:1    | 24910 ||| Stepping randomly (stuck).
 24911 | Orc:1    | 24911 ||| Stepping randomly (stuck).
 24912 | Orc:1    | 24912 ||| Stepping randomly (stuck).
 24913 | Orc:1    | 24913 ||| Stepping randomly (stuck).
 24914 | Orc:1    | 24914 ||| Stepping randomly (stuck).
 24915 | Orc:1    | 24915 ||| Stepping randomly (stuck).
 24916 | Orc:1    | 24916 ||| Stepping randomly (stuck).
 24917 | Orc:1    | 24917 ||| Stepping randomly (stuck).
 24918 | Orc:1    | 24918 ||| Stepping randomly (stuck).
 24919 | Orc:1    | 24919 ||| Stepping randomly (stuck).
 24920 | Orc:1    | 24920 ||| Stepping randomly (stuck).
 24921 | Orc:1    | 24921 ||| Stepping randomly (stuck).
 24922 | Orc:1    | 24922 ||| Stepping randomly (stuck).
 24923 | Orc:1    | 24923 ||| Stepping randomly (stuck).
 24924 | Orc:1    | 24924 ||| Stepping randomly (stuck).
 24925 | Orc:1    | 24925 ||| Stepping randomly (stuck).
 24926 | Orc:1    | 24926 ||| Stepping randomly (stuck).
 24927 | Orc:1    | 24927 ||| Stepping randomly (stuck).
 24928 | Orc:1    | 24928 ||| Stepping randomly (stuck).
 24929 | Orc:1    | 24929 ||| Stepping randomly (stuck).
 24930 | Orc:1    | 24930 ||| Stepping randomly (stuck).
 24931 | Orc:1    | 24931 ||| Stepping randomly (stuck).
 24932 | Orc:1    | 24932 ||| Stepping randomly (stuck).
 24933 | Orc:1    | 24933 ||| Stepping randomly (stuck).
 24934 | Orc:1    | 24934 ||| Stepping randomly (stuck).
 24935 | Orc:1    | 24935 ||| Stepping randomly (stuck).
 24936 | Orc:1    | 24936 ||| Stepping randomly (stuck).
 24937 | Orc:1    | 24937 ||| Stepping randomly (stuck).
 24938 | Orc:1    | 24938 ||| Stepping randomly (stuck).
 24939 | Orc:1    | 24939 ||| Stepping randomly (stuck).
 24940 | Orc:1    | 24940 ||| Stepping randomly (stuck).
 24941 | Orc:1    | 24941 ||| Stepping randomly (stuck).
 24942 | Orc:1    | 24942 ||| Stepping randomly (stuck).
 24943 | Orc:1    | 24943 ||| Stepping randomly (stuck).
 24944 | Orc:1    | 24944 ||| Stepping randomly (stuck).
 24945 | Orc:1    | 24945 ||| Stepping randomly (stuck).
 24946 | Orc:1    | 24946 ||| Stepping randomly (stuck).
 24947 | Orc:1    | 24947 ||| Stepping randomly (stuck).
 24948 | Orc:1    | 24948 ||| Stepping randomly (stuck).
 24949 | Orc:1    | 24949 ||| Stepping randomly (stuck).
 24950 | Orc:1    | 24950 ||| Stepping randomly (stuck).
 24951 | Orc:1    | 24951 ||| Stepping randomly (stuck).
 24952 | Orc:1    | 24952 ||| Stepping randomly (stuck).
 24953 | Orc:1    | 24953 ||| Stepping randomly (stuck).
 24954 | Orc:1    | 24954 ||| Stepping randomly (stuck).
 24955 | Orc:1    | 24955 ||| Stepping randomly (stuck).
 24956 | Orc:1    | 24956 ||| Stepping randomly (stuck).
 24957 | Orc:1    | 24957 ||| Stepping randomly (stuck).
 24958 | Orc:1    | 24958 ||| Stepping randomly (stuck).
 24959 | Orc:1    | 24959 ||| Stepping randomly (stuck).
 24960 | Orc:1    | 24960 ||| Stepping randomly (stuck).
 24961 | Orc:1    | 24961 ||| Stepping randomly (stuck).
 24962 | Orc:1    | 24962 ||| Stepping randomly (stuck).
 24963 | Orc:1    | 24963 ||| Stepping randomly (stuck).
 24964 | Orc:1    | 24964 ||| Stepping randomly (stuck).
 24965 | Orc:1    | 24965 ||| Stepping randomly (stuck).
 24966 | Orc:1    | 24966 ||| Stepping randomly (stuck).
 24967 | Orc:1    | 24967 ||| Stepping randomly (stuck).
 24968 | Orc:1    | 24968 ||| Stepping randomly (stuck).
 24969 | Orc:1    | 24969 ||| Stepping randomly (stuck).
 24970 | Orc:1    | 24970 ||| Stepping randomly (stuck).
 24971 | Orc:1    | 24971 ||| Stepping randomly (stuck).
 24972 | Orc:1    | 24972 ||| Stepping randomly (stuck).
 24973 | Orc:1    | 24973 ||| Stepping randomly (stuck).
 24974 | Orc:1    | 24974 ||| Stepping randomly (stuck).
 24975 | Orc:1    | 24975 ||| Stepping randomly (stuck).
 24976 | Orc:1    | 24976 ||| Stepping randomly (stuck).
 24977 | Orc:1    | 24977 ||| Stepping randomly (stuck).
 24978 | Orc:1    | 24978 ||| Stepping randomly (stuck).
 24979 | Orc:1    | 24979 ||| Stepping randomly (stuck).
 24980 | Orc:1    | 24980 ||| Stepping randomly (stuck).
 24981 | Orc:1    | 24981 ||| Stepping randomly (stuck).
 24982 | Orc:1    | 24982 ||| Stepping randomly (stuck).
 24983 | Orc:1    | 24983 ||| Stepping randomly (stuck).
 24984 | Orc:1    | 24984 ||| Stepping randomly (stuck).
 24985 | Orc:1    | 24985 ||| Stepping randomly (stuck).
 24986 | Orc:1    | 24986 ||| Stepping randomly (stuck).
 24987 | Orc:1    | 24987 ||| Stepping randomly (stuck).
 24988 | Orc:1    | 24988 ||| Stepping randomly (stuck).
 24989 | Orc:1    | 24989 ||| Stepping randomly (stuck).
 24990 | Orc:1    | 24990 ||| Stepping randomly (stuck).
 24991 | Orc:1    | 24991 ||| Stepping randomly (stuck).
 24992 | Orc:1    | 24992 ||| Stepping randomly (stuck).
 24993 | Orc:1    | 24993 ||| Stepping randomly (stuck).
 24994 | Orc:1    | 24994 ||| Stepping randomly (stuck).
 24995 | Orc:1    | 24995 ||| Stepping randomly (stuck).
 24996 | Orc:1    | 24996 ||| Stepping randomly (stuck).
 24997 | Orc:1    | 24997 ||| Stepping randomly (stuck).
 24998 | Orc:1    | 24998 ||| Stepping randomly (stuck).
 24999 | Orc:1    | 24999 ||| Stepping randomly (stuck).
 25000 | Orc:1    | 25000 ||| Stepping randomly (stuck).
 25001 | Orc:1    | 25001 ||| Stepping randomly (stuck).
 25002 | Orc:1    | 25002 ||| Stepping randomly (stuck).
 25003 | Orc:1    | 25003 ||| Stepping randomly (stuck).
 25004 | Orc:1    | 25004 ||| Stepping randomly (stuck).
 25005 | Orc:1    | 25005 ||| Stepping randomly (stuck).
 25006 | Orc:1    | 25006 ||| Stepping randomly (stuck).
 25007 | Orc:1    | 25007 ||| Stepping randomly (stuck).
 25008 | Orc:1    | 25008 ||| Stepping randomly (stuck).
 25009 | Orc:1    | 25009 ||| Stepping randomly (stuck).
 25010 | Orc:1    | 25010 ||| Stepping randomly (stuck).
 25011 | Orc:1    | 25011 ||| Stepping randomly (stuck).
 25012 | Orc:1    | 25012 ||| Stepping randomly (stuck).
 25013 | Orc:1    | 25013 ||| Stepping randomly (stuck).
 25014 | Orc:1    | 25014 ||| Stepping randomly (stuck).
 25015 | Orc:1    | 25015 ||| Stepping randomly (stuck).
 25016 | Orc:1    | 25016 ||| Stepping randomly (stuck).
 25017 | Orc:1    | 25017 ||| Stepping randomly (stuck).
 25018 | Orc:1    | 25018 ||| Stepping randomly (stuck).
 25019 | Orc:1    | 25019 ||| Stepping randomly (stuck).
 25020 | Orc:1    | 25020 ||| Stepping randomly (stuck).
 25021 | Orc:1    | 25021 ||| Stepping randomly (stuck).
 25022 | Orc:1    | 25022 ||| Stepping randomly (stuck).
 25023 | Orc:1    | 25023 ||| Stepping randomly (stuck).
 25024 | Orc:1    | 25024 ||| Stepping randomly (stuck).
 25025 | Orc:1    | 25025 ||| Stepping randomly (stuck).
 25026 | Orc:1    | 25026 ||| Stepping randomly (stuck).
 25027 | Orc:1    | 25027 ||| Stepping randomly (stuck).
 25028 | Orc:1    | 25028 ||| Stepping randomly (stuck).
 25029 | Orc:1    | 25029 ||| Stepping randomly (stuck).
 25030 | Orc:1    | 25030 ||| Stepping randomly (stuck).
 25031 | Orc:1    | 25031 ||| Stepping randomly (stuck).
 25032 | Orc:1    | 25032 ||| Stepping randomly (stuck).
 25033 | Orc:1    | 25033 ||| Stepping randomly (stuck).
 25034 | Orc:1    | 25034 ||| Stepping randomly (stuck).
 25035 | Orc:1    | 25035 ||| Stepping randomly (stuck).
 25036 | Orc:1    | 25036 ||| Stepping randomly (stuck).
 25037 | Orc:1    | 25037 ||| Stepping randomly (stuck).
 25038 | Orc:1    | 25038 ||| Stepping randomly (stuck).
 25039 | Orc:1    | 25039 ||| Stepping randomly (stuck).
 25040 | Orc:1    | 25040 ||| Stepping randomly (stuck).
 25041 | Orc:1    | 25041 ||| Stepping randomly (stuck).
 25042 | Orc:1    | 25042 ||| Stepping randomly (stuck).
 25043 | Orc:1    | 25043 ||| Stepping randomly (stuck).
 25044 | Orc:1    | 25044 ||| Stepping randomly (stuck).
 25045 | Orc:1    | 25045 ||| Stepping randomly (stuck).
 25046 | Orc:1    | 25046 ||| Stepping randomly (stuck).
 25047 | Orc:1    | 25047 ||| Stepping randomly (stuck).
 25048 | Orc:1    | 25048 ||| Stepping randomly (stuck).
 25049 | Orc:1    | 25049 ||| Stepping randomly (stuck).
 25050 | Orc:1    | 25050 ||| Stepping randomly (stuck).
 25051 | Orc:1    | 25051 ||| EATING 9 fruits.
 25052 | Orc:1    | 25052 ||| Stepping randomly (stuck).
 25053 | Orc:1    | 25053 ||| Stepping randomly (stuck).
 25054 | Orc:1    | 25054 ||| Stepping randomly (stuck).
 25055 | Orc:1    | 25055 ||| Stepping randomly (stuck).
 25056 | Orc:1    | 25056 ||| Stepping randomly (stuck).
 25057 | Orc:1    | 25057 ||| Stepping randomly (stuck).
 25058 | Orc:1    | 25058 ||| Stepping randomly (stuck).
 25059 | Orc:1    | 25059 ||| Stepping randomly (stuck).
 25060 | Orc:1    | 25060 ||| Stepping randomly (stuck).
 25061 | Orc:1    | 25061 ||| Stepping randomly (stuck).
 25062 | Orc:1    | 25062 ||| Stepping randomly (stuck).
 25063 | Orc:1    | 25063 ||| Stepping randomly (stuck).
 25064 | Orc:1    | 25064 ||| Stepping randomly (stuck).
 25065 | Orc:1    | 25065 ||| Stepping randomly (stuck).
 25066 | Orc:1    | 25066 ||| Stepping randomly (stuck).
 25067 | Orc:1    | 25067 ||| Stepping randomly (stuck).
 25068 | Orc:1    | 25068 ||| Stepping randomly (stuck).
 25069 | Orc:1    | 25069 ||| Stepping randomly (stuck).
 25070 | Orc:1    | 25070 ||| Stepping randomly (stuck).
 25071 | Orc:1    | 25071 ||| Stepping randomly (stuck).
 25072 | Orc:1    | 25072 ||| Stepping randomly (stuck).
 25073 | Orc:1    | 25073 ||| Stepping randomly (stuck).
 25074 | Orc:1    | 25074 ||| Stepping randomly (stuck).
 25075 | Orc:1    | 25075 ||| Stepping randomly (stuck).
 25076 | Orc:1    | 25076 ||| Stepping randomly (stuck).
 25077 | Orc:1    | 25077 ||| Stepping randomly (stuck).
 25078 | Orc:1    | 25078 ||| Stepping randomly (stuck).
 25079 | Orc:1    | 25079 ||| Stepping randomly (stuck).
 25080 | Orc:1    | 25080 ||| Stepping randomly (stuck).
 25081 | Orc:1    | 25081 ||| Stepping randomly (stuck).
 25082 | Orc:1    | 25082 ||| Stepping randomly (stuck).
 25083 | Orc:1    | 25083 ||| Stepping randomly (stuck).
 25084 | Orc:1    | 25084 ||| Stepping randomly (stuck).
 25085 | Orc:1    | 25085 ||| Stepping randomly (stuck).
 25086 | Orc:1    | 25086 ||| Stepping randomly (stuck).
 25087 | Orc:1    | 25087 ||| Stepping randomly (stuck).
 25088 | Orc:1    | 25088 ||| Stepping randomly (stuck).
 25089 | Orc:1    | 25089 ||| Stepping randomly (stuck).
 25090 | Orc:1    | 25090 ||| Stepping randomly (stuck).
 25091 | Orc:1    | 25091 ||| Stepping randomly (stuck).
 25092 | Orc:1    | 25092 ||| Stepping randomly (stuck).
 25093 | Orc:1    | 25093 ||| Stepping randomly (stuck).
 25094 | Orc:1    | 25094 ||| Stepping randomly (stuck).
 25095 | Orc:1    | 25095 ||| Stepping randomly (stuck).
 25096 | Orc:1    | 25096 ||| Stepping randomly (stuck).
 25097 | Orc:1    | 25097 ||| Stepping randomly (stuck).
 25098 | Orc:1    | 25098 ||| Stepping randomly (stuck).
 25099 | Orc:1    | 25099 ||| Stepping randomly (stuck).
 25100 | Orc:1    | 25100 ||| Stepping randomly (stuck).
 25101 | Orc:1    | 25101 ||| Stepping randomly (stuck).
 25102 | Orc:1    | 25102 ||| Stepping randomly (stuck).
 25103 | Orc:1    | 25103 ||| Stepping randomly (stuck).
 25104 | Orc:1    | 25104 ||| Stepping randomly (stuck).
 25105 | Orc:1    | 25105 ||| Stepping randomly (stuck).
 25106 | Orc:1    | 25106 ||| Stepping randomly (stuck).
 25107 | Orc:1    | 25107 ||| Stepping randomly (stuck).
 25108 | Orc:1    | 25108 ||| Stepping randomly (stuck).
 25109 | Orc:1    | 25109 ||| Stepping randomly (stuck).
 25110 | Orc:1    | 25110 ||| Stepping randomly (stuck).
 25111 | Orc:1    | 25111 ||| Stepping randomly (stuck).
 25112 | Orc:1    | 25112 ||| Stepping randomly (stuck).
 25113 | Orc:1    | 25113 ||| Stepping randomly (stuck).
 25114 | Orc:1    | 25114 ||| Stepping randomly (stuck).
 25115 | Orc:1    | 25115 ||| Stepping randomly (stuck).
 25116 | Orc:1    | 25116 ||| Stepping randomly (stuck).
 25117 | Orc:1    | 25117 ||| Stepping randomly (stuck).
 25118 | Orc:1    | 25118 ||| Stepping randomly (stuck).
 25119 | Orc:1    | 25119 ||| Stepping randomly (stuck).
 25120 | Orc:1    | 25120 ||| Stepping randomly (stuck).
 25121 | Orc:1    | 25121 ||| Stepping randomly (stuck).
 25122 | Orc:1    | 25122 ||| Stepping randomly (stuck).
 25123 | Orc:1    | 25123 ||| Stepping randomly (stuck).
 25124 | Orc:1    | 25124 ||| Stepping randomly (stuck).
 25125 | Orc:1    | 25125 ||| Stepping randomly (stuck).
 25126 | Orc:1    | 25126 ||| Stepping randomly (stuck).
 25127 | Orc:1    | 25127 ||| Stepping randomly (stuck).
 25128 | Orc:1    | 25128 ||| Stepping randomly (stuck).
 25129 | Orc:1    | 25129 ||| Stepping randomly (stuck).
 25130 | Orc:1    | 25130 ||| Stepping randomly (stuck).
 25131 | Orc:1    | 25131 ||| Stepping randomly (stuck).
 25132 | Orc:1    | 25132 ||| Stepping randomly (stuck).
 25133 | Orc:1    | 25133 ||| Stepping randomly (stuck).
 25134 | Orc:1    | 25134 ||| Stepping randomly (stuck).
 25135 | Orc:1    | 25135 ||| Stepping randomly (stuck).
 25136 | Orc:1    | 25136 ||| Stepping randomly (stuck).
 25137 | Orc:1    | 25137 ||| Stepping randomly (stuck).
 25138 | Orc:1    | 25138 ||| Stepping randomly (stuck).
 25139 | Orc:1    | 25139 ||| Stepping randomly (stuck).
 25140 | Orc:1    | 25140 ||| Stepping randomly (stuck).
 25141 | Orc:1    | 25141 ||| Stepping randomly (stuck).
 25142 | Orc:1    | 25142 ||| Stepping randomly (stuck).
 25143 | Orc:1    | 25143 ||| Stepping randomly (stuck).
 25144 | Orc:1    | 25144 ||| Stepping randomly (stuck).
 25145 | Orc:1    | 25145 ||| Stepping randomly (stuck).
 25146 | Orc:1    | 25146 ||| Stepping randomly (stuck).
 25147 | Orc:1    | 25147 ||| Stepping randomly (stuck).
 25148 | Orc:1    | 25148 ||| Stepping randomly (stuck).
 25149 | Orc:1    | 25149 ||| Stepping randomly (stuck).
 25150 | Orc:1    | 25150 ||| Stepping randomly (stuck).
 25151 | Orc:1    | 25151 ||| Stepping randomly (stuck).
 25152 | Orc:1    | 25152 ||| Stepping randomly (stuck).
 25153 | Orc:1    | 25153 ||| Stepping randomly (stuck).
 25154 | Orc:1    | 25154 ||| Stepping randomly (stuck).
 25155 | Orc:1    | 25155 ||| Stepping randomly (stuck).
 25156 | Orc:1    | 25156 ||| Stepping randomly (stuck).
 25157 | Orc:1    | 25157 ||| Stepping randomly (stuck).
 25158 | Orc:1    | 25158 ||| Stepping randomly (stuck).
 25159 | Orc:1    | 25159 ||| Stepping randomly (stuck).
 25160 | Orc:1    | 25160 ||| Stepping randomly (stuck).
 25161 | Orc:1    | 25161 ||| Stepping randomly (stuck).
 25162 | Orc:1    | 25162 ||| Stepping randomly (stuck).
 25163 | Orc:1    | 25163 ||| Stepping randomly (stuck).
 25164 | Orc:1    | 25164 ||| Stepping randomly (stuck).
 25165 | Orc:1    | 25165 ||| Stepping randomly (stuck).
 25166 | Orc:1    | 25166 ||| Stepping randomly (stuck).
 25167 | Orc:1    | 25167 ||| Stepping randomly (stuck).
 25168 | Orc:1    | 25168 ||| Stepping randomly (stuck).
 25169 | Orc:1    | 25169 ||| Stepping randomly (stuck).
 25170 | Orc:1    | 25170 ||| Stepping randomly (stuck).
 25171 | Orc:1    | 25171 ||| Stepping randomly (stuck).
 25172 | Orc:1    | 25172 ||| Stepping randomly (stuck).
 25173 | Orc:1    | 25173 ||| Stepping randomly (stuck).
 25174 | Orc:1    | 25174 ||| Stepping randomly (stuck).
 25175 | Orc:1    | 25175 ||| Stepping randomly (stuck).
 25176 | Orc:1    | 25176 ||| Stepping randomly (stuck).
 25177 | Orc:1    | 25177 ||| Stepping randomly (stuck).
 25178 | Orc:1    | 25178 ||| Stepping randomly (stuck).
 25179 | Orc:1    | 25179 ||| Stepping randomly (stuck).
 25180 | Orc:1    | 25180 ||| Stepping randomly (stuck).
 25181 | Orc:1    | 25181 ||| Stepping randomly (stuck).
 25182 | Orc:1    | 25182 ||| Stepping randomly (stuck).
 25183 | Orc:1    | 25183 ||| Stepping randomly (stuck).
 25184 | Orc:1    | 25184 ||| Stepping randomly (stuck).
 25185 | Orc:1    | 25185 ||| Stepping randomly (stuck).
 25186 | Orc:1    | 25186 ||| Stepping randomly (stuck).
 25187 | Orc:1    | 25187 ||| Stepping randomly (stuck).
 25188 | Orc:1    | 25188 ||| Stepping randomly (stuck).
 25189 | Orc:1    | 25189 ||| Stepping randomly (stuck).
 25190 | Orc:1    | 25190 ||| Stepping randomly (stuck).
 25191 | Orc:1    | 25191 ||| Stepping randomly (stuck).
 25192 | Orc:1    | 25192 ||| Stepping randomly (stuck).
 25193 | Orc:1    | 25193 ||| Stepping randomly (stuck).
 25194 | Orc:1    | 25194 ||| Stepping randomly (stuck).
 25195 | Orc:1    | 25195 ||| Stepping randomly (stuck).
 25196 | Orc:1    | 25196 ||| Stepping randomly (stuck).
 25197 | Orc:1    | 25197 ||| Stepping randomly (stuck).
 25198 | Orc:1    | 25198 ||| Stepping randomly (stuck).
 25199 | Orc:1    | 25199 ||| Stepping randomly (stuck).
 25200 | Orc:1    | 25200 ||| Stepping randomly (stuck).
 25201 | Orc:1    | 25201 ||| Stepping randomly (stuck).
 25202 | Orc:1    | 25202 ||| Stepping randomly (stuck).
 25203 | Orc:1    | 25203 ||| Stepping randomly (stuck).
 25204 | Orc:1    | 25204 ||| Stepping randomly (stuck).
 25205 | Orc:1    | 25205 ||| Stepping randomly (stuck).
 25206 | Orc:1    | 25206 ||| Stepping randomly (stuck).
 25207 | Orc:1    | 25207 ||| Stepping randomly (stuck).
 25208 | Orc:1    | 25208 ||| Stepping randomly (stuck).
 25209 | Orc:1    | 25209 ||| Stepping randomly (stuck).
 25210 | Orc:1    | 25210 ||| Stepping randomly (stuck).
 25211 | Orc:1    | 25211 ||| Stepping randomly (stuck).
 25212 | Orc:1    | 25212 ||| Stepping randomly (stuck).
 25213 | Orc:1    | 25213 ||| Stepping randomly (stuck).
 25214 | Orc:1    | 25214 ||| Stepping randomly (stuck).
 25215 | Orc:1    | 25215 ||| Stepping randomly (stuck).
 25216 | Orc:1    | 25216 ||| Stepping randomly (stuck).
 25217 | Orc:1    | 25217 ||| Stepping randomly (stuck).
 25218 | Orc:1    | 25218 ||| Stepping randomly (stuck).
 25219 | Orc:1    | 25219 ||| Stepping randomly (stuck).
 25220 | Orc:1    | 25220 ||| Stepping randomly (stuck).
 25221 | Orc:1    | 25221 ||| Stepping randomly (stuck).
 25222 | Orc:1    | 25222 ||| Stepping randomly (stuck).
 25223 | Orc:1    | 25223 ||| Stepping randomly (stuck).
 25224 | Orc:1    | 25224 ||| Stepping randomly (stuck).
 25225 | Orc:1    | 25225 ||| Stepping randomly (stuck).
 25226 | Orc:1    | 25226 ||| Stepping randomly (stuck).
 25227 | Orc:1    | 25227 ||| Stepping randomly (stuck).
 25228 | Orc:1    | 25228 ||| Stepping randomly (stuck).
 25229 | Orc:1    | 25229 ||| Stepping randomly (stuck).
 25230 | Orc:1    | 25230 ||| Stepping randomly (stuck).
 25231 | Orc:1    | 25231 ||| Stepping randomly (stuck).
 25232 | Orc:1    | 25232 ||| Stepping randomly (stuck).
 25233 | Orc:1    | 25233 ||| Stepping randomly (stuck).
 25234 | Orc:1    | 25234 ||| Stepping randomly (stuck).
 25235 | Orc:1    | 25235 ||| Stepping randomly (stuck).
 25236 | Orc:1    | 25236 ||| Stepping randomly (stuck).
 25237 | Orc:1    | 25237 ||| Stepping randomly (stuck).
 25238 | Orc:1    | 25238 ||| Stepping randomly (stuck).
 25239 | Orc:1    | 25239 ||| Stepping randomly (stuck).
 25240 | Orc:1    | 25240 ||| Stepping randomly (stuck).
 25241 | Orc:1    | 25241 ||| Stepping randomly (stuck).
 25242 | Orc:1    | 25242 ||| Stepping randomly (stuck).
 25243 | Orc:1    | 25243 ||| Stepping randomly (stuck).
 25244 | Orc:1    | 25244 ||| Stepping randomly (stuck).
 25245 | Orc:1    | 25245 ||| Stepping randomly (stuck).
 25246 | Orc:1    | 25246 ||| Stepping randomly (stuck).
 25247 | Orc:1    | 25247 ||| Stepping randomly (stuck).
 25248 | Orc:1    | 25248 ||| Stepping randomly (stuck).
 25249 | Orc:1    | 25249 ||| Stepping randomly (stuck).
 25250 | Orc:1    | 25250 ||| Stepping randomly (stuck).
 25251 | Orc:1    | 25251 ||| Stepping randomly (stuck).
 25252 | Orc:1    | 25252 ||| Stepping randomly (stuck).
 25253 | Orc:1    | 25253 ||| Stepping randomly (stuck).
 25254 | Orc:1    | 25254 ||| Stepping randomly (stuck).
 25255 | Orc:1    | 25255 ||| Stepping randomly (stuck).
 25256 | Orc:1    | 25256 ||| Stepping randomly (stuck).
 25257 | Orc:1    | 25257 ||| Stepping randomly (stuck).
 25258 | Orc:1    | 25258 ||| Stepping randomly (stuck).
 25259 | Orc:1    | 25259 ||| Stepping randomly (stuck).
 25260 | Orc:1    | 25260 ||| Stepping randomly (stuck).
 25261 | Orc:1    | 25261 ||| Stepping randomly (stuck).
 25262 | Orc:1    | 25262 ||| Stepping randomly (stuck).
 25263 | Orc:1    | 25263 ||| Stepping randomly (stuck).
 25264 | Orc:1    | 25264 ||| Stepping randomly (stuck).
 25265 | Orc:1    | 25265 ||| Stepping randomly (stuck).
 25266 | Orc:1    | 25266 ||| Stepping randomly (stuck).
 25267 | Orc:1    | 25267 ||| Stepping randomly (stuck).
 25268 | Orc:1    | 25268 ||| Stepping randomly (stuck).
 25269 | Orc:1    | 25269 ||| Stepping randomly (stuck).
 25270 | Orc:1    | 25270 ||| Stepping randomly (stuck).
 25271 | Orc:1    | 25271 ||| Stepping randomly (stuck).
 25272 | Orc:1    | 25272 ||| Stepping randomly (stuck).
 25273 | Orc:1    | 25273 ||| Stepping randomly (stuck).
 25274 | Orc:1    | 25274 ||| Stepping randomly (stuck).
 25275 | Orc:1    | 25275 ||| Stepping randomly (stuck).
 25276 | Orc:1    | 25276 ||| Stepping randomly (stuck).
 25277 | Orc:1    | 25277 ||| Stepping randomly (stuck).
 25278 | Orc:1    | 25278 ||| Stepping randomly (stuck).
 25279 | Orc:1    | 25279 ||| Stepping randomly (stuck).
 25280 | Orc:1    | 25280 ||| Stepping randomly (stuck).
 25281 | Orc:1    | 25281 ||| Stepping randomly (stuck).
 25282 | Orc:1    | 25282 ||| Stepping randomly (stuck).
 25283 | Orc:1    | 25283 ||| Stepping randomly (stuck).
 25284 | Orc:1    | 25284 ||| Stepping randomly (stuck).
 25285 | Orc:1    | 25285 ||| Stepping randomly (stuck).
 25286 | Orc:1    | 25286 ||| Stepping randomly (stuck).
 25287 | Orc:1    | 25287 ||| Stepping randomly (stuck).
 25288 | Orc:1    | 25288 ||| Stepping randomly (stuck).
 25289 | Orc:1    | 25289 ||| Stepping randomly (stuck).
 25290 | Orc:1    | 25290 ||| Stepping randomly (stuck).
 25291 | Orc:1    | 25291 ||| Stepping randomly (stuck).
 25292 | Orc:1    | 25292 ||| Stepping randomly (stuck).
 25293 | Orc:1    | 25293 ||| Stepping randomly (stuck).
 25294 | Orc:1    | 25294 ||| Stepping randomly (stuck).
 25295 | Orc:1    | 25295 ||| Stepping randomly (stuck).
 25296 | Orc:1    | 25296 ||| Stepping randomly (stuck).
 25297 | Orc:1    | 25297 ||| Stepping randomly (stuck).
 25298 | Orc:1    | 25298 ||| Stepping randomly (stuck).
 25299 | Orc:1    | 25299 ||| Stepping randomly (stuck).
 25300 | Orc:1    | 25300 ||| Stepping randomly (stuck).
 25301 | Orc:1    | 25301 ||| Stepping randomly (stuck).
 25302 | Orc:1    | 25302 ||| Stepping randomly (stuck).
 25303 | Orc:1    | 25303 ||| Stepping randomly (stuck).
 25304 | Orc:1    | 25304 ||| Stepping randomly (stuck).
 25305 | Orc:1    | 25305 ||| Stepping randomly (stuck).
 25306 | Orc:1    | 25306 ||| Stepping randomly (stuck).
 25307 | Orc:1    | 25307 ||| Stepping randomly (stuck).
 25308 | Orc:1    | 25308 ||| Stepping randomly (stuck).
 25309 | Orc:1    | 25309 ||| Stepping randomly (stuck).
 25310 | Orc:1    | 25310 ||| Stepping randomly (stuck).
 25311 | Orc:1    | 25311 ||| Stepping randomly (stuck).
 25312 | Orc:1    | 25312 ||| Stepping randomly (stuck).
 25313 | Orc:1    | 25313 ||| Stepping randomly (stuck).
 25314 | Orc:1    | 25314 ||| Stepping randomly (stuck).
 25315 | Orc:1    | 25315 ||| Stepping randomly (stuck).
 25316 | Orc:1    | 25316 ||| Stepping randomly (stuck).
 25317 | Orc:1    | 25317 ||| Stepping randomly (stuck).
 25318 | Orc:1    | 25318 ||| Stepping randomly (stuck).
 25319 | Orc:1    | 25319 ||| Stepping randomly (stuck).
 25320 | Orc:1    | 25320 ||| Stepping randomly (stuck).
 25321 | Orc:1    | 25321 ||| Stepping randomly (stuck).
 25322 | Orc:1    | 25322 ||| Stepping randomly (stuck).
 25323 | Orc:1    | 25323 ||| Stepping randomly (stuck).
 25324 | Orc:1    | 25324 ||| Stepping randomly (stuck).
 25325 | Orc:1    | 25325 ||| Stepping randomly (stuck).
 25326 | Orc:1    | 25326 ||| Stepping randomly (stuck).
 25327 | Orc:1    | 25327 ||| Stepping randomly (stuck).
 25328 | Orc:1    | 25328 ||| Stepping randomly (stuck).
 25329 | Orc:1    | 25329 ||| Stepping randomly (stuck).
 25330 | Orc:1    | 25330 ||| Stepping randomly (stuck).
 25331 | Orc:1    | 25331 ||| Stepping randomly (stuck).
 25332 | Orc:1    | 25332 ||| Stepping randomly (stuck).
 25333 | Orc:1    | 25333 ||| Stepping randomly (stuck).
 25334 | Orc:1    | 25334 ||| EATING 8 fruits.
 25335 | Orc:1    | 25335 ||| Stepping randomly (stuck).
 25336 | Orc:1    | 25336 ||| Stepping randomly (stuck).
 25337 | Orc:1    | 25337 ||| Stepping randomly (stuck).
 25338 | Orc:1    | 25338 ||| Stepping randomly (stuck).
 25339 | Orc:1    | 25339 ||| Stepping randomly (stuck).
 25340 | Orc:1    | 25340 ||| Stepping randomly (stuck).
 25341 | Orc:1    | 25341 ||| Stepping randomly (stuck).
 25342 | Orc:1    | 25342 ||| Stepping randomly (stuck).
 25343 | Orc:1    | 25343 ||| Stepping randomly (stuck).
 25344 | Orc:1    | 25344 ||| Stepping randomly (stuck).
 25345 | Orc:1    | 25345 ||| Stepping randomly (stuck).
 25346 | Orc:1    | 25346 ||| Stepping randomly (stuck).
 25347 | Orc:1    | 25347 ||| Stepping randomly (stuck).
 25348 | Orc:1    | 25348 ||| Stepping randomly (stuck).
 25349 | Orc:1    | 25349 ||| Stepping randomly (stuck).
 25350 | Orc:1    | 25350 ||| Stepping randomly (stuck).
 25351 | Orc:1    | 25351 ||| Stepping randomly (stuck).
 25352 | Orc:1    | 25352 ||| Stepping randomly (stuck).
 25353 | Orc:1    | 25353 ||| Stepping randomly (stuck).
 25354 | Orc:1    | 25354 ||| Stepping randomly (stuck).
 25355 | Orc:1    | 25355 ||| Stepping randomly (stuck).
 25356 | Orc:1    | 25356 ||| Stepping randomly (stuck).
 25357 | Orc:1    | 25357 ||| Stepping randomly (stuck).
 25358 | Orc:1    | 25358 ||| Stepping randomly (stuck).
 25359 | Orc:1    | 25359 ||| Stepping randomly (stuck).
 25360 | Orc:1    | 25360 ||| Stepping randomly (stuck).
 25361 | Orc:1    | 25361 ||| Stepping randomly (stuck).
 25362 | Orc:1    | 25362 ||| Stepping randomly (stuck).
 25363 | Orc:1    | 25363 ||| Stepping randomly (stuck).
 25364 | Orc:1    | 25364 ||| Stepping randomly (stuck).
 25365 | Orc:1    | 25365 ||| Stepping randomly (stuck).
 25366 | Orc:1    | 25366 ||| Stepping randomly (stuck).
 25367 | Orc:1    | 25367 ||| Stepping randomly (stuck).
 25368 | Orc:1    | 25368 ||| Stepping randomly (stuck).
 25369 | Orc:1    | 25369 ||| Stepping randomly (stuck).
 25370 | Orc:1    | 25370 ||| Stepping randomly (stuck).
 25371 | Orc:1    | 25371 ||| Stepping randomly (stuck).
 25372 | Orc:1    | 25372 ||| Stepping randomly (stuck).
 25373 | Orc:1    | 25373 ||| Stepping randomly (stuck).
 25374 | Orc:1    | 25374 ||| Stepping randomly (stuck).
 25375 | Orc:1    | 25375 ||| Stepping randomly (stuck).
 25376 | Orc:1    | 25376 ||| Stepping randomly (stuck).
 25377 | Orc:1    | 25377 ||| Stepping randomly (stuck).
 25378 | Orc:1    | 25378 ||| Stepping randomly (stuck).
 25379 | Orc:1    | 25379 ||| Stepping randomly (stuck).
 25380 | Orc:1    | 25380 ||| Stepping randomly (stuck).
 25381 | Orc:1    | 25381 ||| Stepping randomly (stuck).
 25382 | Orc:1    | 25382 ||| Stepping randomly (stuck).
 25383 | Orc:1    | 25383 ||| Stepping randomly (stuck).
 25384 | Orc:1    | 25384 ||| Stepping randomly (stuck).
 25385 | Orc:1    | 25385 ||| Stepping randomly (stuck).
 25386 | Orc:1    | 25386 ||| Stepping randomly (stuck).
 25387 | Orc:1    | 25387 ||| Stepping randomly (stuck).
 25388 | Orc:1    | 25388 ||| Stepping randomly (stuck).
 25389 | Orc:1    | 25389 ||| Stepping randomly (stuck).
 25390 | Orc:1    | 25390 ||| Stepping randomly (stuck).
 25391 | Orc:1    | 25391 ||| Stepping randomly (stuck).
 25392 | Orc:1    | 25392 ||| Stepping randomly (stuck).
 25393 | Orc:1    | 25393 ||| Stepping randomly (stuck).
 25394 | Orc:1    | 25394 ||| Stepping randomly (stuck).
 25395 | Orc:1    | 25395 ||| Stepping randomly (stuck).
 25396 | Orc:1    | 25396 ||| Stepping randomly (stuck).
 25397 | Orc:1    | 25397 ||| Stepping randomly (stuck).
 25398 | Orc:1    | 25398 ||| Stepping randomly (stuck).
 25399 | Orc:1    | 25399 ||| Stepping randomly (stuck).
 25400 | Orc:1    | 25400 ||| Stepping randomly (stuck).
 25401 | Orc:1    | 25401 ||| Stepping randomly (stuck).
 25402 | Orc:1    | 25402 ||| Stepping randomly (stuck).
 25403 | Orc:1    | 25403 ||| Stepping randomly (stuck).
 25404 | Orc:1    | 25404 ||| Stepping randomly (stuck).
 25405 | Orc:1    | 25405 ||| Stepping randomly (stuck).
 25406 | Orc:1    | 25406 ||| Stepping randomly (stuck).
 25407 | Orc:1    | 25407 ||| Stepping randomly (stuck).
 25408 | Orc:1    | 25408 ||| Stepping randomly (stuck).
 25409 | Orc:1    | 25409 ||| Stepping randomly (stuck).
 25410 | Orc:1    | 25410 ||| Stepping randomly (stuck).
 25411 | Orc:1    | 25411 ||| Stepping randomly (stuck).
 25412 | Orc:1    | 25412 ||| Stepping randomly (stuck).
 25413 | Orc:1    | 25413 ||| Stepping randomly (stuck).
 25414 | Orc:1    | 25414 ||| Stepping randomly (stuck).
 25415 | Orc:1    | 25415 ||| Stepping randomly (stuck).
 25416 | Orc:1    | 25416 ||| Stepping randomly (stuck).
 25417 | Orc:1    | 25417 ||| Stepping randomly (stuck).
 25418 | Orc:1    | 25418 ||| Stepping randomly (stuck).
 25419 | Orc:1    | 25419 ||| Stepping randomly (stuck).
 25420 | Orc:1    | 25420 ||| Stepping randomly (stuck).
 25421 | Orc:1    | 25421 ||| Stepping randomly (stuck).
 25422 | Orc:1    | 25422 ||| Stepping randomly (stuck).
 25423 | Orc:1    | 25423 ||| Stepping randomly (stuck).
 25424 | Orc:1    | 25424 ||| Stepping randomly (stuck).
 25425 | Orc:1    | 25425 ||| Stepping randomly (stuck).
 25426 | Orc:1    | 25426 ||| Stepping randomly (stuck).
 25427 | Orc:1    | 25427 ||| Stepping randomly (stuck).
 25428 | Orc:1    | 25428 ||| Stepping randomly (stuck).
 25429 | Orc:1    | 25429 ||| Stepping randomly (stuck).
 25430 | Orc:1    | 25430 ||| Stepping randomly (stuck).
 25431 | Orc:1    | 25431 ||| Stepping randomly (stuck).
 25432 | Orc:1    | 25432 ||| Stepping randomly (stuck).
 25433 | Orc:1    | 25433 ||| Stepping randomly (stuck).
 25434 | Orc:1    | 25434 ||| Stepping randomly (stuck).
 25435 | Orc:1    | 25435 ||| Stepping randomly (stuck).
 25436 | Orc:1    | 25436 ||| Stepping randomly (stuck).
 25437 | Orc:1    | 25437 ||| Stepping randomly (stuck).
 25438 | Orc:1    | 25438 ||| Stepping randomly (stuck).
 25439 | Orc:1    | 25439 ||| Stepping randomly (stuck).
 25440 | Orc:1    | 25440 ||| Stepping randomly (stuck).
 25441 | Orc:1    | 25441 ||| Stepping randomly (stuck).
 25442 | Orc:1    | 25442 ||| Stepping randomly (stuck).
 25443 | Orc:1    | 25443 ||| Stepping randomly (stuck).
 25444 | Orc:1    | 25444 ||| Stepping randomly (stuck).
 25445 | Orc:1    | 25445 ||| Stepping randomly (stuck).
 25446 | Orc:1    | 25446 ||| Stepping randomly (stuck).
 25447 | Orc:1    | 25447 ||| Stepping randomly (stuck).
 25448 | Orc:1    | 25448 ||| Stepping randomly (stuck).
 25449 | Orc:1    | 25449 ||| Stepping randomly (stuck).
 25450 | Orc:1    | 25450 ||| Stepping randomly (stuck).
 25451 | Orc:1    | 25451 ||| Stepping randomly (stuck).
 25452 | Orc:1    | 25452 ||| Stepping randomly (stuck).
 25453 | Orc:1    | 25453 ||| Stepping randomly (stuck).
 25454 | Orc:1    | 25454 ||| Stepping randomly (stuck).
 25455 | Orc:1    | 25455 ||| Stepping randomly (stuck).
 25456 | Orc:1    | 25456 ||| Stepping randomly (stuck).
 25457 | Orc:1    | 25457 ||| Stepping randomly (stuck).
 25458 | Orc:1    | 25458 ||| Stepping randomly (stuck).
 25459 | Orc:1    | 25459 ||| Stepping randomly (stuck).
 25460 | Orc:1    | 25460 ||| Stepping randomly (stuck).
 25461 | Orc:1    | 25461 ||| Stepping randomly (stuck).
 25462 | Orc:1    | 25462 ||| Stepping randomly (stuck).
 25463 | Orc:1    | 25463 ||| Stepping randomly (stuck).
 25464 | Orc:1    | 25464 ||| Stepping randomly (stuck).
 25465 | Orc:1    | 25465 ||| Stepping randomly (stuck).
 25466 | Orc:1    | 25466 ||| Stepping randomly (stuck).
 25467 | Orc:1    | 25467 ||| Stepping randomly (stuck).
 25468 | Orc:1    | 25468 ||| Stepping randomly (stuck).
 25469 | Orc:1    | 25469 ||| Stepping randomly (stuck).
 25470 | Orc:1    | 25470 ||| Stepping randomly (stuck).
 25471 | Orc:1    | 25471 ||| Stepping randomly (stuck).
 25472 | Orc:1    | 25472 ||| Stepping randomly (stuck).
 25473 | Orc:1    | 25473 ||| Stepping randomly (stuck).
 25474 | Orc:1    | 25474 ||| Stepping randomly (stuck).
 25475 | Orc:1    | 25475 ||| Stepping randomly (stuck).
 25476 | Orc:1    | 25476 ||| Stepping randomly (stuck).
 25477 | Orc:1    | 25477 ||| Stepping randomly (stuck).
 25478 | Orc:1    | 25478 ||| Stepping randomly (stuck).
 25479 | Orc:1    | 25479 ||| Stepping randomly (stuck).
 25480 | Orc:1    | 25480 ||| Stepping randomly (stuck).
 25481 | Orc:1    | 25481 ||| Stepping randomly (stuck).
 25482 | Orc:1    | 25482 ||| Stepping randomly (stuck).
 25483 | Orc:1    | 25483 ||| Stepping randomly (stuck).
 25484 | Orc:1    | 25484 ||| Stepping randomly (stuck).
 25485 | Orc:1    | 25485 ||| Stepping randomly (stuck).
 25486 | Orc:1    | 25486 ||| Stepping randomly (stuck).
 25487 | Orc:1    | 25487 ||| Stepping randomly (stuck).
 25488 | Orc:1    | 25488 ||| Stepping randomly (stuck).
 25489 | Orc:1    | 25489 ||| Stepping randomly (stuck).
 25490 | Orc:1    | 25490 ||| Stepping randomly (stuck).
 25491 | Orc:1    | 25491 ||| Stepping randomly (stuck).
 25492 | Orc:1    | 25492 ||| Stepping randomly (stuck).
 25493 | Orc:1    | 25493 ||| Stepping randomly (stuck).
 25494 | Orc:1    | 25494 ||| Stepping randomly (stuck).
 25495 | Orc:1    | 25495 ||| Stepping randomly (stuck).
 25496 | Orc:1    | 25496 ||| Stepping randomly (stuck).
 25497 | Orc:1    | 25497 ||| Stepping randomly (stuck).
 25498 | Orc:1    | 25498 ||| Stepping randomly (stuck).
 25499 | Orc:1    | 25499 ||| Stepping randomly (stuck).
 25500 | Orc:1    | 25500 ||| Stepping randomly (stuck).
 25501 | Orc:1    | 25501 ||| Stepping randomly (stuck).
 25502 | Orc:1    | 25502 ||| Stepping randomly (stuck).
 25503 | Orc:1    | 25503 ||| Stepping randomly (stuck).
 25504 | Orc:1    | 25504 ||| Stepping randomly (stuck).
 25505 | Orc:1    | 25505 ||| Stepping randomly (stuck).
 25506 | Orc:1    | 25506 ||| Stepping randomly (stuck).
 25507 | Orc:1    | 25507 ||| Stepping randomly (stuck).
 25508 | Orc:1    | 25508 ||| Stepping randomly (stuck).
 25509 | Orc:1    | 25509 ||| Stepping randomly (stuck).
 25510 | Orc:1    | 25510 ||| Stepping randomly (stuck).
 25511 | Orc:1    | 25511 ||| Stepping randomly (stuck).
 25512 | Orc:1    | 25512 ||| Stepping randomly (stuck).
 25513 | Orc:1    | 25513 ||| Stepping randomly (stuck).
 25514 | Orc:1    | 25514 ||| Stepping randomly (stuck).
 25515 | Orc:1    | 25515 ||| Stepping randomly (stuck).
 25516 | Orc:1    | 25516 ||| Stepping randomly (stuck).
 25517 | Orc:1    | 25517 ||| Stepping randomly (stuck).
 25518 | Orc:1    | 25518 ||| Stepping randomly (stuck).
 25519 | Orc:1    | 25519 ||| Stepping randomly (stuck).
 25520 | Orc:1    | 25520 ||| Stepping randomly (stuck).
 25521 | Orc:1    | 25521 ||| Stepping randomly (stuck).
 25522 | Orc:1    | 25522 ||| Stepping randomly (stuck).
 25523 | Orc:1    | 25523 ||| Stepping randomly (stuck).
 25524 | Orc:1    | 25524 ||| Stepping randomly (stuck).
 25525 | Orc:1    | 25525 ||| Stepping randomly (stuck).
 25526 | Orc:1    | 25526 ||| Stepping randomly (stuck).
 25527 | Orc:1    | 25527 ||| Stepping randomly (stuck).
 25528 | Orc:1    | 25528 ||| Stepping randomly (stuck).
 25529 | Orc:1    | 25529 ||| Stepping randomly (stuck).
 25530 | Orc:1    | 25530 ||| Stepping randomly (stuck).
 25531 | Orc:1    | 25531 ||| Stepping randomly (stuck).
 25532 | Orc:1    | 25532 ||| Stepping randomly (stuck).
 25533 | Orc:1    | 25533 ||| Stepping randomly (stuck).
 25534 | Orc:1    | 25534 ||| Stepping randomly (stuck).
 25535 | Orc:1    | 25535 ||| Stepping randomly (stuck).
 25536 | Orc:1    | 25536 ||| Stepping randomly (stuck).
 25537 | Orc:1    | 25537 ||| Stepping randomly (stuck).
 25538 | Orc:1    | 25538 ||| Stepping randomly (stuck).
 25539 | Orc:1    | 25539 ||| Stepping randomly (stuck).
 25540 | Orc:1    | 25540 ||| Stepping randomly (stuck).
 25541 | Orc:1    | 25541 ||| Stepping randomly (stuck).
 25542 | Orc:1    | 25542 ||| Stepping randomly (stuck).
 25543 | Orc:1    | 25543 ||| Stepping randomly (stuck).
 25544 | Orc:1    | 25544 ||| Stepping randomly (stuck).
 25545 | Orc:1    | 25545 ||| Stepping randomly (stuck).
 25546 | Orc:1    | 25546 ||| Stepping randomly (stuck).
 25547 | Orc:1    | 25547 ||| Stepping randomly (stuck).
 25548 | Orc:1    | 25548 ||| Stepping randomly (stuck).
 25549 | Orc:1    | 25549 ||| Stepping randomly (stuck).
 25550 | Orc:1    | 25550 ||| Stepping randomly (stuck).
 25551 | Orc:1    | 25551 ||| Stepping randomly (stuck).
 25552 | Orc:1    | 25552 ||| Stepping randomly (stuck).
 25553 | Orc:1    | 25553 ||| Stepping randomly (stuck).
 25554 | Orc:1    | 25554 ||| Stepping randomly (stuck).
 25555 | Orc:1    | 25555 ||| Stepping randomly (stuck).
 25556 | Orc:1    | 25556 ||| Stepping randomly (stuck).
 25557 | Orc:1    | 25557 ||| Stepping randomly (stuck).
 25558 | Orc:1    | 25558 ||| Stepping randomly (stuck).
 25559 | Orc:1    | 25559 ||| Stepping randomly (stuck).
 25560 | Orc:1    | 25560 ||| Stepping randomly (stuck).
 25561 | Orc:1    | 25561 ||| Stepping randomly (stuck).
 25562 | Orc:1    | 25562 ||| Stepping randomly (stuck).
 25563 | Orc:1    | 25563 ||| Stepping randomly (stuck).
 25564 | Orc:1    | 25564 ||| Stepping randomly (stuck).
 25565 | Orc:1    | 25565 ||| Stepping randomly (stuck).
 25566 | Orc:1    | 25566 ||| Stepping randomly (stuck).
 25567 | Orc:1    | 25567 ||| Stepping randomly (stuck).
 25568 | Orc:1    | 25568 ||| Stepping randomly (stuck).
 25569 | Orc:1    | 25569 ||| Stepping randomly (stuck).
 25570 | Orc:1    | 25570 ||| Stepping randomly (stuck).
 25571 | Orc:1    | 25571 ||| Stepping randomly (stuck).
 25572 | Orc:1    | 25572 ||| Stepping randomly (stuck).
 25573 | Orc:1    | 25573 ||| Stepping randomly (stuck).
 25574 | Orc:1    | 25574 ||| Stepping randomly (stuck).
 25575 | Orc:1    | 25575 ||| Stepping randomly (stuck).
 25576 | Orc:1    | 25576 ||| Stepping randomly (stuck).
 25577 | Orc:1    | 25577 ||| Stepping randomly (stuck).
 25578 | Orc:1    | 25578 ||| Stepping randomly (stuck).
 25579 | Orc:1    | 25579 ||| Stepping randomly (stuck).
 25580 | Orc:1    | 25580 ||| Stepping randomly (stuck).
 25581 | Orc:1    | 25581 ||| Stepping randomly (stuck).
 25582 | Orc:1    | 25582 ||| Stepping randomly (stuck).
 25583 | Orc:1    | 25583 ||| Stepping randomly (stuck).
 25584 | Orc:1    | 25584 ||| Stepping randomly (stuck).
 25585 | Orc:1    | 25585 ||| Stepping randomly (stuck).
 25586 | Orc:1    | 25586 ||| Stepping randomly (stuck).
 25587 | Orc:1    | 25587 ||| Stepping randomly (stuck).
 25588 | Orc:1    | 25588 ||| Stepping randomly (stuck).
 25589 | Orc:1    | 25589 ||| Stepping randomly (stuck).
 25590 | Orc:1    | 25590 ||| Stepping randomly (stuck).
 25591 | Orc:1    | 25591 ||| Stepping randomly (stuck).
 25592 | Orc:1    | 25592 ||| Stepping randomly (stuck).
 25593 | Orc:1    | 25593 ||| Stepping randomly (stuck).
 25594 | Orc:1    | 25594 ||| Stepping randomly (stuck).
 25595 | Orc:1    | 25595 ||| Stepping randomly (stuck).
 25596 | Orc:1    | 25596 ||| Stepping randomly (stuck).
 25597 | Orc:1    | 25597 ||| Stepping randomly (stuck).
 25598 | Orc:1    | 25598 ||| Stepping randomly (stuck).
 25599 | Orc:1    | 25599 ||| Stepping randomly (stuck).
 25600 | Orc:1    | 25600 ||| Stepping randomly (stuck).
 25601 | Orc:1    | 25601 ||| Stepping randomly (stuck).
 25602 | Orc:1    | 25602 ||| Stepping randomly (stuck).
 25603 | Orc:1    | 25603 ||| Stepping randomly (stuck).
 25604 | Orc:1    | 25604 ||| Stepping randomly (stuck).
 25605 | Orc:1    | 25605 ||| Stepping randomly (stuck).
 25606 | Orc:1    | 25606 ||| Stepping randomly (stuck).
 25607 | Orc:1    | 25607 ||| Stepping randomly (stuck).
 25608 | Orc:1    | 25608 ||| Stepping randomly (stuck).
 25609 | Orc:1    | 25609 ||| Stepping randomly (stuck).
 25610 | Orc:1    | 25610 ||| Stepping randomly (stuck).
 25611 | Orc:1    | 25611 ||| Stepping randomly (stuck).
 25612 | Orc:1    | 25612 ||| Stepping randomly (stuck).
 25613 | Orc:1    | 25613 ||| Stepping randomly (stuck).
 25614 | Orc:1    | 25614 ||| Stepping randomly (stuck).
 25615 | Orc:1    | 25615 ||| Stepping randomly (stuck).
 25616 | Orc:1    | 25616 ||| Stepping randomly (stuck).
 25617 | Orc:1    | 25617 ||| EATING 7 fruits.
 25618 | Orc:1    | 25618 ||| Stepping randomly (stuck).
 25619 | Orc:1    | 25619 ||| Stepping randomly (stuck).
 25620 | Orc:1    | 25620 ||| Stepping randomly (stuck).
 25621 | Orc:1    | 25621 ||| Stepping randomly (stuck).
 25622 | Orc:1    | 25622 ||| Stepping randomly (stuck).
 25623 | Orc:1    | 25623 ||| Stepping randomly (stuck).
 25624 | Orc:1    | 25624 ||| Stepping randomly (stuck).
 25625 | Orc:1    | 25625 ||| Stepping randomly (stuck).
 25626 | Orc:1    | 25626 ||| Stepping randomly (stuck).
 25627 | Orc:1    | 25627 ||| Stepping randomly (stuck).
 25628 | Orc:1    | 25628 ||| Stepping randomly (stuck).
 25629 | Orc:1    | 25629 ||| Stepping randomly (stuck).
 25630 | Orc:1    | 25630 ||| Stepping randomly (stuck).
 25631 | Orc:1    | 25631 ||| Stepping randomly (stuck).
 25632 | Orc:1    | 25632 ||| Stepping randomly (stuck).
 25633 | Orc:1    | 25633 ||| Stepping randomly (stuck).
 25634 | Orc:1    | 25634 ||| Stepping randomly (stuck).
 25635 | Orc:1    | 25635 ||| Stepping randomly (stuck).
 25636 | Orc:1    | 25636 ||| Stepping randomly (stuck).
 25637 | Orc:1    | 25637 ||| Stepping randomly (stuck).
 25638 | Orc:1    | 25638 ||| Stepping randomly (stuck).
 25639 | Orc:1    | 25639 ||| Stepping randomly (stuck).
 25640 | Orc:1    | 25640 ||| Stepping randomly (stuck).
 25641 | Orc:1    | 25641 ||| Stepping randomly (stuck).
 25642 | Orc:1    | 25642 ||| Stepping randomly (stuck).
 25643 | Orc:1    | 25643 ||| Stepping randomly (stuck).
 25644 | Orc:1    | 25644 ||| Stepping randomly (stuck).
 25645 | Orc:1    | 25645 ||| Stepping randomly (stuck).
 25646 | Orc:1    | 25646 ||| Stepping randomly (stuck).
 25647 | Orc:1    | 25647 ||| Stepping randomly (stuck).
 25648 | Orc:1    | 25648 ||| Stepping randomly (stuck).
 25649 | Orc:1    | 25649 ||| Stepping randomly (stuck).
 25650 | Orc:1    | 25650 ||| Stepping randomly (stuck).
 25651 | Orc:1    | 25651 ||| Stepping randomly (stuck).
 25652 | Orc:1    | 25652 ||| Stepping randomly (stuck).
 25653 | Orc:1    | 25653 ||| Stepping randomly (stuck).
 25654 | Orc:1    | 25654 ||| Stepping randomly (stuck).
 25655 | Orc:1    | 25655 ||| Stepping randomly (stuck).
 25656 | Orc:1    | 25656 ||| Stepping randomly (stuck).
 25657 | Orc:1    | 25657 ||| Stepping randomly (stuck).
 25658 | Orc:1    | 25658 ||| Stepping randomly (stuck).
 25659 | Orc:1    | 25659 ||| Stepping randomly (stuck).
 25660 | Orc:1    | 25660 ||| Stepping randomly (stuck).
 25661 | Orc:1    | 25661 ||| Stepping randomly (stuck).
 25662 | Orc:1    | 25662 ||| Stepping randomly (stuck).
 25663 | Orc:1    | 25663 ||| Stepping randomly (stuck).
 25664 | Orc:1    | 25664 ||| Stepping randomly (stuck).
 25665 | Orc:1    | 25665 ||| Stepping randomly (stuck).
 25666 | Orc:1    | 25666 ||| Stepping randomly (stuck).
 25667 | Orc:1    | 25667 ||| Stepping randomly (stuck).
 25668 | Orc:1    | 25668 ||| Stepping randomly (stuck).
 25669 | Orc:1    | 25669 ||| Stepping randomly (stuck).
 25670 | Orc:1    | 25670 ||| Stepping randomly (stuck).
 25671 | Orc:1    | 25671 ||| Stepping randomly (stuck).
 25672 | Orc:1    | 25672 ||| Stepping randomly (stuck).
 25673 | Orc:1    | 25673 ||| Stepping randomly (stuck).
 25674 | Orc:1    | 25674 ||| Stepping randomly (stuck).
 25675 | Orc:1    | 25675 ||| Stepping randomly (stuck).
 25676 | Orc:1    | 25676 ||| Stepping randomly (stuck).
 25677 | Orc:1    | 25677 ||| Stepping randomly (stuck).
 25678 | Orc:1    | 25678 ||| Stepping randomly (stuck).
 25679 | Orc:1    | 25679 ||| Stepping randomly (stuck).
 25680 | Orc:1    | 25680 ||| Stepping randomly (stuck).
 25681 | Orc:1    | 25681 ||| Stepping randomly (stuck).
 25682 | Orc:1    | 25682 ||| Stepping randomly (stuck).
 25683 | Orc:1    | 25683 ||| Stepping randomly (stuck).
 25684 | Orc:1    | 25684 ||| Stepping randomly (stuck).
 25685 | Orc:1    | 25685 ||| Stepping randomly (stuck).
 25686 | Orc:1    | 25686 ||| Stepping randomly (stuck).
 25687 | Orc:1    | 25687 ||| Stepping randomly (stuck).
 25688 | Orc:1    | 25688 ||| Stepping randomly (stuck).
 25689 | Orc:1    | 25689 ||| Stepping randomly (stuck).
 25690 | Orc:1    | 25690 ||| Stepping randomly (stuck).
 25691 | Orc:1    | 25691 ||| Stepping randomly (stuck).
 25692 | Orc:1    | 25692 ||| Stepping randomly (stuck).
 25693 | Orc:1    | 25693 ||| Stepping randomly (stuck).
 25694 | Orc:1    | 25694 ||| Stepping randomly (stuck).
 25695 | Orc:1    | 25695 ||| Stepping randomly (stuck).
 25696 | Orc:1    | 25696 ||| Stepping randomly (stuck).
 25697 | Orc:1    | 25697 ||| Stepping randomly (stuck).
 25698 | Orc:1    | 25698 ||| Stepping randomly (stuck).
 25699 | Orc:1    | 25699 ||| Stepping randomly (stuck).
 25700 | Orc:1    | 25700 ||| Stepping randomly (stuck).
 25701 | Orc:1    | 25701 ||| Stepping randomly (stuck).
 25702 | Orc:1    | 25702 ||| Stepping randomly (stuck).
 25703 | Orc:1    | 25703 ||| Stepping randomly (stuck).
 25704 | Orc:1    | 25704 ||| Stepping randomly (stuck).
 25705 | Orc:1    | 25705 ||| Stepping randomly (stuck).
 25706 | Orc:1    | 25706 ||| Stepping randomly (stuck).
 25707 | Orc:1    | 25707 ||| Stepping randomly (stuck).
 25708 | Orc:1    | 25708 ||| Stepping randomly (stuck).
 25709 | Orc:1    | 25709 ||| Stepping randomly (stuck).
 25710 | Orc:1    | 25710 ||| Stepping randomly (stuck).
 25711 | Orc:1    | 25711 ||| Stepping randomly (stuck).
 25712 | Orc:1    | 25712 ||| Stepping randomly (stuck).
 25713 | Orc:1    | 25713 ||| Stepping randomly (stuck).
 25714 | Orc:1    | 25714 ||| Stepping randomly (stuck).
 25715 | Orc:1    | 25715 ||| Stepping randomly (stuck).
 25716 | Orc:1    | 25716 ||| Stepping randomly (stuck).
 25717 | Orc:1    | 25717 ||| Stepping randomly (stuck).
 25718 | Orc:1    | 25718 ||| Stepping randomly (stuck).
 25719 | Orc:1    | 25719 ||| Stepping randomly (stuck).
 25720 | Orc:1    | 25720 ||| Stepping randomly (stuck).
 25721 | Orc:1    | 25721 ||| Stepping randomly (stuck).
 25722 | Orc:1    | 25722 ||| Stepping randomly (stuck).
 25723 | Orc:1    | 25723 ||| Stepping randomly (stuck).
 25724 | Orc:1    | 25724 ||| Stepping randomly (stuck).
 25725 | Orc:1    | 25725 ||| Stepping randomly (stuck).
 25726 | Orc:1    | 25726 ||| Stepping randomly (stuck).
 25727 | Orc:1    | 25727 ||| Stepping randomly (stuck).
 25728 | Orc:1    | 25728 ||| Stepping randomly (stuck).
 25729 | Orc:1    | 25729 ||| Stepping randomly (stuck).
 25730 | Orc:1    | 25730 ||| Stepping randomly (stuck).
 25731 | Orc:1    | 25731 ||| Stepping randomly (stuck).
 25732 | Orc:1    | 25732 ||| Stepping randomly (stuck).
 25733 | Orc:1    | 25733 ||| Stepping randomly (stuck).
 25734 | Orc:1    | 25734 ||| Stepping randomly (stuck).
 25735 | Orc:1    | 25735 ||| Stepping randomly (stuck).
 25736 | Orc:1    | 25736 ||| Stepping randomly (stuck).
 25737 | Orc:1    | 25737 ||| Stepping randomly (stuck).
 25738 | Orc:1    | 25738 ||| Stepping randomly (stuck).
 25739 | Orc:1    | 25739 ||| Stepping randomly (stuck).
 25740 | Orc:1    | 25740 ||| Stepping randomly (stuck).
 25741 | Orc:1    | 25741 ||| Stepping randomly (stuck).
 25742 | Orc:1    | 25742 ||| Stepping randomly (stuck).
 25743 | Orc:1    | 25743 ||| Stepping randomly (stuck).
 25744 | Orc:1    | 25744 ||| Stepping randomly (stuck).
 25745 | Orc:1    | 25745 ||| Stepping randomly (stuck).
 25746 | Orc:1    | 25746 ||| Stepping randomly (stuck).
 25747 | Orc:1    | 25747 ||| Stepping randomly (stuck).
 25748 | Orc:1    | 25748 ||| Stepping randomly (stuck).
 25749 | Orc:1    | 25749 ||| Stepping randomly (stuck).
 25750 | Orc:1    | 25750 ||| Stepping randomly (stuck).
 25751 | Orc:1    | 25751 ||| Stepping randomly (stuck).
 25752 | Orc:1    | 25752 ||| Stepping randomly (stuck).
 25753 | Orc:1    | 25753 ||| Stepping randomly (stuck).
 25754 | Orc:1    | 25754 ||| Stepping randomly (stuck).
 25755 | Orc:1    | 25755 ||| Stepping randomly (stuck).
 25756 | Orc:1    | 25756 ||| Stepping randomly (stuck).
 25757 | Orc:1    | 25757 ||| Stepping randomly (stuck).
 25758 | Orc:1    | 25758 ||| Stepping randomly (stuck).
 25759 | Orc:1    | 25759 ||| Stepping randomly (stuck).
 25760 | Orc:1    | 25760 ||| Stepping randomly (stuck).
 25761 | Orc:1    | 25761 ||| Stepping randomly (stuck).
 25762 | Orc:1    | 25762 ||| Stepping randomly (stuck).
 25763 | Orc:1    | 25763 ||| Stepping randomly (stuck).
 25764 | Orc:1    | 25764 ||| Stepping randomly (stuck).
 25765 | Orc:1    | 25765 ||| Stepping randomly (stuck).
 25766 | Orc:1    | 25766 ||| Stepping randomly (stuck).
 25767 | Orc:1    | 25767 ||| Stepping randomly (stuck).
 25768 | Orc:1    | 25768 ||| Stepping randomly (stuck).
 25769 | Orc:1    | 25769 ||| Stepping randomly (stuck).
 25770 | Orc:1    | 25770 ||| Stepping randomly (stuck).
 25771 | Orc:1    | 25771 ||| Stepping randomly (stuck).
 25772 | Orc:1    | 25772 ||| Stepping randomly (stuck).
 25773 | Orc:1    | 25773 ||| Stepping randomly (stuck).
 25774 | Orc:1    | 25774 ||| Stepping randomly (stuck).
 25775 | Orc:1    | 25775 ||| Stepping randomly (stuck).
 25776 | Orc:1    | 25776 ||| Stepping randomly (stuck).
 25777 | Orc:1    | 25777 ||| Stepping randomly (stuck).
 25778 | Orc:1    | 25778 ||| Stepping randomly (stuck).
 25779 | Orc:1    | 25779 ||| Stepping randomly (stuck).
 25780 | Orc:1    | 25780 ||| Stepping randomly (stuck).
 25781 | Orc:1    | 25781 ||| Stepping randomly (stuck).
 25782 | Orc:1    | 25782 ||| Stepping randomly (stuck).
 25783 | Orc:1    | 25783 ||| Stepping randomly (stuck).
 25784 | Orc:1    | 25784 ||| Stepping randomly (stuck).
 25785 | Orc:1    | 25785 ||| Stepping randomly (stuck).
 25786 | Orc:1    | 25786 ||| Stepping randomly (stuck).
 25787 | Orc:1    | 25787 ||| Stepping randomly (stuck).
 25788 | Orc:1    | 25788 ||| Stepping randomly (stuck).
 25789 | Orc:1    | 25789 ||| Stepping randomly (stuck).
 25790 | Orc:1    | 25790 ||| Stepping randomly (stuck).
 25791 | Orc:1    | 25791 ||| Stepping randomly (stuck).
 25792 | Orc:1    | 25792 ||| Stepping randomly (stuck).
 25793 | Orc:1    | 25793 ||| Stepping randomly (stuck).
 25794 | Orc:1    | 25794 ||| Stepping randomly (stuck).
 25795 | Orc:1    | 25795 ||| Stepping randomly (stuck).
 25796 | Orc:1    | 25796 ||| Stepping randomly (stuck).
 25797 | Orc:1    | 25797 ||| Stepping randomly (stuck).
 25798 | Orc:1    | 25798 ||| Stepping randomly (stuck).
 25799 | Orc:1    | 25799 ||| Stepping randomly (stuck).
 25800 | Orc:1    | 25800 ||| Stepping randomly (stuck).
 25801 | Orc:1    | 25801 ||| Stepping randomly (stuck).
 25802 | Orc:1    | 25802 ||| Stepping randomly (stuck).
 25803 | Orc:1    | 25803 ||| Stepping randomly (stuck).
 25804 | Orc:1    | 25804 ||| Stepping randomly (stuck).
 25805 | Orc:1    | 25805 ||| Stepping randomly (stuck).
 25806 | Orc:1    | 25806 ||| Stepping randomly (stuck).
 25807 | Orc:1    | 25807 ||| Stepping randomly (stuck).
 25808 | Orc:1    | 25808 ||| Stepping randomly (stuck).
 25809 | Orc:1    | 25809 ||| Stepping randomly (stuck).
 25810 | Orc:1    | 25810 ||| Stepping randomly (stuck).
 25811 | Orc:1    | 25811 ||| Stepping randomly (stuck).
 25812 | Orc:1    | 25812 ||| Stepping randomly (stuck).
 25813 | Orc:1    | 25813 ||| Stepping randomly (stuck).
 25814 | Orc:1    | 25814 ||| Stepping randomly (stuck).
 25815 | Orc:1    | 25815 ||| Stepping randomly (stuck).
 25816 | Orc:1    | 25816 ||| Stepping randomly (stuck).
 25817 | Orc:1    | 25817 ||| Stepping randomly (stuck).
 25818 | Orc:1    | 25818 ||| Stepping randomly (stuck).
 25819 | Orc:1    | 25819 ||| Stepping randomly (stuck).
 25820 | Orc:1    | 25820 ||| Stepping randomly (stuck).
 25821 | Orc:1    | 25821 ||| Stepping randomly (stuck).
 25822 | Orc:1    | 25822 ||| Stepping randomly (stuck).
 25823 | Orc:1    | 25823 ||| Stepping randomly (stuck).
 25824 | Orc:1    | 25824 ||| Stepping randomly (stuck).
 25825 | Orc:1    | 25825 ||| Stepping randomly (stuck).
 25826 | Orc:1    | 25826 ||| Stepping randomly (stuck).
 25827 | Orc:1    | 25827 ||| Stepping randomly (stuck).
 25828 | Orc:1    | 25828 ||| Stepping randomly (stuck).
 25829 | Orc:1    | 25829 ||| Stepping randomly (stuck).
 25830 | Orc:1    | 25830 ||| Stepping randomly (stuck).
 25831 | Orc:1    | 25831 ||| Stepping randomly (stuck).
 25832 | Orc:1    | 25832 ||| Stepping randomly (stuck).
 25833 | Orc:1    | 25833 ||| Stepping randomly (stuck).
 25834 | Orc:1    | 25834 ||| Stepping randomly (stuck).
 25835 | Orc:1    | 25835 ||| Stepping randomly (stuck).
 25836 | Orc:1    | 25836 ||| Stepping randomly (stuck).
 25837 | Orc:1    | 25837 ||| Stepping randomly (stuck).
 25838 | Orc:1    | 25838 ||| Stepping randomly (stuck).
 25839 | Orc:1    | 25839 ||| Stepping randomly (stuck).
 25840 | Orc:1    | 25840 ||| Stepping randomly (stuck).
 25841 | Orc:1    | 25841 ||| Stepping randomly (stuck).
 25842 | Orc:1    | 25842 ||| Stepping randomly (stuck).
 25843 | Orc:1    | 25843 ||| Stepping randomly (stuck).
 25844 | Orc:1    | 25844 ||| Stepping randomly (stuck).
 25845 | Orc:1    | 25845 ||| Stepping randomly (stuck).
 25846 | Orc:1    | 25846 ||| Stepping randomly (stuck).
 25847 | Orc:1    | 25847 ||| Stepping randomly (stuck).
 25848 | Orc:1    | 25848 ||| Stepping randomly (stuck).
 25849 | Orc:1    | 25849 ||| Stepping randomly (stuck).
 25850 | Orc:1    | 25850 ||| Stepping randomly (stuck).
 25851 | Orc:1    | 25851 ||| Stepping randomly (stuck).
 25852 | Orc:1    | 25852 ||| Stepping randomly (stuck).
 25853 | Orc:1    | 25853 ||| Stepping randomly (stuck).
 25854 | Orc:1    | 25854 ||| Stepping randomly (stuck).
 25855 | Orc:1    | 25855 ||| Stepping randomly (stuck).
 25856 | Orc:1    | 25856 ||| Stepping randomly (stuck).
 25857 | Orc:1    | 25857 ||| Stepping randomly (stuck).
 25858 | Orc:1    | 25858 ||| Stepping randomly (stuck).
 25859 | Orc:1    | 25859 ||| Stepping randomly (stuck).
 25860 | Orc:1    | 25860 ||| Stepping randomly (stuck).
 25861 | Orc:1    | 25861 ||| Stepping randomly (stuck).
 25862 | Orc:1    | 25862 ||| Stepping randomly (stuck).
 25863 | Orc:1    | 25863 ||| Stepping randomly (stuck).
 25864 | Orc:1    | 25864 ||| Stepping randomly (stuck).
 25865 | Orc:1    | 25865 ||| Stepping randomly (stuck).
 25866 | Orc:1    | 25866 ||| Stepping randomly (stuck).
 25867 | Orc:1    | 25867 ||| Stepping randomly (stuck).
 25868 | Orc:1    | 25868 ||| Stepping randomly (stuck).
 25869 | Orc:1    | 25869 ||| Stepping randomly (stuck).
 25870 | Orc:1    | 25870 ||| Stepping randomly (stuck).
 25871 | Orc:1    | 25871 ||| Stepping randomly (stuck).
 25872 | Orc:1    | 25872 ||| Stepping randomly (stuck).
 25873 | Orc:1    | 25873 ||| Stepping randomly (stuck).
 25874 | Orc:1    | 25874 ||| Stepping randomly (stuck).
 25875 | Orc:1    | 25875 ||| Stepping randomly (stuck).
 25876 | Orc:1    | 25876 ||| Stepping randomly (stuck).
 25877 | Orc:1    | 25877 ||| Stepping randomly (stuck).
 25878 | Orc:1    | 25878 ||| Stepping randomly (stuck).
 25879 | Orc:1    | 25879 ||| Stepping randomly (stuck).
 25880 | Orc:1    | 25880 ||| Stepping randomly (stuck).
 25881 | Orc:1    | 25881 ||| Stepping randomly (stuck).
 25882 | Orc:1    | 25882 ||| Stepping randomly (stuck).
 25883 | Orc:1    | 25883 ||| Stepping randomly (stuck).
 25884 | Orc:1    | 25884 ||| Stepping randomly (stuck).
 25885 | Orc:1    | 25885 ||| Stepping randomly (stuck).
 25886 | Orc:1    | 25886 ||| Stepping randomly (stuck).
 25887 | Orc:1    | 25887 ||| Stepping randomly (stuck).
 25888 | Orc:1    | 25888 ||| Stepping randomly (stuck).
 25889 | Orc:1    | 25889 ||| Stepping randomly (stuck).
 25890 | Orc:1    | 25890 ||| Stepping randomly (stuck).
 25891 | Orc:1    | 25891 ||| Stepping randomly (stuck).
 25892 | Orc:1    | 25892 ||| Stepping randomly (stuck).
 25893 | Orc:1    | 25893 ||| Stepping randomly (stuck).
 25894 | Orc:1    | 25894 ||| Stepping randomly (stuck).
 25895 | Orc:1    | 25895 ||| Stepping randomly (stuck).
 25896 | Orc:1    | 25896 ||| Stepping randomly (stuck).
 25897 | Orc:1    | 25897 ||| Stepping randomly (stuck).
 25898 | Orc:1    | 25898 ||| Stepping randomly (stuck).
 25899 | Orc:1    | 25899 ||| Stepping randomly (stuck).
 25900 | Orc:1    | 25900 ||| Stepping randomly (stuck).
 25901 | Orc:1    | 25901 ||| EATING 6 fruits.
 25902 | Orc:1    | 25902 ||| Stepping randomly (stuck).
 25903 | Orc:1    | 25903 ||| Stepping randomly (stuck).
 25904 | Orc:1    | 25904 ||| Stepping randomly (stuck).
 25905 | Orc:1    | 25905 ||| Stepping randomly (stuck).
 25906 | Orc:1    | 25906 ||| Stepping randomly (stuck).
 25907 | Orc:1    | 25907 ||| Stepping randomly (stuck).
 25908 | Orc:1    | 25908 ||| Stepping randomly (stuck).
 25909 | Orc:1    | 25909 ||| Stepping randomly (stuck).
 25910 | Orc:1    | 25910 ||| Stepping randomly (stuck).
 25911 | Orc:1    | 25911 ||| Stepping randomly (stuck).
 25912 | Orc:1    | 25912 ||| Stepping randomly (stuck).
 25913 | Orc:1    | 25913 ||| Stepping randomly (stuck).
 25914 | Orc:1    | 25914 ||| Stepping randomly (stuck).
 25915 | Orc:1    | 25915 ||| Stepping randomly (stuck).
 25916 | Orc:1    | 25916 ||| Stepping randomly (stuck).
 25917 | Orc:1    | 25917 ||| Stepping randomly (stuck).
 25918 | Orc:1    | 25918 ||| Stepping randomly (stuck).
 25919 | Orc:1    | 25919 ||| Stepping randomly (stuck).
 25920 | Orc:1    | 25920 ||| Stepping randomly (stuck).
 25921 | Orc:1    | 25921 ||| Stepping randomly (stuck).
 25922 | Orc:1    | 25922 ||| Stepping randomly (stuck).
 25923 | Orc:1    | 25923 ||| Stepping randomly (stuck).
 25924 | Orc:1    | 25924 ||| Stepping randomly (stuck).
 25925 | Orc:1    | 25925 ||| Stepping randomly (stuck).
 25926 | Orc:1    | 25926 ||| Stepping randomly (stuck).
 25927 | Orc:1    | 25927 ||| Stepping randomly (stuck).
 25928 | Orc:1    | 25928 ||| Stepping randomly (stuck).
 25929 | Orc:1    | 25929 ||| Stepping randomly (stuck).
 25930 | Orc:1    | 25930 ||| Stepping randomly (stuck).
 25931 | Orc:1    | 25931 ||| Stepping randomly (stuck).
 25932 | Orc:1    | 25932 ||| Stepping randomly (stuck).
 25933 | Orc:1    | 25933 ||| Stepping randomly (stuck).
 25934 | Orc:1    | 25934 ||| Stepping randomly (stuck).
 25935 | Orc:1    | 25935 ||| Stepping randomly (stuck).
 25936 | Orc:1    | 25936 ||| Stepping randomly (stuck).
 25937 | Orc:1    | 25937 ||| Stepping randomly (stuck).
 25938 | Orc:1    | 25938 ||| Stepping randomly (stuck).
 25939 | Orc:1    | 25939 ||| Stepping randomly (stuck).
 25940 | Orc:1    | 25940 ||| Stepping randomly (stuck).
 25941 | Orc:1    | 25941 ||| Stepping randomly (stuck).
 25942 | Orc:1    | 25942 ||| Stepping randomly (stuck).
 25943 | Orc:1    | 25943 ||| Stepping randomly (stuck).
 25944 | Orc:1    | 25944 ||| Stepping randomly (stuck).
 25945 | Orc:1    | 25945 ||| Stepping randomly (stuck).
 25946 | Orc:1    | 25946 ||| Stepping randomly (stuck).
 25947 | Orc:1    | 25947 ||| Stepping randomly (stuck).
 25948 | Orc:1    | 25948 ||| Stepping randomly (stuck).
 25949 | Orc:1    | 25949 ||| Stepping randomly (stuck).
 25950 | Orc:1    | 25950 ||| Stepping randomly (stuck).
 25951 | Orc:1    | 25951 ||| Stepping randomly (stuck).
 25952 | Orc:1    | 25952 ||| Stepping randomly (stuck).
 25953 | Orc:1    | 25953 ||| Stepping randomly (stuck).
 25954 | Orc:1    | 25954 ||| Stepping randomly (stuck).
 25955 | Orc:1    | 25955 ||| Stepping randomly (stuck).
 25956 | Orc:1    | 25956 ||| Stepping randomly (stuck).
 25957 | Orc:1    | 25957 ||| Stepping randomly (stuck).
 25958 | Orc:1    | 25958 ||| Stepping randomly (stuck).
 25959 | Orc:1    | 25959 ||| Stepping randomly (stuck).
 25960 | Orc:1    | 25960 ||| Stepping randomly (stuck).
 25961 | Orc:1    | 25961 ||| Stepping randomly (stuck).
 25962 | Orc:1    | 25962 ||| Stepping randomly (stuck).
 25963 | Orc:1    | 25963 ||| Stepping randomly (stuck).
 25964 | Orc:1    | 25964 ||| Stepping randomly (stuck).
 25965 | Orc:1    | 25965 ||| Stepping randomly (stuck).
 25966 | Orc:1    | 25966 ||| Stepping randomly (stuck).
 25967 | Orc:1    | 25967 ||| Stepping randomly (stuck).
 25968 | Orc:1    | 25968 ||| Stepping randomly (stuck).
 25969 | Orc:1    | 25969 ||| Stepping randomly (stuck).
 25970 | Orc:1    | 25970 ||| Stepping randomly (stuck).
 25971 | Orc:1    | 25971 ||| Stepping randomly (stuck).
 25972 | Orc:1    | 25972 ||| Stepping randomly (stuck).
 25973 | Orc:1    | 25973 ||| Stepping randomly (stuck).
 25974 | Orc:1    | 25974 ||| Stepping randomly (stuck).
 25975 | Orc:1    | 25975 ||| Stepping randomly (stuck).
 25976 | Orc:1    | 25976 ||| Stepping randomly (stuck).
 25977 | Orc:1    | 25977 ||| Stepping randomly (stuck).
 25978 | Orc:1    | 25978 ||| Stepping randomly (stuck).
 25979 | Orc:1    | 25979 ||| Stepping randomly (stuck).
 25980 | Orc:1    | 25980 ||| Stepping randomly (stuck).
 25981 | Orc:1    | 25981 ||| Stepping randomly (stuck).
 25982 | Orc:1    | 25982 ||| Stepping randomly (stuck).
 25983 | Orc:1    | 25983 ||| Stepping randomly (stuck).
 25984 | Orc:1    | 25984 ||| Stepping randomly (stuck).
 25985 | Orc:1    | 25985 ||| Stepping randomly (stuck).
 25986 | Orc:1    | 25986 ||| Stepping randomly (stuck).
 25987 | Orc:1    | 25987 ||| Stepping randomly (stuck).
 25988 | Orc:1    | 25988 ||| Stepping randomly (stuck).
 25989 | Orc:1    | 25989 ||| Stepping randomly (stuck).
 25990 | Orc:1    | 25990 ||| Stepping randomly (stuck).
 25991 | Orc:1    | 25991 ||| Stepping randomly (stuck).
 25992 | Orc:1    | 25992 ||| Stepping randomly (stuck).
 25993 | Orc:1    | 25993 ||| Stepping randomly (stuck).
 25994 | Orc:1    | 25994 ||| Stepping randomly (stuck).
 25995 | Orc:1    | 25995 ||| Stepping randomly (stuck).
 25996 | Orc:1    | 25996 ||| Stepping randomly (stuck).
 25997 | Orc:1    | 25997 ||| Stepping randomly (stuck).
 25998 | Orc:1    | 25998 ||| Stepping randomly (stuck).
 25999 | Orc:1    | 25999 ||| Stepping randomly (stuck).
 26000 | Orc:1    | 26000 ||| Stepping randomly (stuck).
 26001 | Orc:1    | 26001 ||| Stepping randomly (stuck).
 26002 | Orc:1    | 26002 ||| Stepping randomly (stuck).
 26003 | Orc:1    | 26003 ||| Stepping randomly (stuck).
 26004 | Orc:1    | 26004 ||| Stepping randomly (stuck).
 26005 | Orc:1    | 26005 ||| Stepping randomly (stuck).
 26006 | Orc:1    | 26006 ||| Stepping randomly (stuck).
 26007 | Orc:1    | 26007 ||| Stepping randomly (stuck).
 26008 | Orc:1    | 26008 ||| Stepping randomly (stuck).
 26009 | Orc:1    | 26009 ||| Stepping randomly (stuck).
 26010 | Orc:1    | 26010 ||| Stepping randomly (stuck).
 26011 | Orc:1    | 26011 ||| Stepping randomly (stuck).
 26012 | Orc:1    | 26012 ||| Stepping randomly (stuck).
 26013 | Orc:1    | 26013 ||| Stepping randomly (stuck).
 26014 | Orc:1    | 26014 ||| Stepping randomly (stuck).
 26015 | Orc:1    | 26015 ||| Stepping randomly (stuck).
 26016 | Orc:1    | 26016 ||| Stepping randomly (stuck).
 26017 | Orc:1    | 26017 ||| Stepping randomly (stuck).
 26018 | Orc:1    | 26018 ||| Stepping randomly (stuck).
 26019 | Orc:1    | 26019 ||| Stepping randomly (stuck).
 26020 | Orc:1    | 26020 ||| Stepping randomly (stuck).
 26021 | Orc:1    | 26021 ||| Stepping randomly (stuck).
 26022 | Orc:1    | 26022 ||| Stepping randomly (stuck).
 26023 | Orc:1    | 26023 ||| Stepping randomly (stuck).
 26024 | Orc:1    | 26024 ||| Stepping randomly (stuck).
 26025 | Orc:1    | 26025 ||| Stepping randomly (stuck).
 26026 | Orc:1    | 26026 ||| Stepping randomly (stuck).
 26027 | Orc:1    | 26027 ||| Stepping randomly (stuck).
 26028 | Orc:1    | 26028 ||| Stepping randomly (stuck).
 26029 | Orc:1    | 26029 ||| Stepping randomly (stuck).
 26030 | Orc:1    | 26030 ||| Stepping randomly (stuck).
 26031 | Orc:1    | 26031 ||| Stepping randomly (stuck).
 26032 | Orc:1    | 26032 ||| Stepping randomly (stuck).
 26033 | Orc:1    | 26033 ||| Stepping randomly (stuck).
 26034 | Orc:1    | 26034 ||| Stepping randomly (stuck).
 26035 | Orc:1    | 26035 ||| Stepping randomly (stuck).
 26036 | Orc:1    | 26036 ||| Stepping randomly (stuck).
 26037 | Orc:1    | 26037 ||| Stepping randomly (stuck).
 26038 | Orc:1    | 26038 ||| Stepping randomly (stuck).
 26039 | Orc:1    | 26039 ||| Stepping randomly (stuck).
 26040 | Orc:1    | 26040 ||| Stepping randomly (stuck).
 26041 | Orc:1    | 26041 ||| Stepping randomly (stuck).
 26042 | Orc:1    | 26042 ||| Stepping randomly (stuck).
 26043 | Orc:1    | 26043 ||| Stepping randomly (stuck).
 26044 | Orc:1    | 26044 ||| Stepping randomly (stuck).
 26045 | Orc:1    | 26045 ||| Stepping randomly (stuck).
 26046 | Orc:1    | 26046 ||| Stepping randomly (stuck).
 26047 | Orc:1    | 26047 ||| Stepping randomly (stuck).
 26048 | Orc:1    | 26048 ||| Stepping randomly (stuck).
 26049 | Orc:1    | 26049 ||| Stepping randomly (stuck).
 26050 | Orc:1    | 26050 ||| Stepping randomly (stuck).
 26051 | Orc:1    | 26051 ||| Stepping randomly (stuck).
 26052 | Orc:1    | 26052 ||| Stepping randomly (stuck).
 26053 | Orc:1    | 26053 ||| Stepping randomly (stuck).
 26054 | Orc:1    | 26054 ||| Stepping randomly (stuck).
 26055 | Orc:1    | 26055 ||| Stepping randomly (stuck).
 26056 | Orc:1    | 26056 ||| Stepping randomly (stuck).
 26057 | Orc:1    | 26057 ||| Stepping randomly (stuck).
 26058 | Orc:1    | 26058 ||| Stepping randomly (stuck).
 26059 | Orc:1    | 26059 ||| Stepping randomly (stuck).
 26060 | Orc:1    | 26060 ||| Stepping randomly (stuck).
 26061 | Orc:1    | 26061 ||| Stepping randomly (stuck).
 26062 | Orc:1    | 26062 ||| Stepping randomly (stuck).
 26063 | Orc:1    | 26063 ||| Stepping randomly (stuck).
 26064 | Orc:1    | 26064 ||| Stepping randomly (stuck).
 26065 | Orc:1    | 26065 ||| Stepping randomly (stuck).
 26066 | Orc:1    | 26066 ||| Stepping randomly (stuck).
 26067 | Orc:1    | 26067 ||| Stepping randomly (stuck).
 26068 | Orc:1    | 26068 ||| Stepping randomly (stuck).
 26069 | Orc:1    | 26069 ||| Stepping randomly (stuck).
 26070 | Orc:1    | 26070 ||| Stepping randomly (stuck).
 26071 | Orc:1    | 26071 ||| Stepping randomly (stuck).
 26072 | Orc:1    | 26072 ||| Stepping randomly (stuck).
 26073 | Orc:1    | 26073 ||| Stepping randomly (stuck).
 26074 | Orc:1    | 26074 ||| Stepping randomly (stuck).
 26075 | Orc:1    | 26075 ||| Stepping randomly (stuck).
 26076 | Orc:1    | 26076 ||| Stepping randomly (stuck).
 26077 | Orc:1    | 26077 ||| Stepping randomly (stuck).
 26078 | Orc:1    | 26078 ||| Stepping randomly (stuck).
 26079 | Orc:1    | 26079 ||| Stepping randomly (stuck).
 26080 | Orc:1    | 26080 ||| Stepping randomly (stuck).
 26081 | Orc:1    | 26081 ||| Stepping randomly (stuck).
 26082 | Orc:1    | 26082 ||| Stepping randomly (stuck).
 26083 | Orc:1    | 26083 ||| Stepping randomly (stuck).
 26084 | Orc:1    | 26084 ||| Stepping randomly (stuck).
 26085 | Orc:1    | 26085 ||| Stepping randomly (stuck).
 26086 | Orc:1    | 26086 ||| Stepping randomly (stuck).
 26087 | Orc:1    | 26087 ||| Stepping randomly (stuck).
 26088 | Orc:1    | 26088 ||| Stepping randomly (stuck).
 26089 | Orc:1    | 26089 ||| Stepping randomly (stuck).
 26090 | Orc:1    | 26090 ||| Stepping randomly (stuck).
 26091 | Orc:1    | 26091 ||| Stepping randomly (stuck).
 26092 | Orc:1    | 26092 ||| Stepping randomly (stuck).
 26093 | Orc:1    | 26093 ||| Stepping randomly (stuck).
 26094 | Orc:1    | 26094 ||| Stepping randomly (stuck).
 26095 | Orc:1    | 26095 ||| Stepping randomly (stuck).
 26096 | Orc:1    | 26096 ||| Stepping randomly (stuck).
 26097 | Orc:1    | 26097 ||| Stepping randomly (stuck).
 26098 | Orc:1    | 26098 ||| Stepping randomly (stuck).
 26099 | Orc:1    | 26099 ||| Stepping randomly (stuck).
 26100 | Orc:1    | 26100 ||| Stepping randomly (stuck).
 26101 | Orc:1    | 26101 ||| Stepping randomly (stuck).
 26102 | Orc:1    | 26102 ||| Stepping randomly (stuck).
 26103 | Orc:1    | 26103 ||| Stepping randomly (stuck).
 26104 | Orc:1    | 26104 ||| Stepping randomly (stuck).
 26105 | Orc:1    | 26105 ||| Stepping randomly (stuck).
 26106 | Orc:1    | 26106 ||| Stepping randomly (stuck).
 26107 | Orc:1    | 26107 ||| Stepping randomly (stuck).
 26108 | Orc:1    | 26108 ||| Stepping randomly (stuck).
 26109 | Orc:1    | 26109 ||| Stepping randomly (stuck).
 26110 | Orc:1    | 26110 ||| Stepping randomly (stuck).
 26111 | Orc:1    | 26111 ||| Stepping randomly (stuck).
 26112 | Orc:1    | 26112 ||| Stepping randomly (stuck).
 26113 | Orc:1    | 26113 ||| Stepping randomly (stuck).
 26114 | Orc:1    | 26114 ||| Stepping randomly (stuck).
 26115 | Orc:1    | 26115 ||| Stepping randomly (stuck).
 26116 | Orc:1    | 26116 ||| Stepping randomly (stuck).
 26117 | Orc:1    | 26117 ||| Stepping randomly (stuck).
 26118 | Orc:1    | 26118 ||| Stepping randomly (stuck).
 26119 | Orc:1    | 26119 ||| Stepping randomly (stuck).
 26120 | Orc:1    | 26120 ||| Stepping randomly (stuck).
 26121 | Orc:1    | 26121 ||| Stepping randomly (stuck).
 26122 | Orc:1    | 26122 ||| Stepping randomly (stuck).
 26123 | Orc:1    | 26123 ||| Stepping randomly (stuck).
 26124 | Orc:1    | 26124 ||| Stepping randomly (stuck).
 26125 | Orc:1    | 26125 ||| Stepping randomly (stuck).
 26126 | Orc:1    | 26126 ||| Stepping randomly (stuck).
 26127 | Orc:1    | 26127 ||| Stepping randomly (stuck).
 26128 | Orc:1    | 26128 ||| Stepping randomly (stuck).
 26129 | Orc:1    | 26129 ||| Stepping randomly (stuck).
 26130 | Orc:1    | 26130 ||| Stepping randomly (stuck).
 26131 | Orc:1    | 26131 ||| Stepping randomly (stuck).
 26132 | Orc:1    | 26132 ||| Stepping randomly (stuck).
 26133 | Orc:1    | 26133 ||| Stepping randomly (stuck).
 26134 | Orc:1    | 26134 ||| Stepping randomly (stuck).
 26135 | Orc:1    | 26135 ||| Stepping randomly (stuck).
 26136 | Orc:1    | 26136 ||| Stepping randomly (stuck).
 26137 | Orc:1    | 26137 ||| Stepping randomly (stuck).
 26138 | Orc:1    | 26138 ||| Stepping randomly (stuck).
 26139 | Orc:1    | 26139 ||| Stepping randomly (stuck).
 26140 | Orc:1    | 26140 ||| Stepping randomly (stuck).
 26141 | Orc:1    | 26141 ||| Stepping randomly (stuck).
 26142 | Orc:1    | 26142 ||| Stepping randomly (stuck).
 26143 | Orc:1    | 26143 ||| Stepping randomly (stuck).
 26144 | Orc:1    | 26144 ||| Stepping randomly (stuck).
 26145 | Orc:1    | 26145 ||| Stepping randomly (stuck).
 26146 | Orc:1    | 26146 ||| Stepping randomly (stuck).
 26147 | Orc:1    | 26147 ||| Stepping randomly (stuck).
 26148 | Orc:1    | 26148 ||| Stepping randomly (stuck).
 26149 | Orc:1    | 26149 ||| Stepping randomly (stuck).
 26150 | Orc:1    | 26150 ||| Stepping randomly (stuck).
 26151 | Orc:1    | 26151 ||| Stepping randomly (stuck).
 26152 | Orc:1    | 26152 ||| Stepping randomly (stuck).
 26153 | Orc:1    | 26153 ||| Stepping randomly (stuck).
 26154 | Orc:1    | 26154 ||| Stepping randomly (stuck).
 26155 | Orc:1    | 26155 ||| Stepping randomly (stuck).
 26156 | Orc:1    | 26156 ||| Stepping randomly (stuck).
 26157 | Orc:1    | 26157 ||| Stepping randomly (stuck).
 26158 | Orc:1    | 26158 ||| Stepping randomly (stuck).
 26159 | Orc:1    | 26159 ||| Stepping randomly (stuck).
 26160 | Orc:1    | 26160 ||| Stepping randomly (stuck).
 26161 | Orc:1    | 26161 ||| Stepping randomly (stuck).
 26162 | Orc:1    | 26162 ||| Stepping randomly (stuck).
 26163 | Orc:1    | 26163 ||| Stepping randomly (stuck).
 26164 | Orc:1    | 26164 ||| Stepping randomly (stuck).
 26165 | Orc:1    | 26165 ||| Stepping randomly (stuck).
 26166 | Orc:1    | 26166 ||| Stepping randomly (stuck).
 26167 | Orc:1    | 26167 ||| Stepping randomly (stuck).
 26168 | Orc:1    | 26168 ||| Stepping randomly (stuck).
 26169 | Orc:1    | 26169 ||| Stepping randomly (stuck).
 26170 | Orc:1    | 26170 ||| Stepping randomly (stuck).
 26171 | Orc:1    | 26171 ||| Stepping randomly (stuck).
 26172 | Orc:1    | 26172 ||| Stepping randomly (stuck).
 26173 | Orc:1    | 26173 ||| Stepping randomly (stuck).
 26174 | Orc:1    | 26174 ||| Stepping randomly (stuck).
 26175 | Orc:1    | 26175 ||| Stepping randomly (stuck).
 26176 | Orc:1    | 26176 ||| Stepping randomly (stuck).
 26177 | Orc:1    | 26177 ||| Stepping randomly (stuck).
 26178 | Orc:1    | 26178 ||| Stepping randomly (stuck).
 26179 | Orc:1    | 26179 ||| Stepping randomly (stuck).
 26180 | Orc:1    | 26180 ||| Stepping randomly (stuck).
 26181 | Orc:1    | 26181 ||| Stepping randomly (stuck).
 26182 | Orc:1    | 26182 ||| Stepping randomly (stuck).
 26183 | Orc:1    | 26183 ||| Stepping randomly (stuck).
 26184 | Orc:1    | 26184 ||| EATING 5 fruits.
 26185 | Orc:1    | 26185 ||| Stepping randomly (stuck).
 26186 | Orc:1    | 26186 ||| Stepping randomly (stuck).
 26187 | Orc:1    | 26187 ||| Stepping randomly (stuck).
 26188 | Orc:1    | 26188 ||| Stepping randomly (stuck).
 26189 | Orc:1    | 26189 ||| Stepping randomly (stuck).
 26190 | Orc:1    | 26190 ||| Stepping randomly (stuck).
 26191 | Orc:1    | 26191 ||| Stepping randomly (stuck).
 26192 | Orc:1    | 26192 ||| Stepping randomly (stuck).
 26193 | Orc:1    | 26193 ||| Stepping randomly (stuck).
 26194 | Orc:1    | 26194 ||| Stepping randomly (stuck).
 26195 | Orc:1    | 26195 ||| Stepping randomly (stuck).
 26196 | Orc:1    | 26196 ||| Stepping randomly (stuck).
 26197 | Orc:1    | 26197 ||| Stepping randomly (stuck).
 26198 | Orc:1    | 26198 ||| Stepping randomly (stuck).
 26199 | Orc:1    | 26199 ||| Stepping randomly (stuck).
 26200 | Orc:1    | 26200 ||| Stepping randomly (stuck).
 26201 | Orc:1    | 26201 ||| Stepping randomly (stuck).
 26202 | Orc:1    | 26202 ||| Stepping randomly (stuck).
 26203 | Orc:1    | 26203 ||| Stepping randomly (stuck).
 26204 | Orc:1    | 26204 ||| Stepping randomly (stuck).
 26205 | Orc:1    | 26205 ||| Stepping randomly (stuck).
 26206 | Orc:1    | 26206 ||| Stepping randomly (stuck).
 26207 | Orc:1    | 26207 ||| Stepping randomly (stuck).
 26208 | Orc:1    | 26208 ||| Stepping randomly (stuck).
 26209 | Orc:1    | 26209 ||| Stepping randomly (stuck).
 26210 | Orc:1    | 26210 ||| Stepping randomly (stuck).
 26211 | Orc:1    | 26211 ||| Stepping randomly (stuck).
 26212 | Orc:1    | 26212 ||| Stepping randomly (stuck).
 26213 | Orc:1    | 26213 ||| Stepping randomly (stuck).
 26214 | Orc:1    | 26214 ||| Stepping randomly (stuck).
 26215 | Orc:1    | 26215 ||| Stepping randomly (stuck).
 26216 | Orc:1    | 26216 ||| Stepping randomly (stuck).
 26217 | Orc:1    | 26217 ||| Stepping randomly (stuck).
 26218 | Orc:1    | 26218 ||| Stepping randomly (stuck).
 26219 | Orc:1    | 26219 ||| Stepping randomly (stuck).
 26220 | Orc:1    | 26220 ||| Stepping randomly (stuck).
 26221 | Orc:1    | 26221 ||| Stepping randomly (stuck).
 26222 | Orc:1    | 26222 ||| Stepping randomly (stuck).
 26223 | Orc:1    | 26223 ||| Stepping randomly (stuck).
 26224 | Orc:1    | 26224 ||| Stepping randomly (stuck).
 26225 | Orc:1    | 26225 ||| Stepping randomly (stuck).
 26226 | Orc:1    | 26226 ||| Stepping randomly (stuck).
 26227 | Orc:1    | 26227 ||| Stepping randomly (stuck).
 26228 | Orc:1    | 26228 ||| Stepping randomly (stuck).
 26229 | Orc:1    | 26229 ||| Stepping randomly (stuck).
 26230 | Orc:1    | 26230 ||| Stepping randomly (stuck).
 26231 | Orc:1    | 26231 ||| Stepping randomly (stuck).
 26232 | Orc:1    | 26232 ||| Stepping randomly (stuck).
 26233 | Orc:1    | 26233 ||| Stepping randomly (stuck).
 26234 | Orc:1    | 26234 ||| Stepping randomly (stuck).
 26235 | Orc:1    | 26235 ||| Stepping randomly (stuck).
 26236 | Orc:1    | 26236 ||| Stepping randomly (stuck).
 26237 | Orc:1    | 26237 ||| Stepping randomly (stuck).
 26238 | Orc:1    | 26238 ||| Stepping randomly (stuck).
 26239 | Orc:1    | 26239 ||| Stepping randomly (stuck).
 26240 | Orc:1    | 26240 ||| Stepping randomly (stuck).
 26241 | Orc:1    | 26241 ||| Stepping randomly (stuck).
 26242 | Orc:1    | 26242 ||| Stepping randomly (stuck).
 26243 | Orc:1    | 26243 ||| Stepping randomly (stuck).
 26244 | Orc:1    | 26244 ||| Stepping randomly (stuck).
 26245 | Orc:1    | 26245 ||| Stepping randomly (stuck).
 26246 | Orc:1    | 26246 ||| Stepping randomly (stuck).
 26247 | Orc:1    | 26247 ||| Stepping randomly (stuck).
 26248 | Orc:1    | 26248 ||| Stepping randomly (stuck).
 26249 | Orc:1    | 26249 ||| Stepping randomly (stuck).
 26250 | Orc:1    | 26250 ||| Stepping randomly (stuck).
 26251 | Orc:1    | 26251 ||| Stepping randomly (stuck).
 26252 | Orc:1    | 26252 ||| Stepping randomly (stuck).
 26253 | Orc:1    | 26253 ||| Stepping randomly (stuck).
 26254 | Orc:1    | 26254 ||| Stepping randomly (stuck).
 26255 | Orc:1    | 26255 ||| Stepping randomly (stuck).
 26256 | Orc:1    | 26256 ||| Stepping randomly (stuck).
 26257 | Orc:1    | 26257 ||| Stepping randomly (stuck).
 26258 | Orc:1    | 26258 ||| Stepping randomly (stuck).
 26259 | Orc:1    | 26259 ||| Stepping randomly (stuck).
 26260 | Orc:1    | 26260 ||| Stepping randomly (stuck).
 26261 | Orc:1    | 26261 ||| Stepping randomly (stuck).
 26262 | Orc:1    | 26262 ||| Stepping randomly (stuck).
 26263 | Orc:1    | 26263 ||| Stepping randomly (stuck).
 26264 | Orc:1    | 26264 ||| Stepping randomly (stuck).
 26265 | Orc:1    | 26265 ||| Stepping randomly (stuck).
 26266 | Orc:1    | 26266 ||| Stepping randomly (stuck).
 26267 | Orc:1    | 26267 ||| Stepping randomly (stuck).
 26268 | Orc:1    | 26268 ||| Stepping randomly (stuck).
 26269 | Orc:1    | 26269 ||| Stepping randomly (stuck).
 26270 | Orc:1    | 26270 ||| Stepping randomly (stuck).
 26271 | Orc:1    | 26271 ||| Stepping randomly (stuck).
 26272 | Orc:1    | 26272 ||| Stepping randomly (stuck).
 26273 | Orc:1    | 26273 ||| Stepping randomly (stuck).
 26274 | Orc:1    | 26274 ||| Stepping randomly (stuck).
 26275 | Orc:1    | 26275 ||| Stepping randomly (stuck).
 26276 | Orc:1    | 26276 ||| Stepping randomly (stuck).
 26277 | Orc:1    | 26277 ||| Stepping randomly (stuck).
 26278 | Orc:1    | 26278 ||| Stepping randomly (stuck).
 26279 | Orc:1    | 26279 ||| Stepping randomly (stuck).
 26280 | Orc:1    | 26280 ||| Stepping randomly (stuck).
 26281 | Orc:1    | 26281 ||| Stepping randomly (stuck).
 26282 | Orc:1    | 26282 ||| Stepping randomly (stuck).
 26283 | Orc:1    | 26283 ||| Stepping randomly (stuck).
 26284 | Orc:1    | 26284 ||| Stepping randomly (stuck).
 26285 | Orc:1    | 26285 ||| Stepping randomly (stuck).
 26286 | Orc:1    | 26286 ||| Stepping randomly (stuck).
 26287 | Orc:1    | 26287 ||| Stepping randomly (stuck).
 26288 | Orc:1    | 26288 ||| Stepping randomly (stuck).
 26289 | Orc:1    | 26289 ||| Stepping randomly (stuck).
 26290 | Orc:1    | 26290 ||| Stepping randomly (stuck).
 26291 | Orc:1    | 26291 ||| Stepping randomly (stuck).
 26292 | Orc:1    | 26292 ||| Stepping randomly (stuck).
 26293 | Orc:1    | 26293 ||| Stepping randomly (stuck).
 26294 | Orc:1    | 26294 ||| Stepping randomly (stuck).
 26295 | Orc:1    | 26295 ||| Stepping randomly (stuck).
 26296 | Orc:1    | 26296 ||| Stepping randomly (stuck).
 26297 | Orc:1    | 26297 ||| Stepping randomly (stuck).
 26298 | Orc:1    | 26298 ||| Stepping randomly (stuck).
 26299 | Orc:1    | 26299 ||| Stepping randomly (stuck).
 26300 | Orc:1    | 26300 ||| Stepping randomly (stuck).
 26301 | Orc:1    | 26301 ||| Stepping randomly (stuck).
 26302 | Orc:1    | 26302 ||| Stepping randomly (stuck).
 26303 | Orc:1    | 26303 ||| Stepping randomly (stuck).
 26304 | Orc:1    | 26304 ||| Stepping randomly (stuck).
 26305 | Orc:1    | 26305 ||| Stepping randomly (stuck).
 26306 | Orc:1    | 26306 ||| Stepping randomly (stuck).
 26307 | Orc:1    | 26307 ||| Stepping randomly (stuck).
 26308 | Orc:1    | 26308 ||| Stepping randomly (stuck).
 26309 | Orc:1    | 26309 ||| Stepping randomly (stuck).
 26310 | Orc:1    | 26310 ||| Stepping randomly (stuck).
 26311 | Orc:1    | 26311 ||| Stepping randomly (stuck).
 26312 | Orc:1    | 26312 ||| Stepping randomly (stuck).
 26313 | Orc:1    | 26313 ||| Stepping randomly (stuck).
 26314 | Orc:1    | 26314 ||| Stepping randomly (stuck).
 26315 | Orc:1    | 26315 ||| Stepping randomly (stuck).
 26316 | Orc:1    | 26316 ||| Stepping randomly (stuck).
 26317 | Orc:1    | 26317 ||| Stepping randomly (stuck).
 26318 | Orc:1    | 26318 ||| Stepping randomly (stuck).
 26319 | Orc:1    | 26319 ||| Stepping randomly (stuck).
 26320 | Orc:1    | 26320 ||| Stepping randomly (stuck).
 26321 | Orc:1    | 26321 ||| Stepping randomly (stuck).
 26322 | Orc:1    | 26322 ||| Stepping randomly (stuck).
 26323 | Orc:1    | 26323 ||| Stepping randomly (stuck).
 26324 | Orc:1    | 26324 ||| Stepping randomly (stuck).
 26325 | Orc:1    | 26325 ||| Stepping randomly (stuck).
 26326 | Orc:1    | 26326 ||| Stepping randomly (stuck).
 26327 | Orc:1    | 26327 ||| Stepping randomly (stuck).
 26328 | Orc:1    | 26328 ||| Stepping randomly (stuck).
 26329 | Orc:1    | 26329 ||| Stepping randomly (stuck).
 26330 | Orc:1    | 26330 ||| Stepping randomly (stuck).
 26331 | Orc:1    | 26331 ||| Stepping randomly (stuck).
 26332 | Orc:1    | 26332 ||| Stepping randomly (stuck).
 26333 | Orc:1    | 26333 ||| Stepping randomly (stuck).
 26334 | Orc:1    | 26334 ||| Stepping randomly (stuck).
 26335 | Orc:1    | 26335 ||| Stepping randomly (stuck).
 26336 | Orc:1    | 26336 ||| Stepping randomly (stuck).
 26337 | Orc:1    | 26337 ||| Stepping randomly (stuck).
 26338 | Orc:1    | 26338 ||| Stepping randomly (stuck).
 26339 | Orc:1    | 26339 ||| Stepping randomly (stuck).
 26340 | Orc:1    | 26340 ||| Stepping randomly (stuck).
 26341 | Orc:1    | 26341 ||| Stepping randomly (stuck).
 26342 | Orc:1    | 26342 ||| Stepping randomly (stuck).
 26343 | Orc:1    | 26343 ||| Stepping randomly (stuck).
 26344 | Orc:1    | 26344 ||| Stepping randomly (stuck).
 26345 | Orc:1    | 26345 ||| Stepping randomly (stuck).
 26346 | Orc:1    | 26346 ||| Stepping randomly (stuck).
 26347 | Orc:1    | 26347 ||| Stepping randomly (stuck).
 26348 | Orc:1    | 26348 ||| Stepping randomly (stuck).
 26349 | Orc:1    | 26349 ||| Stepping randomly (stuck).
 26350 | Orc:1    | 26350 ||| Stepping randomly (stuck).
 26351 | Orc:1    | 26351 ||| Stepping randomly (stuck).
 26352 | Orc:1    | 26352 ||| Stepping randomly (stuck).
 26353 | Orc:1    | 26353 ||| Stepping randomly (stuck).
 26354 | Orc:1    | 26354 ||| Stepping randomly (stuck).
 26355 | Orc:1    | 26355 ||| Stepping randomly (stuck).
 26356 | Orc:1    | 26356 ||| Stepping randomly (stuck).
 26357 | Orc:1    | 26357 ||| Stepping randomly (stuck).
 26358 | Orc:1    | 26358 ||| Stepping randomly (stuck).
 26359 | Orc:1    | 26359 ||| Stepping randomly (stuck).
 26360 | Orc:1    | 26360 ||| Stepping randomly (stuck).
 26361 | Orc:1    | 26361 ||| Stepping randomly (stuck).
 26362 | Orc:1    | 26362 ||| Stepping randomly (stuck).
 26363 | Orc:1    | 26363 ||| Stepping randomly (stuck).
 26364 | Orc:1    | 26364 ||| Stepping randomly (stuck).
 26365 | Orc:1    | 26365 ||| Stepping randomly (stuck).
 26366 | Orc:1    | 26366 ||| Stepping randomly (stuck).
 26367 | Orc:1    | 26367 ||| Stepping randomly (stuck).
 26368 | Orc:1    | 26368 ||| Stepping randomly (stuck).
 26369 | Orc:1    | 26369 ||| Stepping randomly (stuck).
 26370 | Orc:1    | 26370 ||| Stepping randomly (stuck).
 26371 | Orc:1    | 26371 ||| Stepping randomly (stuck).
 26372 | Orc:1    | 26372 ||| Stepping randomly (stuck).
 26373 | Orc:1    | 26373 ||| Stepping randomly (stuck).
 26374 | Orc:1    | 26374 ||| Stepping randomly (stuck).
 26375 | Orc:1    | 26375 ||| Stepping randomly (stuck).
 26376 | Orc:1    | 26376 ||| Stepping randomly (stuck).
 26377 | Orc:1    | 26377 ||| Stepping randomly (stuck).
 26378 | Orc:1    | 26378 ||| Stepping randomly (stuck).
 26379 | Orc:1    | 26379 ||| Stepping randomly (stuck).
 26380 | Orc:1    | 26380 ||| Stepping randomly (stuck).
 26381 | Orc:1    | 26381 ||| Stepping randomly (stuck).
 26382 | Orc:1    | 26382 ||| Stepping randomly (stuck).
 26383 | Orc:1    | 26383 ||| Stepping randomly (stuck).
 26384 | Orc:1    | 26384 ||| Stepping randomly (stuck).
 26385 | Orc:1    | 26385 ||| Stepping randomly (stuck).
 26386 | Orc:1    | 26386 ||| Stepping randomly (stuck).
 26387 | Orc:1    | 26387 ||| Stepping randomly (stuck).
 26388 | Orc:1    | 26388 ||| Stepping randomly (stuck).
 26389 | Orc:1    | 26389 ||| Stepping randomly (stuck).
 26390 | Orc:1    | 26390 ||| Stepping randomly (stuck).
 26391 | Orc:1    | 26391 ||| Stepping randomly (stuck).
 26392 | Orc:1    | 26392 ||| Stepping randomly (stuck).
 26393 | Orc:1    | 26393 ||| Stepping randomly (stuck).
 26394 | Orc:1    | 26394 ||| Stepping randomly (stuck).
 26395 | Orc:1    | 26395 ||| Stepping randomly (stuck).
 26396 | Orc:1    | 26396 ||| Stepping randomly (stuck).
 26397 | Orc:1    | 26397 ||| Stepping randomly (stuck).
 26398 | Orc:1    | 26398 ||| Stepping randomly (stuck).
 26399 | Orc:1    | 26399 ||| Stepping randomly (stuck).
 26400 | Orc:1    | 26400 ||| Stepping randomly (stuck).
 26401 | Orc:1    | 26401 ||| Stepping randomly (stuck).
 26402 | Orc:1    | 26402 ||| Stepping randomly (stuck).
 26403 | Orc:1    | 26403 ||| Stepping randomly (stuck).
 26404 | Orc:1    | 26404 ||| Stepping randomly (stuck).
 26405 | Orc:1    | 26405 ||| Stepping randomly (stuck).
 26406 | Orc:1    | 26406 ||| Stepping randomly (stuck).
 26407 | Orc:1    | 26407 ||| Stepping randomly (stuck).
 26408 | Orc:1    | 26408 ||| Stepping randomly (stuck).
 26409 | Orc:1    | 26409 ||| Stepping randomly (stuck).
 26410 | Orc:1    | 26410 ||| Stepping randomly (stuck).
 26411 | Orc:1    | 26411 ||| Stepping randomly (stuck).
 26412 | Orc:1    | 26412 ||| Stepping randomly (stuck).
 26413 | Orc:1    | 26413 ||| Stepping randomly (stuck).
 26414 | Orc:1    | 26414 ||| Stepping randomly (stuck).
 26415 | Orc:1    | 26415 ||| Stepping randomly (stuck).
 26416 | Orc:1    | 26416 ||| Stepping randomly (stuck).
 26417 | Orc:1    | 26417 ||| Stepping randomly (stuck).
 26418 | Orc:1    | 26418 ||| Stepping randomly (stuck).
 26419 | Orc:1    | 26419 ||| Stepping randomly (stuck).
 26420 | Orc:1    | 26420 ||| Stepping randomly (stuck).
 26421 | Orc:1    | 26421 ||| Stepping randomly (stuck).
 26422 | Orc:1    | 26422 ||| Stepping randomly (stuck).
 26423 | Orc:1    | 26423 ||| Stepping randomly (stuck).
 26424 | Orc:1    | 26424 ||| Stepping randomly (stuck).
 26425 | Orc:1    | 26425 ||| Stepping randomly (stuck).
 26426 | Orc:1    | 26426 ||| Stepping randomly (stuck).
 26427 | Orc:1    | 26427 ||| Stepping randomly (stuck).
 26428 | Orc:1    | 26428 ||| Stepping randomly (stuck).
 26429 | Orc:1    | 26429 ||| Stepping randomly (stuck).
 26430 | Orc:1    | 26430 ||| Stepping randomly (stuck).
 26431 | Orc:1    | 26431 ||| Stepping randomly (stuck).
 26432 | Orc:1    | 26432 ||| Stepping randomly (stuck).
 26433 | Orc:1    | 26433 ||| Stepping randomly (stuck).
 26434 | Orc:1    | 26434 ||| Stepping randomly (stuck).
 26435 | Orc:1    | 26435 ||| Stepping randomly (stuck).
 26436 | Orc:1    | 26436 ||| Stepping randomly (stuck).
 26437 | Orc:1    | 26437 ||| Stepping randomly (stuck).
 26438 | Orc:1    | 26438 ||| Stepping randomly (stuck).
 26439 | Orc:1    | 26439 ||| Stepping randomly (stuck).
 26440 | Orc:1    | 26440 ||| Stepping randomly (stuck).
 26441 | Orc:1    | 26441 ||| Stepping randomly (stuck).
 26442 | Orc:1    | 26442 ||| Stepping randomly (stuck).
 26443 | Orc:1    | 26443 ||| Stepping randomly (stuck).
 26444 | Orc:1    | 26444 ||| Stepping randomly (stuck).
 26445 | Orc:1    | 26445 ||| Stepping randomly (stuck).
 26446 | Orc:1    | 26446 ||| Stepping randomly (stuck).
 26447 | Orc:1    | 26447 ||| Stepping randomly (stuck).
 26448 | Orc:1    | 26448 ||| Stepping randomly (stuck).
 26449 | Orc:1    | 26449 ||| Stepping randomly (stuck).
 26450 | Orc:1    | 26450 ||| Stepping randomly (stuck).
 26451 | Orc:1    | 26451 ||| Stepping randomly (stuck).
 26452 | Orc:1    | 26452 ||| Stepping randomly (stuck).
 26453 | Orc:1    | 26453 ||| Stepping randomly (stuck).
 26454 | Orc:1    | 26454 ||| Stepping randomly (stuck).
 26455 | Orc:1    | 26455 ||| Stepping randomly (stuck).
 26456 | Orc:1    | 26456 ||| Stepping randomly (stuck).
 26457 | Orc:1    | 26457 ||| Stepping randomly (stuck).
 26458 | Orc:1    | 26458 ||| Stepping randomly (stuck).
 26459 | Orc:1    | 26459 ||| Stepping randomly (stuck).
 26460 | Orc:1    | 26460 ||| Stepping randomly (stuck).
 26461 | Orc:1    | 26461 ||| Stepping randomly (stuck).
 26462 | Orc:1    | 26462 ||| Stepping randomly (stuck).
 26463 | Orc:1    | 26463 ||| Stepping randomly (stuck).
 26464 | Orc:1    | 26464 ||| Stepping randomly (stuck).
 26465 | Orc:1    | 26465 ||| Stepping randomly (stuck).
 26466 | Orc:1    | 26466 ||| Stepping randomly (stuck).
 26467 | Orc:1    | 26467 ||| EATING 4 fruits.
 26468 | Orc:1    | 26468 ||| Stepping randomly (stuck).
 26469 | Orc:1    | 26469 ||| Stepping randomly (stuck).
 26470 | Orc:1    | 26470 ||| Stepping randomly (stuck).
 26471 | Orc:1    | 26471 ||| Stepping randomly (stuck).
 26472 | Orc:1    | 26472 ||| Stepping randomly (stuck).
 26473 | Orc:1    | 26473 ||| Stepping randomly (stuck).
 26474 | Orc:1    | 26474 ||| Stepping randomly (stuck).
 26475 | Orc:1    | 26475 ||| Stepping randomly (stuck).
 26476 | Orc:1    | 26476 ||| Stepping randomly (stuck).
 26477 | Orc:1    | 26477 ||| Stepping randomly (stuck).
 26478 | Orc:1    | 26478 ||| Stepping randomly (stuck).
 26479 | Orc:1    | 26479 ||| Stepping randomly (stuck).
 26480 | Orc:1    | 26480 ||| Stepping randomly (stuck).
 26481 | Orc:1    | 26481 ||| Stepping randomly (stuck).
 26482 | Orc:1    | 26482 ||| Stepping randomly (stuck).
 26483 | Orc:1    | 26483 ||| Stepping randomly (stuck).
 26484 | Orc:1    | 26484 ||| Stepping randomly (stuck).
 26485 | Orc:1    | 26485 ||| Stepping randomly (stuck).
 26486 | Orc:1    | 26486 ||| Stepping randomly (stuck).
 26487 | Orc:1    | 26487 ||| Stepping randomly (stuck).
 26488 | Orc:1    | 26488 ||| Stepping randomly (stuck).
 26489 | Orc:1    | 26489 ||| Stepping randomly (stuck).
 26490 | Orc:1    | 26490 ||| Stepping randomly (stuck).
 26491 | Orc:1    | 26491 ||| Stepping randomly (stuck).
 26492 | Orc:1    | 26492 ||| Stepping randomly (stuck).
 26493 | Orc:1    | 26493 ||| Stepping randomly (stuck).
 26494 | Orc:1    | 26494 ||| Stepping randomly (stuck).
 26495 | Orc:1    | 26495 ||| Stepping randomly (stuck).
 26496 | Orc:1    | 26496 ||| Stepping randomly (stuck).
 26497 | Orc:1    | 26497 ||| Stepping randomly (stuck).
 26498 | Orc:1    | 26498 ||| Stepping randomly (stuck).
 26499 | Orc:1    | 26499 ||| Stepping randomly (stuck).
 26500 | Orc:1    | 26500 ||| Stepping randomly (stuck).
 26501 | Orc:1    | 26501 ||| Stepping randomly (stuck).
 26502 | Orc:1    | 26502 ||| Stepping randomly (stuck).
 26503 | Orc:1    | 26503 ||| Stepping randomly (stuck).
 26504 | Orc:1    | 26504 ||| Stepping randomly (stuck).
 26505 | Orc:1    | 26505 ||| Stepping randomly (stuck).
 26506 | Orc:1    | 26506 ||| Stepping randomly (stuck).
 26507 | Orc:1    | 26507 ||| Stepping randomly (stuck).
 26508 | Orc:1    | 26508 ||| Stepping randomly (stuck).
 26509 | Orc:1    | 26509 ||| Stepping randomly (stuck).
 26510 | Orc:1    | 26510 ||| Stepping randomly (stuck).
 26511 | Orc:1    | 26511 ||| Stepping randomly (stuck).
 26512 | Orc:1    | 26512 ||| Stepping randomly (stuck).
 26513 | Orc:1    | 26513 ||| Stepping randomly (stuck).
 26514 | Orc:1    | 26514 ||| Stepping randomly (stuck).
 26515 | Orc:1    | 26515 ||| Stepping randomly (stuck).
 26516 | Orc:1    | 26516 ||| Stepping randomly (stuck).
 26517 | Orc:1    | 26517 ||| Stepping randomly (stuck).
 26518 | Orc:1    | 26518 ||| Stepping randomly (stuck).
 26519 | Orc:1    | 26519 ||| Stepping randomly (stuck).
 26520 | Orc:1    | 26520 ||| Stepping randomly (stuck).
 26521 | Orc:1    | 26521 ||| Stepping randomly (stuck).
 26522 | Orc:1    | 26522 ||| Stepping randomly (stuck).
 26523 | Orc:1    | 26523 ||| Stepping randomly (stuck).
 26524 | Orc:1    | 26524 ||| Stepping randomly (stuck).
 26525 | Orc:1    | 26525 ||| Stepping randomly (stuck).
 26526 | Orc:1    | 26526 ||| Stepping randomly (stuck).
 26527 | Orc:1    | 26527 ||| Stepping randomly (stuck).
 26528 | Orc:1    | 26528 ||| Stepping randomly (stuck).
 26529 | Orc:1    | 26529 ||| Stepping randomly (stuck).
 26530 | Orc:1    | 26530 ||| Stepping randomly (stuck).
 26531 | Orc:1    | 26531 ||| Stepping randomly (stuck).
 26532 | Orc:1    | 26532 ||| Stepping randomly (stuck).
 26533 | Orc:1    | 26533 ||| Stepping randomly (stuck).
 26534 | Orc:1    | 26534 ||| Stepping randomly (stuck).
 26535 | Orc:1    | 26535 ||| Stepping randomly (stuck).
 26536 | Orc:1    | 26536 ||| Stepping randomly (stuck).
 26537 | Orc:1    | 26537 ||| Stepping randomly (stuck).
 26538 | Orc:1    | 26538 ||| Stepping randomly (stuck).
 26539 | Orc:1    | 26539 ||| Stepping randomly (stuck).
 26540 | Orc:1    | 26540 ||| Stepping randomly (stuck).
 26541 | Orc:1    | 26541 ||| Stepping randomly (stuck).
 26542 | Orc:1    | 26542 ||| Stepping randomly (stuck).
 26543 | Orc:1    | 26543 ||| Stepping randomly (stuck).
 26544 | Orc:1    | 26544 ||| Stepping randomly (stuck).
 26545 | Orc:1    | 26545 ||| Stepping randomly (stuck).
 26546 | Orc:1    | 26546 ||| Stepping randomly (stuck).
 26547 | Orc:1    | 26547 ||| Stepping randomly (stuck).
 26548 | Orc:1    | 26548 ||| Stepping randomly (stuck).
 26549 | Orc:1    | 26549 ||| Stepping randomly (stuck).
 26550 | Orc:1    | 26550 ||| Stepping randomly (stuck).
 26551 | Orc:1    | 26551 ||| Stepping randomly (stuck).
 26552 | Orc:1    | 26552 ||| Stepping randomly (stuck).
 26553 | Orc:1    | 26553 ||| Stepping randomly (stuck).
 26554 | Orc:1    | 26554 ||| Stepping randomly (stuck).
 26555 | Orc:1    | 26555 ||| Stepping randomly (stuck).
 26556 | Orc:1    | 26556 ||| Stepping randomly (stuck).
 26557 | Orc:1    | 26557 ||| Stepping randomly (stuck).
 26558 | Orc:1    | 26558 ||| Stepping randomly (stuck).
 26559 | Orc:1    | 26559 ||| Stepping randomly (stuck).
 26560 | Orc:1    | 26560 ||| Stepping randomly (stuck).
 26561 | Orc:1    | 26561 ||| Stepping randomly (stuck).
 26562 | Orc:1    | 26562 ||| Stepping randomly (stuck).
 26563 | Orc:1    | 26563 ||| Stepping randomly (stuck).
 26564 | Orc:1    | 26564 ||| Stepping randomly (stuck).
 26565 | Orc:1    | 26565 ||| Stepping randomly (stuck).
 26566 | Orc:1    | 26566 ||| Stepping randomly (stuck).
 26567 | Orc:1    | 26567 ||| Stepping randomly (stuck).
 26568 | Orc:1    | 26568 ||| Stepping randomly (stuck).
 26569 | Orc:1    | 26569 ||| Stepping randomly (stuck).
 26570 | Orc:1    | 26570 ||| Stepping randomly (stuck).
 26571 | Orc:1    | 26571 ||| Stepping randomly (stuck).
 26572 | Orc:1    | 26572 ||| Stepping randomly (stuck).
 26573 | Orc:1    | 26573 ||| Stepping randomly (stuck).
 26574 | Orc:1    | 26574 ||| Stepping randomly (stuck).
 26575 | Orc:1    | 26575 ||| Stepping randomly (stuck).
 26576 | Orc:1    | 26576 ||| Stepping randomly (stuck).
 26577 | Orc:1    | 26577 ||| Stepping randomly (stuck).
 26578 | Orc:1    | 26578 ||| Stepping randomly (stuck).
 26579 | Orc:1    | 26579 ||| Stepping randomly (stuck).
 26580 | Orc:1    | 26580 ||| Stepping randomly (stuck).
 26581 | Orc:1    | 26581 ||| Stepping randomly (stuck).
 26582 | Orc:1    | 26582 ||| Stepping randomly (stuck).
 26583 | Orc:1    | 26583 ||| Stepping randomly (stuck).
 26584 | Orc:1    | 26584 ||| Stepping randomly (stuck).
 26585 | Orc:1    | 26585 ||| Stepping randomly (stuck).
 26586 | Orc:1    | 26586 ||| Stepping randomly (stuck).
 26587 | Orc:1    | 26587 ||| Stepping randomly (stuck).
 26588 | Orc:1    | 26588 ||| Stepping randomly (stuck).
 26589 | Orc:1    | 26589 ||| Stepping randomly (stuck).
 26590 | Orc:1    | 26590 ||| Stepping randomly (stuck).
 26591 | Orc:1    | 26591 ||| Stepping randomly (stuck).
 26592 | Orc:1    | 26592 ||| Stepping randomly (stuck).
 26593 | Orc:1    | 26593 ||| Stepping randomly (stuck).
 26594 | Orc:1    | 26594 ||| Stepping randomly (stuck).
 26595 | Orc:1    | 26595 ||| Stepping randomly (stuck).
 26596 | Orc:1    | 26596 ||| Stepping randomly (stuck).
 26597 | Orc:1    | 26597 ||| Stepping randomly (stuck).
 26598 | Orc:1    | 26598 ||| Stepping randomly (stuck).
 26599 | Orc:1    | 26599 ||| Stepping randomly (stuck).
 26600 | Orc:1    | 26600 ||| Stepping randomly (stuck).
 26601 | Orc:1    | 26601 ||| Stepping randomly (stuck).
 26602 | Orc:1    | 26602 ||| Stepping randomly (stuck).
 26603 | Orc:1    | 26603 ||| Stepping randomly (stuck).
 26604 | Orc:1    | 26604 ||| Stepping randomly (stuck).
 26605 | Orc:1    | 26605 ||| Stepping randomly (stuck).
 26606 | Orc:1    | 26606 ||| Stepping randomly (stuck).
 26607 | Orc:1    | 26607 ||| Stepping randomly (stuck).
 26608 | Orc:1    | 26608 ||| Stepping randomly (stuck).
 26609 | Orc:1    | 26609 ||| Stepping randomly (stuck).
 26610 | Orc:1    | 26610 ||| Stepping randomly (stuck).
 26611 | Orc:1    | 26611 ||| Stepping randomly (stuck).
 26612 | Orc:1    | 26612 ||| Stepping randomly (stuck).
 26613 | Orc:1    | 26613 ||| Stepping randomly (stuck).
 26614 | Orc:1    | 26614 ||| Stepping randomly (stuck).
 26615 | Orc:1    | 26615 ||| Stepping randomly (stuck).
 26616 | Orc:1    | 26616 ||| Stepping randomly (stuck).
 26617 | Orc:1    | 26617 ||| Stepping randomly (stuck).
 26618 | Orc:1    | 26618 ||| Stepping randomly (stuck).
 26619 | Orc:1    | 26619 ||| Stepping randomly (stuck).
 26620 | Orc:1    | 26620 ||| Stepping randomly (stuck).
 26621 | Orc:1    | 26621 ||| Stepping randomly (stuck).
 26622 | Orc:1    | 26622 ||| Stepping randomly (stuck).
 26623 | Orc:1    | 26623 ||| Stepping randomly (stuck).
 26624 | Orc:1    | 26624 ||| Stepping randomly (stuck).
 26625 | Orc:1    | 26625 ||| Stepping randomly (stuck).
 26626 | Orc:1    | 26626 ||| Stepping randomly (stuck).
 26627 | Orc:1    | 26627 ||| Stepping randomly (stuck).
 26628 | Orc:1    | 26628 ||| Stepping randomly (stuck).
 26629 | Orc:1    | 26629 ||| Stepping randomly (stuck).
 26630 | Orc:1    | 26630 ||| Stepping randomly (stuck).
 26631 | Orc:1    | 26631 ||| Stepping randomly (stuck).
 26632 | Orc:1    | 26632 ||| Stepping randomly (stuck).
 26633 | Orc:1    | 26633 ||| Stepping randomly (stuck).
 26634 | Orc:1    | 26634 ||| Stepping randomly (stuck).
 26635 | Orc:1    | 26635 ||| Stepping randomly (stuck).
 26636 | Orc:1    | 26636 ||| Stepping randomly (stuck).
 26637 | Orc:1    | 26637 ||| Stepping randomly (stuck).
 26638 | Orc:1    | 26638 ||| Stepping randomly (stuck).
 26639 | Orc:1    | 26639 ||| Stepping randomly (stuck).
 26640 | Orc:1    | 26640 ||| Stepping randomly (stuck).
 26641 | Orc:1    | 26641 ||| Stepping randomly (stuck).
 26642 | Orc:1    | 26642 ||| Stepping randomly (stuck).
 26643 | Orc:1    | 26643 ||| Stepping randomly (stuck).
 26644 | Orc:1    | 26644 ||| Stepping randomly (stuck).
 26645 | Orc:1    | 26645 ||| Stepping randomly (stuck).
 26646 | Orc:1    | 26646 ||| Stepping randomly (stuck).
 26647 | Orc:1    | 26647 ||| Stepping randomly (stuck).
 26648 | Orc:1    | 26648 ||| Stepping randomly (stuck).
 26649 | Orc:1    | 26649 ||| Stepping randomly (stuck).
 26650 | Orc:1    | 26650 ||| Stepping randomly (stuck).
 26651 | Orc:1    | 26651 ||| Stepping randomly (stuck).
 26652 | Orc:1    | 26652 ||| Stepping randomly (stuck).
 26653 | Orc:1    | 26653 ||| Stepping randomly (stuck).
 26654 | Orc:1    | 26654 ||| Stepping randomly (stuck).
 26655 | Orc:1    | 26655 ||| Stepping randomly (stuck).
 26656 | Orc:1    | 26656 ||| Stepping randomly (stuck).
 26657 | Orc:1    | 26657 ||| Stepping randomly (stuck).
 26658 | Orc:1    | 26658 ||| Stepping randomly (stuck).
 26659 | Orc:1    | 26659 ||| Stepping randomly (stuck).
 26660 | Orc:1    | 26660 ||| Stepping randomly (stuck).
 26661 | Orc:1    | 26661 ||| Stepping randomly (stuck).
 26662 | Orc:1    | 26662 ||| Stepping randomly (stuck).
 26663 | Orc:1    | 26663 ||| Stepping randomly (stuck).
 26664 | Orc:1    | 26664 ||| Stepping randomly (stuck).
 26665 | Orc:1    | 26665 ||| Stepping randomly (stuck).
 26666 | Orc:1    | 26666 ||| Stepping randomly (stuck).
 26667 | Orc:1    | 26667 ||| Stepping randomly (stuck).
 26668 | Orc:1    | 26668 ||| Stepping randomly (stuck).
 26669 | Orc:1    | 26669 ||| Stepping randomly (stuck).
 26670 | Orc:1    | 26670 ||| Stepping randomly (stuck).
 26671 | Orc:1    | 26671 ||| Stepping randomly (stuck).
 26672 | Orc:1    | 26672 ||| Stepping randomly (stuck).
 26673 | Orc:1    | Quit the game

Vault maps used:
D:1:      dpeg_arrival_round_a
D:2:      uniq_terence
D:3:      uniq_natasha
D:5:      temple_fountains, enter_ossuary_3, first_bread
D:7:      lemuel_zombie_altar_kikubaaqudgha
D:8:      grunt_temple_overflow_holy_war, grunt_temple_overflow_cloverleaf,
          serial_undead, serial_undead_a, serial_undead_e, serial_undead_d,
          serial_undead_a, grunt_livestock
D:10:     uniq_urug
D:11:     lair_0_dummy
D:12:     orc_0_dummy, hangedman_glass_teeth
Lair:1:   serial_bayou_shore_a, grunt_megastairs_2
Lair:3:   basic_altar
Lair:4:   portal_ice_cave_entry_imps, hangedman_lair_unloving_vines,
          st_stairs_3, grunt_forest_small_clearings, bh_chokoban, minivault_24,
          grunt_forest_stairs_basic, minivault_29
Lair:5:   minivault_23, grunt_megastairs_5
Lair:6:   wad_woods_settlement, minmay_swamp_entry_reptiles, slime_altar_1,
          lemuel_centaur_altar, serial_bayou_shore_b
Lair:7:   beast_lair_carwin_7
Lair:8:   hangedman_lair_in_review, guppyfry_lair_end_dragon, zaba_anthole,
          lemuel_oklob_altar
Orc:1:    serial_shops, shop, statue_in_the_mist_lemuel, uniq_erolcha,
          uniq_fannar
Orc:2:    serial_shops, nicolae_shop_statue_plus
Orc:3:    nicolae_orc_pool_cavern, mines1_david, uniq_sonja
Ossuary:  ossuary_zaba_flooded

Action                   |  1- 3 |  4- 6 |  7- 9 | 10-12 | 13-15 || total
-------------------------+-------+-------+-------+-------+-------++-------
Melee: Hand axe          |   117 |   233 |   206 |       |       ||   556
       Battleaxe         |       |       |   278 |   150 |   356 ||   784
       Executioner's axe |       |       |       |   486 |   362 ||   848
Throw: Tomahawk          |       |     8 |    80 |   139 |    83 ||   310
       Javelin           |       |       |    24 |   159 |    31 ||   214
Invok: Berserk           |       |     5 |     8 |    15 |    14 ||    42
       Burn Spellbooks   |       |       |     1 |     3 |     2 ||     6
       Brothers in Arms  |       |       |       |     3 |    15 ||    18
       Trog's Hand       |       |       |       |       |     2 ||     2
 Abil: Device Recharging |     1 |     2 |     1 |     7 |     5 ||    16
Evoke: Wand              |     4 |    10 |     5 |    31 |    21 ||    71
  Use: Scroll            |     8 |     8 |    11 |    17 |    10 ||    54
       Potion            |       |     2 |     7 |     2 |       ||    11
 Stab: Distracted        |       |       |       |       |     1 ||     1
       Fleeing           |       |       |       |       |     1 ||     1
  Eat: Chunk             |       |     8 |    14 |    35 |    38 ||    95
       Beef jerky        |       |     2 |       |     3 |       ||     5
       Fruit             |       |       |     5 |     1 |    14 ||    20
       Bread ration      |       |       |     1 |       |       ||     1
       Pizza             |       |       |       |     1 |     6 ||     7
